Workbook
Name 리스트: #REF!
Name 이차: #REF!
Name 전첵: #REF!

Sheet 3. 능률
A1: [작성방법(필독!)] 0. 모든 항목을 반드시 작성해야 하며, 미기재 항목이 있을 경우 심사대상에서 제외, 훈련기관명은 1번 시트 값이 자동입력되므로 직접입력 X 1. NCS 분류코드 : 해당 과정에 가장 주요하거나 많은 비중을 차지하는 내용을 토대로 각 분류상 가장 부합하는 코드를 작성(훈련기관 자체 판단) - NCS대분류명 기재 시 데이터박스 목록으로 설정, 대분류 숫자는 대분류명 선택시 자동입력되므로 직접입력 X 2. 비대면 실시간 운영 여부 : 집체형태 외 비대면 실시간 형태 운영 희망 시 'O' 체크(집체 형태는 기본적으로 모두 가능하며, 비대면 실시간 형태는 승인 과정에 한해 가능) 3. 훈련인원 : 기관에서 예상하는 해당 과정의 연간 훈련 실시인원 추정치 4. 훈련비 단가 : 1인, 1회 기준 훈련비용 5. 총 훈련비 : 총 훈련인원 X 훈련비 단가 6. 훈련일정 : 회차별 개설 예정 시기를 월 단위로 모두 기재('0월' 형태로 기재하거나 "연중 상시" 등 근로자 대상 충분히 안내 가능한 내용으로 작성) 7. 훈련실시장소 : 시/도 단위 및 정확한 주소를 각각 입력, 여러 장소에서 실시할 경우 셀 한개에 모두 입력(셀 구분 시 누락될 수 있음)
A6: 훈련기관명 | B6: 연번 | C6: NCS 대분류명 | D6: NCS 분류코드 | G6: 과정 유형 | H6: 훈련과정명 | I6: 비대면 실시간 운영 여부 | J6: 훈련시간 (H) | K6: 훈련기간 (일수) | L6: 훈련일정 | M6: 훈련인원(명) [예상 수요] | N6: 훈련비 단가(원) | O6: 총 훈련비(원) | P6: 최근 3년 이내('23~'25) 훈련과정 운영 이력 | Q6: 훈련 실시 장소
D7: 대 | E7: 중 | F7: 소 | Q7: 시/도 단위 | R7: 주소지 | S7: 문의처
A8: (사)한국능률협회 | B8: 1 | C8: 경영ㆍ회계ㆍ사무 | D8: =_xlfn.IFS(C8="사업관리","01",C8="경영ㆍ회계ㆍ사무","02",C8="금융ㆍ보험","03",C8="교육ㆍ자연ㆍ사회과학","04",C8="법률ㆍ경찰ㆍ소방ㆍ교도ㆍ국방","05",C8="보건ㆍ의료","06",C8="사회복지ㆍ종교","07",C8="문화ㆍ예술ㆍ디자인ㆍ방송","08",C8="운전ㆍ운송","09",C8="영업판매","10",C8="경비ㆍ청소","11",C8="이용ㆍ숙박ㆍ여행ㆍ오락ㆍ스포츠","12", C8="음식서비스","13", C8="건설","14", C8="기계","15",C8="재료","16",C8="화학ㆍ바이오","17",C8="섬유ㆍ의복","18",C8="전기ㆍ전자","19",C8="정보통신","20",C8="식품가공","21",C8="인쇄ㆍ목재ㆍ가구ㆍ공예","22",C8="환경ㆍ에너지ㆍ안전","23",C8="농림어업","24") -> 02 | E8: 01 | F8: 01 | G8: 일반형 | H8: AX 시대, AI 활용 업무 방식의 이해 | I8: X | J8: 7 | K8: 1 | L8: 2월, 4월, 6월, 8월, 10월, 12월 | M8: 10 | N8: 490000 | O8: =M8*N8 -> 4900000 | P8: O | Q8: 서울특별시 | R8: (07236) 서울특별시 영등포구 여의도동 의사당대로 22 이룸센터 10층(공개교육센터) | S8: 02-3274-9215
A9: (사)한국능률협회 | B9: 2 | C9: 교육ㆍ자연ㆍ사회과학 | D9: 04 | E9: 03 | F9: 01 | G9: 일반형 | H9: 다양성 조직문화와 리더십 | I9: O | J9: 14 | K9: 2 | L9: 1월, 3월, 5월, 7월, 8월, 9월, 11월 | M9: 10 | N9: 690000 | O9: =M9*N9 -> 6900000 | P9: O | Q9: 서울특별시 | R9: (07236) 서울특별시 영등포구 여의도동 의사당대로 22 이룸센터 10층(공개교육센터) | S9: 02-3274-9215
A10: (사)한국능률협회 | B10: 3 | C10: 경영ㆍ회계ㆍ사무 | D10: 02 | E10: 01 | F10: 03 | G10: 일반형 | H10: AI 블로그 콘텐츠와 스마트워크 자동화 완전정복 | I10: X | J10: 6 | K10: 1 | L10: 2월, 5월, 8월, 10월, 12월 | M10: 10 | N10: 490000 | O10: =M10*N10 -> 4900000 | P10: O | Q10: 서울특별시 | R10: (07236) 서울특별시 영등포구 여의도동 의사당대로 22 이룸센터 10층(공개교육센터) | S10: 02-3274-9215
A11: (사)한국능률협회 | B11: 4 | C11: 경영ㆍ회계ㆍ사무 | D11: 02 | E11: 02 | F11: 03 | G11: 일반형 | H11: 맥킨지컨설팅 방식의 비즈니스 보고서 작성 실무 | I11: X | J11: 14 | K11: 2 | L11: 4월, 6월, 9월, 12월 | M11: 10 | N11: 690000 | O11: =M11*N11 -> 6900000 | P11: O | Q11: 서울특별시 | R11: (07236) 서울특별시 영등포구 여의도동 의사당대로 22 이룸센터 10층(공개교육센터) | S11: 02-3274-9215
A12: (사)한국능률협회 | B12: 5 | C12: 경영ㆍ회계ㆍ사무 | D12: 02 | E12: 01 | F12: 01 | G12: 일반형 | H12: 실행력 강화 스킬 UP | I12: X | J12: 7 | K12: 1 | L12: 2월, 3월, 5월, 8월, 9월, 10월, 12월 | M12: 10 | N12: 490000 | O12: =M12*N12 -> 4900000 | P12: O | Q12: 서울특별시 | R12: (07236) 서울특별시 영등포구 여의도동 의사당대로 22 이룸센터 10층(공개교육센터) | S12: 02-3274-9215
A13: (사)한국능률협회 | B13: 6 | C13: 경영ㆍ회계ㆍ사무 | D13: 02 | E13: 02 | F13: 03 | G13: 일반형 | H13: Smart 전문비서 역량개발 | I13: X | J13: 14 | K13: 2 | L13: 1월, 3월, 5월, 8월, 10월, 11월 | M13: 10 | N13: 690000 | O13: =M13*N13 -> 6900000 | P13: O | Q13: 서울특별시 | R13: (07236) 서울특별시 영등포구 여의도동 의사당대로 22 이룸센터 10층(공개교육센터) | S13: 02-3274-9215
A14: (사)한국능률협회 | B14: 7 | C14: 경영ㆍ회계ㆍ사무 | D14: 02 | E14: 02 | F14: 03 | G14: 일반형 | H14: GPT-5 ∙ 구글애널리틱스(GA4)를 활용한 인사이트 도출 | I14: X | J14: 7 | K14: 1 | L14: 6월, 11월 | M14: 10 | N14: 490000 | O14: =M14*N14 -> 4900000 | P14: O | Q14: 서울특별시 | R14: (07236) 서울특별시 영등포구 여의도동 의사당대로 22 이룸센터 10층(공개교육센터) | S14: 02-3274-9215
A15: (사)한국능률협회 | B15: 8 | C15: 사업관리 | D15: 01 | E15: 01 | F15: 01 | G15: 일반형 | H15: 신사업 기회 발굴과 기획 | I15: X | J15: 7 | K15: 1 | L15: 2월, 4월, 6월, 7월, 9월, 11월, 12월 | M15: 10 | N15: 490000 | O15: =M15*N15 -> 4900000 | P15: O | Q15: 서울특별시 | R15: (07236) 서울특별시 영등포구 여의도동 의사당대로 22 이룸센터 10층(공개교육센터) | S15: 02-3274-9215
A16: (사)한국능률협회 | B16: 9 | C16: 경영·회계·사무 | D16: 02 | E16: 02 | F16: 03 | G16: 일반형 | H16: 생성형AI 실무 완벽 활용! 프롬프트부터 파인튜닝까지 | I16: X | J16: 7 | K16: 1 | L16: 1월, 5월, 8월, 11월 | M16: 10 | N16: 490000 | O16: =M16*N16 -> 4900000 | P16: O | Q16: 서울특별시 | R16: (07236) 서울특별시 영등포구 여의도동 의사당대로 22 이룸센터 10층(공개교육센터) | S16: 02-3274-9215
A17: (사)한국능률협회 | B17: 10 | C17: 경영·회계·사무 | D17: 02 | E17: 02 | F17: 03 | G17: 일반형 | H17: 파이썬, ChatGPT로 배우는 엑셀 자동화 입문 (with 바이브코딩) | I17: X | J17: 7 | K17: 1 | L17: 3월, 5월, 8월, 12월 | M17: 10 | N17: 490000 | O17: =M17*N17 -> 4900000 | P17: O | Q17: 서울특별시 | R17: (07236) 서울특별시 영등포구 여의도동 의사당대로 22 이룸센터 10층(공개교육센터) | S17: 02-3274-9215
A18: (사)한국능률협회 | B18: 11 | C18: 경영·회계·사무 | D18: 02 | E18: 02 | F18: 03 | G18: 일반형 | H18: 업무와 일상을 혁신하는 ChatGPT와 생성형AI 활용법 | I18: O | J18: 7 | K18: 1 | L18: 2월, 3월, 6월, 8월, 10월, 11월, 12월 | M18: 10 | N18: 490000 | O18: =M18*N18 -> 4900000 | P18: O | Q18: 서울특별시 | R18: (07236) 서울특별시 영등포구 여의도동 의사당대로 22 이룸센터 10층(공개교육센터) | S18: 02-3274-9215
A19: (사)한국능률협회 | B19: 12 | C19: 경영·회계·사무 | D19: 02 | E19: 01 | F19: 01 | G19: 일반형 | H19: 생성형AI ∙ 노션을 활용한 스마트워크 마스터 | I19: O | J19: 7 | K19: 1 | L19: 3월, 5월, 6월, 7월, 9월, 12월 | M19: 10 | N19: 490000 | O19: =M19*N19 -> 4900000 | P19: O | Q19: 서울특별시 | R19: (07236) 서울특별시 영등포구 여의도동 의사당대로 22 이룸센터 10층(공개교육센터) | S19: 02-3274-9215
A20: (사)한국능률협회 | B20: 13 | C20: 교육·자연·사회과학 | D20: 04 | E20: 03 | F20: 01 | G20: 일반형 | H20: HR 담당자를 위한 직무분석 실무 | I20: X | J20: 14 | K20: 2 | L20: 3월, 5월, 7월, 9월, 11월 | M20: 10 | N20: 690000 | O20: =M20*N20 -> 6900000 | P20: O | Q20: 서울특별시 | R20: (07236) 서울특별시 영등포구 여의도동 의사당대로 22 이룸센터 10층(공개교육센터) | S20: 02-3274-9215
... A28: (사)한국능률협회 | B28: 21 | C28: 경영·회계·사무 | D28: 02 | E28: 02 | F28: 03 | G28: 일반형 | H28: 엑셀 VBA를 활용한 자동화문서 기초 | I28: X | J28: 14 | K28: 2 | L28: 1월, 3월, 5월, 7월, 8월, 9월, 10월, 11월, 12월 | M28: 10 | N28: 690000 | O28: =M28*N28 -> 6900000 | P28: O | Q28: 서울특별시 | R28: (07236) 서울특별시 영등포구 여의도동 의사당대로 22 이룸센터 10층(공개교육센터) | S28: 02-3274-9215

Sheet 4. 품질재단
A1: [작성방법(필독!)] 0. 모든 항목을 반드시 작성해야 하며, 미기재 항목이 있을 경우 심사대상에서 제외, 훈련기관명은 1번 시트 값이 자동입력되므로 직접입력 X 1. NCS 분류코드 : 해당 과정에 가장 주요하거나 많은 비중을 차지하는 내용을 토대로 각 분류상 가장 부합하는 코드를 작성(훈련기관 자체 판단) - NCS대분류명 기재 시 데이터박스 목록으로 설정, 대분류 숫자는 대분류명 선택시 자동입력되므로 직접입력 X 2. 비대면 실시간 운영 여부 : 집체형태 외 비대면 실시간 형태 운영 희망 시 'O' 체크(집체 형태는 기본적으로 모두 가능하며, 비대면 실시간 형태는 승인 과정에 한해 가능) 3. 훈련인원 : 기관에서 예상하는 해당 과정의 연간 훈련 실시인원 추정치 4. 훈련비 단가 : 1인, 1회 기준 훈련비용 5. 총 훈련비 : 총 훈련인원 X 훈련비 단가 6. 훈련일정 : 회차별 개설 예정 시기를 월 단위로 모두 기재('0월' 형태로 기재하거나 "연중 상시" 등 근로자 대상 충분히 안내 가능한 내용으로 작성) 7. 훈련실시장소 : 시/도 단위 및 정확한 주소를 각각 입력, 여러 장소에서 실시할 경우 셀 한개에 모두 입력(셀 구분 시 누락될 수 있음)
A6: 훈련기관명 | B6: 연번 | C6: NCS 대분류명 | D6: NCS 분류코드 | G6: 과정 유형 | H6: 훈련과정명 | I6: 비대면 실시간 운영 여부 | J6: 훈련시간 (H) | K6: 훈련기간 (일수) | L6: 훈련일정 | M6: 훈련인원(명) [예상 수요] | N6: 훈련비 단가(원) | O6: 총 훈련비(원) | P6: 최근 3년 이내('23~'25) 훈련과정 운영 이력 | Q6: 훈련 실시 장소
D7: 대 | E7: 중 | F7: 소 | Q7: 시/도 단위 | R7: 주소지 | S7: 문의처
A8: (재)한국품질재단 | B8: =SUBTOTAL(3,$H8:H$8) -> 1 | C8: 환경ㆍ에너지ㆍ안전 | D8: =_xlfn.IFS(C8="사업관리","01",C8="경영ㆍ회계ㆍ사무","02",C8="금융ㆍ보험","03",C8="교육ㆍ자연ㆍ사회과학","04",C8="법률ㆍ경찰ㆍ소방ㆍ교도ㆍ국방","05",C8="보건ㆍ의료","06",C8="사회복지ㆍ종교","07",C8="문화ㆍ예술ㆍ디자인ㆍ방송","08",C8="운전ㆍ운송","09",C8="영업판매","10",C8="경비ㆍ청소","11",C8="이용ㆍ숙박ㆍ여행ㆍ오락ㆍ스포츠","12", C8="음식서비스","13", C8="건설","14", C8="기계","15",C8="재료","16",C8="화학ㆍ바이오","17",C8="섬유ㆍ의복","18",C8="전기ㆍ전자","19",C8="정보통신","20",C8="식품가공","21",C8="인쇄ㆍ목재ㆍ가구ㆍ공예","22",C8="환경ㆍ에너지ㆍ안전","23",C8="농림어업","24") -> 23 | E8: 04 | F8: 01 | G8: 일반형 | H8: 6시그마 기초(WB) | I8: X | J8: 14 | K8: 2 | L8: 연중 상시 | M8: 5 | N8: 520000 | O8: =M8*N8 -> 2600000 | P8: O | Q8: 서울 / 대구 / 부산 | R8: 서울특별시 송파구 삼전로 78, Q타워 대구광역시 달서구 성서공단로 217 대구비지니스센터 8층 부산광역시 사상구 모라로 22 8층 813호 | S8: (서울) 02-6277-9397 (대구) 053-719-3526 (부산) 051-831-0472
A9: (재)한국품질재단 | B9: =SUBTOTAL(3,$H$8:H9) -> 2 | C9: 환경ㆍ에너지ㆍ안전 | D9: =_xlfn.IFS(C9="사업관리","01",C9="경영ㆍ회계ㆍ사무","02",C9="금융ㆍ보험","03",C9="교육ㆍ자연ㆍ사회과학","04",C9="법률ㆍ경찰ㆍ소방ㆍ교도ㆍ국방","05",C9="보건ㆍ의료","06",C9="사회복지ㆍ종교","07",C9="문화ㆍ예술ㆍ디자인ㆍ방송","08",C9="운전ㆍ운송","09",C9="영업판매","10",C9="경비ㆍ청소","11",C9="이용ㆍ숙박ㆍ여행ㆍ오락ㆍ스포츠","12", C9="음식서비스","13", C9="건설","14", C9="기계","15",C9="재료","16",C9="화학ㆍ바이오","17",C9="섬유ㆍ의복","18",C9="전기ㆍ전자","19",C9="정보통신","20",C9="식품가공","21",C9="인쇄ㆍ목재ㆍ가구ㆍ공예","22",C9="환경ㆍ에너지ㆍ안전","23",C9="농림어업","24") -> 23 | E9: 04 | F9: 01 | G9: 일반형 | H9: 6시그마 리더(GB) | I9: X | J9: 21 | K9: 3 | L9: 연중 상시 | M9: 5 | N9: 650000 | O9: =M9*N9 -> 3250000 | P9: O | Q9: 서울 / 대구 / 부산 | R9: 서울특별시 송파구 삼전로 78, Q타워 대구광역시 달서구 성서공단로 217 대구비지니스센터 8층 부산광역시 사상구 모라로 22 8층 813호 | S9: (서울) 02-6277-9397 (대구) 053-719-3526 (부산) 051-831-0472
A10: (재)한국품질재단 | B10: =SUBTOTAL(3,$H$8:H10) -> 3 | C10: 환경ㆍ에너지ㆍ안전 | D10: =_xlfn.IFS(C10="사업관리","01",C10="경영ㆍ회계ㆍ사무","02",C10="금융ㆍ보험","03",C10="교육ㆍ자연ㆍ사회과학","04",C10="법률ㆍ경찰ㆍ소방ㆍ교도ㆍ국방","05",C10="보건ㆍ의료","06",C10="사회복지ㆍ종교","07",C10="문화ㆍ예술ㆍ디자인ㆍ방송","08",C10="운전ㆍ운송","09",C10="영업판매","10",C10="경비ㆍ청소","11",C10="이용ㆍ숙박ㆍ여행ㆍ오락ㆍ스포츠","12", C10="음식서비스","13", C10="건설","14", C10="기계","15",C10="재료","16",C10="화학ㆍ바이오","17",C10="섬유ㆍ의복","18",C10="전기ㆍ전자","19",C10="정보통신","20",C10="식품가공","21",C10="인쇄ㆍ목재ㆍ가구ㆍ공예","22",C10="환경ㆍ에너지ㆍ안전","23",C10="농림어업","24") -> 23 | E10: 04 | F10: 01 | G10: 일반형 | H10: 6시그마 전문가(BB) | I10: X | J10: 35 | K10: 5 | L10: 연중 상시 | M10: 5 | N10: 1000000 | O10: =M10*N10 -> 5000000 | P10: O | Q10: 서울 / 대구 / 부산 | R10: 서울특별시 송파구 삼전로 78, Q타워 대구광역시 달서구 성서공단로 217 대구비지니스센터 8층 부산광역시 사상구 모라로 22 8층 813호 | S10: (서울) 02-6277-9397 (대구) 053-719-3526 (부산) 051-831-0472
A11: (재)한국품질재단 | B11: =SUBTOTAL(3,$H$8:H11) -> 4 | C11: 경영ㆍ회계ㆍ사무 | D11: =_xlfn.IFS(C11="사업관리","01",C11="경영ㆍ회계ㆍ사무","02",C11="금융ㆍ보험","03",C11="교육ㆍ자연ㆍ사회과학","04",C11="법률ㆍ경찰ㆍ소방ㆍ교도ㆍ국방","05",C11="보건ㆍ의료","06",C11="사회복지ㆍ종교","07",C11="문화ㆍ예술ㆍ디자인ㆍ방송","08",C11="운전ㆍ운송","09",C11="영업판매","10",C11="경비ㆍ청소","11",C11="이용ㆍ숙박ㆍ여행ㆍ오락ㆍ스포츠","12", C11="음식서비스","13", C11="건설","14", C11="기계","15",C11="재료","16",C11="화학ㆍ바이오","17",C11="섬유ㆍ의복","18",C11="전기ㆍ전자","19",C11="정보통신","20",C11="식품가공","21",C11="인쇄ㆍ목재ㆍ가구ㆍ공예","22",C11="환경ㆍ에너지ㆍ안전","23",C11="농림어업","24") -> 02 | E11: 04 | F11: 02 | G11: 일반형 | H11: 8D 리포트를 활용한 품질문제 개선 | I11: X | J11: 14 | K11: 2 | L11: 연중 상시 | M11: 5 | N11: 520000 | O11: =M11*N11 -> 2600000 | P11: O | Q11: 서울 / 대구 / 부산 | R11: 서울특별시 송파구 삼전로 78, Q타워 대구광역시 달서구 성서공단로 217 대구비지니스센터 8층 부산광역시 사상구 모라로 22 8층 813호 | S11: (서울) 02-6277-9397 (대구) 053-719-3526 (부산) 051-831-0472
A12: (재)한국품질재단 | B12: =SUBTOTAL(3,$H$8:H12) -> 5 | C12: 경영ㆍ회계ㆍ사무 | D12: =_xlfn.IFS(C12="사업관리","01",C12="경영ㆍ회계ㆍ사무","02",C12="금융ㆍ보험","03",C12="교육ㆍ자연ㆍ사회과학","04",C12="법률ㆍ경찰ㆍ소방ㆍ교도ㆍ국방","05",C12="보건ㆍ의료","06",C12="사회복지ㆍ종교","07",C12="문화ㆍ예술ㆍ디자인ㆍ방송","08",C12="운전ㆍ운송","09",C12="영업판매","10",C12="경비ㆍ청소","11",C12="이용ㆍ숙박ㆍ여행ㆍ오락ㆍ스포츠","12", C12="음식서비스","13", C12="건설","14", C12="기계","15",C12="재료","16",C12="화학ㆍ바이오","17",C12="섬유ㆍ의복","18",C12="전기ㆍ전자","19",C12="정보통신","20",C12="식품가공","21",C12="인쇄ㆍ목재ㆍ가구ㆍ공예","22",C12="환경ㆍ에너지ㆍ안전","23",C12="농림어업","24") -> 02 | E12: 04 | F12: 02 | G12: 일반형 | H12: APQP & CP의 개념과 활용 | I12: X | J12: 14 | K12: 2 | L12: 연중 상시 | M12: 5 | N12: 520000 | O12: =M12*N12 -> 2600000 | P12: O | Q12: 서울 / 대구 / 부산 | R12: 서울특별시 송파구 삼전로 78, Q타워 대구광역시 달서구 성서공단로 217 대구비지니스센터 8층 부산광역시 사상구 모라로 22 8층 813호 | S12: (서울) 02-6277-9397 (대구) 053-719-3526 (부산) 051-831-0472
A13: (재)한국품질재단 | B13: =SUBTOTAL(3,$H$8:H13) -> 6 | C13: 환경ㆍ에너지ㆍ안전 | D13: =_xlfn.IFS(C13="사업관리","01",C13="경영ㆍ회계ㆍ사무","02",C13="금융ㆍ보험","03",C13="교육ㆍ자연ㆍ사회과학","04",C13="법률ㆍ경찰ㆍ소방ㆍ교도ㆍ국방","05",C13="보건ㆍ의료","06",C13="사회복지ㆍ종교","07",C13="문화ㆍ예술ㆍ디자인ㆍ방송","08",C13="운전ㆍ운송","09",C13="영업판매","10",C13="경비ㆍ청소","11",C13="이용ㆍ숙박ㆍ여행ㆍ오락ㆍ스포츠","12", C13="음식서비스","13", C13="건설","14", C13="기계","15",C13="재료","16",C13="화학ㆍ바이오","17",C13="섬유ㆍ의복","18",C13="전기ㆍ전자","19",C13="정보통신","20",C13="식품가공","21",C13="인쇄ㆍ목재ㆍ가구ㆍ공예","22",C13="환경ㆍ에너지ㆍ안전","23",C13="농림어업","24") -> 23 | E13: 04 | F13: 01 | G13: 일반형 | H13: Big Sigma를 활용한 품질 관리 향상과정 | I13: X | J13: 7 | K13: 1 | L13: 연중 상시 | M13: 5 | N13: 390000 | O13: =M13*N13 -> 1950000 | P13: O | Q13: 서울 / 대구 / 부산 | R13: 서울특별시 송파구 삼전로 78, Q타워 대구광역시 달서구 성서공단로 217 대구비지니스센터 8층 부산광역시 사상구 모라로 22 8층 813호 | S13: (서울) 02-6277-9397 (대구) 053-719-3526 (부산) 051-831-0472
A14: (재)한국품질재단 | B14: =SUBTOTAL(3,$H$8:H14) -> 7 | C14: 경영ㆍ회계ㆍ사무 | D14: =_xlfn.IFS(C14="사업관리","01",C14="경영ㆍ회계ㆍ사무","02",C14="금융ㆍ보험","03",C14="교육ㆍ자연ㆍ사회과학","04",C14="법률ㆍ경찰ㆍ소방ㆍ교도ㆍ국방","05",C14="보건ㆍ의료","06",C14="사회복지ㆍ종교","07",C14="문화ㆍ예술ㆍ디자인ㆍ방송","08",C14="운전ㆍ운송","09",C14="영업판매","10",C14="경비ㆍ청소","11",C14="이용ㆍ숙박ㆍ여행ㆍ오락ㆍ스포츠","12", C14="음식서비스","13", C14="건설","14", C14="기계","15",C14="재료","16",C14="화학ㆍ바이오","17",C14="섬유ㆍ의복","18",C14="전기ㆍ전자","19",C14="정보통신","20",C14="식품가공","21",C14="인쇄ㆍ목재ㆍ가구ㆍ공예","22",C14="환경ㆍ에너지ㆍ안전","23",C14="농림어업","24") -> 02 | E14: 04 | F14: 02 | G14: 일반형 | H14: CORE TOOL(핵심 부속서) 개념과 실무 활용 | I14: X | J14: 21 | K14: 3 | L14: 연중 상시 | M14: 5 | N14: 700000 | O14: =M14*N14 -> 3500000 | P14: O | Q14: 서울 / 대구 / 부산 | R14: 서울특별시 송파구 삼전로 78, Q타워 대구광역시 달서구 성서공단로 217 대구비지니스센터 8층 부산광역시 사상구 모라로 22 8층 813호 | S14: (서울) 02-6277-9397 (대구) 053-719-3526 (부산) 051-831-0472
A15: (재)한국품질재단 | B15: =SUBTOTAL(3,$H$8:H15) -> 8 | C15: 환경ㆍ에너지ㆍ안전 | D15: =_xlfn.IFS(C15="사업관리","01",C15="경영ㆍ회계ㆍ사무","02",C15="금융ㆍ보험","03",C15="교육ㆍ자연ㆍ사회과학","04",C15="법률ㆍ경찰ㆍ소방ㆍ교도ㆍ국방","05",C15="보건ㆍ의료","06",C15="사회복지ㆍ종교","07",C15="문화ㆍ예술ㆍ디자인ㆍ방송","08",C15="운전ㆍ운송","09",C15="영업판매","10",C15="경비ㆍ청소","11",C15="이용ㆍ숙박ㆍ여행ㆍ오락ㆍ스포츠","12", C15="음식서비스","13", C15="건설","14", C15="기계","15",C15="재료","16",C15="화학ㆍ바이오","17",C15="섬유ㆍ의복","18",C15="전기ㆍ전자","19",C15="정보통신","20",C15="식품가공","21",C15="인쇄ㆍ목재ㆍ가구ㆍ공예","22",C15="환경ㆍ에너지ㆍ안전","23",C15="농림어업","24") -> 23 | E15: 04 | F15: 01 | G15: 일반형 | H15: ESG 체제 구축 실무(중급) | I15: X | J15: 14 | K15: 2 | L15: 연중 상시 | M15: 5 | N15: 590000 | O15: =M15*N15 -> 2950000 | P15: O | Q15: 서울 / 대구 / 부산 | R15: 서울특별시 송파구 삼전로 78, Q타워 대구광역시 달서구 성서공단로 217 대구비지니스센터 8층 부산광역시 사상구 모라로 22 8층 813호 | S15: (서울) 02-6277-9397 (대구) 053-719-3526 (부산) 051-831-0472
A16: (재)한국품질재단 | B16: =SUBTOTAL(3,$H$8:H16) -> 9 | C16: 환경ㆍ에너지ㆍ안전 | D16: =_xlfn.IFS(C16="사업관리","01",C16="경영ㆍ회계ㆍ사무","02",C16="금융ㆍ보험","03",C16="교육ㆍ자연ㆍ사회과학","04",C16="법률ㆍ경찰ㆍ소방ㆍ교도ㆍ국방","05",C16="보건ㆍ의료","06",C16="사회복지ㆍ종교","07",C16="문화ㆍ예술ㆍ디자인ㆍ방송","08",C16="운전ㆍ운송","09",C16="영업판매","10",C16="경비ㆍ청소","11",C16="이용ㆍ숙박ㆍ여행ㆍ오락ㆍ스포츠","12", C16="음식서비스","13", C16="건설","14", C16="기계","15",C16="재료","16",C16="화학ㆍ바이오","17",C16="섬유ㆍ의복","18",C16="전기ㆍ전자","19",C16="정보통신","20",C16="식품가공","21",C16="인쇄ㆍ목재ㆍ가구ㆍ공예","22",C16="환경ㆍ에너지ㆍ안전","23",C16="농림어업","24") -> 23 | E16: 04 | F16: 01 | G16: 일반형 | H16: ESG 플러스 | I16: X | J16: 14 | K16: 2 | L16: 연중 상시 | M16: 5 | N16: 750000 | O16: =M16*N16 -> 3750000 | P16: O | Q16: 서울 / 대구 / 부산 | R16: 서울특별시 송파구 삼전로 78, Q타워 대구광역시 달서구 성서공단로 217 대구비지니스센터 8층 부산광역시 사상구 모라로 22 8층 813호 | S16: (서울) 02-6277-9397 (대구) 053-719-3526 (부산) 051-831-0472
A17: (재)한국품질재단 | B17: =SUBTOTAL(3,$H$8:H17) -> 10 | C17: 경영ㆍ회계ㆍ사무 | D17: =_xlfn.IFS(C17="사업관리","01",C17="경영ㆍ회계ㆍ사무","02",C17="금융ㆍ보험","03",C17="교육ㆍ자연ㆍ사회과학","04",C17="법률ㆍ경찰ㆍ소방ㆍ교도ㆍ국방","05",C17="보건ㆍ의료","06",C17="사회복지ㆍ종교","07",C17="문화ㆍ예술ㆍ디자인ㆍ방송","08",C17="운전ㆍ운송","09",C17="영업판매","10",C17="경비ㆍ청소","11",C17="이용ㆍ숙박ㆍ여행ㆍ오락ㆍ스포츠","12", C17="음식서비스","13", C17="건설","14", C17="기계","15",C17="재료","16",C17="화학ㆍ바이오","17",C17="섬유ㆍ의복","18",C17="전기ㆍ전자","19",C17="정보통신","20",C17="식품가공","21",C17="인쇄ㆍ목재ㆍ가구ㆍ공예","22",C17="환경ㆍ에너지ㆍ안전","23",C17="농림어업","24") -> 02 | E17: 4 | F17: 2 | G17: 일반형 | H17: IATF 16949 & 14001 통합 내부심사원 역량강화 | I17: X | J17: 21 | K17: 3 | L17: 연중 상시 | M17: 5 | N17: 720000 | O17: =M17*N17 -> 3600000 | P17: O | Q17: 서울 / 대구 / 부산 | R17: 서울특별시 송파구 삼전로 78, Q타워 대구광역시 달서구 성서공단로 217 대구비지니스센터 8층 부산광역시 사상구 모라로 22 8층 813호 | S17: (서울) 02-6277-9397 (대구) 053-719-3526 (부산) 051-831-0472
A18: (재)한국품질재단 | B18: =SUBTOTAL(3,$H$8:H18) -> 11 | C18: 경영ㆍ회계ㆍ사무 | D18: =_xlfn.IFS(C18="사업관리","01",C18="경영ㆍ회계ㆍ사무","02",C18="금융ㆍ보험","03",C18="교육ㆍ자연ㆍ사회과학","04",C18="법률ㆍ경찰ㆍ소방ㆍ교도ㆍ국방","05",C18="보건ㆍ의료","06",C18="사회복지ㆍ종교","07",C18="문화ㆍ예술ㆍ디자인ㆍ방송","08",C18="운전ㆍ운송","09",C18="영업판매","10",C18="경비ㆍ청소","11",C18="이용ㆍ숙박ㆍ여행ㆍ오락ㆍ스포츠","12", C18="음식서비스","13", C18="건설","14", C18="기계","15",C18="재료","16",C18="화학ㆍ바이오","17",C18="섬유ㆍ의복","18",C18="전기ㆍ전자","19",C18="정보통신","20",C18="식품가공","21",C18="인쇄ㆍ목재ㆍ가구ㆍ공예","22",C18="환경ㆍ에너지ㆍ안전","23",C18="농림어업","24") -> 02 | E18: 4 | F18: 2 | G18: 일반형 | H18: IATF 16949 내부심사원 역량강화 | I18: X | J18: 21 | K18: 3 | L18: 연중 상시 | M18: 5 | N18: 720000 | O18: =M18*N18 -> 3600000 | P18: O | Q18: 서울 / 대구 / 부산 | R18: 서울특별시 송파구 삼전로 78, Q타워 대구광역시 달서구 성서공단로 217 대구비지니스센터 8층 부산광역시 사상구 모라로 22 8층 813호 | S18: (서울) 02-6277-9397 (대구) 053-719-3526 (부산) 051-831-0472
A19: (재)한국품질재단 | B19: =SUBTOTAL(3,$H$8:H19) -> 12 | C19: 환경ㆍ에너지ㆍ안전 | D19: =_xlfn.IFS(C19="사업관리","01",C19="경영ㆍ회계ㆍ사무","02",C19="금융ㆍ보험","03",C19="교육ㆍ자연ㆍ사회과학","04",C19="법률ㆍ경찰ㆍ소방ㆍ교도ㆍ국방","05",C19="보건ㆍ의료","06",C19="사회복지ㆍ종교","07",C19="문화ㆍ예술ㆍ디자인ㆍ방송","08",C19="운전ㆍ운송","09",C19="영업판매","10",C19="경비ㆍ청소","11",C19="이용ㆍ숙박ㆍ여행ㆍ오락ㆍ스포츠","12", C19="음식서비스","13", C19="건설","14", C19="기계","15",C19="재료","16",C19="화학ㆍ바이오","17",C19="섬유ㆍ의복","18",C19="전기ㆍ전자","19",C19="정보통신","20",C19="식품가공","21",C19="인쇄ㆍ목재ㆍ가구ㆍ공예","22",C19="환경ㆍ에너지ㆍ안전","23",C19="농림어업","24") -> 23 | E19: 04 | F19: 01 | G19: 일반형 | H19: ISCC 인증 제도의 이해 | I19: X | J19: 7 | K19: 1 | L19: 연중 상시 | M19: 5 | N19: 500000 | O19: =M19*N19 -> 2500000 | P19: O | Q19: 서울 / 대구 / 부산 | R19: 서울특별시 송파구 삼전로 78, Q타워 대구광역시 달서구 성서공단로 217 대구비지니스센터 8층 부산광역시 사상구 모라로 22 8층 813호 | S19: (서울) 02-6277-9397 (대구) 053-719-3526 (부산) 051-831-0472
A20: (재)한국품질재단 | B20: =SUBTOTAL(3,$H$8:H20) -> 13 | C20: 환경ㆍ에너지ㆍ안전 | D20: =_xlfn.IFS(C20="사업관리","01",C20="경영ㆍ회계ㆍ사무","02",C20="금융ㆍ보험","03",C20="교육ㆍ자연ㆍ사회과학","04",C20="법률ㆍ경찰ㆍ소방ㆍ교도ㆍ국방","05",C20="보건ㆍ의료","06",C20="사회복지ㆍ종교","07",C20="문화ㆍ예술ㆍ디자인ㆍ방송","08",C20="운전ㆍ운송","09",C20="영업판매","10",C20="경비ㆍ청소","11",C20="이용ㆍ숙박ㆍ여행ㆍ오락ㆍ스포츠","12", C20="음식서비스","13", C20="건설","14", C20="기계","15",C20="재료","16",C20="화학ㆍ바이오","17",C20="섬유ㆍ의복","18",C20="전기ㆍ전자","19",C20="정보통신","20",C20="식품가공","21",C20="인쇄ㆍ목재ㆍ가구ㆍ공예","22",C20="환경ㆍ에너지ㆍ안전","23",C20="농림어업","24") -> 23 | E20: 04 | F20: 01 | G20: 일반형 | H20: ISO 14001 환경영향평가 이해 및 실무 적용 | I20: X | J20: 14 | K20: 2 | L20: 연중 상시 | M20: 5 | N20: 490000 | O20: =M20*N20 -> 2450000 | P20: O | Q20: 서울 / 대구 / 부산 | R20: 서울특별시 송파구 삼전로 78, Q타워 대구광역시 달서구 성서공단로 217 대구비지니스센터 8층 부산광역시 사상구 모라로 22 8층 813호 | S20: (서울) 02-6277-9397 (대구) 053-719-3526 (부산) 051-831-0472
... A123: (재)한국품질재단 | B123: =SUBTOTAL(3,$H$8:H123) -> 116 | C123: 경영ㆍ회계ㆍ사무 | D123: =_xlfn.IFS(C123="사업관리","01",C123="경영ㆍ회계ㆍ사무","02",C123="금융ㆍ보험","03",C123="교육ㆍ자연ㆍ사회과학","04",C123="법률ㆍ경찰ㆍ소방ㆍ교도ㆍ국방","05",C123="보건ㆍ의료","06",C123="사회복지ㆍ종교","07",C123="문화ㆍ예술ㆍ디자인ㆍ방송","08",C123="운전ㆍ운송","09",C123="영업판매","10",C123="경비ㆍ청소","11",C123="이용ㆍ숙박ㆍ여행ㆍ오락ㆍ스포츠","12", C123="음식서비스","13", C123="건설","14", C123="기계","15",C123="재료","16",C123="화학ㆍ바이오","17",C123="섬유ㆍ의복","18",C123="전기ㆍ전자","19",C123="정보통신","20",C123="식품가공","21",C123="인쇄ㆍ목재ㆍ가구ㆍ공예","22",C123="환경ㆍ에너지ㆍ안전","23",C123="농림어업","24") -> 02 | E123: 04 | F123: 02 | G123: 일반형 | H123: 품질코스트(Q-COST) 분석 및 활용 실무 | I123: X | J123: 14 | K123: 2 | L123: 연중 상시 | M123: 5 | N123: 520000 | O123: =M123*N123 -> 2600000 | P123: O | Q123: 서울 / 대구 / 부산 | R123: 서울특별시 송파구 삼전로 78, Q타워 대구광역시 달서구 성서공단로 217 대구비지니스센터 8층 부산광역시 사상구 모라로 22 8층 813호 | S123: (서울) 02-6277-9397 (대구) 053-719-3526 (부산) 051-831-0472

Sheet 6. 대원전기
A1: [작성방법(필독!)] 0. 모든 항목을 반드시 작성해야 하며, 미기재 항목이 있을 경우 심사대상에서 제외, 훈련기관명은 1번 시트 값이 자동입력되므로 직접입력 X 1. NCS 분류코드 : 해당 과정에 가장 주요하거나 많은 비중을 차지하는 내용을 토대로 각 분류상 가장 부합하는 코드를 작성(훈련기관 자체 판단) - NCS대분류명 기재 시 데이터박스 목록으로 설정, 대분류 숫자는 대분류명 선택시 자동입력되므로 직접입력 X 2. 비대면 실시간 운영 여부 : 집체형태 외 비대면 실시간 형태 운영 희망 시 'O' 체크(집체 형태는 기본적으로 모두 가능하며, 비대면 실시간 형태는 승인 과정에 한해 가능) 3. 훈련인원 : 기관에서 예상하는 해당 과정의 연간 훈련 실시인원 추정치 4. 훈련비 단가 : 1인, 1회 기준 훈련비용 5. 총 훈련비 : 총 훈련인원 X 훈련비 단가 6. 훈련일정 : 회차별 개설 예정 시기를 월 단위로 모두 기재('0월' 형태로 기재하거나 "연중 상시" 등 근로자 대상 충분히 안내 가능한 내용으로 작성) 7. 훈련실시장소 : 시/도 단위 및 정확한 주소를 각각 입력, 여러 장소에서 실시할 경우 셀 한개에 모두 입력(셀 구분 시 누락될 수 있음)
A6: 훈련기관명 | B6: 연번 | C6: NCS 대분류명 | D6: NCS 분류코드 | G6: 과정 유형 | H6: 훈련과정명 | I6: 비대면 실시간 운영 여부 | J6: 훈련시간 (H) | K6: 훈련기간 (일수) | L6: 훈련일정 | M6: 훈련인원(명) [예상 수요] | N6: 훈련비 단가(원) | O6: 총 훈련비(원) | P6: 최근 3년 이내('23~'25) 훈련과정 운영 이력 | Q6: 훈련 실시 장소
D7: 대 | E7: 중 | F7: 소 | Q7: 시/도 단위 | R7: 주소지 | S7: 문의처
A8: ㈜대원전기교육원 | B8: 1 | C8: 경영ㆍ회계ㆍ사무 | D8: 02 | E8: 03 | F8: 02 | G8: 일반형 | H8: 배전전문회사 신입사원교육 | I8: X | J8: 15 | K8: 2 | L8: 3월 | M8: 30 | N8: 550000 | O8: 16500000 | P8: O | Q8: 충북 | R8: (27913) 충북 증평군 증평읍 반여울길 32 | S8: 043-835-4372
A9: ㈜대원전기교육원 | B9: 2 | C9: 경영ㆍ회계ㆍ사무 | D9: 02 | E9: 03 | F9: 02 | G9: 일반형 | H9: 배전전문회사 전문실무자교육(주임/대리) | I9: X | J9: 15 | K9: 2 | L9: 3월 | M9: 30 | N9: 600000 | O9: 18000000 | P9: O | Q9: 충북 | R9: (27913) 충북 증평군 증평읍 반여울길 32 | S9: 043-835-4372
A10: ㈜대원전기교육원 | B10: 3 | C10: 경영ㆍ회계ㆍ사무 | D10: 02 | E10: 03 | F10: 02 | G10: 일반형 | H10: 배전전문회사 중간관리자교육(과장) | I10: X | J10: 15 | K10: 2 | L10: 3월 | M10: 30 | N10: 600000 | O10: 18000000 | P10: O | Q10: 충북 | R10: (27913) 충북 증평군 증평읍 반여울길 32 | S10: 043-835-4372
A11: ㈜대원전기교육원 | B11: 4 | C11: 경영ㆍ회계ㆍ사무 | D11: 02 | E11: 03 | F11: 02 | G11: 일반형 | H11: 배전전문회사 중간관리자교육(차장/부장) | I11: X | J11: 15 | K11: 2 | L11: 4월 | M11: 30 | N11: 600000 | O11: 18000000 | P11: O | Q11: 충북 | R11: (27913) 충북 증평군 증평읍 반여울길 32 | S11: 043-835-4372
A12: ㈜대원전기교육원 | B12: 5 | C12: 경영ㆍ회계ㆍ사무 | D12: 02 | E12: 03 | F12: 02 | G12: 일반형 | H12: 배전전문회사 팀장리더십교육 | I12: X | J12: 14 | K12: 2 | L12: 4월 | M12: 20 | N12: 600000 | O12: 12000000 | P12: O | Q12: 대전광역시 | R12: (35287) 대전광역시 서구 갈마로 160(괴정동, KT인재개발원) | S12: 043-835-4372
A13: ㈜대원전기교육원 | B13: 6 | C13: 경영ㆍ회계ㆍ사무 | D13: 02 | E13: 03 | F13: 02 | G13: 일반형 | H13: 배전전문회사 현장관리자교육 | I13: X | J13: 15 | K13: 2 | L13: 2월 | M13: 30 | N13: 600000 | O13: 18000000 | P13: X | Q13: 충북 | R13: (27913) 충북 증평군 증평읍 반여울길 32 | S13: 043-835-4372
A14: ㈜대원전기교육원 | B14: 7 | C14: 경영ㆍ회계ㆍ사무 | D14: 02 | E14: 02 | F14: 03 | G14: 일반형 | H14: 신입사원역량강화 과정 | I14: X | J14: 14 | K14: 2 | L14: 3~12월 | M14: 30 | N14: 550000 | O14: =M14*N14 -> 16500000 | P14: O | Q14: 충북 | R14: (27913) 충북 증평군 증평읍 반여울길 32 | S14: 043-835-4362
A15: ㈜대원전기교육원 | B15: 8 | C15: 경영ㆍ회계ㆍ사무 | D15: 02 | E15: 02 | F15: 03 | G15: 일반형 | H15: 중간관리자역량강화교육 | I15: X | J15: 14 | K15: 2 | L15: 3~12월 | M15: 30 | N15: 550000 | O15: =M15*N15 -> 16500000 | P15: O | Q15: 충북 | R15: (27913) 충북 증평군 증평읍 반여울길 32 | S15: 043-835-4362
A16: ㈜대원전기교육원 | B16: 9 | C16: 경영ㆍ회계ㆍ사무 | D16: 02 | E16: 02 | F16: 03 | G16: 일반형 | H16: 팀장리더십역량강화교육 | I16: X | J16: 14 | K16: 2 | L16: 3~12월 | M16: 30 | N16: 550000 | O16: =M16*N16 -> 16500000 | P16: O | Q16: 충북 | R16: (27913) 충북 증평군 증평읍 반여울길 32 | S16: 043-835-4362
A17: ㈜대원전기교육원 | B17: 10 | C17: 경영ㆍ회계ㆍ사무 | D17: 02 | E17: 02 | F17: 03 | G17: 일반형 | H17: 사내강사양성과정 교육 | I17: X | J17: 14 | K17: 2 | L17: 3~12월 | M17: 25 | N17: 550000 | O17: =M17*N17 -> 13750000 | P17: X | Q17: 충북 | R17: (27913) 충북 증평군 증평읍 반여울길 32 | S17: 043-835-4362
A18: ㈜대원전기교육원 | B18: 11 | C18: 경영ㆍ회계ㆍ사무 | D18: 02 | E18: 02 | F18: 03 | G18: 일반형 | H18: 채용에서 퇴직까지 핵심노동법 실무교육 | I18: X | J18: 14 | K18: 2 | L18: 3~12월 | M18: 30 | N18: 500000 | O18: =M18*N18 -> 15000000 | P18: X | Q18: 충북 | R18: (27913) 충북 증평군 증평읍 반여울길 32 | S18: 043-835-4362
A19: ㈜대원전기교육원 | B19: 12 | C19: 경영ㆍ회계ㆍ사무 | D19: 02 | E19: 01 | F19: 03 | G19: 일반형 | H19: 인사평가시스템 구축 실무교육 | I19: X | J19: 14 | K19: 2 | L19: 3~12월 | M19: 30 | N19: 500000 | O19: =M19*N19 -> 15000000 | P19: X | Q19: 충북 | R19: (27913) 충북 증평군 증평읍 반여울길 32 | S19: 043-835-4362
A20: ㈜대원전기교육원 | B20: 13 | C20: 경영ㆍ회계ㆍ사무 | D20: 02 | E20: 01 | F20: 02 | G20: 일반형 | H20: 총무업무 종합실무 역량강화교육 | I20: X | J20: 14 | K20: 2 | L20: 3~12월 | M20: 30 | N20: 500000 | O20: =M20*N20 -> 15000000 | P20: X | Q20: 충북 | R20: (27913) 충북 증평군 증평읍 반여울길 32 | S20: 043-835-4362
A21: ㈜대원전기교육원 | B21: 14 | C21: 경영ㆍ회계ㆍ사무 | D21: 02 | E21: 01 | F21: 02 | G21: 일반형 | H21: 기업회계 종합 실무교육 | I21: X | J21: 14 | K21: 2 | L21: 3~12월 | M21: 30 | N21: 500000 | O21: =M21*N21 -> 15000000 | P21: O | Q21: 충북 | R21: (27913) 충북 증평군 증평읍 반여울길 32 | S21: 043-835-4362
A22: ㈜대원전기교육원 | B22: 15 | C22: 경영ㆍ회계ㆍ사무 | D22: 02 | E22: 02 | F22: 02 | G22: 일반형 | H22: 연말정산 실무교육 | I22: X | J22: 7 | K22: 1 | L22: 3~12월 | M22: 30 | N22: 250000 | O22: =M22*N22 -> 7500000 | P22: X | Q22: 충북 | R22: (27913) 충북 증평군 증평읍 반여울길 32 | S22: 043-835-4362
A23: ㈜대원전기교육원 | B23: 16 | C23: 경영ㆍ회계ㆍ사무 | D23: 02 | E23: 02 | F23: 02 | G23: 일반형 | H23: 퍼실리테이션 스킬교육 | I23: X | J23: 14 | K23: 2 | L23: 3~12월 | M23: 30 | N23: 550000 | O23: =M23*N23 -> 16500000 | P23: X | Q23: 충북 | R23: (27913) 충북 증평군 증평읍 반여울길 32 | S23: 043-835-4362
A24: ㈜대원전기교육원 | B24: 17 | C24: 경영ㆍ회계ㆍ사무 | D24: 02 | E24: 02 | F24: 01 | G24: 일반형 | H24: 효과적인 회의운영 스킬UP 교육 | I24: X | J24: 7 | K24: 1 | L24: 3~12월 | M24: 30 | N24: 250000 | O24: =M24*N24 -> 7500000 | P24: X | Q24: 충북 | R24: (27913) 충북 증평군 증평읍 반여울길 32 | S24: 043-835-4362
A25: ㈜대원전기교육원 | B25: 18 | C25: 전기ㆍ전자 | D25: 19 | E25: 01 | F25: 07 | G25: 일반형 | H25: 건축물전기공사 현장공무 실무 | I25: X | J25: 14 | K25: 2 | L25: 2~12월 | M25: 60 | N25: 480000 | O25: =M25*N25 -> 28800000 | P25: X | Q25: 충북 | R25: (27913) 충북 증평군 증평읍 반여울길 32 | S25: 043-835-4362
A26: ㈜대원전기교육원 | B26: 19 | C26: 전기ㆍ전자 | D26: 19 | E26: 01 | F26: 07 | G26: 일반형 | H26: 외선공사 현장공무 실무 | I26: X | J26: 14 | K26: 2 | L26: 2~12월 | M26: 60 | N26: 480000 | O26: =M26*N26 -> 28800000 | P26: X | Q26: 충북 | R26: (27913) 충북 증평군 증평읍 반여울길 32 | S26: 043-835-4362
A27: ㈜대원전기교육원 | B27: 20 | C27: 전기ㆍ전자 | D27: 19 | E27: 01 | F27: 07 | G27: 일반형 | H27: 한국전기설비(KEC)규정 및 실무 | I27: X | J27: 14 | K27: 2 | L27: 2~12월 | M27: 60 | N27: 480000 | O27: =M27*N27 -> 28800000 | P27: X | Q27: 충북 | R27: (27913) 충북 증평군 증평읍 반여울길 32 | S27: 043-835-4362
A28: ㈜대원전기교육원 | B28: 21 | C28: 전기ㆍ전자 | D28: 19 | E28: 01 | F28: 07 | G28: 일반형 | H28: KEC 고압·특고압 전기설비 실무 | I28: X | J28: 14 | K28: 2 | L28: 2~12월 | M28: 60 | N28: 480000 | O28: =M28*N28 -> 28800000 | P28: X | Q28: 충북 | R28: (27913) 충북 증평군 증평읍 반여울길 32 | S28: 043-835-4362
A29: ㈜대원전기교육원 | B29: 22 | C29: 전기ㆍ전자 | D29: 19 | E29: 01 | F29: 07 | G29: 일반형 | H29: KEC 저압 전기설비 안전을 위한 보호 | I29: X | J29: 14 | K29: 2 | L29: 2~12월 | M29: 60 | N29: 480000 | O29: =M29*N29 -> 28800000 | P29: X | Q29: 충북 | R29: (27913) 충북 증평군 증평읍 반여울길 32 | S29: 043-835-4362
A30: ㈜대원전기교육원 | B30: 23 | C30: 전기ㆍ전자 | D30: 19 | E30: 01 | F30: 07 | G30: 일반형 | H30: 보호계전기정정 및 보호협조 | I30: X | J30: 14 | K30: 2 | L30: 2~12월 | M30: 60 | N30: 480000 | O30: =M30*N30 -> 28800000 | P30: X | Q30: 충북 | R30: (27913) 충북 증평군 증평읍 반여울길 32 | S30: 043-835-4362
A31: ㈜대원전기교육원 | B31: 24 | C31: 전기ㆍ전자 | D31: 19 | E31: 01 | F31: 07 | G31: 일반형 | H31: 수변전설비 및 예비전원설비실무 | I31: X | J31: 14 | K31: 2 | L31: 2~12월 | M31: 60 | N31: 480000 | O31: =M31*N31 -> 28800000 | P31: X | Q31: 충북 | R31: (27913) 충북 증평군 증평읍 반여울길 32 | S31: 043-835-4362
A32: ㈜대원전기교육원 | B32: 25 | C32: 전기ㆍ전자 | D32: 19 | E32: 01 | F32: 07 | G32: 일반형 | H32: 전기설비진단실무 | I32: X | J32: 14 | K32: 2 | L32: 2~12월 | M32: 60 | N32: 480000 | O32: =M32*N32 -> 28800000 | P32: X | Q32: 충북 | R32: (27913) 충북 증평군 증평읍 반여울길 32 | S32: 043-835-4362
A33: ㈜대원전기교육원 | B33: 26 | C33: 전기ㆍ전자 | D33: 19 | E33: 01 | F33: 07 | G33: 일반형 | H33: KEC 배선설비 설계 및 공사 실무 | I33: X | J33: 12 | K33: 2 | L33: 2~12월 | M33: 60 | N33: 480000 | O33: =M33*N33 -> 28800000 | P33: X | Q33: 충북 | R33: (27913) 충북 증평군 증평읍 반여울길 32 | S33: 043-835-4362
A34: ㈜대원전기교육원 | B34: 27 | C34: 법률ㆍ경찰ㆍ소방ㆍ교도ㆍ국방 | D34: 05 | E34: 02 | F34: 01 | G34: 일반형 | H34: 소방설비시공실무 | I34: X | J34: 14 | K34: 2 | L34: 2~12월 | M34: 60 | N34: 480000 | O34: =M34*N34 -> 28800000 | P34: X | Q34: 충북 | R34: (27913) 충북 증평군 증평읍 반여울길 32 | S34: 043-835-4362
A35: ㈜대원전기교육원 | B35: 28 | C35: 환경ㆍ에너지ㆍ안전 | D35: 23 | E35: 06 | F35: 01 | G35: 일반형 | H35: 중대재해처벌법 및 공사업법 실무 | I35: X | J35: 14 | K35: 2 | L35: 2~12월 | M35: 60 | N35: 480000 | O35: =M35*N35 -> 28800000 | P35: X | Q35: 충북 | R35: (27913) 충북 증평군 증평읍 반여울길 32 | S35: 043-835-4362
A36: ㈜대원전기교육원 | B36: 29 | C36: 환경ㆍ에너지ㆍ안전 | D36: 23 | E36: 05 | F36: 05 | G36: 일반형 | H36: 태양광발전 사업개발 실무 | I36: X | J36: 14 | K36: 2 | L36: 2~12월 | M36: 60 | N36: 480000 | O36: =M36*N36 -> 28800000 | P36: X | Q36: 충북 | R36: (27913) 충북 증평군 증평읍 반여울길 32 | S36: 043-835-4362
A37: ㈜대원전기교육원 | B37: 30 | C37: 전기ㆍ전자 | D37: 19 | E37: 01 | F37: 07 | G37: 일반형 | H37: 전기공사 입찰계약실무 | I37: X | J37: 10 | K37: 2 | L37: 2~12월 | M37: 60 | N37: 450000 | O37: =M37*N37 -> 27000000 | P37: X | Q37: 충북 | R37: (27913) 충북 증평군 증평읍 반여울길 32 | S37: 043-835-4362
A38: ㈜대원전기교육원 | B38: 31 | C38: 경영ㆍ회계ㆍ사무 | D38: 02 | E38: 02 | F38: 03 | G38: 일반형 | H38: 법인세.세무조정실무 완전정복 | I38: X | J38: 12 | K38: 2 | L38: 2~12월 | M38: 30 | N38: 500000 | O38: =M38*N38 -> 15000000 | P38: X | Q38: 충북 | R38: (27913) 충북 증평군 증평읍 반여울길 32 | S38: 043-835-4362
A39: ㈜대원전기교육원 | B39: 32 | C39: 정보통신 | D39: 20 | E39: 01 | F39: 07 | G39: AI융합형 | H39: 현장에서 바로 쓰이는 생성형AI업무 활용 (ChatGPT,Claude,Gemini 등) | I39: X | J39: 14 | K39: 2 | L39: 2~12월 | M39: 60 | N39: 550000 | O39: =M39*N39 -> 33000000 | P39: O | Q39: 충북 | R39: (27913) 충북 증평군 증평읍 반여울길 32 | S39: 043-835-4362
A40: ㈜대원전기교육원 | B40: 33 | C40: 정보통신 | D40: 20 | E40: 01 | F40: 07 | G40: AI융합형 | H40: 생성형 AI & Canva활용 문서기획실무 | I40: X | J40: 14 | K40: 2 | L40: 2~12월 | M40: 60 | N40: 550000 | O40: =M40*N40 -> 33000000 | P40: O | Q40: 충북 | R40: (27913) 충북 증평군 증평읍 반여울길 32 | S40: 043-835-4362

Sheet 7. 솔데스크
A3: 훈련기관명 | B3: 연번 | C3: NCS 대분류명 | D3: NCS 분류코드 | G3: 과정 유형 | H3: 훈련과정명 | I3: 비대면 실시간 운영 여부 | J3: 훈련시간 (H) | K3: 훈련기간 (일수) | L3: 훈련일정 | M3: 훈련인원(명) [예상 수요] | N3: 훈련비 단가(원) | O3: 총 훈련비(원) | P3: 최근 3년 이내('23~'25) 훈련과정 운영 이력 | Q3: 훈련 실시 장소
D4: 대 | E4: 중 | F4: 소 | Q4: 시/도 단위 | R4: 주소지 | S4: 문의처
A5: ㈜솔데스크 | B5: 1 | C5: 정보통신 | D5: =_xlfn.IFS(C5="사업관리","01",C5="경영ㆍ회계ㆍ사무","02",C5="금융ㆍ보험","03",C5="교육ㆍ자연ㆍ사회과학","04",C5="법률ㆍ경찰ㆍ소방ㆍ교도ㆍ국방","05",C5="보건ㆍ의료","06",C5="사회복지ㆍ종교","07",C5="문화ㆍ예술ㆍ디자인ㆍ방송","08",C5="운전ㆍ운송","09",C5="영업판매","10",C5="경비ㆍ청소","11",C5="이용ㆍ숙박ㆍ여행ㆍ오락ㆍ스포츠","12", C5="음식서비스","13", C5="건설","14", C5="기계","15",C5="재료","16",C5="화학ㆍ바이오","17",C5="섬유ㆍ의복","18",C5="전기ㆍ전자","19",C5="정보통신","20",C5="식품가공","21",C5="인쇄ㆍ목재ㆍ가구ㆍ공예","22",C5="환경ㆍ에너지ㆍ안전","23",C5="농림어업","24") -> 20 | E5: 01 | F5: 02 | G5: AI융합형 | H5: On-Premise Local LLM 기반 IaC 자동화 실습 | I5: O | J5: 40 | K5: 5 | L5: 3월 ~ 12월 수시(기업 수요기반 수시 운영) | M5: 20 | N5: 500000 | O5: =M5*N5 -> 10000000 | P5: X | Q5: 서울 | R5: (03190) 서울특별시 종로구 종로12길 15(관철동, 종로코아) 2층, 5층, 8층, 9층 | S5: 02-6901-7033
A6: ㈜솔데스크 | B6: 2 | C6: 정보통신 | D6: =_xlfn.IFS(C6="사업관리","01",C6="경영ㆍ회계ㆍ사무","02",C6="금융ㆍ보험","03",C6="교육ㆍ자연ㆍ사회과학","04",C6="법률ㆍ경찰ㆍ소방ㆍ교도ㆍ국방","05",C6="보건ㆍ의료","06",C6="사회복지ㆍ종교","07",C6="문화ㆍ예술ㆍ디자인ㆍ방송","08",C6="운전ㆍ운송","09",C6="영업판매","10",C6="경비ㆍ청소","11",C6="이용ㆍ숙박ㆍ여행ㆍ오락ㆍ스포츠","12", C6="음식서비스","13", C6="건설","14", C6="기계","15",C6="재료","16",C6="화학ㆍ바이오","17",C6="섬유ㆍ의복","18",C6="전기ㆍ전자","19",C6="정보통신","20",C6="식품가공","21",C6="인쇄ㆍ목재ㆍ가구ㆍ공예","22",C6="환경ㆍ에너지ㆍ안전","23",C6="농림어업","24") -> 20 | E6: 01 | F6: 02 | G6: AI융합형 | H6: OpenStack & Kubernetes 기반 폐쇄형 LLM 플랫폼 구축 | I6: O | J6: 40 | K6: 5 | L6: 3월 ~ 12월 수시(기업 수요기반 수시 운영) | M6: 20 | N6: 500000 | O6: =M6*N6 -> 10000000 | P6: X | Q6: 서울 | R6: (03190) 서울특별시 종로구 종로12길 15(관철동, 종로코아) 2층, 5층, 8층, 9층 | S6: 02-6901-7033
A7: ㈜솔데스크 | B7: 3 | C7: 정보통신 | D7: =_xlfn.IFS(C7="사업관리","01",C7="경영ㆍ회계ㆍ사무","02",C7="금융ㆍ보험","03",C7="교육ㆍ자연ㆍ사회과학","04",C7="법률ㆍ경찰ㆍ소방ㆍ교도ㆍ국방","05",C7="보건ㆍ의료","06",C7="사회복지ㆍ종교","07",C7="문화ㆍ예술ㆍ디자인ㆍ방송","08",C7="운전ㆍ운송","09",C7="영업판매","10",C7="경비ㆍ청소","11",C7="이용ㆍ숙박ㆍ여행ㆍ오락ㆍ스포츠","12", C7="음식서비스","13", C7="건설","14", C7="기계","15",C7="재료","16",C7="화학ㆍ바이오","17",C7="섬유ㆍ의복","18",C7="전기ㆍ전자","19",C7="정보통신","20",C7="식품가공","21",C7="인쇄ㆍ목재ㆍ가구ㆍ공예","22",C7="환경ㆍ에너지ㆍ안전","23",C7="농림어업","24") -> 20 | E7: 01 | F7: 02 | G7: AI융합형 | H7: 폐쇄형 LLM 기반 IaC 활용 | I7: O | J7: 40 | K7: 5 | L7: 3월 ~ 12월 수시(기업 수요기반 수시 운영) | M7: 20 | N7: 500000 | O7: =M7*N7 -> 10000000 | P7: X | Q7: 서울 | R7: (03190) 서울특별시 종로구 종로12길 15(관철동, 종로코아) 2층, 5층, 8층, 9층 | S7: 02-6901-7033
A8: ㈜솔데스크 | B8: 4 | C8: 정보통신 | D8: =_xlfn.IFS(C8="사업관리","01",C8="경영ㆍ회계ㆍ사무","02",C8="금융ㆍ보험","03",C8="교육ㆍ자연ㆍ사회과학","04",C8="법률ㆍ경찰ㆍ소방ㆍ교도ㆍ국방","05",C8="보건ㆍ의료","06",C8="사회복지ㆍ종교","07",C8="문화ㆍ예술ㆍ디자인ㆍ방송","08",C8="운전ㆍ운송","09",C8="영업판매","10",C8="경비ㆍ청소","11",C8="이용ㆍ숙박ㆍ여행ㆍ오락ㆍ스포츠","12", C8="음식서비스","13", C8="건설","14", C8="기계","15",C8="재료","16",C8="화학ㆍ바이오","17",C8="섬유ㆍ의복","18",C8="전기ㆍ전자","19",C8="정보통신","20",C8="식품가공","21",C8="인쇄ㆍ목재ㆍ가구ㆍ공예","22",C8="환경ㆍ에너지ㆍ안전","23",C8="농림어업","24") -> 20 | E8: 01 | F8: 03 | G8: AI융합형 | H8: Kafka 기반 작은 LLM 스트리밍 ML 파이프라인 | I8: O | J8: 40 | K8: 5 | L8: 3월 ~ 12월 수시(기업 수요기반 수시 운영) | M8: 20 | N8: 500000 | O8: =M8*N8 -> 10000000 | P8: X | Q8: 서울 | R8: (03190) 서울특별시 종로구 종로12길 15(관철동, 종로코아) 2층, 5층, 8층, 9층 | S8: 02-6901-7033
A9: ㈜솔데스크 | B9: 5 | C9: 정보통신 | D9: =_xlfn.IFS(C9="사업관리","01",C9="경영ㆍ회계ㆍ사무","02",C9="금융ㆍ보험","03",C9="교육ㆍ자연ㆍ사회과학","04",C9="법률ㆍ경찰ㆍ소방ㆍ교도ㆍ국방","05",C9="보건ㆍ의료","06",C9="사회복지ㆍ종교","07",C9="문화ㆍ예술ㆍ디자인ㆍ방송","08",C9="운전ㆍ운송","09",C9="영업판매","10",C9="경비ㆍ청소","11",C9="이용ㆍ숙박ㆍ여행ㆍ오락ㆍ스포츠","12", C9="음식서비스","13", C9="건설","14", C9="기계","15",C9="재료","16",C9="화학ㆍ바이오","17",C9="섬유ㆍ의복","18",C9="전기ㆍ전자","19",C9="정보통신","20",C9="식품가공","21",C9="인쇄ㆍ목재ㆍ가구ㆍ공예","22",C9="환경ㆍ에너지ㆍ안전","23",C9="농림어업","24") -> 20 | E9: 01 | F9: 03 | G9: AI융합형 | H9: Spark/Flink 기반 실시간 데이터 엔지니어링 | I9: O | J9: 40 | K9: 5 | L9: 3월 ~ 12월 수시(기업 수요기반 수시 운영) | M9: 20 | N9: 500000 | O9: =M9*N9 -> 10000000 | P9: X | Q9: 서울 | R9: (03190) 서울특별시 종로구 종로12길 15(관철동, 종로코아) 2층, 5층, 8층, 9층 | S9: 02-6901-7033
A10: ㈜솔데스크 | B10: 6 | C10: 정보통신 | D10: =_xlfn.IFS(C10="사업관리","01",C10="경영ㆍ회계ㆍ사무","02",C10="금융ㆍ보험","03",C10="교육ㆍ자연ㆍ사회과학","04",C10="법률ㆍ경찰ㆍ소방ㆍ교도ㆍ국방","05",C10="보건ㆍ의료","06",C10="사회복지ㆍ종교","07",C10="문화ㆍ예술ㆍ디자인ㆍ방송","08",C10="운전ㆍ운송","09",C10="영업판매","10",C10="경비ㆍ청소","11",C10="이용ㆍ숙박ㆍ여행ㆍ오락ㆍ스포츠","12", C10="음식서비스","13", C10="건설","14", C10="기계","15",C10="재료","16",C10="화학ㆍ바이오","17",C10="섬유ㆍ의복","18",C10="전기ㆍ전자","19",C10="정보통신","20",C10="식품가공","21",C10="인쇄ㆍ목재ㆍ가구ㆍ공예","22",C10="환경ㆍ에너지ㆍ안전","23",C10="농림어업","24") -> 20 | E10: 01 | F10: 03 | G10: 일반형 | H10: systemd 기반 표준 리눅스 통합 운영 실무(어드민) | I10: O | J10: 40 | K10: 5 | L10: 3월 ~ 12월 수시(기업 수요기반 수시 운영) | M10: 20 | N10: 440000 | O10: =M10*N10 -> 8800000 | P10: X | Q10: 서울 | R10: (03190) 서울특별시 종로구 종로12길 15(관철동, 종로코아) 2층, 5층, 8층, 9층 | S10: 02-6901-7033
A11: ㈜솔데스크 | B11: 7 | C11: 정보통신 | D11: =_xlfn.IFS(C11="사업관리","01",C11="경영ㆍ회계ㆍ사무","02",C11="금융ㆍ보험","03",C11="교육ㆍ자연ㆍ사회과학","04",C11="법률ㆍ경찰ㆍ소방ㆍ교도ㆍ국방","05",C11="보건ㆍ의료","06",C11="사회복지ㆍ종교","07",C11="문화ㆍ예술ㆍ디자인ㆍ방송","08",C11="운전ㆍ운송","09",C11="영업판매","10",C11="경비ㆍ청소","11",C11="이용ㆍ숙박ㆍ여행ㆍ오락ㆍ스포츠","12", C11="음식서비스","13", C11="건설","14", C11="기계","15",C11="재료","16",C11="화학ㆍ바이오","17",C11="섬유ㆍ의복","18",C11="전기ㆍ전자","19",C11="정보통신","20",C11="식품가공","21",C11="인쇄ㆍ목재ㆍ가구ㆍ공예","22",C11="환경ㆍ에너지ㆍ안전","23",C11="농림어업","24") -> 20 | E11: 01 | F11: 03 | G11: 일반형 | H11: systemd 기반 표준 리눅스 통합 운영·자동화 실무(엔지니어) | I11: O | J11: 40 | K11: 5 | L11: 3월 ~ 12월 수시(기업 수요기반 수시 운영) | M11: 20 | N11: 440000 | O11: =M11*N11 -> 8800000 | P11: X | Q11: 서울 | R11: (03190) 서울특별시 종로구 종로12길 15(관철동, 종로코아) 2층, 5층, 8층, 9층 | S11: 02-6901-7033
A12: ㈜솔데스크 | B12: 8 | C12: 정보통신 | D12: =_xlfn.IFS(C12="사업관리","01",C12="경영ㆍ회계ㆍ사무","02",C12="금융ㆍ보험","03",C12="교육ㆍ자연ㆍ사회과학","04",C12="법률ㆍ경찰ㆍ소방ㆍ교도ㆍ국방","05",C12="보건ㆍ의료","06",C12="사회복지ㆍ종교","07",C12="문화ㆍ예술ㆍ디자인ㆍ방송","08",C12="운전ㆍ운송","09",C12="영업판매","10",C12="경비ㆍ청소","11",C12="이용ㆍ숙박ㆍ여행ㆍ오락ㆍ스포츠","12", C12="음식서비스","13", C12="건설","14", C12="기계","15",C12="재료","16",C12="화학ㆍ바이오","17",C12="섬유ㆍ의복","18",C12="전기ㆍ전자","19",C12="정보통신","20",C12="식품가공","21",C12="인쇄ㆍ목재ㆍ가구ㆍ공예","22",C12="환경ㆍ에너지ㆍ안전","23",C12="농림어업","24") -> 20 | E12: 01 | F12: 03 | G12: 일반형 | H12: 컨버전스 리눅스(마이그레이션) | I12: O | J12: 40 | K12: 5 | L12: 3월 ~ 12월 수시(기업 수요기반 수시 운영) | M12: 20 | N12: 440000 | O12: =M12*N12 -> 8800000 | P12: X | Q12: 서울 | R12: (03190) 서울특별시 종로구 종로12길 15(관철동, 종로코아) 2층, 5층, 8층, 9층 | S12: 02-6901-7033
A13: ㈜솔데스크 | B13: 9 | C13: 정보통신 | D13: =_xlfn.IFS(C13="사업관리","01",C13="경영ㆍ회계ㆍ사무","02",C13="금융ㆍ보험","03",C13="교육ㆍ자연ㆍ사회과학","04",C13="법률ㆍ경찰ㆍ소방ㆍ교도ㆍ국방","05",C13="보건ㆍ의료","06",C13="사회복지ㆍ종교","07",C13="문화ㆍ예술ㆍ디자인ㆍ방송","08",C13="운전ㆍ운송","09",C13="영업판매","10",C13="경비ㆍ청소","11",C13="이용ㆍ숙박ㆍ여행ㆍ오락ㆍ스포츠","12", C13="음식서비스","13", C13="건설","14", C13="기계","15",C13="재료","16",C13="화학ㆍ바이오","17",C13="섬유ㆍ의복","18",C13="전기ㆍ전자","19",C13="정보통신","20",C13="식품가공","21",C13="인쇄ㆍ목재ㆍ가구ㆍ공예","22",C13="환경ㆍ에너지ㆍ안전","23",C13="농림어업","24") -> 20 | E13: 01 | F13: 02 | G13: 일반형 | H13: 표준 쉘 스크립트 | I13: O | J13: 40 | K13: 5 | L13: 3월 ~ 12월 수시(기업 수요기반 수시 운영) | M13: 20 | N13: 440000 | O13: =M13*N13 -> 8800000 | P13: X | Q13: 서울 | R13: (03190) 서울특별시 종로구 종로12길 15(관철동, 종로코아) 2층, 5층, 8층, 9층 | S13: 02-6901-7033
A14: ㈜솔데스크 | B14: 10 | C14: 정보통신 | D14: =_xlfn.IFS(C14="사업관리","01",C14="경영ㆍ회계ㆍ사무","02",C14="금융ㆍ보험","03",C14="교육ㆍ자연ㆍ사회과학","04",C14="법률ㆍ경찰ㆍ소방ㆍ교도ㆍ국방","05",C14="보건ㆍ의료","06",C14="사회복지ㆍ종교","07",C14="문화ㆍ예술ㆍ디자인ㆍ방송","08",C14="운전ㆍ운송","09",C14="영업판매","10",C14="경비ㆍ청소","11",C14="이용ㆍ숙박ㆍ여행ㆍ오락ㆍ스포츠","12", C14="음식서비스","13", C14="건설","14", C14="기계","15",C14="재료","16",C14="화학ㆍ바이오","17",C14="섬유ㆍ의복","18",C14="전기ㆍ전자","19",C14="정보통신","20",C14="식품가공","21",C14="인쇄ㆍ목재ㆍ가구ㆍ공예","22",C14="환경ㆍ에너지ㆍ안전","23",C14="농림어업","24") -> 20 | E14: 01 | F14: 03 | G14: 일반형 | H14: 표준 리눅스 클러스터링 시스템 | I14: O | J14: 40 | K14: 5 | L14: 3월 ~ 12월 수시(기업 수요기반 수시 운영) | M14: 20 | N14: 440000 | O14: =M14*N14 -> 8800000 | P14: X | Q14: 서울 | R14: (03190) 서울특별시 종로구 종로12길 15(관철동, 종로코아) 2층, 5층, 8층, 9층 | S14: 02-6901-7033
A15: ㈜솔데스크 | B15: 11 | C15: 정보통신 | D15: =_xlfn.IFS(C15="사업관리","01",C15="경영ㆍ회계ㆍ사무","02",C15="금융ㆍ보험","03",C15="교육ㆍ자연ㆍ사회과학","04",C15="법률ㆍ경찰ㆍ소방ㆍ교도ㆍ국방","05",C15="보건ㆍ의료","06",C15="사회복지ㆍ종교","07",C15="문화ㆍ예술ㆍ디자인ㆍ방송","08",C15="운전ㆍ운송","09",C15="영업판매","10",C15="경비ㆍ청소","11",C15="이용ㆍ숙박ㆍ여행ㆍ오락ㆍ스포츠","12", C15="음식서비스","13", C15="건설","14", C15="기계","15",C15="재료","16",C15="화학ㆍ바이오","17",C15="섬유ㆍ의복","18",C15="전기ㆍ전자","19",C15="정보통신","20",C15="식품가공","21",C15="인쇄ㆍ목재ㆍ가구ㆍ공예","22",C15="환경ㆍ에너지ㆍ안전","23",C15="농림어업","24") -> 20 | E15: 01 | F15: 03 | G15: 일반형 | H15: 표준 리눅스 트러블 슈팅 | I15: O | J15: 40 | K15: 5 | L15: 3월 ~ 12월 수시(기업 수요기반 수시 운영) | M15: 20 | N15: 440000 | O15: =M15*N15 -> 8800000 | P15: X | Q15: 서울 | R15: (03190) 서울특별시 종로구 종로12길 15(관철동, 종로코아) 2층, 5층, 8층, 9층 | S15: 02-6901-7033
A16: ㈜솔데스크 | B16: 12 | C16: 정보통신 | D16: =_xlfn.IFS(C16="사업관리","01",C16="경영ㆍ회계ㆍ사무","02",C16="금융ㆍ보험","03",C16="교육ㆍ자연ㆍ사회과학","04",C16="법률ㆍ경찰ㆍ소방ㆍ교도ㆍ국방","05",C16="보건ㆍ의료","06",C16="사회복지ㆍ종교","07",C16="문화ㆍ예술ㆍ디자인ㆍ방송","08",C16="운전ㆍ운송","09",C16="영업판매","10",C16="경비ㆍ청소","11",C16="이용ㆍ숙박ㆍ여행ㆍ오락ㆍ스포츠","12", C16="음식서비스","13", C16="건설","14", C16="기계","15",C16="재료","16",C16="화학ㆍ바이오","17",C16="섬유ㆍ의복","18",C16="전기ㆍ전자","19",C16="정보통신","20",C16="식품가공","21",C16="인쇄ㆍ목재ㆍ가구ㆍ공예","22",C16="환경ㆍ에너지ㆍ안전","23",C16="농림어업","24") -> 20 | E16: 01 | F16: 03 | G16: 일반형 | H16: 대형 리눅스 노드 관리 자동화 | I16: O | J16: 40 | K16: 5 | L16: 3월 ~ 12월 수시(기업 수요기반 수시 운영) | M16: 20 | N16: 500000 | O16: =M16*N16 -> 10000000 | P16: X | Q16: 서울 | R16: (03190) 서울특별시 종로구 종로12길 15(관철동, 종로코아) 2층, 5층, 8층, 9층 | S16: 02-6901-7033
... A36: ㈜솔데스크 | B36: 32 | C36: 정보통신 | D36: =_xlfn.IFS(C36="사업관리","01",C36="경영ㆍ회계ㆍ사무","02",C36="금융ㆍ보험","03",C36="교육ㆍ자연ㆍ사회과학","04",C36="법률ㆍ경찰ㆍ소방ㆍ교도ㆍ국방","05",C36="보건ㆍ의료","06",C36="사회복지ㆍ종교","07",C36="문화ㆍ예술ㆍ디자인ㆍ방송","08",C36="운전ㆍ운송","09",C36="영업판매","10",C36="경비ㆍ청소","11",C36="이용ㆍ숙박ㆍ여행ㆍ오락ㆍ스포츠","12", C36="음식서비스","13", C36="건설","14", C36="기계","15",C36="재료","16",C36="화학ㆍ바이오","17",C36="섬유ㆍ의복","18",C36="전기ㆍ전자","19",C36="정보통신","20",C36="식품가공","21",C36="인쇄ㆍ목재ㆍ가구ㆍ공예","22",C36="환경ㆍ에너지ㆍ안전","23",C36="농림어업","24") -> 20 | E36: 01 | F36: 07 | G36: AI융합형 | H36: AI Agent로 구현하는 기업분석 자동화 서비스 | I36: O | J36: 40 | K36: 5 | L36: 3월 ~ 12월 수시(기업 수요기반 수시 운영) | M36: 20 | N36: 400000 | O36: =M36*N36 -> 8000000 | P36: X | Q36: 서울 | R36: (03190) 서울특별시 종로구 종로12길 15(관철동, 종로코아) 2층, 5층, 8층, 9층 | S36: 02-6901-7033
A37: ㈜솔데스크 | B37: 33 | D37: =_xlfn.IFS(C37="사업관리","01",C37="경영ㆍ회계ㆍ사무","02",C37="금융ㆍ보험","03",C37="교육ㆍ자연ㆍ사회과학","04",C37="법률ㆍ경찰ㆍ소방ㆍ교도ㆍ국방","05",C37="보건ㆍ의료","06",C37="사회복지ㆍ종교","07",C37="문화ㆍ예술ㆍ디자인ㆍ방송","08",C37="운전ㆍ운송","09",C37="영업판매","10",C37="경비ㆍ청소","11",C37="이용ㆍ숙박ㆍ여행ㆍ오락ㆍ스포츠","12", C37="음식서비스","13", C37="건설","14", C37="기계","15",C37="재료","16",C37="화학ㆍ바이오","17",C37="섬유ㆍ의복","18",C37="전기ㆍ전자","19",C37="정보통신","20",C37="식품가공","21",C37="인쇄ㆍ목재ㆍ가구ㆍ공예","22",C37="환경ㆍ에너지ㆍ안전","23",C37="농림어업","24") -> #N/A
A38: ㈜솔데스크 | B38: 34 | D38: =_xlfn.IFS(C38="사업관리","01",C38="경영ㆍ회계ㆍ사무","02",C38="금융ㆍ보험","03",C38="교육ㆍ자연ㆍ사회과학","04",C38="법률ㆍ경찰ㆍ소방ㆍ교도ㆍ국방","05",C38="보건ㆍ의료","06",C38="사회복지ㆍ종교","07",C38="문화ㆍ예술ㆍ디자인ㆍ방송","08",C38="운전ㆍ운송","09",C38="영업판매","10",C38="경비ㆍ청소","11",C38="이용ㆍ숙박ㆍ여행ㆍ오락ㆍ스포츠","12", C38="음식서비스","13", C38="건설","14", C38="기계","15",C38="재료","16",C38="화학ㆍ바이오","17",C38="섬유ㆍ의복","18",C38="전기ㆍ전자","19",C38="정보통신","20",C38="식품가공","21",C38="인쇄ㆍ목재ㆍ가구ㆍ공예","22",C38="환경ㆍ에너지ㆍ안전","23",C38="농림어업","24") -> #N/A
A39: ㈜솔데스크 | B39: 35 | D39: =_xlfn.IFS(C39="사업관리","01",C39="경영ㆍ회계ㆍ사무","02",C39="금융ㆍ보험","03",C39="교육ㆍ자연ㆍ사회과학","04",C39="법률ㆍ경찰ㆍ소방ㆍ교도ㆍ국방","05",C39="보건ㆍ의료","06",C39="사회복지ㆍ종교","07",C39="문화ㆍ예술ㆍ디자인ㆍ방송","08",C39="운전ㆍ운송","09",C39="영업판매","10",C39="경비ㆍ청소","11",C39="이용ㆍ숙박ㆍ여행ㆍ오락ㆍ스포츠","12", C39="음식서비스","13", C39="건설","14", C39="기계","15",C39="재료","16",C39="화학ㆍ바이오","17",C39="섬유ㆍ의복","18",C39="전기ㆍ전자","19",C39="정보통신","20",C39="식품가공","21",C39="인쇄ㆍ목재ㆍ가구ㆍ공예","22",C39="환경ㆍ에너지ㆍ안전","23",C39="농림어업","24") -> #N/A
A40: ㈜솔데스크 | B40: 36 | D40: =_xlfn.IFS(C40="사업관리","01",C40="경영ㆍ회계ㆍ사무","02",C40="금융ㆍ보험","03",C40="교육ㆍ자연ㆍ사회과학","04",C40="법률ㆍ경찰ㆍ소방ㆍ교도ㆍ국방","05",C40="보건ㆍ의료","06",C40="사회복지ㆍ종교","07",C40="문화ㆍ예술ㆍ디자인ㆍ방송","08",C40="운전ㆍ운송","09",C40="영업판매","10",C40="경비ㆍ청소","11",C40="이용ㆍ숙박ㆍ여행ㆍ오락ㆍ스포츠","12", C40="음식서비스","13", C40="건설","14", C40="기계","15",C40="재료","16",C40="화학ㆍ바이오","17",C40="섬유ㆍ의복","18",C40="전기ㆍ전자","19",C40="정보통신","20",C40="식품가공","21",C40="인쇄ㆍ목재ㆍ가구ㆍ공예","22",C40="환경ㆍ에너지ㆍ안전","23",C40="농림어업","24") -> #N/A
A41: ㈜솔데스크 | B41: 37 | D41: =_xlfn.IFS(C41="사업관리","01",C41="경영ㆍ회계ㆍ사무","02",C41="금융ㆍ보험","03",C41="교육ㆍ자연ㆍ사회과학","04",C41="법률ㆍ경찰ㆍ소방ㆍ교도ㆍ국방","05",C41="보건ㆍ의료","06",C41="사회복지ㆍ종교","07",C41="문화ㆍ예술ㆍ디자인ㆍ방송","08",C41="운전ㆍ운송","09",C41="영업판매","10",C41="경비ㆍ청소","11",C41="이용ㆍ숙박ㆍ여행ㆍ오락ㆍ스포츠","12", C41="음식서비스","13", C41="건설","14", C41="기계","15",C41="재료","16",C41="화학ㆍ바이오","17",C41="섬유ㆍ의복","18",C41="전기ㆍ전자","19",C41="정보통신","20",C41="식품가공","21",C41="인쇄ㆍ목재ㆍ가구ㆍ공예","22",C41="환경ㆍ에너지ㆍ안전","23",C41="농림어업","24") -> #N/A
A42: ㈜솔데스크 | B42: 38 | D42: =_xlfn.IFS(C42="사업관리","01",C42="경영ㆍ회계ㆍ사무","02",C42="금융ㆍ보험","03",C42="교육ㆍ자연ㆍ사회과학","04",C42="법률ㆍ경찰ㆍ소방ㆍ교도ㆍ국방","05",C42="보건ㆍ의료","06",C42="사회복지ㆍ종교","07",C42="문화ㆍ예술ㆍ디자인ㆍ방송","08",C42="운전ㆍ운송","09",C42="영업판매","10",C42="경비ㆍ청소","11",C42="이용ㆍ숙박ㆍ여행ㆍ오락ㆍ스포츠","12", C42="음식서비스","13", C42="건설","14", C42="기계","15",C42="재료","16",C42="화학ㆍ바이오","17",C42="섬유ㆍ의복","18",C42="전기ㆍ전자","19",C42="정보통신","20",C42="식품가공","21",C42="인쇄ㆍ목재ㆍ가구ㆍ공예","22",C42="환경ㆍ에너지ㆍ안전","23",C42="농림어업","24") -> #N/A

Sheet 5. 고려
A1: [작성방법(필독!)] 0. 모든 항목을 반드시 작성해야 하며, 미기재 항목이 있을 경우 심사대상에서 제외, 훈련기관명은 1번 시트 값이 자동입력되므로 직접입력 X 1. NCS 분류코드 : 해당 과정에 가장 주요하거나 많은 비중을 차지하는 내용을 토대로 각 분류상 가장 부합하는 코드를 작성(훈련기관 자체 판단) - NCS대분류명 기재 시 데이터박스 목록으로 설정, 대분류 숫자는 대분류명 선택시 자동입력되므로 직접입력 X 2. 비대면 실시간 운영 여부 : 집체형태 외 비대면 실시간 형태 운영 희망 시 'O' 체크(집체 형태는 기본적으로 모두 가능하며, 비대면 실시간 형태는 승인 과정에 한해 가능) 3. 훈련인원 : 기관에서 예상하는 해당 과정의 연간 훈련 실시인원 추정치 4. 훈련비 단가 : 1인, 1회 기준 훈련비용 5. 총 훈련비 : 총 훈련인원 X 훈련비 단가 6. 훈련일정 : 회차별 개설 예정 시기를 월 단위로 모두 기재('0월' 형태로 기재하거나 "연중 상시" 등 근로자 대상 충분히 안내 가능한 내용으로 작성) 7. 훈련실시장소 : 시/도 단위 및 정확한 주소를 각각 입력, 여러 장소에서 실시할 경우 셀 한개에 모두 입력(셀 구분 시 누락될 수 있음)
A6: 훈련기관명 | B6: 연번 | C6: NCS 대분류명 | D6: NCS 분류코드 | G6: 과정 유형 | H6: 훈련과정명 | I6: 비대면 실시간 운영 여부 | J6: 훈련시간 (H) | K6: 훈련기간 (일수) | L6: 훈련일정 | M6: 훈련인원(명) [예상 수요] | N6: 훈련비 단가(원) | O6: 총 훈련비(원) | P6: 최근 3년 이내('23~'25) 훈련과정 운영 이력 | Q6: 훈련 실시 장소
D7: 대 | E7: 중 | F7: 소 | Q7: 시/도 단위 | R7: 주소지 | S7: 문의처
A8: ㈜고려아카데미컨설팅 | B8: 1 | C8: 경영ㆍ회계ㆍ사무 | D8: =VLOOKUP(C8,$A$37:$B$60,2,0) -> 2 | E8: 03 | F8: 02 | G8: 일반형 | H8: 재무제표 및 보고서 읽는 방법 | I8: O | J8: 8 | K8: 1 | L8: 1~12월 (연중상시) | M8: 40 | N8: 250000 | O8: =M8*N8 -> 10000000 | P8: O | Q8: 서울시 | R8: (08512) 서울시 금천구 디지털로9길 32 갑을그레이트밸리 B동 17층 | S8: 02-2106-8800
A9: ㈜고려아카데미컨설팅 | B9: 2 | C9: 경영ㆍ회계ㆍ사무 | D9: =VLOOKUP(C9,$A$37:$B$60,2,0) -> 2 | E9: 03 | F9: 02 | G9: 일반형 | H9: 재무제표 보는 법과 재무보고서 활용 실무 | I9: O | J9: 8 | K9: 1 | L9: 1~12월 (연중상시) | M9: 40 | N9: 250000 | O9: =M9*N9 -> 10000000 | P9: O | Q9: 서울시 | R9: (08512) 서울시 금천구 디지털로9길 32 갑을그레이트밸리 B동 17층 | S9: 02-2106-8800
A10: ㈜고려아카데미컨설팅 | B10: 3 | C10: 경영ㆍ회계ㆍ사무 | D10: =VLOOKUP(C10,$A$37:$B$60,2,0) -> 2 | E10: 02 | F10: 01 | G10: AI융합형 | H10: AI 활용한 기획 및 보고서 작성 과정 | I10: O | J10: 8 | K10: 1 | L10: 1~12월 (연중상시) | M10: 150 | N10: 270000 | O10: =M10*N10 -> 40500000 | P10: O | Q10: 서울시 | R10: (08512) 서울시 금천구 디지털로9길 32 갑을그레이트밸리 B동 17층 | S10: 02-2106-8800
A11: ㈜고려아카데미컨설팅 | B11: 4 | C11: 경영ㆍ회계ㆍ사무 | D11: =VLOOKUP(C11,$A$37:$B$60,2,0) -> 2 | E11: 02 | F11: 01 | G11: 일반형 | H11: 스마트워크: 생각정리스킬 | I11: O | J11: 7 | K11: 1 | L11: 1~12월 (연중상시) | M11: 40 | N11: 250000 | O11: =M11*N11 -> 10000000 | P11: O | Q11: 서울시 | R11: (08512) 서울시 금천구 디지털로9길 32 갑을그레이트밸리 B동 17층 | S11: 02-2106-8800
A12: ㈜고려아카데미컨설팅 | B12: 5 | C12: 경영ㆍ회계ㆍ사무 | D12: =VLOOKUP(C12,$A$37:$B$60,2,0) -> 2 | E12: 02 | F12: 02 | G12: 일반형 | H12: FIRO-B를 활용한 리더십 테라피 | I12: O | J12: 7 | K12: 1 | L12: 1~12월 (연중상시) | M12: 30 | N12: 270000 | O12: =M12*N12 -> 8100000 | P12: O | Q12: 서울시 | R12: (08512) 서울시 금천구 디지털로9길 32 갑을그레이트밸리 B동 17층 | S12: 02-2106-8800
A13: ㈜고려아카데미컨설팅 | B13: 6 | C13: 경영ㆍ회계ㆍ사무 | D13: =VLOOKUP(C13,$A$37:$B$60,2,0) -> 2 | E13: 02 | F13: 03 | G13: 일반형 | H13: 발표자로 거듭나는 실전 노하우 『프레젠테이션 스킬업』 | I13: O | J13: 8 | K13: 1 | L13: 1~12월 (연중상시) | M13: 30 | N13: 250000 | O13: =M13*N13 -> 7500000 | P13: O | Q13: 서울시 | R13: (08512) 서울시 금천구 디지털로9길 32 갑을그레이트밸리 B동 17층 | S13: 02-2106-8800
A14: ㈜고려아카데미컨설팅 | B14: 7 | C14: 경영ㆍ회계ㆍ사무 | D14: =VLOOKUP(C14,$A$37:$B$60,2,0) -> 2 | E14: 02 | F14: 01 | G14: AI융합형 | H14: AI 시대, 일잘러가 문제를 해결하는 법 | I14: O | J14: 7 | K14: 1 | L14: 1~12월 (연중상시) | M14: 80 | N14: 270000 | O14: =M14*N14 -> 21600000 | P14: O | Q14: 서울시 | R14: (08512) 서울시 금천구 디지털로9길 32 갑을그레이트밸리 B동 17층 | S14: 02-2106-8800
A15: ㈜고려아카데미컨설팅 | B15: 8 | C15: 경영ㆍ회계ㆍ사무 | D15: =VLOOKUP(C15,$A$37:$B$60,2,0) -> 2 | E15: 02 | F15: 01 | G15: AI융합형 | H15: 디자인씽킹과 문제해결 과정 | I15: O | J15: 7 | K15: 1 | L15: 1~12월 (연중상시) | M15: 20 | N15: 250000 | O15: =M15*N15 -> 5000000 | P15: O | Q15: 서울시 | R15: (08512) 서울시 금천구 디지털로9길 32 갑을그레이트밸리 B동 17층 | S15: 02-2106-8800
A16: ㈜고려아카데미컨설팅 | B16: 9 | C16: 경영ㆍ회계ㆍ사무 | D16: =VLOOKUP(C16,$A$37:$B$60,2,0) -> 2 | E16: 02 | F16: 03 | G16: AI융합형 | H16: 효과적 업무관리 IPO과정 | I16: O | J16: 7 | K16: 1 | L16: 1~12월 (연중상시) | M16: 50 | N16: 250000 | O16: =M16*N16 -> 12500000 | P16: O | Q16: 서울시 | R16: (08512) 서울시 금천구 디지털로9길 32 갑을그레이트밸리 B동 17층 | S16: 02-2106-8800
A17: ㈜고려아카데미컨설팅 | B17: 10 | C17: 경영ㆍ회계ㆍ사무 | D17: =VLOOKUP(C17,$A$37:$B$60,2,0) -> 2 | E17: 02 | F17: 02 | G17: 일반형 | H17: 생성형 AI활용한 AＩ리더십과정 | I17: O | J17: 6 | K17: 1 | L17: 1~12월 (연중상시) | M17: 30 | N17: 270000 | O17: =M17*N17 -> 8100000 | P17: O | Q17: 서울시 | R17: (08512) 서울시 금천구 디지털로9길 32 갑을그레이트밸리 B동 17층 | S17: 02-2106-8800
A18: ㈜고려아카데미컨설팅 | B18: 11 | C18: 경영ㆍ회계ㆍ사무 | D18: =VLOOKUP(C18,$A$37:$B$60,2,0) -> 2 | E18: 02 | F18: 02 | G18: 일반형 | H18: 사내강사양성과정 | I18: O | J18: 14 | K18: 2 | L18: 1~12월 (연중상시) | M18: 20 | N18: 550000 | O18: =M18*N18 -> 11000000 | P18: O | Q18: 서울시 | R18: (08512) 서울시 금천구 디지털로9길 32 갑을그레이트밸리 B동 17층 | S18: 02-2106-8800
A19: ㈜고려아카데미컨설팅 | B19: 12 | C19: 경영ㆍ회계ㆍ사무 | D19: =VLOOKUP(C19,$A$37:$B$60,2,0) -> 2 | E19: 02 | F19: 03 | G19: AI융합형 | H19: 생성형 인공지능 실무 활용 | I19: O | J19: 7 | K19: 1 | L19: 1~12월 (연중상시) | M19: 250 | N19: 350000 | O19: =M19*N19 -> 87500000 | P19: O | Q19: 서울시 | R19: (08512) 서울시 금천구 디지털로9길 32 갑을그레이트밸리 B동 17층 | S19: 02-2106-8800
... A32: ㈜고려아카데미컨설팅 | B32: 25 | C32: 경영ㆍ회계ㆍ사무 | D32: =VLOOKUP(C32,$A$37:$B$60,2,0) -> 2 | E32: 02 | F32: 02 | G32: 일반형 | H32: 협업과 소통 장벽제거_ 협업리더십 과정 | I32: O | J32: 7 | K32: 1 | L32: 1~12월 (연중상시) | M32: 20 | N32: 220000 | O32: =M32*N32 -> 4400000 | P32: O | Q32: 서울시 | R32: (08512) 서울시 금천구 디지털로9길 32 갑을그레이트밸리 B동 17층 | S32: 02-2106-8800
A36: 직무분야 | B36: 코드
A37: 사업관리 | B37: 1
A38: 경영ㆍ회계ㆍ사무 | B38: 2
A39: 금융ㆍ보험 | B39: 3
A40: 교육ㆍ자연ㆍ사회과학 | B40: 4
A41: 법률ㆍ경찰ㆍ소방ㆍ교도ㆍ국방 | B41: 5
A42: 보건ㆍ의료 | B42: 6
A43: 사회복지ㆍ종교 | B43: 7
A44: 문화ㆍ예술ㆍ디자인ㆍ방송 | B44: 8
A45: 운전ㆍ운송 | B45: 9
A46: 영업판매 | B46: 10
A47: 경비ㆍ청소 | B47: 11
A48: 이용ㆍ숙박ㆍ여행ㆍ오락ㆍ스포츠 | B48: 12
... A60: 농림어업 | B60: 24

Sheet 8. 스마트소셜
A1: [작성방법(필독!)] 0. 모든 항목을 반드시 작성해야 하며, 미기재 항목이 있을 경우 심사대상에서 제외, 훈련기관명은 1번 시트 값이 자동입력되므로 직접입력 X 1. NCS 분류코드 : 해당 과정에 가장 주요하거나 많은 비중을 차지하는 내용을 토대로 각 분류상 가장 부합하는 코드를 작성(훈련기관 자체 판단) - NCS대분류명 기재 시 데이터박스 목록으로 설정, 대분류 숫자는 대분류명 선택시 자동입력되므로 직접입력 X 2. 비대면 실시간 운영 여부 : 집체형태 외 비대면 실시간 형태 운영 희망 시 'O' 체크(집체 형태는 기본적으로 모두 가능하며, 비대면 실시간 형태는 승인 과정에 한해 가능) 3. 훈련인원 : 기관에서 예상하는 해당 과정의 연간 훈련 실시인원 추정치 4. 훈련비 단가 : 1인, 1회 기준 훈련비용 5. 총 훈련비 : 총 훈련인원 X 훈련비 단가 6. 훈련일정 : 회차별 개설 예정 시기를 월 단위로 모두 기재('0월' 형태로 기재하거나 "연중 상시" 등 근로자 대상 충분히 안내 가능한 내용으로 작성) 7. 훈련실시장소 : 시/도 단위 및 정확한 주소를 각각 입력, 여러 장소에서 실시할 경우 셀 한개에 모두 입력(셀 구분 시 누락될 수 있음)
A6: 훈련기관명 | B6: 연번 | C6: NCS 대분류명 | D6: NCS 분류코드 | G6: 과정 유형 | H6: 훈련과정명 | I6: 비대면 실시간 운영 여부 | J6: 훈련시간 (H) | K6: 훈련기간 (일수) | L6: 훈련일정 | M6: 훈련인원(명) [예상 수요] | N6: 훈련비 단가(원) | O6: 총 훈련비(원) | P6: 최근 3년 이내('23~'25) 훈련과정 운영 이력 | Q6: 훈련 실시 장소
D7: 대 | E7: 중 | F7: 소 | Q7: 시/도 단위 | R7: 주소지 | S7: 문의처
A8: ㈜스마트소셜 | B8: 1 | C8: 정보통신 | D8: =_xlfn.IFS(C8="사업관리","01",C8="경영ㆍ회계ㆍ사무","02",C8="금융ㆍ보험","03",C8="교육ㆍ자연ㆍ사회과학","04",C8="법률ㆍ경찰ㆍ소방ㆍ교도ㆍ국방","05",C8="보건ㆍ의료","06",C8="사회복지ㆍ종교","07",C8="문화ㆍ예술ㆍ디자인ㆍ방송","08",C8="운전ㆍ운송","09",C8="영업판매","10",C8="경비ㆍ청소","11",C8="이용ㆍ숙박ㆍ여행ㆍ오락ㆍ스포츠","12", C8="음식서비스","13", C8="건설","14", C8="기계","15",C8="재료","16",C8="화학ㆍ바이오","17",C8="섬유ㆍ의복","18",C8="전기ㆍ전자","19",C8="정보통신","20",C8="식품가공","21",C8="인쇄ㆍ목재ㆍ가구ㆍ공예","22",C8="환경ㆍ에너지ㆍ안전","23",C8="농림어업","24") -> 20 | E8: 01 | F8: 07 | G8: AI융합형 | H8: Canva & AWS Partyrock 활용을 통한 노코드 AI 앱 빌딩 | I8: O | J8: 6 | K8: 1 | L8: 1~12월 | M8: 30 | N8: 480000 | O8: =M8*N8 -> 14400000 | P8: O | Q8: 부산시 | R8: 부산시 해운대구 수영강변대로 140 BCC 726호 | S8: 051-717-0160
A9: ㈜스마트소셜 | B9: 2 | C9: 정보통신 | D9: =_xlfn.IFS(C9="사업관리","01",C9="경영ㆍ회계ㆍ사무","02",C9="금융ㆍ보험","03",C9="교육ㆍ자연ㆍ사회과학","04",C9="법률ㆍ경찰ㆍ소방ㆍ교도ㆍ국방","05",C9="보건ㆍ의료","06",C9="사회복지ㆍ종교","07",C9="문화ㆍ예술ㆍ디자인ㆍ방송","08",C9="운전ㆍ운송","09",C9="영업판매","10",C9="경비ㆍ청소","11",C9="이용ㆍ숙박ㆍ여행ㆍ오락ㆍ스포츠","12", C9="음식서비스","13", C9="건설","14", C9="기계","15",C9="재료","16",C9="화학ㆍ바이오","17",C9="섬유ㆍ의복","18",C9="전기ㆍ전자","19",C9="정보통신","20",C9="식품가공","21",C9="인쇄ㆍ목재ㆍ가구ㆍ공예","22",C9="환경ㆍ에너지ㆍ안전","23",C9="농림어업","24") -> 20 | E9: 01 | F9: 07 | G9: AI융합형 | H9: Slack & Runbear를 활용한 AI 에이전트 구축 & 커스텀 AI 앱 제작 | I9: O | J9: 8 | K9: 1 | L9: 1~12월 | M9: 40 | N9: 640000 | O9: =M9*N9 -> 25600000 | P9: O | Q9: 부산시 | R9: 부산시 해운대구 수영강변대로 140 BCC 726호 | S9: 051-717-0160
A10: ㈜스마트소셜 | B10: 3 | C10: 정보통신 | D10: =_xlfn.IFS(C10="사업관리","01",C10="경영ㆍ회계ㆍ사무","02",C10="금융ㆍ보험","03",C10="교육ㆍ자연ㆍ사회과학","04",C10="법률ㆍ경찰ㆍ소방ㆍ교도ㆍ국방","05",C10="보건ㆍ의료","06",C10="사회복지ㆍ종교","07",C10="문화ㆍ예술ㆍ디자인ㆍ방송","08",C10="운전ㆍ운송","09",C10="영업판매","10",C10="경비ㆍ청소","11",C10="이용ㆍ숙박ㆍ여행ㆍ오락ㆍ스포츠","12", C10="음식서비스","13", C10="건설","14", C10="기계","15",C10="재료","16",C10="화학ㆍ바이오","17",C10="섬유ㆍ의복","18",C10="전기ㆍ전자","19",C10="정보통신","20",C10="식품가공","21",C10="인쇄ㆍ목재ㆍ가구ㆍ공예","22",C10="환경ㆍ에너지ㆍ안전","23",C10="농림어업","24") -> 20 | E10: 01 | F10: 07 | G10: AI융합형 | H10: 팀 빌딩 및 비즈니스 브랜딩 | I10: O | J10: 6 | K10: 1 | L10: 1~12월 | M10: 30 | N10: 480000 | O10: =M10*N10 -> 14400000 | P10: O | Q10: 부산시 | R10: 부산시 해운대구 수영강변대로 140 BCC 726호 | S10: 051-717-0160
A11: ㈜스마트소셜 | B11: 4 | C11: 정보통신 | D11: =_xlfn.IFS(C11="사업관리","01",C11="경영ㆍ회계ㆍ사무","02",C11="금융ㆍ보험","03",C11="교육ㆍ자연ㆍ사회과학","04",C11="법률ㆍ경찰ㆍ소방ㆍ교도ㆍ국방","05",C11="보건ㆍ의료","06",C11="사회복지ㆍ종교","07",C11="문화ㆍ예술ㆍ디자인ㆍ방송","08",C11="운전ㆍ운송","09",C11="영업판매","10",C11="경비ㆍ청소","11",C11="이용ㆍ숙박ㆍ여행ㆍ오락ㆍ스포츠","12", C11="음식서비스","13", C11="건설","14", C11="기계","15",C11="재료","16",C11="화학ㆍ바이오","17",C11="섬유ㆍ의복","18",C11="전기ㆍ전자","19",C11="정보통신","20",C11="식품가공","21",C11="인쇄ㆍ목재ㆍ가구ㆍ공예","22",C11="환경ㆍ에너지ㆍ안전","23",C11="농림어업","24") -> 20 | E11: 01 | F11: 07 | G11: AI융합형 | H11: 비전공자를 위한 실무 AI 사용법(ChatGPT, Google Gemini) | I11: O | J11: 6 | K11: 1 | L11: 1~12월 | M11: 50 | N11: 240000 | O11: =M11*N11 -> 12000000 | P11: O | Q11: 부산시 | R11: 부산시 해운대구 수영강변대로 140 BCC 726호 | S11: 051-717-0160
A12: ㈜스마트소셜 | B12: 5 | C12: 정보통신 | D12: =_xlfn.IFS(C12="사업관리","01",C12="경영ㆍ회계ㆍ사무","02",C12="금융ㆍ보험","03",C12="교육ㆍ자연ㆍ사회과학","04",C12="법률ㆍ경찰ㆍ소방ㆍ교도ㆍ국방","05",C12="보건ㆍ의료","06",C12="사회복지ㆍ종교","07",C12="문화ㆍ예술ㆍ디자인ㆍ방송","08",C12="운전ㆍ운송","09",C12="영업판매","10",C12="경비ㆍ청소","11",C12="이용ㆍ숙박ㆍ여행ㆍ오락ㆍ스포츠","12", C12="음식서비스","13", C12="건설","14", C12="기계","15",C12="재료","16",C12="화학ㆍ바이오","17",C12="섬유ㆍ의복","18",C12="전기ㆍ전자","19",C12="정보통신","20",C12="식품가공","21",C12="인쇄ㆍ목재ㆍ가구ㆍ공예","22",C12="환경ㆍ에너지ㆍ안전","23",C12="농림어업","24") -> 20 | E12: 01 | F12: 07 | G12: AI융합형 | H12: 사무직을 위한 AI 업무 자동화 | I12: O | J12: 6 | K12: 1 | L12: 1~12월 | M12: 50 | N12: 240000 | O12: =M12*N12 -> 12000000 | P12: O | Q12: 부산시 | R12: 부산시 해운대구 수영강변대로 140 BCC 726호 | S12: 051-717-0160
A13: ㈜스마트소셜 | B13: 6 | C13: 정보통신 | D13: =_xlfn.IFS(C13="사업관리","01",C13="경영ㆍ회계ㆍ사무","02",C13="금융ㆍ보험","03",C13="교육ㆍ자연ㆍ사회과학","04",C13="법률ㆍ경찰ㆍ소방ㆍ교도ㆍ국방","05",C13="보건ㆍ의료","06",C13="사회복지ㆍ종교","07",C13="문화ㆍ예술ㆍ디자인ㆍ방송","08",C13="운전ㆍ운송","09",C13="영업판매","10",C13="경비ㆍ청소","11",C13="이용ㆍ숙박ㆍ여행ㆍ오락ㆍ스포츠","12", C13="음식서비스","13", C13="건설","14", C13="기계","15",C13="재료","16",C13="화학ㆍ바이오","17",C13="섬유ㆍ의복","18",C13="전기ㆍ전자","19",C13="정보통신","20",C13="식품가공","21",C13="인쇄ㆍ목재ㆍ가구ㆍ공예","22",C13="환경ㆍ에너지ㆍ안전","23",C13="농림어업","24") -> 20 | E13: 01 | F13: 07 | G13: AI융합형 | H13: 리더를 위한 AI 전략 이해 | I13: O | J13: 6 | K13: 1 | L13: 1~12월 | M13: 50 | N13: 240000 | O13: =M13*N13 -> 12000000 | P13: O | Q13: 부산시 | R13: 부산시 해운대구 수영강변대로 140 BCC 726호 | S13: 051-717-0160
A14: ㈜스마트소셜 | B14: 7 | C14: 정보통신 | D14: =_xlfn.IFS(C14="사업관리","01",C14="경영ㆍ회계ㆍ사무","02",C14="금융ㆍ보험","03",C14="교육ㆍ자연ㆍ사회과학","04",C14="법률ㆍ경찰ㆍ소방ㆍ교도ㆍ국방","05",C14="보건ㆍ의료","06",C14="사회복지ㆍ종교","07",C14="문화ㆍ예술ㆍ디자인ㆍ방송","08",C14="운전ㆍ운송","09",C14="영업판매","10",C14="경비ㆍ청소","11",C14="이용ㆍ숙박ㆍ여행ㆍ오락ㆍ스포츠","12", C14="음식서비스","13", C14="건설","14", C14="기계","15",C14="재료","16",C14="화학ㆍ바이오","17",C14="섬유ㆍ의복","18",C14="전기ㆍ전자","19",C14="정보통신","20",C14="식품가공","21",C14="인쇄ㆍ목재ㆍ가구ㆍ공예","22",C14="환경ㆍ에너지ㆍ안전","23",C14="농림어업","24") -> 20 | E14: 01 | F14: 07 | G14: AI융합형 | H14: 팀 생산성을 높이는 AI 활용 전략(Slack) | I14: O | J14: 6 | K14: 1 | L14: 1~12월 | M14: 50 | N14: 240000 | O14: =M14*N14 -> 12000000 | P14: O | Q14: 부산시 | R14: 부산시 해운대구 수영강변대로 140 BCC 726호 | S14: 051-717-0160
A15: ㈜스마트소셜 | B15: 8 | C15: 정보통신 | D15: =_xlfn.IFS(C15="사업관리","01",C15="경영ㆍ회계ㆍ사무","02",C15="금융ㆍ보험","03",C15="교육ㆍ자연ㆍ사회과학","04",C15="법률ㆍ경찰ㆍ소방ㆍ교도ㆍ국방","05",C15="보건ㆍ의료","06",C15="사회복지ㆍ종교","07",C15="문화ㆍ예술ㆍ디자인ㆍ방송","08",C15="운전ㆍ운송","09",C15="영업판매","10",C15="경비ㆍ청소","11",C15="이용ㆍ숙박ㆍ여행ㆍ오락ㆍ스포츠","12", C15="음식서비스","13", C15="건설","14", C15="기계","15",C15="재료","16",C15="화학ㆍ바이오","17",C15="섬유ㆍ의복","18",C15="전기ㆍ전자","19",C15="정보통신","20",C15="식품가공","21",C15="인쇄ㆍ목재ㆍ가구ㆍ공예","22",C15="환경ㆍ에너지ㆍ안전","23",C15="농림어업","24") -> 20 | E15: 01 | F15: 05 | G15: AI융합형 | H15: AI로 만드는 콘텐츠 & 광고 문구(Canva) | I15: O | J15: 6 | K15: 1 | L15: 1~12월 | M15: 50 | N15: 240000 | O15: =M15*N15 -> 12000000 | P15: O | Q15: 부산시 | R15: 부산시 해운대구 수영강변대로 140 BCC 726호 | S15: 051-717-0160
A16: ㈜스마트소셜 | B16: 9 | C16: 정보통신 | D16: =_xlfn.IFS(C16="사업관리","01",C16="경영ㆍ회계ㆍ사무","02",C16="금융ㆍ보험","03",C16="교육ㆍ자연ㆍ사회과학","04",C16="법률ㆍ경찰ㆍ소방ㆍ교도ㆍ국방","05",C16="보건ㆍ의료","06",C16="사회복지ㆍ종교","07",C16="문화ㆍ예술ㆍ디자인ㆍ방송","08",C16="운전ㆍ운송","09",C16="영업판매","10",C16="경비ㆍ청소","11",C16="이용ㆍ숙박ㆍ여행ㆍ오락ㆍ스포츠","12", C16="음식서비스","13", C16="건설","14", C16="기계","15",C16="재료","16",C16="화학ㆍ바이오","17",C16="섬유ㆍ의복","18",C16="전기ㆍ전자","19",C16="정보통신","20",C16="식품가공","21",C16="인쇄ㆍ목재ㆍ가구ㆍ공예","22",C16="환경ㆍ에너지ㆍ안전","23",C16="농림어업","24") -> 20 | E16: 01 | F16: 07 | G16: AI융합형 | H16: 제조업 생산성 제고를 위한 AI 기반 업무 혁신 과정(Slack) | I16: O | J16: 6 | K16: 1 | L16: 1~12월 | M16: 50 | N16: 240000 | O16: =M16*N16 -> 12000000 | P16: O | Q16: 부산시 | R16: 부산시 해운대구 수영강변대로 140 BCC 726호 | S16: 051-717-0160

Sheet 9. 스팩스페이스
A1: [작성방법(필독!)] 0. 모든 항목을 반드시 작성해야 하며, 미기재 항목이 있을 경우 심사대상에서 제외, 훈련기관명은 1번 시트 값이 자동입력되므로 직접입력 X 1. NCS 분류코드 : 해당 과정에 가장 주요하거나 많은 비중을 차지하는 내용을 토대로 각 분류상 가장 부합하는 코드를 작성(훈련기관 자체 판단) - NCS대분류명 기재 시 데이터박스 목록으로 설정, 대분류 숫자는 대분류명 선택시 자동입력되므로 직접입력 X 2. 비대면 실시간 운영 여부 : 집체형태 외 비대면 실시간 형태 운영 희망 시 'O' 체크(집체 형태는 기본적으로 모두 가능하며, 비대면 실시간 형태는 승인 과정에 한해 가능) 3. 훈련인원 : 기관에서 예상하는 해당 과정의 연간 훈련 실시인원 추정치 4. 훈련비 단가 : 1인, 1회 기준 훈련비용 5. 총 훈련비 : 총 훈련인원 X 훈련비 단가 6. 훈련일정 : 회차별 개설 예정 시기를 월 단위로 모두 기재('0월' 형태로 기재하거나 "연중 상시" 등 근로자 대상 충분히 안내 가능한 내용으로 작성) 7. 훈련실시장소 : 시/도 단위 및 정확한 주소를 각각 입력, 여러 장소에서 실시할 경우 셀 한개에 모두 입력(셀 구분 시 누락될 수 있음)
A6: 훈련기관명 | B6: 연번 | C6: NCS 대분류명 | D6: NCS 분류코드 | G6: 과정 유형 | H6: 훈련과정명 | I6: 비대면 실시간 운영 여부 | J6: 훈련시간 (H) | K6: 훈련기간 (일수) | L6: 훈련일정 | M6: 훈련인원(명) [예상 수요] | N6: 훈련비 단가(원) | O6: 총 훈련비(원) | P6: 최근 3년 이내('23~'25) 훈련과정 운영 이력 | Q6: 훈련 실시 장소
D7: 대 | E7: 중 | F7: 소 | Q7: 시/도 단위 | R7: 주소지 | S7: 문의처
A8: 주식회사 스팩스페이스 | B8: 1 | C8: 정보통신 | D8: =_xlfn.IFS(C8="사업관리","01",C8="경영ㆍ회계ㆍ사무","02",C8="금융ㆍ보험","03",C8="교육ㆍ자연ㆍ사회과학","04",C8="법률ㆍ경찰ㆍ소방ㆍ교도ㆍ국방","05",C8="보건ㆍ의료","06",C8="사회복지ㆍ종교","07",C8="문화ㆍ예술ㆍ디자인ㆍ방송","08",C8="운전ㆍ운송","09",C8="영업판매","10",C8="경비ㆍ청소","11",C8="이용ㆍ숙박ㆍ여행ㆍ오락ㆍ스포츠","12", C8="음식서비스","13", C8="건설","14", C8="기계","15",C8="재료","16",C8="화학ㆍ바이오","17",C8="섬유ㆍ의복","18",C8="전기ㆍ전자","19",C8="정보통신","20",C8="식품가공","21",C8="인쇄ㆍ목재ㆍ가구ㆍ공예","22",C8="환경ㆍ에너지ㆍ안전","23",C8="농림어업","24") -> 20 | E8: 01 | F8: 07 | G8: AI융합형 | H8: 회의가 바로 끝나는 데이터·문서 AI요약 실무 과정 | I8: X | J8: 14 | K8: 2 | L8: 연중 상시 | M8: 60 | N8: 400000 | O8: =M8*N8 -> 24000000 | P8: X | Q8: 서울시 | R8: (07807) 서울시 강서구 마곡중앙로 59-5 | S8: 02-6217-1133
A9: 주식회사 스팩스페이스 | B9: 2 | C9: 경영ㆍ회계ㆍ사무 | D9: =_xlfn.IFS(C9="사업관리","01",C9="경영ㆍ회계ㆍ사무","02",C9="금융ㆍ보험","03",C9="교육ㆍ자연ㆍ사회과학","04",C9="법률ㆍ경찰ㆍ소방ㆍ교도ㆍ국방","05",C9="보건ㆍ의료","06",C9="사회복지ㆍ종교","07",C9="문화ㆍ예술ㆍ디자인ㆍ방송","08",C9="운전ㆍ운송","09",C9="영업판매","10",C9="경비ㆍ청소","11",C9="이용ㆍ숙박ㆍ여행ㆍ오락ㆍ스포츠","12", C9="음식서비스","13", C9="건설","14", C9="기계","15",C9="재료","16",C9="화학ㆍ바이오","17",C9="섬유ㆍ의복","18",C9="전기ㆍ전자","19",C9="정보통신","20",C9="식품가공","21",C9="인쇄ㆍ목재ㆍ가구ㆍ공예","22",C9="환경ㆍ에너지ㆍ안전","23",C9="농림어업","24") -> 02 | E9: 03 | F9: 02 | G9: 일반형 | H9: 팀장이라면 반드시 알아야 할 회계의 진짜 쓰임 | I9: X | J9: 14 | K9: 2 | L9: 연중 상시 | M9: 40 | N9: 350000 | O9: =M9*N9 -> 14000000 | P9: X | Q9: 서울시 | R9: (07807) 서울시 강서구 마곡중앙로 59-5 | S9: 02-6217-1133
A10: 주식회사 스팩스페이스 | B10: 3 | C10: 정보통신 | D10: =_xlfn.IFS(C10="사업관리","01",C10="경영ㆍ회계ㆍ사무","02",C10="금융ㆍ보험","03",C10="교육ㆍ자연ㆍ사회과학","04",C10="법률ㆍ경찰ㆍ소방ㆍ교도ㆍ국방","05",C10="보건ㆍ의료","06",C10="사회복지ㆍ종교","07",C10="문화ㆍ예술ㆍ디자인ㆍ방송","08",C10="운전ㆍ운송","09",C10="영업판매","10",C10="경비ㆍ청소","11",C10="이용ㆍ숙박ㆍ여행ㆍ오락ㆍ스포츠","12", C10="음식서비스","13", C10="건설","14", C10="기계","15",C10="재료","16",C10="화학ㆍ바이오","17",C10="섬유ㆍ의복","18",C10="전기ㆍ전자","19",C10="정보통신","20",C10="식품가공","21",C10="인쇄ㆍ목재ㆍ가구ㆍ공예","22",C10="환경ㆍ에너지ㆍ안전","23",C10="농림어업","24") -> 20 | E10: 01 | F10: 06 | G10: AI융합형 | H10: 기업 데이터 보호 실전: 피싱·공유·AI사용수칙·사고대응 | I10: X | J10: 14 | K10: 2 | L10: 연중 상시 | M10: 40 | N10: 450000 | O10: =M10*N10 -> 18000000 | P10: X | Q10: 서울시 | R10: (07807) 서울시 강서구 마곡중앙로 59-5 | S10: 02-6217-1133
A11: 주식회사 스팩스페이스 | B11: 4 | D11: =_xlfn.IFS(C11="사업관리","01",C11="경영ㆍ회계ㆍ사무","02",C11="금융ㆍ보험","03",C11="교육ㆍ자연ㆍ사회과학","04",C11="법률ㆍ경찰ㆍ소방ㆍ교도ㆍ국방","05",C11="보건ㆍ의료","06",C11="사회복지ㆍ종교","07",C11="문화ㆍ예술ㆍ디자인ㆍ방송","08",C11="운전ㆍ운송","09",C11="영업판매","10",C11="경비ㆍ청소","11",C11="이용ㆍ숙박ㆍ여행ㆍ오락ㆍ스포츠","12", C11="음식서비스","13", C11="건설","14", C11="기계","15",C11="재료","16",C11="화학ㆍ바이오","17",C11="섬유ㆍ의복","18",C11="전기ㆍ전자","19",C11="정보통신","20",C11="식품가공","21",C11="인쇄ㆍ목재ㆍ가구ㆍ공예","22",C11="환경ㆍ에너지ㆍ안전","23",C11="농림어업","24") -> #N/A
A12: 주식회사 스팩스페이스 | B12: 5 | D12: =_xlfn.IFS(C12="사업관리","01",C12="경영ㆍ회계ㆍ사무","02",C12="금융ㆍ보험","03",C12="교육ㆍ자연ㆍ사회과학","04",C12="법률ㆍ경찰ㆍ소방ㆍ교도ㆍ국방","05",C12="보건ㆍ의료","06",C12="사회복지ㆍ종교","07",C12="문화ㆍ예술ㆍ디자인ㆍ방송","08",C12="운전ㆍ운송","09",C12="영업판매","10",C12="경비ㆍ청소","11",C12="이용ㆍ숙박ㆍ여행ㆍ오락ㆍ스포츠","12", C12="음식서비스","13", C12="건설","14", C12="기계","15",C12="재료","16",C12="화학ㆍ바이오","17",C12="섬유ㆍ의복","18",C12="전기ㆍ전자","19",C12="정보통신","20",C12="식품가공","21",C12="인쇄ㆍ목재ㆍ가구ㆍ공예","22",C12="환경ㆍ에너지ㆍ안전","23",C12="농림어업","24") -> #N/A
A13: 주식회사 스팩스페이스 | B13: 6 | D13: =_xlfn.IFS(C13="사업관리","01",C13="경영ㆍ회계ㆍ사무","02",C13="금융ㆍ보험","03",C13="교육ㆍ자연ㆍ사회과학","04",C13="법률ㆍ경찰ㆍ소방ㆍ교도ㆍ국방","05",C13="보건ㆍ의료","06",C13="사회복지ㆍ종교","07",C13="문화ㆍ예술ㆍ디자인ㆍ방송","08",C13="운전ㆍ운송","09",C13="영업판매","10",C13="경비ㆍ청소","11",C13="이용ㆍ숙박ㆍ여행ㆍ오락ㆍ스포츠","12", C13="음식서비스","13", C13="건설","14", C13="기계","15",C13="재료","16",C13="화학ㆍ바이오","17",C13="섬유ㆍ의복","18",C13="전기ㆍ전자","19",C13="정보통신","20",C13="식품가공","21",C13="인쇄ㆍ목재ㆍ가구ㆍ공예","22",C13="환경ㆍ에너지ㆍ안전","23",C13="농림어업","24") -> #N/A
A14: 주식회사 스팩스페이스 | B14: 7 | D14: =_xlfn.IFS(C14="사업관리","01",C14="경영ㆍ회계ㆍ사무","02",C14="금융ㆍ보험","03",C14="교육ㆍ자연ㆍ사회과학","04",C14="법률ㆍ경찰ㆍ소방ㆍ교도ㆍ국방","05",C14="보건ㆍ의료","06",C14="사회복지ㆍ종교","07",C14="문화ㆍ예술ㆍ디자인ㆍ방송","08",C14="운전ㆍ운송","09",C14="영업판매","10",C14="경비ㆍ청소","11",C14="이용ㆍ숙박ㆍ여행ㆍ오락ㆍ스포츠","12", C14="음식서비스","13", C14="건설","14", C14="기계","15",C14="재료","16",C14="화학ㆍ바이오","17",C14="섬유ㆍ의복","18",C14="전기ㆍ전자","19",C14="정보통신","20",C14="식품가공","21",C14="인쇄ㆍ목재ㆍ가구ㆍ공예","22",C14="환경ㆍ에너지ㆍ안전","23",C14="농림어업","24") -> #N/A
A15: 주식회사 스팩스페이스 | B15: 8 | D15: =_xlfn.IFS(C15="사업관리","01",C15="경영ㆍ회계ㆍ사무","02",C15="금융ㆍ보험","03",C15="교육ㆍ자연ㆍ사회과학","04",C15="법률ㆍ경찰ㆍ소방ㆍ교도ㆍ국방","05",C15="보건ㆍ의료","06",C15="사회복지ㆍ종교","07",C15="문화ㆍ예술ㆍ디자인ㆍ방송","08",C15="운전ㆍ운송","09",C15="영업판매","10",C15="경비ㆍ청소","11",C15="이용ㆍ숙박ㆍ여행ㆍ오락ㆍ스포츠","12", C15="음식서비스","13", C15="건설","14", C15="기계","15",C15="재료","16",C15="화학ㆍ바이오","17",C15="섬유ㆍ의복","18",C15="전기ㆍ전자","19",C15="정보통신","20",C15="식품가공","21",C15="인쇄ㆍ목재ㆍ가구ㆍ공예","22",C15="환경ㆍ에너지ㆍ안전","23",C15="농림어업","24") -> #N/A
A16: 주식회사 스팩스페이스 | B16: 9 | D16: =_xlfn.IFS(C16="사업관리","01",C16="경영ㆍ회계ㆍ사무","02",C16="금융ㆍ보험","03",C16="교육ㆍ자연ㆍ사회과학","04",C16="법률ㆍ경찰ㆍ소방ㆍ교도ㆍ국방","05",C16="보건ㆍ의료","06",C16="사회복지ㆍ종교","07",C16="문화ㆍ예술ㆍ디자인ㆍ방송","08",C16="운전ㆍ운송","09",C16="영업판매","10",C16="경비ㆍ청소","11",C16="이용ㆍ숙박ㆍ여행ㆍ오락ㆍ스포츠","12", C16="음식서비스","13", C16="건설","14", C16="기계","15",C16="재료","16",C16="화학ㆍ바이오","17",C16="섬유ㆍ의복","18",C16="전기ㆍ전자","19",C16="정보통신","20",C16="식품가공","21",C16="인쇄ㆍ목재ㆍ가구ㆍ공예","22",C16="환경ㆍ에너지ㆍ안전","23",C16="농림어업","24") -> #N/A
A17: 주식회사 스팩스페이스 | B17: 10 | D17: =_xlfn.IFS(C17="사업관리","01",C17="경영ㆍ회계ㆍ사무","02",C17="금융ㆍ보험","03",C17="교육ㆍ자연ㆍ사회과학","04",C17="법률ㆍ경찰ㆍ소방ㆍ교도ㆍ국방","05",C17="보건ㆍ의료","06",C17="사회복지ㆍ종교","07",C17="문화ㆍ예술ㆍ디자인ㆍ방송","08",C17="운전ㆍ운송","09",C17="영업판매","10",C17="경비ㆍ청소","11",C17="이용ㆍ숙박ㆍ여행ㆍ오락ㆍ스포츠","12", C17="음식서비스","13", C17="건설","14", C17="기계","15",C17="재료","16",C17="화학ㆍ바이오","17",C17="섬유ㆍ의복","18",C17="전기ㆍ전자","19",C17="정보통신","20",C17="식품가공","21",C17="인쇄ㆍ목재ㆍ가구ㆍ공예","22",C17="환경ㆍ에너지ㆍ안전","23",C17="농림어업","24") -> #N/A
A18: 주식회사 스팩스페이스 | B18: 11 | D18: =_xlfn.IFS(C18="사업관리","01",C18="경영ㆍ회계ㆍ사무","02",C18="금융ㆍ보험","03",C18="교육ㆍ자연ㆍ사회과학","04",C18="법률ㆍ경찰ㆍ소방ㆍ교도ㆍ국방","05",C18="보건ㆍ의료","06",C18="사회복지ㆍ종교","07",C18="문화ㆍ예술ㆍ디자인ㆍ방송","08",C18="운전ㆍ운송","09",C18="영업판매","10",C18="경비ㆍ청소","11",C18="이용ㆍ숙박ㆍ여행ㆍ오락ㆍ스포츠","12", C18="음식서비스","13", C18="건설","14", C18="기계","15",C18="재료","16",C18="화학ㆍ바이오","17",C18="섬유ㆍ의복","18",C18="전기ㆍ전자","19",C18="정보통신","20",C18="식품가공","21",C18="인쇄ㆍ목재ㆍ가구ㆍ공예","22",C18="환경ㆍ에너지ㆍ안전","23",C18="농림어업","24") -> #N/A
A19: 주식회사 스팩스페이스 | B19: 12 | D19: =_xlfn.IFS(C19="사업관리","01",C19="경영ㆍ회계ㆍ사무","02",C19="금융ㆍ보험","03",C19="교육ㆍ자연ㆍ사회과학","04",C19="법률ㆍ경찰ㆍ소방ㆍ교도ㆍ국방","05",C19="보건ㆍ의료","06",C19="사회복지ㆍ종교","07",C19="문화ㆍ예술ㆍ디자인ㆍ방송","08",C19="운전ㆍ운송","09",C19="영업판매","10",C19="경비ㆍ청소","11",C19="이용ㆍ숙박ㆍ여행ㆍ오락ㆍ스포츠","12", C19="음식서비스","13", C19="건설","14", C19="기계","15",C19="재료","16",C19="화학ㆍ바이오","17",C19="섬유ㆍ의복","18",C19="전기ㆍ전자","19",C19="정보통신","20",C19="식품가공","21",C19="인쇄ㆍ목재ㆍ가구ㆍ공예","22",C19="환경ㆍ에너지ㆍ안전","23",C19="농림어업","24") -> #N/A
A20: 주식회사 스팩스페이스 | B20: 13 | D20: =_xlfn.IFS(C20="사업관리","01",C20="경영ㆍ회계ㆍ사무","02",C20="금융ㆍ보험","03",C20="교육ㆍ자연ㆍ사회과학","04",C20="법률ㆍ경찰ㆍ소방ㆍ교도ㆍ국방","05",C20="보건ㆍ의료","06",C20="사회복지ㆍ종교","07",C20="문화ㆍ예술ㆍ디자인ㆍ방송","08",C20="운전ㆍ운송","09",C20="영업판매","10",C20="경비ㆍ청소","11",C20="이용ㆍ숙박ㆍ여행ㆍ오락ㆍ스포츠","12", C20="음식서비스","13", C20="건설","14", C20="기계","15",C20="재료","16",C20="화학ㆍ바이오","17",C20="섬유ㆍ의복","18",C20="전기ㆍ전자","19",C20="정보통신","20",C20="식품가공","21",C20="인쇄ㆍ목재ㆍ가구ㆍ공예","22",C20="환경ㆍ에너지ㆍ안전","23",C20="농림어업","24") -> #N/A
A21: 주식회사 스팩스페이스 | B21: 14 | D21: =_xlfn.IFS(C21="사업관리","01",C21="경영ㆍ회계ㆍ사무","02",C21="금융ㆍ보험","03",C21="교육ㆍ자연ㆍ사회과학","04",C21="법률ㆍ경찰ㆍ소방ㆍ교도ㆍ국방","05",C21="보건ㆍ의료","06",C21="사회복지ㆍ종교","07",C21="문화ㆍ예술ㆍ디자인ㆍ방송","08",C21="운전ㆍ운송","09",C21="영업판매","10",C21="경비ㆍ청소","11",C21="이용ㆍ숙박ㆍ여행ㆍ오락ㆍ스포츠","12", C21="음식서비스","13", C21="건설","14", C21="기계","15",C21="재료","16",C21="화학ㆍ바이오","17",C21="섬유ㆍ의복","18",C21="전기ㆍ전자","19",C21="정보통신","20",C21="식품가공","21",C21="인쇄ㆍ목재ㆍ가구ㆍ공예","22",C21="환경ㆍ에너지ㆍ안전","23",C21="농림어업","24") -> #N/A
A22: 주식회사 스팩스페이스 | B22: 15 | D22: =_xlfn.IFS(C22="사업관리","01",C22="경영ㆍ회계ㆍ사무","02",C22="금융ㆍ보험","03",C22="교육ㆍ자연ㆍ사회과학","04",C22="법률ㆍ경찰ㆍ소방ㆍ교도ㆍ국방","05",C22="보건ㆍ의료","06",C22="사회복지ㆍ종교","07",C22="문화ㆍ예술ㆍ디자인ㆍ방송","08",C22="운전ㆍ운송","09",C22="영업판매","10",C22="경비ㆍ청소","11",C22="이용ㆍ숙박ㆍ여행ㆍ오락ㆍ스포츠","12", C22="음식서비스","13", C22="건설","14", C22="기계","15",C22="재료","16",C22="화학ㆍ바이오","17",C22="섬유ㆍ의복","18",C22="전기ㆍ전자","19",C22="정보통신","20",C22="식품가공","21",C22="인쇄ㆍ목재ㆍ가구ㆍ공예","22",C22="환경ㆍ에너지ㆍ안전","23",C22="농림어업","24") -> #N/A
... A32: 주식회사 스팩스페이스 | B32: 25 | D32: =_xlfn.IFS(C32="사업관리","01",C32="경영ㆍ회계ㆍ사무","02",C32="금융ㆍ보험","03",C32="교육ㆍ자연ㆍ사회과학","04",C32="법률ㆍ경찰ㆍ소방ㆍ교도ㆍ국방","05",C32="보건ㆍ의료","06",C32="사회복지ㆍ종교","07",C32="문화ㆍ예술ㆍ디자인ㆍ방송","08",C32="운전ㆍ운송","09",C32="영업판매","10",C32="경비ㆍ청소","11",C32="이용ㆍ숙박ㆍ여행ㆍ오락ㆍ스포츠","12", C32="음식서비스","13", C32="건설","14", C32="기계","15",C32="재료","16",C32="화학ㆍ바이오","17",C32="섬유ㆍ의복","18",C32="전기ㆍ전자","19",C32="정보통신","20",C32="식품가공","21",C32="인쇄ㆍ목재ㆍ가구ㆍ공예","22",C32="환경ㆍ에너지ㆍ안전","23",C32="농림어업","24") -> #N/A

Sheet 10. 케이지에듀원
A1: 훈련기관명 | B1: 연번 | C1: NCS 대분류명 | D1: NCS 분류코드 | G1: 과정 유형 | H1: 훈련과정명 | I1: 비대면 실시간 운영 여부 | J1: 훈련시간 (H) | K1: 훈련기간 (일수) | L1: 훈련일정 | M1: 훈련인원(명) [예상 수요] | N1: 훈련비 단가(원) | O1: 총 훈련비(원) | P1: 최근 3년 이내('23~'25) 훈련과정 운영 이력 | Q1: 훈련 실시 장소
D2: 대 | E2: 중 | F2: 소 | Q2: 시/도 단위 | R2: 주소지 | S2: 문의처
A3: (주)케이지에듀원 | B3: 1 | C3: 정보통신 | D3: 20 | E3: 01 | F3: 07 | G3: AI융합형 | H3: AI 브랜드 콘텐츠 기초과정 | I3: O | J3: 12 | K3: 4 | L3: 연중 상시 | M3: 100 | N3: 300000 | O3: =M3*N3 -> 30000000 | P3: O | Q3: 서울 | R3: (06928) 서울 동작구 장승배기로 171, 3층 | S3: 02-3672-9200
A4: (주)케이지에듀원 | B4: 2 | C4: 정보통신 | D4: =_xlfn.IFS(C4="사업관리","01",C4="경영ㆍ회계ㆍ사무","02",C4="금융ㆍ보험","03",C4="교육ㆍ자연ㆍ사회과학","04",C4="법률ㆍ경찰ㆍ소방ㆍ교도ㆍ국방","05",C4="보건ㆍ의료","06",C4="사회복지ㆍ종교","07",C4="문화ㆍ예술ㆍ디자인ㆍ방송","08",C4="운전ㆍ운송","09",C4="영업판매","10",C4="경비ㆍ청소","11",C4="이용ㆍ숙박ㆍ여행ㆍ오락ㆍ스포츠","12", C4="음식서비스","13", C4="건설","14", C4="기계","15",C4="재료","16",C4="화학ㆍ바이오","17",C4="섬유ㆍ의복","18",C4="전기ㆍ전자","19",C4="정보통신","20",C4="식품가공","21",C4="인쇄ㆍ목재ㆍ가구ㆍ공예","22",C4="환경ㆍ에너지ㆍ안전","23",C4="농림어업","24") -> 20 | E4: 01 | F4: 03 | G4: 일반형 | H4: AWS 기초 및 아키텍처 설계 과정 | I4: O | J4: 28 | K4: 4 | L4: 연중 상시 | M4: 100 | N4: 1600000 | O4: =M4*N4 -> 160000000 | P4: O | Q4: 서울 | R4: (06928) 서울 동작구 장승배기로 171, 3층 | S4: 02-3672-9200
A5: (주)케이지에듀원 | B5: 3 | C5: 정보통신 | D5: 20 | E5: 01 | F5: 03 | G5: 일반형 | H5: 네트워크 기초 운영 실무 과정 | I5: O | J5: 40 | K5: 8 | L5: 연중 상시 | M5: 100 | N5: 550000 | O5: =M5*N5 -> 55000000 | P5: O | Q5: 서울 | R5: (06928) 서울 동작구 장승배기로 171, 3층 | S5: 02-3672-9200
A6: (주)케이지에듀원 | B6: 4 | C6: 정보통신 | D6: =_xlfn.IFS(C6="사업관리","01",C6="경영ㆍ회계ㆍ사무","02",C6="금융ㆍ보험","03",C6="교육ㆍ자연ㆍ사회과학","04",C6="법률ㆍ경찰ㆍ소방ㆍ교도ㆍ국방","05",C6="보건ㆍ의료","06",C6="사회복지ㆍ종교","07",C6="문화ㆍ예술ㆍ디자인ㆍ방송","08",C6="운전ㆍ운송","09",C6="영업판매","10",C6="경비ㆍ청소","11",C6="이용ㆍ숙박ㆍ여행ㆍ오락ㆍ스포츠","12", C6="음식서비스","13", C6="건설","14", C6="기계","15",C6="재료","16",C6="화학ㆍ바이오","17",C6="섬유ㆍ의복","18",C6="전기ㆍ전자","19",C6="정보통신","20",C6="식품가공","21",C6="인쇄ㆍ목재ㆍ가구ㆍ공예","22",C6="환경ㆍ에너지ㆍ안전","23",C6="농림어업","24") -> 20 | E6: 01 | F6: 03 | G6: 일반형 | H6: 리눅스 서버 운영 기초 과정 | I6: O | J6: 40 | K6: 8 | L6: 연중 상시 | M6: 100 | N6: 550000 | O6: =M6*N6 -> 55000000 | P6: O | Q6: 서울 | R6: (06928) 서울 동작구 장승배기로 171, 3층 | S6: 02-3672-9200
A7: (주)케이지에듀원 | B7: 5 | C7: 정보통신 | D7: 20 | E7: 01 | F7: 03 | G7: 일반형 | H7: 리눅스 서버 실무 심화 과정 | I7: O | J7: 40 | K7: 8 | L7: 연중 상시 | M7: 100 | N7: 700000 | O7: =M7*N7 -> 70000000 | P7: O | Q7: 서울 | R7: (06928) 서울 동작구 장승배기로 171, 3층 | S7: 02-3672-9200

Sheet 11. 크라우드
A1: [작성방법(필독!)] 0. 모든 항목을 반드시 작성해야 하며, 미기재 항목이 있을 경우 심사대상에서 제외, 훈련기관명은 1번 시트 값이 자동입력되므로 직접입력 X 1. NCS 분류코드 : 해당 과정에 가장 주요하거나 많은 비중을 차지하는 내용을 토대로 각 분류상 가장 부합하는 코드를 작성(훈련기관 자체 판단) - NCS대분류명 기재 시 데이터박스 목록으로 설정, 대분류 숫자는 대분류명 선택시 자동입력되므로 직접입력 X 2. 비대면 실시간 운영 여부 : 집체형태 외 비대면 실시간 형태 운영 희망 시 'O' 체크(집체 형태는 기본적으로 모두 가능하며, 비대면 실시간 형태는 승인 과정에 한해 가능) 3. 훈련인원 : 기관에서 예상하는 해당 과정의 연간 훈련 실시인원 추정치 4. 훈련비 단가 : 1인, 1회 기준 훈련비용 5. 총 훈련비 : 총 훈련인원 X 훈련비 단가 6. 훈련일정 : 회차별 개설 예정 시기를 월 단위로 모두 기재('0월' 형태로 기재하거나 "연중 상시" 등 근로자 대상 충분히 안내 가능한 내용으로 작성) 7. 훈련실시장소 : 시/도 단위 및 정확한 주소를 각각 입력, 여러 장소에서 실시할 경우 셀 한개에 모두 입력(셀 구분 시 누락될 수 있음)
A6: 훈련기관명 | B6: 연번 | C6: NCS 대분류명 | D6: NCS 분류코드 | G6: 과정 유형 | H6: 훈련과정명 | I6: 비대면 실시간 운영 여부 | J6: 훈련시간 (H) | K6: 훈련기간 (일수) | L6: 훈련일정 | M6: 훈련인원(명) [예상 수요] | N6: 훈련비 단가(원) | O6: 총 훈련비(원) | P6: 최근 3년 이내('23~'25) 훈련과정 운영 이력 | Q6: 훈련 실시 장소
D7: 대 | E7: 중 | F7: 소 | Q7: 시/도 단위 | R7: 주소지 | S7: 문의처
A8: (주)크라우드아카데미 | B8: 1 | C8: 정보통신 | D8: 20 | E8: 01 | F8: 07 | G8: AI융합형 | H8: 비개발자를 위한 AI 활용 [초급] : 상품 기획부터 자동화 도구 활용까지, 업무에 바로 쓰는 AI | I8: O | J8: 6 | K8: 1 | L8: 1~12월 | M8: 25 | N8: 440000 | O8: =M8*N8 -> 11000000 | P8: O | Q8: 서울시 | R8: (06151) 서울특별시 강남구 테헤란로 309, 5층 | S8: 02-6958-7010
A9: (주)크라우드아카데미 | B9: 2 | C9: 정보통신 | D9: 20 | E9: 01 | F9: 07 | G9: AI융합형 | H9: 비개발자를 위한 AI 활용 [중급] : 서비스 구조부터 기획 전략까지, AI 핵심기술 활용법 | I9: O | J9: 6 | K9: 1 | L9: 1~12월 | M9: 25 | N9: 440000 | O9: =M9*N9 -> 11000000 | P9: X | Q9: 서울시 | R9: (06151) 서울특별시 강남구 테헤란로 309, 5층 | S9: 02-6958-7010
A10: (주)크라우드아카데미 | B10: 3 | C10: 정보통신 | D10: 20 | E10: 01 | F10: 07 | G10: AI융합형 | H10: 비개발자를 위한 AI 활용 [마스터 클래스] : 임베딩·벡터화·RAG 원리와 실무 적용 완전정복 | I10: O | J10: 6 | K10: 1 | L10: 1~12월 | M10: 25 | N10: 440000 | O10: =M10*N10 -> 11000000 | P10: O | Q10: 서울시 | R10: (06151) 서울특별시 강남구 테헤란로 309, 5층 | S10: 02-6958-7010
A11: (주)크라우드아카데미 | B11: 4 | C11: 정보통신 | D11: 20 | E11: 01 | F11: 07 | G11: AI융합형 | H11: 마케팅에 AI를 더하다: 트랜드 예측·전략·콘텐츠 자동화·성과 최적화까지 실무에 바로 쓰는 전략 | I11: O | J11: 6 | K11: 1 | L11: 1~12월 | M11: 25 | N11: 360000 | O11: =M11*N11 -> 9000000 | P11: O | Q11: 서울시 | R11: (06151) 서울특별시 강남구 테헤란로 309, 5층 | S11: 02-6958-7010
A12: (주)크라우드아카데미 | B12: 5 | C12: 정보통신 | D12: 20 | E12: 01 | F12: 07 | G12: AI융합형 | H12: 디자인에 AI를 더하다: 텍스트·이미지·영상까지, AI로 디자인 크리에이티브 확장 | I12: O | J12: 6 | K12: 1 | L12: 1~12월 | M12: 25 | N12: 360000 | O12: =M12*N12 -> 9000000 | P12: O | Q12: 서울시 | R12: (06151) 서울특별시 강남구 테헤란로 309, 5층 | S12: 02-6958-7010
A13: (주)크라우드아카데미 | B13: 6 | C13: 정보통신 | D13: 20 | E13: 01 | F13: 07 | G13: AI융합형 | H13: 세일즈에 AI를 더하다: 고객 분석부터 응대 자동화, 맞춤형 공략, 매출 향상 전략까지 | I13: O | J13: 6 | K13: 1 | L13: 1~12월 | M13: 25 | N13: 360000 | O13: =M13*N13 -> 9000000 | P13: O | Q13: 서울시 | R13: (06151) 서울특별시 강남구 테헤란로 309, 5층 | S13: 02-6958-7010
A14: (주)크라우드아카데미 | B14: 7 | C14: 정보통신 | D14: 20 | E14: 01 | F14: 07 | G14: AI융합형 | H14: AI 크리에이티브 콘텐츠 제작: 텍스트, 이미지, 멀티미디어 과정 | I14: O | J14: 6 | K14: 1 | L14: 1~12월 | M14: 25 | N14: 360000 | O14: =M14*N14 -> 9000000 | P14: O | Q14: 서울시 | R14: (06151) 서울특별시 강남구 테헤란로 309, 5층 | S14: 02-6958-7010
A15: (주)크라우드아카데미 | B15: 8 | C15: 정보통신 | D15: 20 | E15: 01 | F15: 07 | G15: AI융합형 | H15: 생성형 AI를 활용한 업무 자동화 기초와 이해 | I15: O | J15: 6 | K15: 1 | L15: 1~12월 | M15: 25 | N15: 360000 | O15: =M15*N15 -> 9000000 | P15: O | Q15: 서울시 | R15: (06151) 서울특별시 강남구 테헤란로 309, 5층 | S15: 02-6958-7010
A16: (주)크라우드아카데미 | B16: 9 | C16: 정보통신 | D16: 20 | E16: 01 | F16: 07 | G16: AI융합형 | H16: AI 리터러시 마스터 과정: 생성형 AI로 시작하는 AX 전환 | I16: O | J16: 6 | K16: 1 | L16: 1~12월 | M16: 25 | N16: 360000 | O16: =M16*N16 -> 9000000 | P16: X | Q16: 서울시 | R16: (06151) 서울특별시 강남구 테헤란로 309, 5층 | S16: 02-6958-7010
A17: (주)크라우드아카데미 | B17: 10 | C17: 정보통신 | D17: 20 | E17: 01 | F17: 07 | G17: AI융합형 | H17: 조직 혁신을 위한 생성형 AI 활용과 도입 전략 | I17: O | J17: 6 | K17: 1 | L17: 1~12월 | M17: 25 | N17: 360000 | O17: =M17*N17 -> 9000000 | P17: O | Q17: 서울시 | R17: (06151) 서울특별시 강남구 테헤란로 309, 5층 | S17: 02-6958-7010
A18: (주)크라우드아카데미 | B18: 11 | C18: 정보통신 | D18: 20 | E18: 01 | F18: 07 | G18: AI융합형 | H18: AI 기반 UX 디자인 마스터클래스 | I18: O | J18: 6 | K18: 1 | L18: 1~12월 | M18: 25 | N18: 360000 | O18: =M18*N18 -> 9000000 | P18: X | Q18: 서울시 | R18: (06151) 서울특별시 강남구 테헤란로 309, 5층 | S18: 02-6958-7010
A19: (주)크라우드아카데미 | B19: 12 | C19: 정보통신 | D19: 20 | E19: 01 | F19: 07 | G19: AI융합형 | H19: 바이브 코딩 실전 워크숍 – 실무자가 직접 만드는 우리 회사 맞춤 웹도구 | I19: O | J19: 6 | K19: 1 | L19: 1~12월 | M19: 25 | N19: 360000 | O19: =M19*N19 -> 9000000 | P19: O | Q19: 서울시 | R19: (06151) 서울특별시 강남구 테헤란로 309, 5층 | S19: 02-6958-7010
... A34: (주)크라우드아카데미 | B34: 27 | C34: 정보통신 | D34: 20 | E34: 01 | F34: 07 | G34: AI융합형 | H34: 팀장 AI 리더십 베이직 | I34: O | J34: 6 | K34: 1 | L34: 1~12월 | M34: 25 | N34: 360000 | O34: =M34*N34 -> 9000000 | P34: X | Q34: 서울시 | R34: (06151) 서울특별시 강남구 테헤란로 309, 5층 | S34: 02-6958-7010

Sheet 12. 한국에이아이
A1: [작성방법(필독!)] 0. 모든 항목을 반드시 작성해야 하며, 미기재 항목이 있을 경우 심사대상에서 제외, 훈련기관명은 1번 시트 값이 자동입력되므로 직접입력 X 1. NCS 분류코드 : 해당 과정에 가장 주요하거나 많은 비중을 차지하는 내용을 토대로 각 분류상 가장 부합하는 코드를 작성(훈련기관 자체 판단) - NCS대분류명 기재 시 데이터박스 목록으로 설정, 대분류 숫자는 대분류명 선택시 자동입력되므로 직접입력 X 2. 비대면 실시간 운영 여부 : 집체형태 외 비대면 실시간 형태 운영 희망 시 'O' 체크(집체 형태는 기본적으로 모두 가능하며, 비대면 실시간 형태는 승인 과정에 한해 가능) 3. 훈련인원 : 기관에서 예상하는 해당 과정의 연간 훈련 실시인원 추정치 4. 훈련비 단가 : 1인, 1회 기준 훈련비용 5. 총 훈련비 : 총 훈련인원 X 훈련비 단가 6. 훈련일정 : 회차별 개설 예정 시기를 월 단위로 모두 기재('0월' 형태로 기재하거나 "연중 상시" 등 근로자 대상 충분히 안내 가능한 내용으로 작성) 7. 훈련실시장소 : 시/도 단위 및 정확한 주소를 각각 입력, 여러 장소에서 실시할 경우 셀 한개에 모두 입력(셀 구분 시 누락될 수 있음)
A6: 훈련기관명 | B6: 연번 | C6: NCS 대분류명 | D6: NCS 분류코드 | G6: 과정 유형 | H6: 훈련과정명 | I6: 비대면 실시간 운영 여부 | J6: 훈련시간 (H) | K6: 훈련기간 (일수) | L6: 훈련일정 | M6: 훈련인원(명) [예상 수요] | N6: 훈련비 단가(원) | O6: 총 훈련비(원) | P6: 최근 3년 이내('23~'25) 훈련과정 운영 이력 | Q6: 훈련 실시 장소
D7: 대 | E7: 중 | F7: 소 | Q7: 시/도 단위 | R7: 주소지 | S7: 문의처
A8: ㈜한국에이아이스마트기술원 | B8: 1 | C8: 경영ㆍ회계ㆍ사무 | D8: =_xlfn.IFS(C8="사업관리","01",C8="경영ㆍ회계ㆍ사무","02",C8="금융ㆍ보험","03",C8="교육ㆍ자연ㆍ사회과학","04",C8="법률ㆍ경찰ㆍ소방ㆍ교도ㆍ국방","05",C8="보건ㆍ의료","06",C8="사회복지ㆍ종교","07",C8="문화ㆍ예술ㆍ디자인ㆍ방송","08",C8="운전ㆍ운송","09",C8="영업판매","10",C8="경비ㆍ청소","11",C8="이용ㆍ숙박ㆍ여행ㆍ오락ㆍ스포츠","12", C8="음식서비스","13", C8="건설","14", C8="기계","15",C8="재료","16",C8="화학ㆍ바이오","17",C8="섬유ㆍ의복","18",C8="전기ㆍ전자","19",C8="정보통신","20",C8="식품가공","21",C8="인쇄ㆍ목재ㆍ가구ㆍ공예","22",C8="환경ㆍ에너지ㆍ안전","23",C8="농림어업","24") -> 02 | E8: 01 | F8: 01 | G8: AI융합형 | H8: 8시간 완성 GPT & AI 실뭄역량 강화 | I8: X | J8: 8 | K8: 1 | L8: 2~12월 | M8: 300 | N8: 250000 | O8: =M8*N8 -> 75000000 | P8: X | Q8: 부천 | R8: (우편번호) 경기도 부천시 조마루로385번길 122. 부천IOT혁신센터 | S8: 032-651-6500
A9: ㈜한국에이아이스마트기술원 | B9: 2 | C9: 문화ㆍ예술ㆍ디자인ㆍ방송 | D9: =_xlfn.IFS(C9="사업관리","01",C9="경영ㆍ회계ㆍ사무","02",C9="금융ㆍ보험","03",C9="교육ㆍ자연ㆍ사회과학","04",C9="법률ㆍ경찰ㆍ소방ㆍ교도ㆍ국방","05",C9="보건ㆍ의료","06",C9="사회복지ㆍ종교","07",C9="문화ㆍ예술ㆍ디자인ㆍ방송","08",C9="운전ㆍ운송","09",C9="영업판매","10",C9="경비ㆍ청소","11",C9="이용ㆍ숙박ㆍ여행ㆍ오락ㆍ스포츠","12", C9="음식서비스","13", C9="건설","14", C9="기계","15",C9="재료","16",C9="화학ㆍ바이오","17",C9="섬유ㆍ의복","18",C9="전기ㆍ전자","19",C9="정보통신","20",C9="식품가공","21",C9="인쇄ㆍ목재ㆍ가구ㆍ공예","22",C9="환경ㆍ에너지ㆍ안전","23",C9="농림어업","24") -> 08 | E9: 03 | F9: 08 | G9: AI융합형 | H9: 8시간 만에 완성하는 AI재품 광고 | I9: X | J9: 8 | K9: 1 | L9: 2~12월 | M9: 300 | N9: 250000 | O9: =M9*N9 -> 75000000 | P9: X | Q9: 부천 | R9: (우편번호) 경기도 부천시 조마루로385번길 122. 부천IOT혁신센터 | S9: 032-651-6500

Sheet 13. 한국에찰디
A1: [작성방법(필독!)] 0. 모든 항목을 반드시 작성해야 하며, 미기재 항목이 있을 경우 심사대상에서 제외, 훈련기관명은 1번 시트 값이 자동입력되므로 직접입력 X 1. NCS 분류코드 : 해당 과정에 가장 주요하거나 많은 비중을 차지하는 내용을 토대로 각 분류상 가장 부합하는 코드를 작성(훈련기관 자체 판단) - NCS대분류명 기재 시 데이터박스 목록으로 설정, 대분류 숫자는 대분류명 선택시 자동입력되므로 직접입력 X 2. 비대면 실시간 운영 여부 : 집체형태 외 비대면 실시간 형태 운영 희망 시 'O' 체크(집체 형태는 기본적으로 모두 가능하며, 비대면 실시간 형태는 승인 과정에 한해 가능) 3. 훈련인원 : 기관에서 예상하는 해당 과정의 연간 훈련 실시인원 추정치 4. 훈련비 단가 : 1인, 1회 기준 훈련비용 5. 총 훈련비 : 총 훈련인원 X 훈련비 단가 6. 훈련일정 : 회차별 개설 예정 시기를 월 단위로 모두 기재('0월' 형태로 기재하거나 "연중 상시" 등 근로자 대상 충분히 안내 가능한 내용으로 작성) 7. 훈련실시장소 : 시/도 단위 및 정확한 주소를 각각 입력, 여러 장소에서 실시할 경우 셀 한개에 모두 입력(셀 구분 시 누락될 수 있음)
A6: 훈련기관명 | B6: 연번 | C6: NCS 대분류명 | D6: NCS 분류코드 | G6: 과정 유형 | H6: 훈련과정명 | I6: 비대면 실시간 운영 여부 | J6: 훈련시간 (H) | K6: 훈련기간 (일수) | L6: 훈련일정 | M6: 훈련인원(명) [예상 수요] | N6: 훈련비 단가(원) | O6: 총 훈련비(원) | P6: 최근 3년 이내('23~'25) 훈련과정 운영 이력 | Q6: 훈련 실시 장소
D7: 대 | E7: 중 | F7: 소 | Q7: 시/도 단위 | R7: 주소지 | S7: 문의처
A8: (주)한국에이치알디교육센터 | B8: 1 | C8: 경영ㆍ회계ㆍ사무 | D8: 02 | E8: 02 | F8: 02 | G8: 일반형 | H8: 팀장 승진자 고도화 과정 | I8: O | J8: 6 | K8: 1 | L8: 연중 상시 | M8: 100 | N8: 300000 | O8: =M8*N8 -> 30000000 | P8: X | Q8: 경기도 성남시 | R8: (13590) 경기도 성남시 분당구 황새울로359번길 7, 2층 | S8: 031-705-0911
A9: (주)한국에이치알디교육센터 | B9: 2 | C9: 경영ㆍ회계ㆍ사무 | D9: 02 | E9: 02 | F9: 02 | G9: 일반형 | H9: 차-부장 승진자 고도화 과정 | I9: O | J9: 6 | K9: 1 | L9: 연중 상시 | M9: 100 | N9: 300000 | O9: =M9*N9 -> 30000000 | P9: X | Q9: 경기도 성남시 | R9: (13590) 경기도 성남시 분당구 황새울로359번길 7, 2층 | S9: 031-705-0911
A10: (주)한국에이치알디교육센터 | B10: 3 | C10: 경영ㆍ회계ㆍ사무 | D10: 02 | E10: 02 | F10: 02 | G10: 일반형 | H10: 과장 승진자 성장 가속화 | I10: O | J10: 6 | K10: 1 | L10: 연중 상시 | M10: 100 | N10: 300000 | O10: =M10*N10 -> 30000000 | P10: X | Q10: 경기도 성남시 | R10: (13590) 경기도 성남시 분당구 황새울로359번길 7, 2층 | S10: 031-705-0911
A11: (주)한국에이치알디교육센터 | B11: 4 | C11: 경영ㆍ회계ㆍ사무 | D11: 02 | E11: 02 | F11: 02 | G11: 일반형 | H11: 대리 승진자 실무 전문가 성장 과정 | I11: O | J11: 6 | K11: 1 | L11: 연중 상시 | M11: 100 | N11: 300000 | O11: =M11*N11 -> 30000000 | P11: X | Q11: 경기도 성남시 | R11: (13590) 경기도 성남시 분당구 황새울로359번길 7, 2층 | S11: 031-705-0911
A12: (주)한국에이치알디교육센터 | B12: 5 | C12: 경영ㆍ회계ㆍ사무 | D12: 02 | E12: 02 | F12: 02 | G12: 일반형 | H12: 신임 팀장 핵심과정 | I12: O | J12: 6 | K12: 1 | L12: 연중 상시 | M12: 100 | N12: 300000 | O12: =M12*N12 -> 30000000 | P12: X | Q12: 경기도 성남시 | R12: (13590) 경기도 성남시 분당구 황새울로359번길 7, 2층 | S12: 031-705-0911
A13: (주)한국에이치알디교육센터 | B13: 6 | C13: 경영ㆍ회계ㆍ사무 | D13: 02 | E13: 02 | F13: 02 | G13: 일반형 | H13: 신임 차-부장 핵심과정 | I13: X | J13: 6 | K13: 1 | L13: 연중 상시 | M13: 100 | N13: 300000 | O13: =M13*N13 -> 30000000 | P13: X | Q13: 경기도 성남시 | R13: (13590) 경기도 성남시 분당구 황새울로359번길 7, 2층 | S13: 031-705-0911
A14: (주)한국에이치알디교육센터 | B14: 7 | C14: 경영ㆍ회계ㆍ사무 | D14: 02 | E14: 02 | F14: 02 | G14: 일반형 | H14: 신임 과장 핵심과정 | I14: O | J14: 6 | K14: 1 | L14: 연중 상시 | M14: 100 | N14: 300000 | O14: =M14*N14 -> 30000000 | P14: X | Q14: 경기도 성남시 | R14: (13590) 경기도 성남시 분당구 황새울로359번길 7, 2층 | S14: 031-705-0911
A15: (주)한국에이치알디교육센터 | B15: 8 | C15: 경영ㆍ회계ㆍ사무 | D15: 02 | E15: 02 | F15: 02 | G15: 일반형 | H15: 신임 대리 핵심과정 | I15: O | J15: 6 | K15: 1 | L15: 연중 상시 | M15: 100 | N15: 300000 | O15: =M15*N15 -> 30000000 | P15: X | Q15: 경기도 성남시 | R15: (13590) 경기도 성남시 분당구 황새울로359번길 7, 2층 | S15: 031-705-0911
A16: (주)한국에이치알디교육센터 | B16: 9 | C16: 경영ㆍ회계ㆍ사무 | D16: 02 | E16: 02 | F16: 02 | G16: 일반형 | H16: 팀장(Team Leader) 능력개발 Essential | I16: O | J16: 12 | K16: 2 | L16: 연중 상시 | M16: 100 | N16: 450000 | O16: =M16*N16 -> 45000000 | P16: X | Q16: 경기도 성남시 | R16: (13590) 경기도 성남시 분당구 황새울로359번길 7, 2층 | S16: 031-705-0911
A17: (주)한국에이치알디교육센터 | B17: 10 | C17: 경영ㆍ회계ㆍ사무 | D17: 02 | E17: 02 | F17: 02 | G17: 일반형 | H17: The 팀장리더십 (목표·피드백 중심) | I17: O | J17: 12 | K17: 2 | L17: 연중 상시 | M17: 100 | N17: 450000 | O17: =M17*N17 -> 45000000 | P17: X | Q17: 경기도 성남시 | R17: (13590) 경기도 성남시 분당구 황새울로359번길 7, 2층 | S17: 031-705-0911
A18: (주)한국에이치알디교육센터 | B18: 11 | C18: 경영ㆍ회계ㆍ사무 | D18: 02 | E18: 02 | F18: 02 | G18: 일반형 | H18: 위 아래를 움직이는 중간관리자 Essential | I18: O | J18: 12 | K18: 2 | L18: 연중 상시 | M18: 100 | N18: 450000 | O18: =M18*N18 -> 45000000 | P18: X | Q18: 경기도 성남시 | R18: (13590) 경기도 성남시 분당구 황새울로359번길 7, 2층 | S18: 031-705-0911
A19: (주)한국에이치알디교육센터 | B19: 12 | C19: 경영ㆍ회계ㆍ사무 | D19: 02 | E19: 02 | F19: 02 | G19: 일반형 | H19: 관리자 첫걸음, 초급관리자 Motivate | I19: O | J19: 12 | K19: 2 | L19: 연중 상시 | M19: 100 | N19: 450000 | O19: =M19*N19 -> 45000000 | P19: X | Q19: 경기도 성남시 | R19: (13590) 경기도 성남시 분당구 황새울로359번길 7, 2층 | S19: 031-705-0911
... A116: (주)한국에이치알디교육센터 | B116: 109 | C116: 경영ㆍ회계ㆍ사무 | D116: 02 | E116: 04 | F116: 02 | G116: 일반형 | H116: 품질보증 핵심 | I116: O | J116: 12 | K116: 2 | L116: 연중 상시 | M116: 20 | N116: 450000 | O116: =M116*N116 -> 9000000 | P116: X | Q116: 경기도 성남시 | R116: (13590) 경기도 성남시 분당구 황새울로359번길 7, 2층 | S116: 031-705-0911
A117: (주)한국에이치알디교육센터 | B117: 110 | C117: 영업판매 | D117: 10 | E117: 01 | F117: 01 | G117: 일반형 | H117: 사원급 전화예절 및 전화응대 | I117: O | J117: 6 | K117: 1 | L117: 연중 상시 | M117: 30 | N117: 300000 | O117: =M117*N117 -> 9000000 | P117: X | Q117: 경기도 성남시 | R117: (13590) 경기도 성남시 분당구 황새울로359번길 7, 2층 | S117: 031-705-0911
A118: (주)한국에이치알디교육센터 | B118: 111 | C118: 영업판매 | D118: 10 | E118: 01 | F118: 01 | G118: 일반형 | H118: CS 매니저 과정 | I118: O | J118: 6 | K118: 1 | L118: 연중 상시 | M118: 30 | N118: 300000 | O118: =M118*N118 -> 9000000 | P118: X | Q118: 경기도 성남시 | R118: (13590) 경기도 성남시 분당구 황새울로359번길 7, 2층 | S118: 031-705-0911
A119: (주)한국에이치알디교육센터 | B119: 112 | C119: 영업판매 | D119: 10 | E119: 01 | F119: 01 | G119: 일반형 | H119: Service Excellence Program | I119: O | J119: 6 | K119: 1 | L119: 연중 상시 | M119: 30 | N119: 300000 | O119: =M119*N119 -> 9000000 | P119: X | Q119: 경기도 성남시 | R119: (13590) 경기도 성남시 분당구 황새울로359번길 7, 2층 | S119: 031-705-0911
A120: (주)한국에이치알디교육센터 | B120: 113 | C120: 영업판매 | D120: 10 | E120: 01 | F120: 01 | G120: 일반형 | H120: AI 시대에도 필요한 직장 에티켓 | I120: X | J120: 6 | K120: 1 | L120: 연중 상시 | M120: 30 | N120: 300000 | O120: =M120*N120 -> 9000000 | P120: X | Q120: 경기도 성남시 | R120: (13590) 경기도 성남시 분당구 황새울로359번길 7, 2층 | S120: 031-705-0911
A121: (주)한국에이치알디교육센터 | B121: 114 | C121: 영업판매 | D121: 10 | E121: 01 | F121: 01 | G121: 일반형 | H121: SMART 전화응대법 | I121: O | J121: 6 | K121: 1 | L121: 연중 상시 | M121: 30 | N121: 300000 | O121: =M121*N121 -> 9000000 | P121: X | Q121: 경기도 성남시 | R121: (13590) 경기도 성남시 분당구 황새울로359번길 7, 2층 | S121: 031-705-0911
A122: (주)한국에이치알디교육센터 | B122: 115 | C122: 영업판매 | D122: 10 | E122: 01 | F122: 01 | G122: 일반형 | H122: CS스탠다드, 고객 친절서비스 | I122: O | J122: 6 | K122: 1 | L122: 연중 상시 | M122: 20 | N122: 300000 | O122: =M122*N122 -> 6000000 | P122: X | Q122: 경기도 성남시 | R122: (13590) 경기도 성남시 분당구 황새울로359번길 7, 2층 | S122: 031-705-0911
A123: (주)한국에이치알디교육센터 | B123: 116 | C123: 영업판매 | D123: 10 | E123: 01 | F123: 01 | G123: 일반형 | H123: 고객접점 CS 실무자 | I123: X | J123: 6 | K123: 1 | L123: 연중 상시 | M123: 20 | N123: 300000 | O123: =M123*N123 -> 6000000 | P123: X | Q123: 경기도 성남시 | R123: (13590) 경기도 성남시 분당구 황새울로359번길 7, 2층 | S123: 031-705-0911
A124: (주)한국에이치알디교육센터 | B124: 117 | C124: 영업판매 | D124: 10 | E124: 01 | F124: 01 | G124: 일반형 | H124: 고객접점 서비스(CS) 스킬 | I124: O | J124: 6 | K124: 1 | L124: 연중 상시 | M124: 20 | N124: 300000 | O124: =M124*N124 -> 6000000 | P124: X | Q124: 경기도 성남시 | R124: (13590) 경기도 성남시 분당구 황새울로359번길 7, 2층 | S124: 031-705-0911
A125: (주)한국에이치알디교육센터 | B125: 118 | C125: 영업판매 | D125: 10 | E125: 01 | F125: 01 | G125: 일반형 | H125: 직장예절 비즈매너 기본 | I125: O | J125: 6 | K125: 1 | L125: 연중 상시 | M125: 20 | N125: 300000 | O125: =M125*N125 -> 6000000 | P125: X | Q125: 경기도 성남시 | R125: (13590) 경기도 성남시 분당구 황새울로359번길 7, 2층 | S125: 031-705-0911
A126: (주)한국에이치알디교육센터 | B126: 119 | C126: 영업판매 | D126: 10 | E126: 01 | F126: 01 | G126: 일반형 | H126: Service Advance과정 | I126: O | J126: 6 | K126: 1 | L126: 연중 상시 | M126: 20 | N126: 300000 | O126: =M126*N126 -> 6000000 | P126: X | Q126: 경기도 성남시 | R126: (13590) 경기도 성남시 분당구 황새울로359번길 7, 2층 | S126: 031-705-0911
A127: (주)한국에이치알디교육센터 | B127: 120 | C127: 영업판매 | D127: 10 | E127: 01 | F127: 01 | G127: 일반형 | H127: CS 고객관리 역량강화 | I127: O | J127: 6 | K127: 1 | L127: 연중 상시 | M127: 20 | N127: 300000 | O127: =M127*N127 -> 6000000 | P127: X | Q127: 경기도 성남시 | R127: (13590) 경기도 성남시 분당구 황새울로359번길 7, 2층 | S127: 031-705-0911
A128: (주)한국에이치알디교육센터 | B128: 121 | C128: 영업판매 | D128: 10 | E128: 01 | F128: 01 | G128: 일반형 | H128: 컴플레인 Recovery | I128: O | J128: 6 | K128: 1 | L128: 연중 상시 | M128: 20 | N128: 300000 | O128: =M128*N128 -> 6000000 | P128: X | Q128: 경기도 성남시 | R128: (13590) 경기도 성남시 분당구 황새울로359번길 7, 2층 | S128: 031-705-0911
... A149: (주)한국에이치알디교육센터 | B149: 142 | C149: 영업판매 | D149: 10 | E149: 01 | F149: 01 | G149: 일반형 | H149: Win-Win 비즈니스 협상 Tip | I149: X | J149: 6 | K149: 1 | L149: 연중 상시 | M149: 30 | N149: 300000 | O149: =M149*N149 -> 9000000 | P149: X | Q149: 경기도 성남시 | R149: (13590) 경기도 성남시 분당구 황새울로359번길 7, 2층 | S149: 031-705-0911

Sheet 14. 인사드림
A1: [작성방법(필독!)] 0. 모든 항목을 반드시 작성해야 하며, 미기재 항목이 있을 경우 심사대상에서 제외, 훈련기관명은 1번 시트 값이 자동입력되므로 직접입력 X 1. NCS 분류코드 : 해당 과정에 가장 주요하거나 많은 비중을 차지하는 내용을 토대로 각 분류상 가장 부합하는 코드를 작성(훈련기관 자체 판단) - NCS대분류명 기재 시 데이터박스 목록으로 설정, 대분류 숫자는 대분류명 선택시 자동입력되므로 직접입력 X 2. 비대면 실시간 운영 여부 : 집체형태 외 비대면 실시간 형태 운영 희망 시 'O' 체크(집체 형태는 기본적으로 모두 가능하며, 비대면 실시간 형태는 승인 과정에 한해 가능) 3. 훈련인원 : 기관에서 예상하는 해당 과정의 연간 훈련 실시인원 추정치 4. 훈련비 단가 : 1인, 1회 기준 훈련비용 5. 총 훈련비 : 총 훈련인원 X 훈련비 단가 6. 훈련일정 : 회차별 개설 예정 시기를 월 단위로 모두 기재('0월' 형태로 기재하거나 "연중 상시" 등 근로자 대상 충분히 안내 가능한 내용으로 작성) 7. 훈련실시장소 : 시/도 단위 및 정확한 주소를 각각 입력, 여러 장소에서 실시할 경우 셀 한개에 모두 입력(셀 구분 시 누락될 수 있음)
A6: 훈련기관명 | B6: 연번 | C6: NCS 대분류명 | D6: NCS 분류코드 | G6: 과정 유형 | H6: 훈련과정명 | I6: 비대면 실시간 운영 여부 | J6: 훈련시간 (H) | K6: 훈련기간 (일수) | L6: 훈련일정 | M6: 훈련인원(명) [예상 수요] | N6: 훈련비 단가(원) | O6: 총 훈련비(원) | P6: 최근 3년 이내('23~'25) 훈련과정 운영 이력 | Q6: 훈련 실시 장소
D7: 대 | E7: 중 | F7: 소 | Q7: 시/도 단위 | R7: 주소지 | S7: 문의처
A8: HR에듀센터 인사드림 | B8: 1 | C8: 경영ㆍ회계ㆍ사무 | D8: =_xlfn.IFS(C8="사업관리","01",C8="경영ㆍ회계ㆍ사무","02",C8="금융ㆍ보험","03",C8="교육ㆍ자연ㆍ사회과학","04",C8="법률ㆍ경찰ㆍ소방ㆍ교도ㆍ국방","05",C8="보건ㆍ의료","06",C8="사회복지ㆍ종교","07",C8="문화ㆍ예술ㆍ디자인ㆍ방송","08",C8="운전ㆍ운송","09",C8="영업판매","10",C8="경비ㆍ청소","11",C8="이용ㆍ숙박ㆍ여행ㆍ오락ㆍ스포츠","12", C8="음식서비스","13", C8="건설","14", C8="기계","15",C8="재료","16",C8="화학ㆍ바이오","17",C8="섬유ㆍ의복","18",C8="전기ㆍ전자","19",C8="정보통신","20",C8="식품가공","21",C8="인쇄ㆍ목재ㆍ가구ㆍ공예","22",C8="환경ㆍ에너지ㆍ안전","23",C8="농림어업","24") -> 02 | E8: 02 | F8: 02 | G8: 일반형 | H8: 노무관리 입문과정(유노조,비노조 관리 및 리스크대응) | I8: O | J8: 7 | K8: 1 | L8: 1~12월(연중 상시) | M8: 80 | N8: 250000 | O8: =M8*N8 -> 20000000 | P8: O | Q8: 서울특별시 | R8: (06677) 서울특별시 서초구 동작대로 50(방배2동 440-7) 대일빌딩 4층 | S8: 02-6925-0047
A9: HR에듀센터 인사드림 | B9: 2 | C9: 경영ㆍ회계ㆍ사무 | D9: =_xlfn.IFS(C9="사업관리","01",C9="경영ㆍ회계ㆍ사무","02",C9="금융ㆍ보험","03",C9="교육ㆍ자연ㆍ사회과학","04",C9="법률ㆍ경찰ㆍ소방ㆍ교도ㆍ국방","05",C9="보건ㆍ의료","06",C9="사회복지ㆍ종교","07",C9="문화ㆍ예술ㆍ디자인ㆍ방송","08",C9="운전ㆍ운송","09",C9="영업판매","10",C9="경비ㆍ청소","11",C9="이용ㆍ숙박ㆍ여행ㆍ오락ㆍ스포츠","12", C9="음식서비스","13", C9="건설","14", C9="기계","15",C9="재료","16",C9="화학ㆍ바이오","17",C9="섬유ㆍ의복","18",C9="전기ㆍ전자","19",C9="정보통신","20",C9="식품가공","21",C9="인쇄ㆍ목재ㆍ가구ㆍ공예","22",C9="환경ㆍ에너지ㆍ안전","23",C9="농림어업","24") -> 02 | E9: 02 | F9: 02 | G9: 일반형 | H9: 퇴직시 분쟁예방 노무관리 완전정복 | I9: O | J9: 7 | K9: 1 | L9: 1~12월(연중 상시) | M9: 80 | N9: 250000 | O9: =M9*N9 -> 20000000 | P9: O | Q9: 서울특별시 | R9: (06677) 서울특별시 서초구 동작대로 50(방배2동 440-7) 대일빌딩 4층 | S9: 02-6925-0047
A10: HR에듀센터 인사드림 | B10: 3 | C10: 경영ㆍ회계ㆍ사무 | D10: =_xlfn.IFS(C10="사업관리","01",C10="경영ㆍ회계ㆍ사무","02",C10="금융ㆍ보험","03",C10="교육ㆍ자연ㆍ사회과학","04",C10="법률ㆍ경찰ㆍ소방ㆍ교도ㆍ국방","05",C10="보건ㆍ의료","06",C10="사회복지ㆍ종교","07",C10="문화ㆍ예술ㆍ디자인ㆍ방송","08",C10="운전ㆍ운송","09",C10="영업판매","10",C10="경비ㆍ청소","11",C10="이용ㆍ숙박ㆍ여행ㆍ오락ㆍ스포츠","12", C10="음식서비스","13", C10="건설","14", C10="기계","15",C10="재료","16",C10="화학ㆍ바이오","17",C10="섬유ㆍ의복","18",C10="전기ㆍ전자","19",C10="정보통신","20",C10="식품가공","21",C10="인쇄ㆍ목재ㆍ가구ㆍ공예","22",C10="환경ㆍ에너지ㆍ안전","23",C10="농림어업","24") -> 02 | E10: 02 | F10: 02 | G10: AI융합형 | H10: AI를 활용한 교육과정개발 실무과정 | I10: O | J10: 7 | K10: 1 | L10: 1~12월(연중 상시) | M10: 80 | N10: 300000 | O10: =M10*N10 -> 24000000 | P10: O | Q10: 서울특별시 | R10: (06677) 서울특별시 서초구 동작대로 50(방배2동 440-7) 대일빌딩 4층 | S10: 02-6925-0047
A11: HR에듀센터 인사드림 | B11: 4 | C11: 경영ㆍ회계ㆍ사무 | D11: =_xlfn.IFS(C11="사업관리","01",C11="경영ㆍ회계ㆍ사무","02",C11="금융ㆍ보험","03",C11="교육ㆍ자연ㆍ사회과학","04",C11="법률ㆍ경찰ㆍ소방ㆍ교도ㆍ국방","05",C11="보건ㆍ의료","06",C11="사회복지ㆍ종교","07",C11="문화ㆍ예술ㆍ디자인ㆍ방송","08",C11="운전ㆍ운송","09",C11="영업판매","10",C11="경비ㆍ청소","11",C11="이용ㆍ숙박ㆍ여행ㆍ오락ㆍ스포츠","12", C11="음식서비스","13", C11="건설","14", C11="기계","15",C11="재료","16",C11="화학ㆍ바이오","17",C11="섬유ㆍ의복","18",C11="전기ㆍ전자","19",C11="정보통신","20",C11="식품가공","21",C11="인쇄ㆍ목재ㆍ가구ㆍ공예","22",C11="환경ㆍ에너지ㆍ안전","23",C11="농림어업","24") -> 02 | E11: 02 | F11: 02 | G11: 일반형 | H11: 노조법 개정이 신설노조 설립 및 노사관계에 미치는 영향 | I11: O | J11: 7 | K11: 1 | L11: 1~12월(연중 상시) | M11: 60 | N11: 250000 | O11: =M11*N11 -> 15000000 | P11: O | Q11: 서울특별시 | R11: (06677) 서울특별시 서초구 동작대로 50(방배2동 440-7) 대일빌딩 4층 | S11: 02-6925-0047
A12: HR에듀센터 인사드림 | B12: 5 | C12: 경영ㆍ회계ㆍ사무 | D12: =_xlfn.IFS(C12="사업관리","01",C12="경영ㆍ회계ㆍ사무","02",C12="금융ㆍ보험","03",C12="교육ㆍ자연ㆍ사회과학","04",C12="법률ㆍ경찰ㆍ소방ㆍ교도ㆍ국방","05",C12="보건ㆍ의료","06",C12="사회복지ㆍ종교","07",C12="문화ㆍ예술ㆍ디자인ㆍ방송","08",C12="운전ㆍ운송","09",C12="영업판매","10",C12="경비ㆍ청소","11",C12="이용ㆍ숙박ㆍ여행ㆍ오락ㆍ스포츠","12", C12="음식서비스","13", C12="건설","14", C12="기계","15",C12="재료","16",C12="화학ㆍ바이오","17",C12="섬유ㆍ의복","18",C12="전기ㆍ전자","19",C12="정보통신","20",C12="식품가공","21",C12="인쇄ㆍ목재ㆍ가구ㆍ공예","22",C12="환경ㆍ에너지ㆍ안전","23",C12="농림어업","24") -> 02 | E12: 02 | F12: 02 | G12: AI융합형 | H12: 인사/총무/노무 담당자가 꼭 알아야 할 ESG 경영 | I12: O | J12: 8 | K12: 1 | L12: 1~12월(연중 상시) | M12: 60 | N12: 350000 | O12: =M12*N12 -> 21000000 | P12: O | Q12: 서울특별시 | R12: (06677) 서울특별시 서초구 동작대로 50(방배2동 440-7) 대일빌딩 4층 | S12: 02-6925-0047
A13: HR에듀센터 인사드림 | B13: 6 | C13: 경영ㆍ회계ㆍ사무 | D13: =_xlfn.IFS(C13="사업관리","01",C13="경영ㆍ회계ㆍ사무","02",C13="금융ㆍ보험","03",C13="교육ㆍ자연ㆍ사회과학","04",C13="법률ㆍ경찰ㆍ소방ㆍ교도ㆍ국방","05",C13="보건ㆍ의료","06",C13="사회복지ㆍ종교","07",C13="문화ㆍ예술ㆍ디자인ㆍ방송","08",C13="운전ㆍ운송","09",C13="영업판매","10",C13="경비ㆍ청소","11",C13="이용ㆍ숙박ㆍ여행ㆍ오락ㆍ스포츠","12", C13="음식서비스","13", C13="건설","14", C13="기계","15",C13="재료","16",C13="화학ㆍ바이오","17",C13="섬유ㆍ의복","18",C13="전기ㆍ전자","19",C13="정보통신","20",C13="식품가공","21",C13="인쇄ㆍ목재ㆍ가구ㆍ공예","22",C13="환경ㆍ에너지ㆍ안전","23",C13="농림어업","24") -> 02 | E13: 02 | F13: 02 | G13: 일반형 | H13: 임신,출산,육아의 모성보호제도 완전정복 | I13: O | J13: 7 | K13: 1 | L13: 1~12월(연중 상시) | M13: 80 | N13: 250000 | O13: =M13*N13 -> 20000000 | P13: O | Q13: 서울특별시 | R13: (06677) 서울특별시 서초구 동작대로 50(방배2동 440-7) 대일빌딩 4층 | S13: 02-6925-0047
A14: HR에듀센터 인사드림 | B14: 7 | C14: 경영ㆍ회계ㆍ사무 | D14: =_xlfn.IFS(C14="사업관리","01",C14="경영ㆍ회계ㆍ사무","02",C14="금융ㆍ보험","03",C14="교육ㆍ자연ㆍ사회과학","04",C14="법률ㆍ경찰ㆍ소방ㆍ교도ㆍ국방","05",C14="보건ㆍ의료","06",C14="사회복지ㆍ종교","07",C14="문화ㆍ예술ㆍ디자인ㆍ방송","08",C14="운전ㆍ운송","09",C14="영업판매","10",C14="경비ㆍ청소","11",C14="이용ㆍ숙박ㆍ여행ㆍ오락ㆍ스포츠","12", C14="음식서비스","13", C14="건설","14", C14="기계","15",C14="재료","16",C14="화학ㆍ바이오","17",C14="섬유ㆍ의복","18",C14="전기ㆍ전자","19",C14="정보통신","20",C14="식품가공","21",C14="인쇄ㆍ목재ㆍ가구ㆍ공예","22",C14="환경ㆍ에너지ㆍ안전","23",C14="농림어업","24") -> 02 | E14: 02 | F14: 02 | G14: 일반형 | H14: 적정인원산정실무 | I14: O | J14: 8 | K14: 1 | L14: 1~12월(연중 상시) | M14: 120 | N14: 250000 | O14: =M14*N14 -> 30000000 | P14: O | Q14: 서울특별시 | R14: (06677) 서울특별시 서초구 동작대로 50(방배2동 440-7) 대일빌딩 4층 | S14: 02-6925-0047
A15: HR에듀센터 인사드림 | B15: 8 | C15: 경영ㆍ회계ㆍ사무 | D15: =_xlfn.IFS(C15="사업관리","01",C15="경영ㆍ회계ㆍ사무","02",C15="금융ㆍ보험","03",C15="교육ㆍ자연ㆍ사회과학","04",C15="법률ㆍ경찰ㆍ소방ㆍ교도ㆍ국방","05",C15="보건ㆍ의료","06",C15="사회복지ㆍ종교","07",C15="문화ㆍ예술ㆍ디자인ㆍ방송","08",C15="운전ㆍ운송","09",C15="영업판매","10",C15="경비ㆍ청소","11",C15="이용ㆍ숙박ㆍ여행ㆍ오락ㆍ스포츠","12", C15="음식서비스","13", C15="건설","14", C15="기계","15",C15="재료","16",C15="화학ㆍ바이오","17",C15="섬유ㆍ의복","18",C15="전기ㆍ전자","19",C15="정보통신","20",C15="식품가공","21",C15="인쇄ㆍ목재ㆍ가구ㆍ공예","22",C15="환경ㆍ에너지ㆍ안전","23",C15="농림어업","24") -> 02 | E15: 02 | F15: 02 | G15: 일반형 | H15: 조직문화/조직 개발 담당자 실무과정 | I15: O | J15: 7 | K15: 1 | L15: 1~12월(연중 상시) | M15: 80 | N15: 300000 | O15: =M15*N15 -> 24000000 | P15: O | Q15: 서울특별시 | R15: (06677) 서울특별시 서초구 동작대로 50(방배2동 440-7) 대일빌딩 4층 | S15: 02-6925-0047
A16: HR에듀센터 인사드림 | B16: 9 | C16: 경영ㆍ회계ㆍ사무 | D16: =_xlfn.IFS(C16="사업관리","01",C16="경영ㆍ회계ㆍ사무","02",C16="금융ㆍ보험","03",C16="교육ㆍ자연ㆍ사회과학","04",C16="법률ㆍ경찰ㆍ소방ㆍ교도ㆍ국방","05",C16="보건ㆍ의료","06",C16="사회복지ㆍ종교","07",C16="문화ㆍ예술ㆍ디자인ㆍ방송","08",C16="운전ㆍ운송","09",C16="영업판매","10",C16="경비ㆍ청소","11",C16="이용ㆍ숙박ㆍ여행ㆍ오락ㆍ스포츠","12", C16="음식서비스","13", C16="건설","14", C16="기계","15",C16="재료","16",C16="화학ㆍ바이오","17",C16="섬유ㆍ의복","18",C16="전기ㆍ전자","19",C16="정보통신","20",C16="식품가공","21",C16="인쇄ㆍ목재ㆍ가구ㆍ공예","22",C16="환경ㆍ에너지ㆍ안전","23",C16="농림어업","24") -> 02 | E16: 02 | F16: 02 | G16: 일반형 | H16: 복잡한 직장내 괴롭힘, 분쟁, 성희롱 조사실무 완전정복 | I16: O | J16: 7 | K16: 1 | L16: 1~12월(연중 상시) | M16: 80 | N16: 250000 | O16: =M16*N16 -> 20000000 | P16: O | Q16: 서울특별시 | R16: (06677) 서울특별시 서초구 동작대로 50(방배2동 440-7) 대일빌딩 4층 | S16: 02-6925-0047
A17: HR에듀센터 인사드림 | B17: 10 | C17: 경영ㆍ회계ㆍ사무 | D17: =_xlfn.IFS(C17="사업관리","01",C17="경영ㆍ회계ㆍ사무","02",C17="금융ㆍ보험","03",C17="교육ㆍ자연ㆍ사회과학","04",C17="법률ㆍ경찰ㆍ소방ㆍ교도ㆍ국방","05",C17="보건ㆍ의료","06",C17="사회복지ㆍ종교","07",C17="문화ㆍ예술ㆍ디자인ㆍ방송","08",C17="운전ㆍ운송","09",C17="영업판매","10",C17="경비ㆍ청소","11",C17="이용ㆍ숙박ㆍ여행ㆍ오락ㆍ스포츠","12", C17="음식서비스","13", C17="건설","14", C17="기계","15",C17="재료","16",C17="화학ㆍ바이오","17",C17="섬유ㆍ의복","18",C17="전기ㆍ전자","19",C17="정보통신","20",C17="식품가공","21",C17="인쇄ㆍ목재ㆍ가구ㆍ공예","22",C17="환경ㆍ에너지ㆍ안전","23",C17="농림어업","24") -> 02 | E17: 02 | F17: 02 | G17: 일반형 | H17: HRD실무 담당자 입문과정 | I17: O | J17: 7 | K17: 1 | L17: 1~12월(연중 상시) | M17: 120 | N17: 250000 | O17: =M17*N17 -> 30000000 | P17: O | Q17: 서울특별시 | R17: (06677) 서울특별시 서초구 동작대로 50(방배2동 440-7) 대일빌딩 4층 | S17: 02-6925-0047
A18: HR에듀센터 인사드림 | B18: 11 | C18: 경영ㆍ회계ㆍ사무 | D18: =_xlfn.IFS(C18="사업관리","01",C18="경영ㆍ회계ㆍ사무","02",C18="금융ㆍ보험","03",C18="교육ㆍ자연ㆍ사회과학","04",C18="법률ㆍ경찰ㆍ소방ㆍ교도ㆍ국방","05",C18="보건ㆍ의료","06",C18="사회복지ㆍ종교","07",C18="문화ㆍ예술ㆍ디자인ㆍ방송","08",C18="운전ㆍ운송","09",C18="영업판매","10",C18="경비ㆍ청소","11",C18="이용ㆍ숙박ㆍ여행ㆍ오락ㆍ스포츠","12", C18="음식서비스","13", C18="건설","14", C18="기계","15",C18="재료","16",C18="화학ㆍ바이오","17",C18="섬유ㆍ의복","18",C18="전기ㆍ전자","19",C18="정보통신","20",C18="식품가공","21",C18="인쇄ㆍ목재ㆍ가구ㆍ공예","22",C18="환경ㆍ에너지ㆍ안전","23",C18="농림어업","24") -> 02 | E18: 02 | F18: 02 | G18: AI융합형 | H18: AI 시대, HRD의 전략적 역할과 인재육성 전략 | I18: O | J18: 4 | K18: 1 | L18: 1~12월(연중 상시) | M18: 80 | N18: 200000 | O18: =M18*N18 -> 16000000 | P18: O | Q18: 서울특별시 | R18: (06677) 서울특별시 서초구 동작대로 50(방배2동 440-7) 대일빌딩 4층 | S18: 02-6925-0047
A19: HR에듀센터 인사드림 | B19: 12 | C19: 경영ㆍ회계ㆍ사무 | D19: =_xlfn.IFS(C19="사업관리","01",C19="경영ㆍ회계ㆍ사무","02",C19="금융ㆍ보험","03",C19="교육ㆍ자연ㆍ사회과학","04",C19="법률ㆍ경찰ㆍ소방ㆍ교도ㆍ국방","05",C19="보건ㆍ의료","06",C19="사회복지ㆍ종교","07",C19="문화ㆍ예술ㆍ디자인ㆍ방송","08",C19="운전ㆍ운송","09",C19="영업판매","10",C19="경비ㆍ청소","11",C19="이용ㆍ숙박ㆍ여행ㆍ오락ㆍ스포츠","12", C19="음식서비스","13", C19="건설","14", C19="기계","15",C19="재료","16",C19="화학ㆍ바이오","17",C19="섬유ㆍ의복","18",C19="전기ㆍ전자","19",C19="정보통신","20",C19="식품가공","21",C19="인쇄ㆍ목재ㆍ가구ㆍ공예","22",C19="환경ㆍ에너지ㆍ안전","23",C19="농림어업","24") -> 02 | E19: 02 | F19: 02 | G19: 일반형 | H19: 근로계약서 취업규칙 작성 실무 | I19: O | J19: 4 | K19: 1 | L19: 1~12월(연중 상시) | M19: 60 | N19: 150000 | O19: =M19*N19 -> 9000000 | P19: O | Q19: 서울특별시 | R19: (06677) 서울특별시 서초구 동작대로 50(방배2동 440-7) 대일빌딩 4층 | S19: 02-6925-0047
... A30: HR에듀센터 인사드림 | B30: 23 | C30: 경영ㆍ회계ㆍ사무 | D30: =_xlfn.IFS(C30="사업관리","01",C30="경영ㆍ회계ㆍ사무","02",C30="금융ㆍ보험","03",C30="교육ㆍ자연ㆍ사회과학","04",C30="법률ㆍ경찰ㆍ소방ㆍ교도ㆍ국방","05",C30="보건ㆍ의료","06",C30="사회복지ㆍ종교","07",C30="문화ㆍ예술ㆍ디자인ㆍ방송","08",C30="운전ㆍ운송","09",C30="영업판매","10",C30="경비ㆍ청소","11",C30="이용ㆍ숙박ㆍ여행ㆍ오락ㆍ스포츠","12", C30="음식서비스","13", C30="건설","14", C30="기계","15",C30="재료","16",C30="화학ㆍ바이오","17",C30="섬유ㆍ의복","18",C30="전기ㆍ전자","19",C30="정보통신","20",C30="식품가공","21",C30="인쇄ㆍ목재ㆍ가구ㆍ공예","22",C30="환경ㆍ에너지ㆍ안전","23",C30="농림어업","24") -> 02 | E30: 02 | F30: 02 | G30: 일반형 | H30: 징계 및 노동위원회 구제신청 대응 실무 | I30: O | J30: 6 | K30: 1 | L30: 1~12월(연중 상시) | M30: 80 | N30: 220000 | O30: =M30*N30 -> 17600000 | P30: O | Q30: 서울특별시 | R30: (06677) 서울특별시 서초구 동작대로 50(방배2동 440-7) 대일빌딩 4층 | S30: 02-6925-0047
A31: HR에듀센터 인사드림 | B31: 24 | C31: 경영ㆍ회계ㆍ사무 | D31: =_xlfn.IFS(C31="사업관리","01",C31="경영ㆍ회계ㆍ사무","02",C31="금융ㆍ보험","03",C31="교육ㆍ자연ㆍ사회과학","04",C31="법률ㆍ경찰ㆍ소방ㆍ교도ㆍ국방","05",C31="보건ㆍ의료","06",C31="사회복지ㆍ종교","07",C31="문화ㆍ예술ㆍ디자인ㆍ방송","08",C31="운전ㆍ운송","09",C31="영업판매","10",C31="경비ㆍ청소","11",C31="이용ㆍ숙박ㆍ여행ㆍ오락ㆍ스포츠","12", C31="음식서비스","13", C31="건설","14", C31="기계","15",C31="재료","16",C31="화학ㆍ바이오","17",C31="섬유ㆍ의복","18",C31="전기ㆍ전자","19",C31="정보통신","20",C31="식품가공","21",C31="인쇄ㆍ목재ㆍ가구ㆍ공예","22",C31="환경ㆍ에너지ㆍ안전","23",C31="농림어업","24") -> 02 | E31: 02 | F31: 02 | G31: 일반형 | H31: 채용 단계에서 반드시 지켜야 할 노동법 교육 | I31: O | J31: 4 | K31: 1 | L31: 1~12월(연중 상시) | M31: =20*4 -> 80 | N31: 150000 | O31: =M31*N31 -> 12000000 | P31: O | Q31: 서울특별시 | R31: (06677) 서울특별시 서초구 동작대로 50(방배2동 440-7) 대일빌딩 4층 | S31: 02-6925-0047
A32: HR에듀센터 인사드림 | B32: 25 | C32: 경영ㆍ회계ㆍ사무 | D32: =_xlfn.IFS(C32="사업관리","01",C32="경영ㆍ회계ㆍ사무","02",C32="금융ㆍ보험","03",C32="교육ㆍ자연ㆍ사회과학","04",C32="법률ㆍ경찰ㆍ소방ㆍ교도ㆍ국방","05",C32="보건ㆍ의료","06",C32="사회복지ㆍ종교","07",C32="문화ㆍ예술ㆍ디자인ㆍ방송","08",C32="운전ㆍ운송","09",C32="영업판매","10",C32="경비ㆍ청소","11",C32="이용ㆍ숙박ㆍ여행ㆍ오락ㆍ스포츠","12", C32="음식서비스","13", C32="건설","14", C32="기계","15",C32="재료","16",C32="화학ㆍ바이오","17",C32="섬유ㆍ의복","18",C32="전기ㆍ전자","19",C32="정보통신","20",C32="식품가공","21",C32="인쇄ㆍ목재ㆍ가구ㆍ공예","22",C32="환경ㆍ에너지ㆍ안전","23",C32="농림어업","24") -> 02 | E32: 02 | F32: 02 | G32: 일반형 | H32: 평가자교육 | I32: O | J32: 4 | K32: 1 | L32: 1~12월(연중 상시) | M32: =20*4 -> 80 | N32: 150000 | O32: =M32*N32 -> 12000000 | P32: O | Q32: 서울특별시 | R32: (06677) 서울특별시 서초구 동작대로 50(방배2동 440-7) 대일빌딩 4층 | S32: 02-6925-0047
A33: HR에듀센터 인사드림 | B33: 26 | C33: 경영ㆍ회계ㆍ사무 | D33: =_xlfn.IFS(C33="사업관리","01",C33="경영ㆍ회계ㆍ사무","02",C33="금융ㆍ보험","03",C33="교육ㆍ자연ㆍ사회과학","04",C33="법률ㆍ경찰ㆍ소방ㆍ교도ㆍ국방","05",C33="보건ㆍ의료","06",C33="사회복지ㆍ종교","07",C33="문화ㆍ예술ㆍ디자인ㆍ방송","08",C33="운전ㆍ운송","09",C33="영업판매","10",C33="경비ㆍ청소","11",C33="이용ㆍ숙박ㆍ여행ㆍ오락ㆍ스포츠","12", C33="음식서비스","13", C33="건설","14", C33="기계","15",C33="재료","16",C33="화학ㆍ바이오","17",C33="섬유ㆍ의복","18",C33="전기ㆍ전자","19",C33="정보통신","20",C33="식품가공","21",C33="인쇄ㆍ목재ㆍ가구ㆍ공예","22",C33="환경ㆍ에너지ㆍ안전","23",C33="농림어업","24") -> 02 | E33: 02 | F33: 02 | G33: 일반형 | H33: 인사의 정석 | I33: O | J33: 12 | K33: 2 | L33: 1~12월(연중 상시) | M33: 90 | N33: 990000 | O33: =M33*N33 -> 89100000 | P33: O | Q33: 서울특별시 | R33: (06677) 서울특별시 서초구 동작대로 50(방배2동 440-7) 대일빌딩 4층 | S33: 02-6925-0047
A34: HR에듀센터 인사드림 | B34: 27 | C34: 경영ㆍ회계ㆍ사무 | D34: =_xlfn.IFS(C34="사업관리","01",C34="경영ㆍ회계ㆍ사무","02",C34="금융ㆍ보험","03",C34="교육ㆍ자연ㆍ사회과학","04",C34="법률ㆍ경찰ㆍ소방ㆍ교도ㆍ국방","05",C34="보건ㆍ의료","06",C34="사회복지ㆍ종교","07",C34="문화ㆍ예술ㆍ디자인ㆍ방송","08",C34="운전ㆍ운송","09",C34="영업판매","10",C34="경비ㆍ청소","11",C34="이용ㆍ숙박ㆍ여행ㆍ오락ㆍ스포츠","12", C34="음식서비스","13", C34="건설","14", C34="기계","15",C34="재료","16",C34="화학ㆍ바이오","17",C34="섬유ㆍ의복","18",C34="전기ㆍ전자","19",C34="정보통신","20",C34="식품가공","21",C34="인쇄ㆍ목재ㆍ가구ㆍ공예","22",C34="환경ㆍ에너지ㆍ안전","23",C34="농림어업","24") -> 02 | E34: 02 | F34: 02 | G34: 일반형 | H34: 인재육성체계 수립 실무교육 | I34: O | J34: 8 | K34: 1 | L34: 1~12월(연중 상시) | M34: 100 | N34: 550000 | O34: =M34*N34 -> 55000000 | P34: O | Q34: 서울특별시 | R34: (06677) 서울특별시 서초구 동작대로 50(방배2동 440-7) 대일빌딩 4층 | S34: 02-6925-0047
A35: HR에듀센터 인사드림 | B35: 28 | C35: 경영ㆍ회계ㆍ사무 | D35: =_xlfn.IFS(C35="사업관리","01",C35="경영ㆍ회계ㆍ사무","02",C35="금융ㆍ보험","03",C35="교육ㆍ자연ㆍ사회과학","04",C35="법률ㆍ경찰ㆍ소방ㆍ교도ㆍ국방","05",C35="보건ㆍ의료","06",C35="사회복지ㆍ종교","07",C35="문화ㆍ예술ㆍ디자인ㆍ방송","08",C35="운전ㆍ운송","09",C35="영업판매","10",C35="경비ㆍ청소","11",C35="이용ㆍ숙박ㆍ여행ㆍ오락ㆍ스포츠","12", C35="음식서비스","13", C35="건설","14", C35="기계","15",C35="재료","16",C35="화학ㆍ바이오","17",C35="섬유ㆍ의복","18",C35="전기ㆍ전자","19",C35="정보통신","20",C35="식품가공","21",C35="인쇄ㆍ목재ㆍ가구ㆍ공예","22",C35="환경ㆍ에너지ㆍ안전","23",C35="농림어업","24") -> 02 | E35: 02 | F35: 02 | G35: 일반형 | H35: 새 정부시대 중소기업의 중대재해 예방 안전보건관리체계 | I35: O | J35: 8 | K35: 1 | L35: 1~12월(연중 상시) | M35: 60 | N35: 300000 | O35: =M35*N35 -> 18000000 | P35: O | Q35: 서울특별시 | R35: (06677) 서울특별시 서초구 동작대로 50(방배2동 440-7) 대일빌딩 4층 | S35: 02-6925-0047
A36: HR에듀센터 인사드림 | B36: 29 | C36: 경영ㆍ회계ㆍ사무 | D36: =_xlfn.IFS(C36="사업관리","01",C36="경영ㆍ회계ㆍ사무","02",C36="금융ㆍ보험","03",C36="교육ㆍ자연ㆍ사회과학","04",C36="법률ㆍ경찰ㆍ소방ㆍ교도ㆍ국방","05",C36="보건ㆍ의료","06",C36="사회복지ㆍ종교","07",C36="문화ㆍ예술ㆍ디자인ㆍ방송","08",C36="운전ㆍ운송","09",C36="영업판매","10",C36="경비ㆍ청소","11",C36="이용ㆍ숙박ㆍ여행ㆍ오락ㆍ스포츠","12", C36="음식서비스","13", C36="건설","14", C36="기계","15",C36="재료","16",C36="화학ㆍ바이오","17",C36="섬유ㆍ의복","18",C36="전기ㆍ전자","19",C36="정보통신","20",C36="식품가공","21",C36="인쇄ㆍ목재ㆍ가구ㆍ공예","22",C36="환경ㆍ에너지ㆍ안전","23",C36="농림어업","24") -> 02 | E36: 02 | F36: 02 | G36: AI융합형 | H36: AI를 활용한 손쉬운 교육효과 측정 방법 | I36: O | J36: 4 | K36: 1 | L36: 1~12월(연중 상시) | M36: 140 | N36: 200000 | O36: =M36*N36 -> 28000000 | P36: X | Q36: 서울특별시 | R36: (06677) 서울특별시 서초구 동작대로 50(방배2동 440-7) 대일빌딩 4층 | S36: 02-6925-0047
A37: HR에듀센터 인사드림 | B37: 30 | C37: 경영ㆍ회계ㆍ사무 | D37: =_xlfn.IFS(C37="사업관리","01",C37="경영ㆍ회계ㆍ사무","02",C37="금융ㆍ보험","03",C37="교육ㆍ자연ㆍ사회과학","04",C37="법률ㆍ경찰ㆍ소방ㆍ교도ㆍ국방","05",C37="보건ㆍ의료","06",C37="사회복지ㆍ종교","07",C37="문화ㆍ예술ㆍ디자인ㆍ방송","08",C37="운전ㆍ운송","09",C37="영업판매","10",C37="경비ㆍ청소","11",C37="이용ㆍ숙박ㆍ여행ㆍ오락ㆍ스포츠","12", C37="음식서비스","13", C37="건설","14", C37="기계","15",C37="재료","16",C37="화학ㆍ바이오","17",C37="섬유ㆍ의복","18",C37="전기ㆍ전자","19",C37="정보통신","20",C37="식품가공","21",C37="인쇄ㆍ목재ㆍ가구ㆍ공예","22",C37="환경ㆍ에너지ㆍ안전","23",C37="농림어업","24") -> 02 | E37: 02 | F37: 02 | G37: AI융합형 | H37: HR/HRD를 위한 AI 활용 실습 위주 HRD 실무교육 | I37: O | J37: 8 | K37: 1 | L37: 1~12월(연중 상시) | M37: 60 | N37: 300000 | O37: =M37*N37 -> 18000000 | P37: O | Q37: 서울특별시 | R37: (06677) 서울특별시 서초구 동작대로 50(방배2동 440-7) 대일빌딩 4층 | S37: 02-6925-0047
A38: HR에듀센터 인사드림 | B38: 31 | C38: 경영ㆍ회계ㆍ사무 | D38: =_xlfn.IFS(C38="사업관리","01",C38="경영ㆍ회계ㆍ사무","02",C38="금융ㆍ보험","03",C38="교육ㆍ자연ㆍ사회과학","04",C38="법률ㆍ경찰ㆍ소방ㆍ교도ㆍ국방","05",C38="보건ㆍ의료","06",C38="사회복지ㆍ종교","07",C38="문화ㆍ예술ㆍ디자인ㆍ방송","08",C38="운전ㆍ운송","09",C38="영업판매","10",C38="경비ㆍ청소","11",C38="이용ㆍ숙박ㆍ여행ㆍ오락ㆍ스포츠","12", C38="음식서비스","13", C38="건설","14", C38="기계","15",C38="재료","16",C38="화학ㆍ바이오","17",C38="섬유ㆍ의복","18",C38="전기ㆍ전자","19",C38="정보통신","20",C38="식품가공","21",C38="인쇄ㆍ목재ㆍ가구ㆍ공예","22",C38="환경ㆍ에너지ㆍ안전","23",C38="농림어업","24") -> 02 | E38: 02 | F38: 02 | G38: AI융합형 | H38: ‘2026’ AI 전환기, 경영관리(인사,노무,총무) 리더의 GPT실무역량 리부팅 | I38: O | J38: 8 | K38: 1 | L38: 1~12월(연중 상시) | M38: 60 | N38: 300000 | O38: =M38*N38 -> 18000000 | P38: X | Q38: 서울특별시 | R38: (06677) 서울특별시 서초구 동작대로 50(방배2동 440-7) 대일빌딩 4층 | S38: 02-6925-0047
A39: HR에듀센터 인사드림 | B39: 32 | C39: 경영ㆍ회계ㆍ사무 | D39: =_xlfn.IFS(C39="사업관리","01",C39="경영ㆍ회계ㆍ사무","02",C39="금융ㆍ보험","03",C39="교육ㆍ자연ㆍ사회과학","04",C39="법률ㆍ경찰ㆍ소방ㆍ교도ㆍ국방","05",C39="보건ㆍ의료","06",C39="사회복지ㆍ종교","07",C39="문화ㆍ예술ㆍ디자인ㆍ방송","08",C39="운전ㆍ운송","09",C39="영업판매","10",C39="경비ㆍ청소","11",C39="이용ㆍ숙박ㆍ여행ㆍ오락ㆍ스포츠","12", C39="음식서비스","13", C39="건설","14", C39="기계","15",C39="재료","16",C39="화학ㆍ바이오","17",C39="섬유ㆍ의복","18",C39="전기ㆍ전자","19",C39="정보통신","20",C39="식품가공","21",C39="인쇄ㆍ목재ㆍ가구ㆍ공예","22",C39="환경ㆍ에너지ㆍ안전","23",C39="농림어업","24") -> 02 | E39: 02 | F39: 02 | G39: 일반형 | H39: 2026년 노동정책 방향과 노사관계 전망 – 기업 대응 전략 | I39: O | J39: 6 | K39: 1 | L39: 1~12월(연중 상시) | M39: 60 | N39: 220,000 | O39: =M39*N39 -> 13200000 | P39: X | Q39: 서울특별시 | R39: (06677) 서울특별시 서초구 동작대로 50(방배2동 440-7) 대일빌딩 4층 | S39: 02-6925-0047
A40: HR에듀센터 인사드림 | B40: 33 | C40: 경영ㆍ회계ㆍ사무 | D40: =_xlfn.IFS(C40="사업관리","01",C40="경영ㆍ회계ㆍ사무","02",C40="금융ㆍ보험","03",C40="교육ㆍ자연ㆍ사회과학","04",C40="법률ㆍ경찰ㆍ소방ㆍ교도ㆍ국방","05",C40="보건ㆍ의료","06",C40="사회복지ㆍ종교","07",C40="문화ㆍ예술ㆍ디자인ㆍ방송","08",C40="운전ㆍ운송","09",C40="영업판매","10",C40="경비ㆍ청소","11",C40="이용ㆍ숙박ㆍ여행ㆍ오락ㆍ스포츠","12", C40="음식서비스","13", C40="건설","14", C40="기계","15",C40="재료","16",C40="화학ㆍ바이오","17",C40="섬유ㆍ의복","18",C40="전기ㆍ전자","19",C40="정보통신","20",C40="식품가공","21",C40="인쇄ㆍ목재ㆍ가구ㆍ공예","22",C40="환경ㆍ에너지ㆍ안전","23",C40="농림어업","24") -> 02 | E40: 02 | F40: 02 | G40: 일반형 | H40: 4.5일제 도입과 운영실무 | I40: O | J40: 6 | K40: 1 | L40: 1~12월(연중 상시) | M40: 40 | N40: 220,000 | O40: =M40*N40 -> 8800000 | P40: X | Q40: 서울특별시 | R40: (06677) 서울특별시 서초구 동작대로 50(방배2동 440-7) 대일빌딩 4층 | S40: 02-6925-0047
A41: HR에듀센터 인사드림 | B41: 34 | C41: 영업판매 | D41: =_xlfn.IFS(C41="사업관리","01",C41="경영ㆍ회계ㆍ사무","02",C41="금융ㆍ보험","03",C41="교육ㆍ자연ㆍ사회과학","04",C41="법률ㆍ경찰ㆍ소방ㆍ교도ㆍ국방","05",C41="보건ㆍ의료","06",C41="사회복지ㆍ종교","07",C41="문화ㆍ예술ㆍ디자인ㆍ방송","08",C41="운전ㆍ운송","09",C41="영업판매","10",C41="경비ㆍ청소","11",C41="이용ㆍ숙박ㆍ여행ㆍ오락ㆍ스포츠","12", C41="음식서비스","13", C41="건설","14", C41="기계","15",C41="재료","16",C41="화학ㆍ바이오","17",C41="섬유ㆍ의복","18",C41="전기ㆍ전자","19",C41="정보통신","20",C41="식품가공","21",C41="인쇄ㆍ목재ㆍ가구ㆍ공예","22",C41="환경ㆍ에너지ㆍ안전","23",C41="농림어업","24") -> 10 | E41: 01 | F41: 01 | G41: 일반형 | H41: B2B 법인영업 전문가과정 | I41: O | J41: 24 | K41: 4 | L41: 1~12월(연중 상시) | M41: =40*2 -> 80 | N41: 1870000 | O41: =M41*N41 -> 149600000 | P41: O | Q41: 서울특별시 | R41: (06677) 서울특별시 서초구 동작대로 50(방배2동 440-7) 대일빌딩 4층 | S41: 02-6925-0047
A42: HR에듀센터 인사드림 | B42: 35 | C42: 경영ㆍ회계ㆍ사무 | D42: =_xlfn.IFS(C42="사업관리","01",C42="경영ㆍ회계ㆍ사무","02",C42="금융ㆍ보험","03",C42="교육ㆍ자연ㆍ사회과학","04",C42="법률ㆍ경찰ㆍ소방ㆍ교도ㆍ국방","05",C42="보건ㆍ의료","06",C42="사회복지ㆍ종교","07",C42="문화ㆍ예술ㆍ디자인ㆍ방송","08",C42="운전ㆍ운송","09",C42="영업판매","10",C42="경비ㆍ청소","11",C42="이용ㆍ숙박ㆍ여행ㆍ오락ㆍ스포츠","12", C42="음식서비스","13", C42="건설","14", C42="기계","15",C42="재료","16",C42="화학ㆍ바이오","17",C42="섬유ㆍ의복","18",C42="전기ㆍ전자","19",C42="정보통신","20",C42="식품가공","21",C42="인쇄ㆍ목재ㆍ가구ㆍ공예","22",C42="환경ㆍ에너지ㆍ안전","23",C42="농림어업","24") -> 02 | E42: 02 | F42: 02 | G42: 일반형 | H42: BEI 기반의 구조화된 면접관 스킬 | I42: X | J42: 5 | K42: 1 | L42: 1~12월(연중 상시) | M42: 80 | N42: 180,000 | O42: =M42*N42 -> 14400000 | P42: O | Q42: 서울특별시 | R42: (06677) 서울특별시 서초구 동작대로 50(방배2동 440-7) 대일빌딩 4층 | S42: 02-6925-0047
A43: HR에듀센터 인사드림 | B43: 36 | C43: 경영ㆍ회계ㆍ사무 | D43: =_xlfn.IFS(C43="사업관리","01",C43="경영ㆍ회계ㆍ사무","02",C43="금융ㆍ보험","03",C43="교육ㆍ자연ㆍ사회과학","04",C43="법률ㆍ경찰ㆍ소방ㆍ교도ㆍ국방","05",C43="보건ㆍ의료","06",C43="사회복지ㆍ종교","07",C43="문화ㆍ예술ㆍ디자인ㆍ방송","08",C43="운전ㆍ운송","09",C43="영업판매","10",C43="경비ㆍ청소","11",C43="이용ㆍ숙박ㆍ여행ㆍ오락ㆍ스포츠","12", C43="음식서비스","13", C43="건설","14", C43="기계","15",C43="재료","16",C43="화학ㆍ바이오","17",C43="섬유ㆍ의복","18",C43="전기ㆍ전자","19",C43="정보통신","20",C43="식품가공","21",C43="인쇄ㆍ목재ㆍ가구ㆍ공예","22",C43="환경ㆍ에너지ㆍ안전","23",C43="농림어업","24") -> 02 | E43: 01 | F43: 03 | G43: AI융합형 | H43: chatGPT로 작성하는 신제품 마케팅 기획안 | I43: O | J43: 5 | K43: 1 | L43: 1~12월(연중 상시) | M43: 80 | N43: 180,000 | O43: =M43*N43 -> 14400000 | P43: X | Q43: 서울특별시 | R43: (06677) 서울특별시 서초구 동작대로 50(방배2동 440-7) 대일빌딩 4층 | S43: 02-6925-0047
A44: HR에듀센터 인사드림 | B44: 37 | C44: 경영ㆍ회계ㆍ사무 | D44: =_xlfn.IFS(C44="사업관리","01",C44="경영ㆍ회계ㆍ사무","02",C44="금융ㆍ보험","03",C44="교육ㆍ자연ㆍ사회과학","04",C44="법률ㆍ경찰ㆍ소방ㆍ교도ㆍ국방","05",C44="보건ㆍ의료","06",C44="사회복지ㆍ종교","07",C44="문화ㆍ예술ㆍ디자인ㆍ방송","08",C44="운전ㆍ운송","09",C44="영업판매","10",C44="경비ㆍ청소","11",C44="이용ㆍ숙박ㆍ여행ㆍ오락ㆍ스포츠","12", C44="음식서비스","13", C44="건설","14", C44="기계","15",C44="재료","16",C44="화학ㆍ바이오","17",C44="섬유ㆍ의복","18",C44="전기ㆍ전자","19",C44="정보통신","20",C44="식품가공","21",C44="인쇄ㆍ목재ㆍ가구ㆍ공예","22",C44="환경ㆍ에너지ㆍ안전","23",C44="농림어업","24") -> 02 | E44: 02 | F44: 02 | G44: 일반형 | H44: MQ 핵심인재 조직관리향상과정 | I44: O | J44: 24 | K44: 4 | L44: 1~12월(연중 상시) | M44: =40*2 -> 80 | N44: 1870000 | O44: =M44*N44 -> 149600000 | P44: O | Q44: 서울특별시 | R44: (06677) 서울특별시 서초구 동작대로 50(방배2동 440-7) 대일빌딩 4층 | S44: 02-6925-0047
A45: HR에듀센터 인사드림 | B45: 38 | C45: 경영ㆍ회계ㆍ사무 | D45: =_xlfn.IFS(C45="사업관리","01",C45="경영ㆍ회계ㆍ사무","02",C45="금융ㆍ보험","03",C45="교육ㆍ자연ㆍ사회과학","04",C45="법률ㆍ경찰ㆍ소방ㆍ교도ㆍ국방","05",C45="보건ㆍ의료","06",C45="사회복지ㆍ종교","07",C45="문화ㆍ예술ㆍ디자인ㆍ방송","08",C45="운전ㆍ운송","09",C45="영업판매","10",C45="경비ㆍ청소","11",C45="이용ㆍ숙박ㆍ여행ㆍ오락ㆍ스포츠","12", C45="음식서비스","13", C45="건설","14", C45="기계","15",C45="재료","16",C45="화학ㆍ바이오","17",C45="섬유ㆍ의복","18",C45="전기ㆍ전자","19",C45="정보통신","20",C45="식품가공","21",C45="인쇄ㆍ목재ㆍ가구ㆍ공예","22",C45="환경ㆍ에너지ㆍ안전","23",C45="농림어업","24") -> 02 | E45: 02 | F45: 02 | G45: 일반형 | H45: MZ세대가 몰입하는 조직의 비밀 : 인사트렌드 분석에서 직무분석 실무까지 | I45: O | J45: 7 | K45: 1 | L45: 1~12월(연중 상시) | M45: =40*2 -> 80 | N45: 300,000 | O45: =M45*N45 -> 24000000 | P45: X | Q45: 서울특별시 | R45: (06677) 서울특별시 서초구 동작대로 50(방배2동 440-7) 대일빌딩 4층 | S45: 02-6925-0047
A46: HR에듀센터 인사드림 | B46: 39 | C46: 경영ㆍ회계ㆍ사무 | D46: =_xlfn.IFS(C46="사업관리","01",C46="경영ㆍ회계ㆍ사무","02",C46="금융ㆍ보험","03",C46="교육ㆍ자연ㆍ사회과학","04",C46="법률ㆍ경찰ㆍ소방ㆍ교도ㆍ국방","05",C46="보건ㆍ의료","06",C46="사회복지ㆍ종교","07",C46="문화ㆍ예술ㆍ디자인ㆍ방송","08",C46="운전ㆍ운송","09",C46="영업판매","10",C46="경비ㆍ청소","11",C46="이용ㆍ숙박ㆍ여행ㆍ오락ㆍ스포츠","12", C46="음식서비스","13", C46="건설","14", C46="기계","15",C46="재료","16",C46="화학ㆍ바이오","17",C46="섬유ㆍ의복","18",C46="전기ㆍ전자","19",C46="정보통신","20",C46="식품가공","21",C46="인쇄ㆍ목재ㆍ가구ㆍ공예","22",C46="환경ㆍ에너지ㆍ안전","23",C46="농림어업","24") -> 02 | E46: 02 | F46: 02 | G46: 일반형 | H46: Company fit_OKR 도입 및 개선 | I46: O | J46: 6 | K46: 1 | L46: 1~12월(연중 상시) | M46: =40*2 -> 80 | N46: 220000 | O46: =M46*N46 -> 17600000 | P46: O | Q46: 서울특별시 | R46: (06677) 서울특별시 서초구 동작대로 50(방배2동 440-7) 대일빌딩 4층 | S46: 02-6925-0047
A47: HR에듀센터 인사드림 | B47: 40 | C47: 경영ㆍ회계ㆍ사무 | D47: =_xlfn.IFS(C47="사업관리","01",C47="경영ㆍ회계ㆍ사무","02",C47="금융ㆍ보험","03",C47="교육ㆍ자연ㆍ사회과학","04",C47="법률ㆍ경찰ㆍ소방ㆍ교도ㆍ국방","05",C47="보건ㆍ의료","06",C47="사회복지ㆍ종교","07",C47="문화ㆍ예술ㆍ디자인ㆍ방송","08",C47="운전ㆍ운송","09",C47="영업판매","10",C47="경비ㆍ청소","11",C47="이용ㆍ숙박ㆍ여행ㆍ오락ㆍ스포츠","12", C47="음식서비스","13", C47="건설","14", C47="기계","15",C47="재료","16",C47="화학ㆍ바이오","17",C47="섬유ㆍ의복","18",C47="전기ㆍ전자","19",C47="정보통신","20",C47="식품가공","21",C47="인쇄ㆍ목재ㆍ가구ㆍ공예","22",C47="환경ㆍ에너지ㆍ안전","23",C47="농림어업","24") -> 02 | E47: 02 | F47: 02 | G47: 일반형 | H47: 갈등 관리와 소통 역량 향상 과정 | I47: O | J47: 6 | K47: 1 | L47: 1~12월(연중 상시) | M47: =40*2 -> 80 | N47: 220000 | O47: =M47*N47 -> 17600000 | P47: X | Q47: 서울특별시 | R47: (06677) 서울특별시 서초구 동작대로 50(방배2동 440-7) 대일빌딩 4층 | S47: 02-6925-0047
A48: HR에듀센터 인사드림 | B48: 41 | C48: 경영ㆍ회계ㆍ사무 | D48: =_xlfn.IFS(C48="사업관리","01",C48="경영ㆍ회계ㆍ사무","02",C48="금융ㆍ보험","03",C48="교육ㆍ자연ㆍ사회과학","04",C48="법률ㆍ경찰ㆍ소방ㆍ교도ㆍ국방","05",C48="보건ㆍ의료","06",C48="사회복지ㆍ종교","07",C48="문화ㆍ예술ㆍ디자인ㆍ방송","08",C48="운전ㆍ운송","09",C48="영업판매","10",C48="경비ㆍ청소","11",C48="이용ㆍ숙박ㆍ여행ㆍ오락ㆍ스포츠","12", C48="음식서비스","13", C48="건설","14", C48="기계","15",C48="재료","16",C48="화학ㆍ바이오","17",C48="섬유ㆍ의복","18",C48="전기ㆍ전자","19",C48="정보통신","20",C48="식품가공","21",C48="인쇄ㆍ목재ㆍ가구ㆍ공예","22",C48="환경ㆍ에너지ㆍ안전","23",C48="농림어업","24") -> 02 | E48: 01 | F48: 01 | G48: 일반형 | H48: 경영목적 이해와 임원의 역할 | I48: O | J48: 6 | K48: 1 | L48: 1~12월(연중 상시) | M48: =40*2 -> 80 | N48: 350000 | O48: =M48*N48 -> 28000000 | P48: X | Q48: 서울특별시 | R48: (06677) 서울특별시 서초구 동작대로 50(방배2동 440-7) 대일빌딩 4층 | S48: 02-6925-0047
A49: HR에듀센터 인사드림 | B49: 42 | C49: 경영ㆍ회계ㆍ사무 | D49: =_xlfn.IFS(C49="사업관리","01",C49="경영ㆍ회계ㆍ사무","02",C49="금융ㆍ보험","03",C49="교육ㆍ자연ㆍ사회과학","04",C49="법률ㆍ경찰ㆍ소방ㆍ교도ㆍ국방","05",C49="보건ㆍ의료","06",C49="사회복지ㆍ종교","07",C49="문화ㆍ예술ㆍ디자인ㆍ방송","08",C49="운전ㆍ운송","09",C49="영업판매","10",C49="경비ㆍ청소","11",C49="이용ㆍ숙박ㆍ여행ㆍ오락ㆍ스포츠","12", C49="음식서비스","13", C49="건설","14", C49="기계","15",C49="재료","16",C49="화학ㆍ바이오","17",C49="섬유ㆍ의복","18",C49="전기ㆍ전자","19",C49="정보통신","20",C49="식품가공","21",C49="인쇄ㆍ목재ㆍ가구ㆍ공예","22",C49="환경ㆍ에너지ㆍ안전","23",C49="농림어업","24") -> 02 | E49: 02 | F49: 02 | G49: 일반형 | H49: 근로시간 관리와 포괄임금제 관리전략 이해 | I49: O | J49: 4 | K49: 1 | L49: 1~12월(연중 상시) | M49: =40*2 -> 80 | N49: 150,000 | O49: =M49*N49 -> 12000000 | P49: O | Q49: 서울특별시 | R49: (06677) 서울특별시 서초구 동작대로 50(방배2동 440-7) 대일빌딩 4층 | S49: 02-6925-0047
A50: HR에듀센터 인사드림 | B50: 43 | C50: 경영ㆍ회계ㆍ사무 | D50: =_xlfn.IFS(C50="사업관리","01",C50="경영ㆍ회계ㆍ사무","02",C50="금융ㆍ보험","03",C50="교육ㆍ자연ㆍ사회과학","04",C50="법률ㆍ경찰ㆍ소방ㆍ교도ㆍ국방","05",C50="보건ㆍ의료","06",C50="사회복지ㆍ종교","07",C50="문화ㆍ예술ㆍ디자인ㆍ방송","08",C50="운전ㆍ운송","09",C50="영업판매","10",C50="경비ㆍ청소","11",C50="이용ㆍ숙박ㆍ여행ㆍ오락ㆍ스포츠","12", C50="음식서비스","13", C50="건설","14", C50="기계","15",C50="재료","16",C50="화학ㆍ바이오","17",C50="섬유ㆍ의복","18",C50="전기ㆍ전자","19",C50="정보통신","20",C50="식품가공","21",C50="인쇄ㆍ목재ㆍ가구ㆍ공예","22",C50="환경ㆍ에너지ㆍ안전","23",C50="농림어업","24") -> 02 | E50: 02 | F50: 02 | G50: 일반형 | H50: 근로시간 단축에 따른 임금체계 개편 - 실OT감소 및 고정OT 개선, 소정근로시간 단축 등 | I50: O | J50: 6 | K50: 1 | L50: 1~12월(연중 상시) | M50: =40*2 -> 80 | N50: 250,000 | O50: =M50*N50 -> 20000000 | P50: O | Q50: 서울특별시 | R50: (06677) 서울특별시 서초구 동작대로 50(방배2동 440-7) 대일빌딩 4층 | S50: 02-6925-0047
A51: HR에듀센터 인사드림 | B51: 44 | C51: 경영ㆍ회계ㆍ사무 | D51: =_xlfn.IFS(C51="사업관리","01",C51="경영ㆍ회계ㆍ사무","02",C51="금융ㆍ보험","03",C51="교육ㆍ자연ㆍ사회과학","04",C51="법률ㆍ경찰ㆍ소방ㆍ교도ㆍ국방","05",C51="보건ㆍ의료","06",C51="사회복지ㆍ종교","07",C51="문화ㆍ예술ㆍ디자인ㆍ방송","08",C51="운전ㆍ운송","09",C51="영업판매","10",C51="경비ㆍ청소","11",C51="이용ㆍ숙박ㆍ여행ㆍ오락ㆍ스포츠","12", C51="음식서비스","13", C51="건설","14", C51="기계","15",C51="재료","16",C51="화학ㆍ바이오","17",C51="섬유ㆍ의복","18",C51="전기ㆍ전자","19",C51="정보통신","20",C51="식품가공","21",C51="인쇄ㆍ목재ㆍ가구ㆍ공예","22",C51="환경ㆍ에너지ㆍ안전","23",C51="농림어업","24") -> 02 | E51: 02 | F51: 02 | G51: 일반형 | H51: 리더십 마인드셋 향상 과정 | I51: O | J51: 6 | K51: 1 | L51: 1~12월(연중 상시) | M51: =40*2 -> 80 | N51: 220000 | O51: =M51*N51 -> 17600000 | P51: X | Q51: 서울특별시 | R51: (06677) 서울특별시 서초구 동작대로 50(방배2동 440-7) 대일빌딩 4층 | S51: 02-6925-0047
A52: HR에듀센터 인사드림 | B52: 45 | C52: 경영ㆍ회계ㆍ사무 | D52: =_xlfn.IFS(C52="사업관리","01",C52="경영ㆍ회계ㆍ사무","02",C52="금융ㆍ보험","03",C52="교육ㆍ자연ㆍ사회과학","04",C52="법률ㆍ경찰ㆍ소방ㆍ교도ㆍ국방","05",C52="보건ㆍ의료","06",C52="사회복지ㆍ종교","07",C52="문화ㆍ예술ㆍ디자인ㆍ방송","08",C52="운전ㆍ운송","09",C52="영업판매","10",C52="경비ㆍ청소","11",C52="이용ㆍ숙박ㆍ여행ㆍ오락ㆍ스포츠","12", C52="음식서비스","13", C52="건설","14", C52="기계","15",C52="재료","16",C52="화학ㆍ바이오","17",C52="섬유ㆍ의복","18",C52="전기ㆍ전자","19",C52="정보통신","20",C52="식품가공","21",C52="인쇄ㆍ목재ㆍ가구ㆍ공예","22",C52="환경ㆍ에너지ㆍ안전","23",C52="농림어업","24") -> 02 | E52: 02 | F52: 02 | G52: 일반형 | H52: 사장이 붙잡는 팀장 되기_팀장의 조직, 성과관리 강화 과정 | I52: O | J52: 7 | K52: 1 | L52: 1~12월(연중 상시) | M52: =40*2 -> 80 | N52: 300,000 | O52: =M52*N52 -> 24000000 | P52: O | Q52: 서울특별시 | R52: (06677) 서울특별시 서초구 동작대로 50(방배2동 440-7) 대일빌딩 4층 | S52: 02-6925-0047
A53: HR에듀센터 인사드림 | B53: 46 | C53: 경영ㆍ회계ㆍ사무 | D53: =_xlfn.IFS(C53="사업관리","01",C53="경영ㆍ회계ㆍ사무","02",C53="금융ㆍ보험","03",C53="교육ㆍ자연ㆍ사회과학","04",C53="법률ㆍ경찰ㆍ소방ㆍ교도ㆍ국방","05",C53="보건ㆍ의료","06",C53="사회복지ㆍ종교","07",C53="문화ㆍ예술ㆍ디자인ㆍ방송","08",C53="운전ㆍ운송","09",C53="영업판매","10",C53="경비ㆍ청소","11",C53="이용ㆍ숙박ㆍ여행ㆍ오락ㆍ스포츠","12", C53="음식서비스","13", C53="건설","14", C53="기계","15",C53="재료","16",C53="화학ㆍ바이오","17",C53="섬유ㆍ의복","18",C53="전기ㆍ전자","19",C53="정보통신","20",C53="식품가공","21",C53="인쇄ㆍ목재ㆍ가구ㆍ공예","22",C53="환경ㆍ에너지ㆍ안전","23",C53="농림어업","24") -> 02 | E53: 02 | F53: 02 | G53: 일반형 | H53: 성과관리 및 피드백 역량 향상 과정 | I53: O | J53: 6 | K53: 1 | L53: 1~12월(연중 상시) | M53: =40*2 -> 80 | N53: 250,000 | O53: =M53*N53 -> 20000000 | P53: O | Q53: 서울특별시 | R53: (06677) 서울특별시 서초구 동작대로 50(방배2동 440-7) 대일빌딩 4층 | S53: 02-6925-0047
A54: HR에듀센터 인사드림 | B54: 47 | C54: 경영ㆍ회계ㆍ사무 | D54: =_xlfn.IFS(C54="사업관리","01",C54="경영ㆍ회계ㆍ사무","02",C54="금융ㆍ보험","03",C54="교육ㆍ자연ㆍ사회과학","04",C54="법률ㆍ경찰ㆍ소방ㆍ교도ㆍ국방","05",C54="보건ㆍ의료","06",C54="사회복지ㆍ종교","07",C54="문화ㆍ예술ㆍ디자인ㆍ방송","08",C54="운전ㆍ운송","09",C54="영업판매","10",C54="경비ㆍ청소","11",C54="이용ㆍ숙박ㆍ여행ㆍ오락ㆍ스포츠","12", C54="음식서비스","13", C54="건설","14", C54="기계","15",C54="재료","16",C54="화학ㆍ바이오","17",C54="섬유ㆍ의복","18",C54="전기ㆍ전자","19",C54="정보통신","20",C54="식품가공","21",C54="인쇄ㆍ목재ㆍ가구ㆍ공예","22",C54="환경ㆍ에너지ㆍ안전","23",C54="농림어업","24") -> 02 | E54: 02 | F54: 02 | G54: 일반형 | H54: 성과코칭 리더십 | I54: O | J54: 7 | K54: 1 | L54: 1~12월(연중 상시) | M54: =40*2 -> 80 | N54: 300,000 | O54: =M54*N54 -> 24000000 | P54: O | Q54: 서울특별시 | R54: (06677) 서울특별시 서초구 동작대로 50(방배2동 440-7) 대일빌딩 4층 | S54: 02-6925-0047
A55: HR에듀센터 인사드림 | B55: 48 | C55: 경영ㆍ회계ㆍ사무 | D55: =_xlfn.IFS(C55="사업관리","01",C55="경영ㆍ회계ㆍ사무","02",C55="금융ㆍ보험","03",C55="교육ㆍ자연ㆍ사회과학","04",C55="법률ㆍ경찰ㆍ소방ㆍ교도ㆍ국방","05",C55="보건ㆍ의료","06",C55="사회복지ㆍ종교","07",C55="문화ㆍ예술ㆍ디자인ㆍ방송","08",C55="운전ㆍ운송","09",C55="영업판매","10",C55="경비ㆍ청소","11",C55="이용ㆍ숙박ㆍ여행ㆍ오락ㆍ스포츠","12", C55="음식서비스","13", C55="건설","14", C55="기계","15",C55="재료","16",C55="화학ㆍ바이오","17",C55="섬유ㆍ의복","18",C55="전기ㆍ전자","19",C55="정보통신","20",C55="식품가공","21",C55="인쇄ㆍ목재ㆍ가구ㆍ공예","22",C55="환경ㆍ에너지ㆍ안전","23",C55="농림어업","24") -> 02 | E55: 02 | F55: 02 | G55: 일반형 | H55: 신입/경력사원 온보딩 프로그램 기획 실무과정 | I55: O | J55: 7 | K55: 1 | L55: 1~12월(연중 상시) | M55: =40*2 -> 80 | N55: 300,000 | O55: =M55*N55 -> 24000000 | P55: O | Q55: 서울특별시 | R55: (06677) 서울특별시 서초구 동작대로 50(방배2동 440-7) 대일빌딩 4층 | S55: 02-6925-0047
A56: HR에듀센터 인사드림 | B56: 49 | C56: 경영ㆍ회계ㆍ사무 | D56: =_xlfn.IFS(C56="사업관리","01",C56="경영ㆍ회계ㆍ사무","02",C56="금융ㆍ보험","03",C56="교육ㆍ자연ㆍ사회과학","04",C56="법률ㆍ경찰ㆍ소방ㆍ교도ㆍ국방","05",C56="보건ㆍ의료","06",C56="사회복지ㆍ종교","07",C56="문화ㆍ예술ㆍ디자인ㆍ방송","08",C56="운전ㆍ운송","09",C56="영업판매","10",C56="경비ㆍ청소","11",C56="이용ㆍ숙박ㆍ여행ㆍ오락ㆍ스포츠","12", C56="음식서비스","13", C56="건설","14", C56="기계","15",C56="재료","16",C56="화학ㆍ바이오","17",C56="섬유ㆍ의복","18",C56="전기ㆍ전자","19",C56="정보통신","20",C56="식품가공","21",C56="인쇄ㆍ목재ㆍ가구ㆍ공예","22",C56="환경ㆍ에너지ㆍ안전","23",C56="농림어업","24") -> 02 | E56: 02 | F56: 02 | G56: 일반형 | H56: 신입사원에게 꼭 필요한 비즈니스 스킬 | I56: O | J56: 7 | K56: 1 | L56: 1~12월(연중 상시) | M56: =40*2 -> 80 | N56: 300,000 | O56: =M56*N56 -> 24000000 | P56: O | Q56: 서울특별시 | R56: (06677) 서울특별시 서초구 동작대로 50(방배2동 440-7) 대일빌딩 4층 | S56: 02-6925-0047
A57: HR에듀센터 인사드림 | B57: 50 | C57: 경영ㆍ회계ㆍ사무 | D57: =_xlfn.IFS(C57="사업관리","01",C57="경영ㆍ회계ㆍ사무","02",C57="금융ㆍ보험","03",C57="교육ㆍ자연ㆍ사회과학","04",C57="법률ㆍ경찰ㆍ소방ㆍ교도ㆍ국방","05",C57="보건ㆍ의료","06",C57="사회복지ㆍ종교","07",C57="문화ㆍ예술ㆍ디자인ㆍ방송","08",C57="운전ㆍ운송","09",C57="영업판매","10",C57="경비ㆍ청소","11",C57="이용ㆍ숙박ㆍ여행ㆍ오락ㆍ스포츠","12", C57="음식서비스","13", C57="건설","14", C57="기계","15",C57="재료","16",C57="화학ㆍ바이오","17",C57="섬유ㆍ의복","18",C57="전기ㆍ전자","19",C57="정보통신","20",C57="식품가공","21",C57="인쇄ㆍ목재ㆍ가구ㆍ공예","22",C57="환경ㆍ에너지ㆍ안전","23",C57="농림어업","24") -> 02 | E57: 02 | F57: 02 | G57: 일반형 | H57: 실습으로 배우는 임금계산 완전정복 | I57: X | J57: 7 | K57: 1 | L57: 1~12월(연중 상시) | M57: =40*2 -> 80 | N57: 250,000 | O57: =M57*N57 -> 20000000 | P57: O | Q57: 서울특별시 | R57: (06677) 서울특별시 서초구 동작대로 50(방배2동 440-7) 대일빌딩 4층 | S57: 02-6925-0047
A58: HR에듀센터 인사드림 | B58: 51 | C58: 경영ㆍ회계ㆍ사무 | D58: =_xlfn.IFS(C58="사업관리","01",C58="경영ㆍ회계ㆍ사무","02",C58="금융ㆍ보험","03",C58="교육ㆍ자연ㆍ사회과학","04",C58="법률ㆍ경찰ㆍ소방ㆍ교도ㆍ국방","05",C58="보건ㆍ의료","06",C58="사회복지ㆍ종교","07",C58="문화ㆍ예술ㆍ디자인ㆍ방송","08",C58="운전ㆍ운송","09",C58="영업판매","10",C58="경비ㆍ청소","11",C58="이용ㆍ숙박ㆍ여행ㆍ오락ㆍ스포츠","12", C58="음식서비스","13", C58="건설","14", C58="기계","15",C58="재료","16",C58="화학ㆍ바이오","17",C58="섬유ㆍ의복","18",C58="전기ㆍ전자","19",C58="정보통신","20",C58="식품가공","21",C58="인쇄ㆍ목재ㆍ가구ㆍ공예","22",C58="환경ㆍ에너지ㆍ안전","23",C58="농림어업","24") -> 02 | E58: 02 | F58: 02 | G58: 일반형 | H58: 실제 사건과 컨설팅 사례로 배우는 중대재해처벌법 진단 및 개선 실무 | I58: O | J58: 6 | K58: 1 | L58: 1~12월(연중 상시) | M58: =40*2 -> 80 | N58: 300,000 | O58: =M58*N58 -> 24000000 | P58: O | Q58: 서울특별시 | R58: (06677) 서울특별시 서초구 동작대로 50(방배2동 440-7) 대일빌딩 4층 | S58: 02-6925-0047
A59: HR에듀센터 인사드림 | B59: 52 | C59: 경영ㆍ회계ㆍ사무 | D59: =_xlfn.IFS(C59="사업관리","01",C59="경영ㆍ회계ㆍ사무","02",C59="금융ㆍ보험","03",C59="교육ㆍ자연ㆍ사회과학","04",C59="법률ㆍ경찰ㆍ소방ㆍ교도ㆍ국방","05",C59="보건ㆍ의료","06",C59="사회복지ㆍ종교","07",C59="문화ㆍ예술ㆍ디자인ㆍ방송","08",C59="운전ㆍ운송","09",C59="영업판매","10",C59="경비ㆍ청소","11",C59="이용ㆍ숙박ㆍ여행ㆍ오락ㆍ스포츠","12", C59="음식서비스","13", C59="건설","14", C59="기계","15",C59="재료","16",C59="화학ㆍ바이오","17",C59="섬유ㆍ의복","18",C59="전기ㆍ전자","19",C59="정보통신","20",C59="식품가공","21",C59="인쇄ㆍ목재ㆍ가구ㆍ공예","22",C59="환경ㆍ에너지ㆍ안전","23",C59="농림어업","24") -> 02 | E59: 02 | F59: 02 | G59: 일반형 | H59: 인사노무담당자를 위한 필수 종합 노동법 | I59: O | J59: 7 | K59: 1 | L59: 1~12월(연중 상시) | M59: =40*2 -> 80 | N59: 300,000 | O59: =M59*N59 -> 24000000 | P59: O | Q59: 서울특별시 | R59: (06677) 서울특별시 서초구 동작대로 50(방배2동 440-7) 대일빌딩 4층 | S59: 02-6925-0047
A60: HR에듀센터 인사드림 | B60: 53 | C60: 경영ㆍ회계ㆍ사무 | D60: =_xlfn.IFS(C60="사업관리","01",C60="경영ㆍ회계ㆍ사무","02",C60="금융ㆍ보험","03",C60="교육ㆍ자연ㆍ사회과학","04",C60="법률ㆍ경찰ㆍ소방ㆍ교도ㆍ국방","05",C60="보건ㆍ의료","06",C60="사회복지ㆍ종교","07",C60="문화ㆍ예술ㆍ디자인ㆍ방송","08",C60="운전ㆍ운송","09",C60="영업판매","10",C60="경비ㆍ청소","11",C60="이용ㆍ숙박ㆍ여행ㆍ오락ㆍ스포츠","12", C60="음식서비스","13", C60="건설","14", C60="기계","15",C60="재료","16",C60="화학ㆍ바이오","17",C60="섬유ㆍ의복","18",C60="전기ㆍ전자","19",C60="정보통신","20",C60="식품가공","21",C60="인쇄ㆍ목재ㆍ가구ㆍ공예","22",C60="환경ㆍ에너지ㆍ안전","23",C60="농림어업","24") -> 02 | E60: 02 | F60: 02 | G60: 일반형 | H60: 저성과자 관리방안 실무 | I60: O | J60: 4 | K60: 1 | L60: 1~12월(연중 상시) | M60: =40*2 -> 80 | N60: 150000 | O60: =M60*N60 -> 12000000 | P60: O | Q60: 서울특별시 | R60: (06677) 서울특별시 서초구 동작대로 50(방배2동 440-7) 대일빌딩 4층 | S60: 02-6925-0047
A61: HR에듀센터 인사드림 | B61: 54 | C61: 경영ㆍ회계ㆍ사무 | D61: =_xlfn.IFS(C61="사업관리","01",C61="경영ㆍ회계ㆍ사무","02",C61="금융ㆍ보험","03",C61="교육ㆍ자연ㆍ사회과학","04",C61="법률ㆍ경찰ㆍ소방ㆍ교도ㆍ국방","05",C61="보건ㆍ의료","06",C61="사회복지ㆍ종교","07",C61="문화ㆍ예술ㆍ디자인ㆍ방송","08",C61="운전ㆍ운송","09",C61="영업판매","10",C61="경비ㆍ청소","11",C61="이용ㆍ숙박ㆍ여행ㆍ오락ㆍ스포츠","12", C61="음식서비스","13", C61="건설","14", C61="기계","15",C61="재료","16",C61="화학ㆍ바이오","17",C61="섬유ㆍ의복","18",C61="전기ㆍ전자","19",C61="정보통신","20",C61="식품가공","21",C61="인쇄ㆍ목재ㆍ가구ㆍ공예","22",C61="환경ㆍ에너지ㆍ안전","23",C61="농림어업","24") -> 02 | E61: 02 | F61: 02 | G61: 일반형 | H61: 적합한 인재 채용, 면접관 교육 | I61: O | J61: 7 | K61: 1 | L61: 1~12월(연중 상시) | M61: =40*2 -> 80 | N61: 250,000 | O61: =M61*N61 -> 20000000 | P61: O | Q61: 서울특별시 | R61: (06677) 서울특별시 서초구 동작대로 50(방배2동 440-7) 대일빌딩 4층 | S61: 02-6925-0047
A62: HR에듀센터 인사드림 | B62: 55 | C62: 경영ㆍ회계ㆍ사무 | D62: =_xlfn.IFS(C62="사업관리","01",C62="경영ㆍ회계ㆍ사무","02",C62="금융ㆍ보험","03",C62="교육ㆍ자연ㆍ사회과학","04",C62="법률ㆍ경찰ㆍ소방ㆍ교도ㆍ국방","05",C62="보건ㆍ의료","06",C62="사회복지ㆍ종교","07",C62="문화ㆍ예술ㆍ디자인ㆍ방송","08",C62="운전ㆍ운송","09",C62="영업판매","10",C62="경비ㆍ청소","11",C62="이용ㆍ숙박ㆍ여행ㆍ오락ㆍ스포츠","12", C62="음식서비스","13", C62="건설","14", C62="기계","15",C62="재료","16",C62="화학ㆍ바이오","17",C62="섬유ㆍ의복","18",C62="전기ㆍ전자","19",C62="정보통신","20",C62="식품가공","21",C62="인쇄ㆍ목재ㆍ가구ㆍ공예","22",C62="환경ㆍ에너지ㆍ안전","23",C62="농림어업","24") -> 02 | E62: 02 | F62: 02 | G62: 일반형 | H62: 전략적 인사기획_컨설턴트와의 실습을 통한 HR 과제 해결_2days | I62: O | J62: 14 | K62: 2 | L62: 1~12월(연중 상시) | M62: =40*2 -> 80 | N62: 500,000 | O62: =M62*N62 -> 40000000 | P62: O | Q62: 서울특별시 | R62: (06677) 서울특별시 서초구 동작대로 50(방배2동 440-7) 대일빌딩 4층 | S62: 02-6925-0047
A63: HR에듀센터 인사드림 | B63: 56 | C63: 경영ㆍ회계ㆍ사무 | D63: =_xlfn.IFS(C63="사업관리","01",C63="경영ㆍ회계ㆍ사무","02",C63="금융ㆍ보험","03",C63="교육ㆍ자연ㆍ사회과학","04",C63="법률ㆍ경찰ㆍ소방ㆍ교도ㆍ국방","05",C63="보건ㆍ의료","06",C63="사회복지ㆍ종교","07",C63="문화ㆍ예술ㆍ디자인ㆍ방송","08",C63="운전ㆍ운송","09",C63="영업판매","10",C63="경비ㆍ청소","11",C63="이용ㆍ숙박ㆍ여행ㆍ오락ㆍ스포츠","12", C63="음식서비스","13", C63="건설","14", C63="기계","15",C63="재료","16",C63="화학ㆍ바이오","17",C63="섬유ㆍ의복","18",C63="전기ㆍ전자","19",C63="정보통신","20",C63="식품가공","21",C63="인쇄ㆍ목재ㆍ가구ㆍ공예","22",C63="환경ㆍ에너지ㆍ안전","23",C63="농림어업","24") -> 02 | E63: 02 | F63: 02 | G63: 일반형 | H63: 조직 KPI자산 구축을 위한 직무분석 워크숍 | I63: O | J63: 8 | K63: 1 | L63: 1~12월(연중 상시) | M63: =40*2 -> 80 | N63: 300,000 | O63: =M63*N63 -> 24000000 | P63: O | Q63: 서울특별시 | R63: (06677) 서울특별시 서초구 동작대로 50(방배2동 440-7) 대일빌딩 4층 | S63: 02-6925-0047
A64: HR에듀센터 인사드림 | B64: 57 | C64: 경영ㆍ회계ㆍ사무 | D64: =_xlfn.IFS(C64="사업관리","01",C64="경영ㆍ회계ㆍ사무","02",C64="금융ㆍ보험","03",C64="교육ㆍ자연ㆍ사회과학","04",C64="법률ㆍ경찰ㆍ소방ㆍ교도ㆍ국방","05",C64="보건ㆍ의료","06",C64="사회복지ㆍ종교","07",C64="문화ㆍ예술ㆍ디자인ㆍ방송","08",C64="운전ㆍ운송","09",C64="영업판매","10",C64="경비ㆍ청소","11",C64="이용ㆍ숙박ㆍ여행ㆍ오락ㆍ스포츠","12", C64="음식서비스","13", C64="건설","14", C64="기계","15",C64="재료","16",C64="화학ㆍ바이오","17",C64="섬유ㆍ의복","18",C64="전기ㆍ전자","19",C64="정보통신","20",C64="식품가공","21",C64="인쇄ㆍ목재ㆍ가구ㆍ공예","22",C64="환경ㆍ에너지ㆍ안전","23",C64="농림어업","24") -> 02 | E64: 02 | F64: 02 | G64: 일반형 | H64: 조직 내 갈등 상담 및 조정, 조사 실무 | I64: O | J64: 7 | K64: 1 | L64: 1~12월(연중 상시) | M64: =40*2 -> 80 | N64: 250,000 | O64: =M64*N64 -> 20000000 | P64: O | Q64: 서울특별시 | R64: (06677) 서울특별시 서초구 동작대로 50(방배2동 440-7) 대일빌딩 4층 | S64: 02-6925-0047
A65: HR에듀센터 인사드림 | B65: 58 | C65: 경영ㆍ회계ㆍ사무 | D65: =_xlfn.IFS(C65="사업관리","01",C65="경영ㆍ회계ㆍ사무","02",C65="금융ㆍ보험","03",C65="교육ㆍ자연ㆍ사회과학","04",C65="법률ㆍ경찰ㆍ소방ㆍ교도ㆍ국방","05",C65="보건ㆍ의료","06",C65="사회복지ㆍ종교","07",C65="문화ㆍ예술ㆍ디자인ㆍ방송","08",C65="운전ㆍ운송","09",C65="영업판매","10",C65="경비ㆍ청소","11",C65="이용ㆍ숙박ㆍ여행ㆍ오락ㆍ스포츠","12", C65="음식서비스","13", C65="건설","14", C65="기계","15",C65="재료","16",C65="화학ㆍ바이오","17",C65="섬유ㆍ의복","18",C65="전기ㆍ전자","19",C65="정보통신","20",C65="식품가공","21",C65="인쇄ㆍ목재ㆍ가구ㆍ공예","22",C65="환경ㆍ에너지ㆍ안전","23",C65="농림어업","24") -> 02 | E65: 02 | F65: 02 | G65: 일반형 | H65: 조직역량(행동.리더십.경쟁력) 진단사과정 | I65: O | J65: 12 | K65: 2 | L65: 1~12월(연중 상시) | M65: =40*2 -> 80 | N65: 990,000 | O65: =M65*N65 -> 79200000 | P65: O | Q65: 서울특별시 | R65: (06677) 서울특별시 서초구 동작대로 50(방배2동 440-7) 대일빌딩 4층 | S65: 02-6925-0047
A66: HR에듀센터 인사드림 | B66: 59 | C66: 경영ㆍ회계ㆍ사무 | D66: =_xlfn.IFS(C66="사업관리","01",C66="경영ㆍ회계ㆍ사무","02",C66="금융ㆍ보험","03",C66="교육ㆍ자연ㆍ사회과학","04",C66="법률ㆍ경찰ㆍ소방ㆍ교도ㆍ국방","05",C66="보건ㆍ의료","06",C66="사회복지ㆍ종교","07",C66="문화ㆍ예술ㆍ디자인ㆍ방송","08",C66="운전ㆍ운송","09",C66="영업판매","10",C66="경비ㆍ청소","11",C66="이용ㆍ숙박ㆍ여행ㆍ오락ㆍ스포츠","12", C66="음식서비스","13", C66="건설","14", C66="기계","15",C66="재료","16",C66="화학ㆍ바이오","17",C66="섬유ㆍ의복","18",C66="전기ㆍ전자","19",C66="정보통신","20",C66="식품가공","21",C66="인쇄ㆍ목재ㆍ가구ㆍ공예","22",C66="환경ㆍ에너지ㆍ안전","23",C66="농림어업","24") -> 02 | E66: 02 | F66: 02 | G66: 일반형 | H66: 직원이 퇴사할 때 놓쳐서는 안되는 노동법 | I66: O | J66: 3 | K66: 1 | L66: 1~12월(연중 상시) | M66: =40*2 -> 80 | N66: 120,000 | O66: =M66*N66 -> 9600000 | P66: O | Q66: 서울특별시 | R66: (06677) 서울특별시 서초구 동작대로 50(방배2동 440-7) 대일빌딩 4층 | S66: 02-6925-0047
A67: HR에듀센터 인사드림 | B67: 60 | C67: 경영ㆍ회계ㆍ사무 | D67: =_xlfn.IFS(C67="사업관리","01",C67="경영ㆍ회계ㆍ사무","02",C67="금융ㆍ보험","03",C67="교육ㆍ자연ㆍ사회과학","04",C67="법률ㆍ경찰ㆍ소방ㆍ교도ㆍ국방","05",C67="보건ㆍ의료","06",C67="사회복지ㆍ종교","07",C67="문화ㆍ예술ㆍ디자인ㆍ방송","08",C67="운전ㆍ운송","09",C67="영업판매","10",C67="경비ㆍ청소","11",C67="이용ㆍ숙박ㆍ여행ㆍ오락ㆍ스포츠","12", C67="음식서비스","13", C67="건설","14", C67="기계","15",C67="재료","16",C67="화학ㆍ바이오","17",C67="섬유ㆍ의복","18",C67="전기ㆍ전자","19",C67="정보통신","20",C67="식품가공","21",C67="인쇄ㆍ목재ㆍ가구ㆍ공예","22",C67="환경ㆍ에너지ㆍ안전","23",C67="농림어업","24") -> 02 | E67: 02 | F67: 02 | G67: 일반형 | H67: 책으로 배우는 알기 쉬운 노동법 1일 핵심 과정 | I67: O | J67: 7 | K67: 1 | L67: 1~12월(연중 상시) | M67: =40*2 -> 80 | N67: 300000 | O67: =M67*N67 -> 24000000 | P67: O | Q67: 서울특별시 | R67: (06677) 서울특별시 서초구 동작대로 50(방배2동 440-7) 대일빌딩 4층 | S67: 02-6925-0047
A68: HR에듀센터 인사드림 | B68: 61 | C68: 경영ㆍ회계ㆍ사무 | D68: =_xlfn.IFS(C68="사업관리","01",C68="경영ㆍ회계ㆍ사무","02",C68="금융ㆍ보험","03",C68="교육ㆍ자연ㆍ사회과학","04",C68="법률ㆍ경찰ㆍ소방ㆍ교도ㆍ국방","05",C68="보건ㆍ의료","06",C68="사회복지ㆍ종교","07",C68="문화ㆍ예술ㆍ디자인ㆍ방송","08",C68="운전ㆍ운송","09",C68="영업판매","10",C68="경비ㆍ청소","11",C68="이용ㆍ숙박ㆍ여행ㆍ오락ㆍ스포츠","12", C68="음식서비스","13", C68="건설","14", C68="기계","15",C68="재료","16",C68="화학ㆍ바이오","17",C68="섬유ㆍ의복","18",C68="전기ㆍ전자","19",C68="정보통신","20",C68="식품가공","21",C68="인쇄ㆍ목재ㆍ가구ㆍ공예","22",C68="환경ㆍ에너지ㆍ안전","23",C68="농림어업","24") -> 02 | E68: 02 | F68: 01 | G68: 일반형 | H68: 총무업무 매뉴얼 따라하기(총무실무) | I68: O | J68: 14 | K68: 1 | L68: 1~12월(연중 상시) | M68: =40*2 -> 80 | N68: 500,000 | O68: =M68*N68 -> 40000000 | P68: X | Q68: 서울특별시 | R68: (06677) 서울특별시 서초구 동작대로 50(방배2동 440-7) 대일빌딩 4층 | S68: 02-6925-0047
A69: HR에듀센터 인사드림 | B69: 62 | C69: 경영ㆍ회계ㆍ사무 | D69: =_xlfn.IFS(C69="사업관리","01",C69="경영ㆍ회계ㆍ사무","02",C69="금융ㆍ보험","03",C69="교육ㆍ자연ㆍ사회과학","04",C69="법률ㆍ경찰ㆍ소방ㆍ교도ㆍ국방","05",C69="보건ㆍ의료","06",C69="사회복지ㆍ종교","07",C69="문화ㆍ예술ㆍ디자인ㆍ방송","08",C69="운전ㆍ운송","09",C69="영업판매","10",C69="경비ㆍ청소","11",C69="이용ㆍ숙박ㆍ여행ㆍ오락ㆍ스포츠","12", C69="음식서비스","13", C69="건설","14", C69="기계","15",C69="재료","16",C69="화학ㆍ바이오","17",C69="섬유ㆍ의복","18",C69="전기ㆍ전자","19",C69="정보통신","20",C69="식품가공","21",C69="인쇄ㆍ목재ㆍ가구ㆍ공예","22",C69="환경ㆍ에너지ㆍ안전","23",C69="농림어업","24") -> 02 | E69: 02 | F69: 02 | G69: 일반형 | H69: 최근 판례와 노동부 지침을 반영한 불법파견 실무대응 방안 | I69: O | J69: 3 | K69: 1 | L69: 1~12월(연중 상시) | M69: =40*2 -> 80 | N69: 120,000 | O69: =M69*N69 -> 9600000 | P69: X | Q69: 서울특별시 | R69: (06677) 서울특별시 서초구 동작대로 50(방배2동 440-7) 대일빌딩 4층 | S69: 02-6925-0047
A70: HR에듀센터 인사드림 | B70: 63 | C70: 경영ㆍ회계ㆍ사무 | D70: =_xlfn.IFS(C70="사업관리","01",C70="경영ㆍ회계ㆍ사무","02",C70="금융ㆍ보험","03",C70="교육ㆍ자연ㆍ사회과학","04",C70="법률ㆍ경찰ㆍ소방ㆍ교도ㆍ국방","05",C70="보건ㆍ의료","06",C70="사회복지ㆍ종교","07",C70="문화ㆍ예술ㆍ디자인ㆍ방송","08",C70="운전ㆍ운송","09",C70="영업판매","10",C70="경비ㆍ청소","11",C70="이용ㆍ숙박ㆍ여행ㆍ오락ㆍ스포츠","12", C70="음식서비스","13", C70="건설","14", C70="기계","15",C70="재료","16",C70="화학ㆍ바이오","17",C70="섬유ㆍ의복","18",C70="전기ㆍ전자","19",C70="정보통신","20",C70="식품가공","21",C70="인쇄ㆍ목재ㆍ가구ㆍ공예","22",C70="환경ㆍ에너지ㆍ안전","23",C70="농림어업","24") -> 02 | E70: 02 | F70: 02 | G70: 일반형 | H70: 최신 Trend를 반영한 코칭형 평가제도 개선(구축) 과정 | I70: O | J70: 7 | K70: 1 | L70: 1~12월(연중 상시) | M70: =40*2 -> 80 | N70: 300,000 | O70: =M70*N70 -> 24000000 | P70: O | Q70: 서울특별시 | R70: (06677) 서울특별시 서초구 동작대로 50(방배2동 440-7) 대일빌딩 4층 | S70: 02-6925-0047
A71: HR에듀센터 인사드림 | B71: 64 | C71: 경영ㆍ회계ㆍ사무 | D71: =_xlfn.IFS(C71="사업관리","01",C71="경영ㆍ회계ㆍ사무","02",C71="금융ㆍ보험","03",C71="교육ㆍ자연ㆍ사회과학","04",C71="법률ㆍ경찰ㆍ소방ㆍ교도ㆍ국방","05",C71="보건ㆍ의료","06",C71="사회복지ㆍ종교","07",C71="문화ㆍ예술ㆍ디자인ㆍ방송","08",C71="운전ㆍ운송","09",C71="영업판매","10",C71="경비ㆍ청소","11",C71="이용ㆍ숙박ㆍ여행ㆍ오락ㆍ스포츠","12", C71="음식서비스","13", C71="건설","14", C71="기계","15",C71="재료","16",C71="화학ㆍ바이오","17",C71="섬유ㆍ의복","18",C71="전기ㆍ전자","19",C71="정보통신","20",C71="식품가공","21",C71="인쇄ㆍ목재ㆍ가구ㆍ공예","22",C71="환경ㆍ에너지ㆍ안전","23",C71="농림어업","24") -> 02 | E71: 02 | F71: 02 | G71: 일반형 | H71: 포괄임금제 폐지_ 기업 대응 전략 | I71: O | J71: 2 | K71: 1 | L71: 1~12월(연중 상시) | M71: =40*2 -> 80 | N71: 120000 | O71: =M71*N71 -> 9600000 | P71: O | Q71: 서울특별시 | R71: (06677) 서울특별시 서초구 동작대로 50(방배2동 440-7) 대일빌딩 4층 | S71: 02-6925-0047
A72: HR에듀센터 인사드림 | B72: 65 | C72: 경영ㆍ회계ㆍ사무 | D72: =_xlfn.IFS(C72="사업관리","01",C72="경영ㆍ회계ㆍ사무","02",C72="금융ㆍ보험","03",C72="교육ㆍ자연ㆍ사회과학","04",C72="법률ㆍ경찰ㆍ소방ㆍ교도ㆍ국방","05",C72="보건ㆍ의료","06",C72="사회복지ㆍ종교","07",C72="문화ㆍ예술ㆍ디자인ㆍ방송","08",C72="운전ㆍ운송","09",C72="영업판매","10",C72="경비ㆍ청소","11",C72="이용ㆍ숙박ㆍ여행ㆍ오락ㆍ스포츠","12", C72="음식서비스","13", C72="건설","14", C72="기계","15",C72="재료","16",C72="화학ㆍ바이오","17",C72="섬유ㆍ의복","18",C72="전기ㆍ전자","19",C72="정보통신","20",C72="식품가공","21",C72="인쇄ㆍ목재ㆍ가구ㆍ공예","22",C72="환경ㆍ에너지ㆍ안전","23",C72="농림어업","24") -> 02 | E72: 03 | F72: 02 | G72: 일반형 | H72: 하루만에 끝내는 연말정산 실무 가이드 | I72: O | J72: 6 | K72: 1 | L72: 1~12월(연중 상시) | M72: =40*2 -> 80 | N72: 220,000 | O72: =M72*N72 -> 17600000 | P72: O | Q72: 서울특별시 | R72: (06677) 서울특별시 서초구 동작대로 50(방배2동 440-7) 대일빌딩 4층 | S72: 02-6925-0047
A73: HR에듀센터 인사드림 | B73: 66 | C73: 경영ㆍ회계ㆍ사무 | D73: =_xlfn.IFS(C73="사업관리","01",C73="경영ㆍ회계ㆍ사무","02",C73="금융ㆍ보험","03",C73="교육ㆍ자연ㆍ사회과학","04",C73="법률ㆍ경찰ㆍ소방ㆍ교도ㆍ국방","05",C73="보건ㆍ의료","06",C73="사회복지ㆍ종교","07",C73="문화ㆍ예술ㆍ디자인ㆍ방송","08",C73="운전ㆍ운송","09",C73="영업판매","10",C73="경비ㆍ청소","11",C73="이용ㆍ숙박ㆍ여행ㆍ오락ㆍ스포츠","12", C73="음식서비스","13", C73="건설","14", C73="기계","15",C73="재료","16",C73="화학ㆍ바이오","17",C73="섬유ㆍ의복","18",C73="전기ㆍ전자","19",C73="정보통신","20",C73="식품가공","21",C73="인쇄ㆍ목재ㆍ가구ㆍ공예","22",C73="환경ㆍ에너지ㆍ안전","23",C73="농림어업","24") -> 02 | E73: 02 | F73: 02 | G73: 일반형 | H73: 휴일, 휴가, 연차휴가 및 다양한 실무 완전정복 | I73: O | J73: 7 | K73: 1 | L73: 1~12월(연중 상시) | M73: =40*2 -> 80 | N73: 250000 | O73: =M73*N73 -> 20000000 | P73: O | Q73: 서울특별시 | R73: (06677) 서울특별시 서초구 동작대로 50(방배2동 440-7) 대일빌딩 4층 | S73: 02-6925-0047
A74: HR에듀센터 인사드림 | B74: 67 | C74: 경영ㆍ회계ㆍ사무 | D74: =_xlfn.IFS(C74="사업관리","01",C74="경영ㆍ회계ㆍ사무","02",C74="금융ㆍ보험","03",C74="교육ㆍ자연ㆍ사회과학","04",C74="법률ㆍ경찰ㆍ소방ㆍ교도ㆍ국방","05",C74="보건ㆍ의료","06",C74="사회복지ㆍ종교","07",C74="문화ㆍ예술ㆍ디자인ㆍ방송","08",C74="운전ㆍ운송","09",C74="영업판매","10",C74="경비ㆍ청소","11",C74="이용ㆍ숙박ㆍ여행ㆍ오락ㆍ스포츠","12", C74="음식서비스","13", C74="건설","14", C74="기계","15",C74="재료","16",C74="화학ㆍ바이오","17",C74="섬유ㆍ의복","18",C74="전기ㆍ전자","19",C74="정보통신","20",C74="식품가공","21",C74="인쇄ㆍ목재ㆍ가구ㆍ공예","22",C74="환경ㆍ에너지ㆍ안전","23",C74="농림어업","24") -> 02 | E74: 02 | F74: 02 | G74: 일반형 | H74: 합리적 회사 임금인상률 결정 방법론 | I74: O | J74: 5 | K74: 1 | L74: 1~12월(연중 상시) | M74: =20*3 -> 60 | N74: 180000 | O74: =M74*N74 -> 10800000 | P74: O | Q74: 서울특별시 | R74: (06677) 서울특별시 서초구 동작대로 50(방배2동 440-7) 대일빌딩 4층 | S74: 02-6925-0047

Sheet 15. KBC
A1: [작성방법(필독!)] 0. 모든 항목을 반드시 작성해야 하며, 미기재 항목이 있을 경우 심사대상에서 제외, 훈련기관명은 1번 시트 값이 자동입력되므로 직접입력 X 1. NCS 분류코드 : 해당 과정에 가장 주요하거나 많은 비중을 차지하는 내용을 토대로 각 분류상 가장 부합하는 코드를 작성(훈련기관 자체 판단) - NCS대분류명 기재 시 데이터박스 목록으로 설정, 대분류 숫자는 대분류명 선택시 자동입력되므로 직접입력 X 2. 비대면 실시간 운영 여부 : 집체형태 외 비대면 실시간 형태 운영 희망 시 'O' 체크(집체 형태는 기본적으로 모두 가능하며, 비대면 실시간 형태는 승인 과정에 한해 가능) 3. 훈련인원 : 기관에서 예상하는 해당 과정의 연간 훈련 실시인원 추정치 4. 훈련비 단가 : 1인, 1회 기준 훈련비용 5. 총 훈련비 : 총 훈련인원 X 훈련비 단가 6. 훈련일정 : 회차별 개설 예정 시기를 월 단위로 모두 기재('0월' 형태로 기재하거나 "연중 상시" 등 근로자 대상 충분히 안내 가능한 내용으로 작성) 7. 훈련실시장소 : 시/도 단위 및 정확한 주소를 각각 입력, 여러 장소에서 실시할 경우 셀 한개에 모두 입력(셀 구분 시 누락될 수 있음)
A6: 훈련기관명 | B6: 연번 | C6: NCS 대분류명 | D6: NCS 분류코드 | G6: 과정 유형 | H6: 훈련과정명 | I6: 비대면 실시간 운영 여부 | J6: 훈련시간 (H) | K6: 훈련기간 (일수) | L6: 훈련일정 | M6: 훈련인원(명) [예상 수요] | N6: 훈련비 단가(원) | O6: 총 훈련비(원) | P6: 최근 3년 이내('23~'25) 훈련과정 운영 이력 | Q6: 훈련 실시 장소
D7: 대 | E7: 중 | F7: 소 | Q7: 시/도 단위 | R7: 주소지 | S7: 문의처
A8: KBC한국비지니스컨설팅㈜ | B8: 1 | C8: 경영ㆍ회계ㆍ사무 | D8: 02 | E8: 04 | F8: 02 | G8: 일반형 | H8: IATF 16949 표준해설 및 시스템 전환 실무과정 | I8: O | J8: 14 | K8: 2 | L8: 1~12월 | M8: 300 | N8: 400000 | O8: =M8*N8 -> 120000000 | P8: O | Q8: 서울, 용인,시흥,안산,대전,대구,인천,충주,부산 | R8: (08507)서울시 금천구 가산디지털 1로 168 우림라이온스밸리 A동 318호 KBC제조기술핵심역량강화센터 (17806)경기 용인시 기흥구 기흥단지로 46 HL인재개발원 (15073)경기도 시흥시 산기대학로 237 시흥비즈니스센터 2층 (15432)경기도 안산시 단원구 연수원로 87 (원곡동) 중소벤처기업연수원 (35287)대전광역시 서구 갈마로 160(괴정동) KT인재개발원 (42713)대구 달서구 성서공단로11길 62(호산동) 대구테크노파크 벤처공장 2호관 8층 (21633)인천광역시 남동구 남동대로215번길 30 인천종합비즈니스센터 3층 강의장 (27323) 충청북도 충주시 동량면 화암양목길 12 충주 IBK 연수원 (48060) 부산광역시 해운대구 APEC로 55 BEXCO 강의장 | S8: 02-2082-2960
A9: KBC한국비지니스컨설팅㈜ | B9: 2 | C9: 경영ㆍ회계ㆍ사무 | D9: 02 | E9: 04 | F9: 02 | G9: 일반형 | H9: VDA 6.3 요구사항 이해와 적용 | I9: O | J9: 14 | K9: 2 | L9: 1~12월 | M9: 150 | N9: 400000 | O9: =M9*N9 -> 60000000 | P9: O | Q9: 서울, 용인,시흥,안산,대전,대구,인천,충주,부산 | R9: (08507)서울시 금천구 가산디지털 1로 168 우림라이온스밸리 A동 318호 KBC제조기술핵심역량강화센터 (17806)경기 용인시 기흥구 기흥단지로 46 HL인재개발원 (15073)경기도 시흥시 산기대학로 237 시흥비즈니스센터 2층 (15432)경기도 안산시 단원구 연수원로 87 (원곡동) 중소벤처기업연수원 (35287)대전광역시 서구 갈마로 160(괴정동) KT인재개발원 (42713)대구 달서구 성서공단로11길 62(호산동) 대구테크노파크 벤처공장 2호관 8층 (21633)인천광역시 남동구 남동대로215번길 30 인천종합비즈니스센터 3층 강의장 (27323) 충청북도 충주시 동량면 화암양목길 12 충주 IBK 연수원 (48060) 부산광역시 해운대구 APEC로 55 BEXCO 강의장 | S9: 02-2082-2960
A10: KBC한국비지니스컨설팅㈜ | B10: 3 | C10: 경영ㆍ회계ㆍ사무 | D10: 02 | E10: 04 | F10: 02 | G10: 일반형 | H10: ISO 9001 표준해설 및 심사대응 스킬업 과정 | I10: O | J10: 14 | K10: 2 | L10: 1~12월 | M10: 100 | N10: 400000 | O10: =M10*N10 -> 40000000 | P10: O | Q10: 서울, 용인,시흥,안산,대전,대구,인천,충주,부산 | R10: (08507)서울시 금천구 가산디지털 1로 168 우림라이온스밸리 A동 318호 KBC제조기술핵심역량강화센터 (17806)경기 용인시 기흥구 기흥단지로 46 HL인재개발원 (15073)경기도 시흥시 산기대학로 237 시흥비즈니스센터 2층 (15432)경기도 안산시 단원구 연수원로 87 (원곡동) 중소벤처기업연수원 (35287)대전광역시 서구 갈마로 160(괴정동) KT인재개발원 (42713)대구 달서구 성서공단로11길 62(호산동) 대구테크노파크 벤처공장 2호관 8층 (21633)인천광역시 남동구 남동대로215번길 30 인천종합비즈니스센터 3층 강의장 (27323) 충청북도 충주시 동량면 화암양목길 12 충주 IBK 연수원 (48060) 부산광역시 해운대구 APEC로 55 BEXCO 강의장 | S10: 02-2082-2960
A11: KBC한국비지니스컨설팅㈜ | B11: 4 | C11: 경영ㆍ회계ㆍ사무 | D11: 02 | E11: 04 | F11: 02 | G11: 일반형 | H11: APQP/PPAP(최신3판) 실무 과정 | I11: O | J11: 14 | K11: 2 | L11: 1~12월 | M11: 150 | N11: 400000 | O11: =M11*N11 -> 60000000 | P11: O | Q11: 서울, 용인,시흥,안산,대전,대구,인천,충주,부산 | R11: (08507)서울시 금천구 가산디지털 1로 168 우림라이온스밸리 A동 318호 KBC제조기술핵심역량강화센터 (17806)경기 용인시 기흥구 기흥단지로 46 HL인재개발원 (15073)경기도 시흥시 산기대학로 237 시흥비즈니스센터 2층 (15432)경기도 안산시 단원구 연수원로 87 (원곡동) 중소벤처기업연수원 (35287)대전광역시 서구 갈마로 160(괴정동) KT인재개발원 (42713)대구 달서구 성서공단로11길 62(호산동) 대구테크노파크 벤처공장 2호관 8층 (21633)인천광역시 남동구 남동대로215번길 30 인천종합비즈니스센터 3층 강의장 (27323) 충청북도 충주시 동량면 화암양목길 12 충주 IBK 연수원 (48060) 부산광역시 해운대구 APEC로 55 BEXCO 강의장 | S11: 02-2082-2960
A12: KBC한국비지니스컨설팅㈜ | B12: 5 | C12: 경영ㆍ회계ㆍ사무 | D12: 02 | E12: 04 | F12: 02 | G12: 일반형 | H12: FMEA(최신5판)/CP(최신3판) 실무 과정 | I12: O | J12: 14 | K12: 2 | L12: 1~12월 | M12: 300 | N12: 400000 | O12: =M12*N12 -> 120000000 | P12: O | Q12: 서울, 용인,시흥,안산,대전,대구,인천,충주,부산 | R12: (08507)서울시 금천구 가산디지털 1로 168 우림라이온스밸리 A동 318호 KBC제조기술핵심역량강화센터 (17806)경기 용인시 기흥구 기흥단지로 46 HL인재개발원 (15073)경기도 시흥시 산기대학로 237 시흥비즈니스센터 2층 (15432)경기도 안산시 단원구 연수원로 87 (원곡동) 중소벤처기업연수원 (35287)대전광역시 서구 갈마로 160(괴정동) KT인재개발원 (42713)대구 달서구 성서공단로11길 62(호산동) 대구테크노파크 벤처공장 2호관 8층 (21633)인천광역시 남동구 남동대로215번길 30 인천종합비즈니스센터 3층 강의장 (27323) 충청북도 충주시 동량면 화암양목길 12 충주 IBK 연수원 (48060) 부산광역시 해운대구 APEC로 55 BEXCO 강의장 | S12: 02-2082-2960
A13: KBC한국비지니스컨설팅㈜ | B13: 6 | C13: 경영ㆍ회계ㆍ사무 | D13: 02 | E13: 04 | F13: 02 | G13: 일반형 | H13: SPC & MSA 추진 실무 과정 | I13: O | J13: 14 | K13: 2 | L13: 1~12월 | M13: 150 | N13: 400000 | O13: =M13*N13 -> 60000000 | P13: O | Q13: 서울, 용인,시흥,안산,대전,대구,인천,충주,부산 | R13: (08507)서울시 금천구 가산디지털 1로 168 우림라이온스밸리 A동 318호 KBC제조기술핵심역량강화센터 (17806)경기 용인시 기흥구 기흥단지로 46 HL인재개발원 (15073)경기도 시흥시 산기대학로 237 시흥비즈니스센터 2층 (15432)경기도 안산시 단원구 연수원로 87 (원곡동) 중소벤처기업연수원 (35287)대전광역시 서구 갈마로 160(괴정동) KT인재개발원 (42713)대구 달서구 성서공단로11길 62(호산동) 대구테크노파크 벤처공장 2호관 8층 (21633)인천광역시 남동구 남동대로215번길 30 인천종합비즈니스센터 3층 강의장 (27323) 충청북도 충주시 동량면 화암양목길 12 충주 IBK 연수원 (48060) 부산광역시 해운대구 APEC로 55 BEXCO 강의장 | S13: 02-2082-2960
A14: KBC한국비지니스컨설팅㈜ | B14: 7 | C14: 경영ㆍ회계ㆍ사무 | D14: 02 | E14: 04 | F14: 01 | G14: 일반형 | H14: 제조원가절감 추진 실무 과정 | I14: O | J14: 14 | K14: 2 | L14: 1~12월 | M14: 100 | N14: 400000 | O14: =M14*N14 -> 40000000 | P14: O | Q14: 서울, 용인,시흥,안산,대전,대구,인천,충주,부산 | R14: (08507)서울시 금천구 가산디지털 1로 168 우림라이온스밸리 A동 318호 KBC제조기술핵심역량강화센터 (17806)경기 용인시 기흥구 기흥단지로 46 HL인재개발원 (15073)경기도 시흥시 산기대학로 237 시흥비즈니스센터 2층 (15432)경기도 안산시 단원구 연수원로 87 (원곡동) 중소벤처기업연수원 (35287)대전광역시 서구 갈마로 160(괴정동) KT인재개발원 (42713)대구 달서구 성서공단로11길 62(호산동) 대구테크노파크 벤처공장 2호관 8층 (21633)인천광역시 남동구 남동대로215번길 30 인천종합비즈니스센터 3층 강의장 (27323) 충청북도 충주시 동량면 화암양목길 12 충주 IBK 연수원 (48060) 부산광역시 해운대구 APEC로 55 BEXCO 강의장 | S14: 02-2082-2960
A15: KBC한국비지니스컨설팅㈜ | B15: 8 | C15: 경영ㆍ회계ㆍ사무 | D15: 02 | E15: 04 | F15: 01 | G15: 일반형 | H15: TPS로 배우는 생산 관리 과정 | I15: O | J15: 14 | K15: 2 | L15: 1~12월 | M15: 100 | N15: 400000 | O15: =M15*N15 -> 40000000 | P15: O | Q15: 서울, 용인,시흥,안산,대전,대구,인천,충주,부산 | R15: (08507)서울시 금천구 가산디지털 1로 168 우림라이온스밸리 A동 318호 KBC제조기술핵심역량강화센터 (17806)경기 용인시 기흥구 기흥단지로 46 HL인재개발원 (15073)경기도 시흥시 산기대학로 237 시흥비즈니스센터 2층 (15432)경기도 안산시 단원구 연수원로 87 (원곡동) 중소벤처기업연수원 (35287)대전광역시 서구 갈마로 160(괴정동) KT인재개발원 (42713)대구 달서구 성서공단로11길 62(호산동) 대구테크노파크 벤처공장 2호관 8층 (21633)인천광역시 남동구 남동대로215번길 30 인천종합비즈니스센터 3층 강의장 (27323) 충청북도 충주시 동량면 화암양목길 12 충주 IBK 연수원 (48060) 부산광역시 해운대구 APEC로 55 BEXCO 강의장 | S15: 02-2082-2960
A16: KBC한국비지니스컨설팅㈜ | B16: 9 | C16: 경영ㆍ회계ㆍ사무 | D16: 02 | E16: 04 | F16: 02 | G16: 일반형 | H16: 6시그마 GB 과정 | I16: O | J16: 14 | K16: 2 | L16: 1~12월 | M16: 100 | N16: 400000 | O16: =M16*N16 -> 40000000 | P16: O | Q16: 서울, 용인,시흥,안산,대전,대구,인천,충주,부산 | R16: (08507)서울시 금천구 가산디지털 1로 168 우림라이온스밸리 A동 318호 KBC제조기술핵심역량강화센터 (17806)경기 용인시 기흥구 기흥단지로 46 HL인재개발원 (15073)경기도 시흥시 산기대학로 237 시흥비즈니스센터 2층 (15432)경기도 안산시 단원구 연수원로 87 (원곡동) 중소벤처기업연수원 (35287)대전광역시 서구 갈마로 160(괴정동) KT인재개발원 (42713)대구 달서구 성서공단로11길 62(호산동) 대구테크노파크 벤처공장 2호관 8층 (21633)인천광역시 남동구 남동대로215번길 30 인천종합비즈니스센터 3층 강의장 (27323) 충청북도 충주시 동량면 화암양목길 12 충주 IBK 연수원 (48060) 부산광역시 해운대구 APEC로 55 BEXCO 강의장 | S16: 02-2082-2960
A17: KBC한국비지니스컨설팅㈜ | B17: 10 | C17: 경영ㆍ회계ㆍ사무 | D17: 02 | E17: 01 | F17: 01 | G17: 일반형 | H17: ESG 경영과 지속가능성장 | I17: O | J17: 14 | K17: 2 | L17: 1~12월 | M17: 100 | N17: 400000 | O17: =M17*N17 -> 40000000 | P17: O | Q17: 서울, 용인,시흥,안산,대전,대구,인천,충주,부산 | R17: (08507)서울시 금천구 가산디지털 1로 168 우림라이온스밸리 A동 318호 KBC제조기술핵심역량강화센터 (17806)경기 용인시 기흥구 기흥단지로 46 HL인재개발원 (15073)경기도 시흥시 산기대학로 237 시흥비즈니스센터 2층 (15432)경기도 안산시 단원구 연수원로 87 (원곡동) 중소벤처기업연수원 (35287)대전광역시 서구 갈마로 160(괴정동) KT인재개발원 (42713)대구 달서구 성서공단로11길 62(호산동) 대구테크노파크 벤처공장 2호관 8층 (21633)인천광역시 남동구 남동대로215번길 30 인천종합비즈니스센터 3층 강의장 (27323) 충청북도 충주시 동량면 화암양목길 12 충주 IBK 연수원 (48060) 부산광역시 해운대구 APEC로 55 BEXCO 강의장 | S17: 02-2082-2960
A18: KBC한국비지니스컨설팅㈜ | B18: 11 | C18: 경영ㆍ회계ㆍ사무 | D18: 02 | E18: 02 | F18: 03 | G18: 일반형 | H18: Excel를 활용한 업무능력 스킬업 과정 | I18: O | J18: 14 | K18: 2 | L18: 1~12월 | M18: 150 | N18: 400000 | O18: =M18*N18 -> 60000000 | P18: O | Q18: 서울, 용인,시흥,안산,대전,대구,인천,충주,부산 | R18: (08507)서울시 금천구 가산디지털 1로 168 우림라이온스밸리 A동 318호 KBC제조기술핵심역량강화센터 (17806)경기 용인시 기흥구 기흥단지로 46 HL인재개발원 (15073)경기도 시흥시 산기대학로 237 시흥비즈니스센터 2층 (15432)경기도 안산시 단원구 연수원로 87 (원곡동) 중소벤처기업연수원 (35287)대전광역시 서구 갈마로 160(괴정동) KT인재개발원 (42713)대구 달서구 성서공단로11길 62(호산동) 대구테크노파크 벤처공장 2호관 8층 (21633)인천광역시 남동구 남동대로215번길 30 인천종합비즈니스센터 3층 강의장 (27323) 충청북도 충주시 동량면 화암양목길 12 충주 IBK 연수원 (48060) 부산광역시 해운대구 APEC로 55 BEXCO 강의장 | S18: 02-2082-2960
A19: KBC한국비지니스컨설팅㈜ | B19: 12 | C19: 경영ㆍ회계ㆍ사무 | D19: 02 | E19: 02 | F19: 03 | G19: 일반형 | H19: 신입사원 입문 과정 | I19: O | J19: 14 | K19: 2 | L19: 1~12월 | M19: 150 | N19: 400000 | O19: =M19*N19 -> 60000000 | P19: O | Q19: 서울, 용인,시흥,안산,대전,대구,인천,충주,부산 | R19: (08507)서울시 금천구 가산디지털 1로 168 우림라이온스밸리 A동 318호 KBC제조기술핵심역량강화센터 (17806)경기 용인시 기흥구 기흥단지로 46 HL인재개발원 (15073)경기도 시흥시 산기대학로 237 시흥비즈니스센터 2층 (15432)경기도 안산시 단원구 연수원로 87 (원곡동) 중소벤처기업연수원 (35287)대전광역시 서구 갈마로 160(괴정동) KT인재개발원 (42713)대구 달서구 성서공단로11길 62(호산동) 대구테크노파크 벤처공장 2호관 8층 (21633)인천광역시 남동구 남동대로215번길 30 인천종합비즈니스센터 3층 강의장 (27323) 충청북도 충주시 동량면 화암양목길 12 충주 IBK 연수원 (48060) 부산광역시 해운대구 APEC로 55 BEXCO 강의장 | S19: 02-2082-2960
... A68: KBC한국비지니스컨설팅㈜ | B68: 61 | C68: 경영ㆍ회계ㆍ사무 | D68: 02 | E68: 02 | F68: 03 | G68: 일반형 | H68: 부장/임원 역량 강화 과정 | I68: O | J68: 8 | K68: 1 | L68: 1~12월 | M68: 100 | N68: 350000 | O68: =M68*N68 -> 35000000 | P68: O | Q68: 서울, 용인,시흥,안산,대전,대구,인천,충주,부산 | R68: (08507)서울시 금천구 가산디지털 1로 168 우림라이온스밸리 A동 318호 KBC제조기술핵심역량강화센터 (17806)경기 용인시 기흥구 기흥단지로 46 HL인재개발원 (15073)경기도 시흥시 산기대학로 237 시흥비즈니스센터 2층 (15432)경기도 안산시 단원구 연수원로 87 (원곡동) 중소벤처기업연수원 (35287)대전광역시 서구 갈마로 160(괴정동) KT인재개발원 (42713)대구 달서구 성서공단로11길 62(호산동) 대구테크노파크 벤처공장 2호관 8층 (21633)인천광역시 남동구 남동대로215번길 30 인천종합비즈니스센터 3층 강의장 (27323) 충청북도 충주시 동량면 화암양목길 12 충주 IBK 연수원 (48060) 부산광역시 해운대구 APEC로 55 BEXCO 강의장 | S68: 02-2082-2960
A69: KBC한국비지니스컨설팅㈜ | B69: 62 | C69: 영업판매 | D69: 10 | E69: 01 | F69: 01 | G69: 일반형 | H69: AI활용 영업 스킬 마스터 하기 | I69: O | J69: 14 | K69: 2 | L69: 1~12월 | M69: 150 | N69: 550000 | O69: =M69*N69 -> 82500000 | P69: O | Q69: 서울, 용인,시흥,안산,대전,대구,인천,충주,부산 | R69: (08507)서울시 금천구 가산디지털 1로 168 우림라이온스밸리 A동 318호 KBC제조기술핵심역량강화센터 (17806)경기 용인시 기흥구 기흥단지로 46 HL인재개발원 (15073)경기도 시흥시 산기대학로 237 시흥비즈니스센터 2층 (15432)경기도 안산시 단원구 연수원로 87 (원곡동) 중소벤처기업연수원 (35287)대전광역시 서구 갈마로 160(괴정동) KT인재개발원 (42713)대구 달서구 성서공단로11길 62(호산동) 대구테크노파크 벤처공장 2호관 8층 (21633)인천광역시 남동구 남동대로215번길 30 인천종합비즈니스센터 3층 강의장 (27323) 충청북도 충주시 동량면 화암양목길 12 충주 IBK 연수원 (48060) 부산광역시 해운대구 APEC로 55 BEXCO 강의장 | S69: 02-2082-2960
A70: KBC한국비지니스컨설팅㈜ | B70: 63 | C70: 영업판매 | D70: 10 | E70: 01 | F70: 01 | G70: 일반형 | H70: AI활용 컨설팅형 영업전문가(CSP) 양성 과정 | I70: O | J70: 14 | K70: 2 | L70: 1~12월 | M70: 100 | N70: 550000 | O70: =M70*N70 -> 55000000 | P70: O | Q70: 서울, 용인,시흥,안산,대전,대구,인천,충주,부산 | R70: (08507)서울시 금천구 가산디지털 1로 168 우림라이온스밸리 A동 318호 KBC제조기술핵심역량강화센터 (17806)경기 용인시 기흥구 기흥단지로 46 HL인재개발원 (15073)경기도 시흥시 산기대학로 237 시흥비즈니스센터 2층 (15432)경기도 안산시 단원구 연수원로 87 (원곡동) 중소벤처기업연수원 (35287)대전광역시 서구 갈마로 160(괴정동) KT인재개발원 (42713)대구 달서구 성서공단로11길 62(호산동) 대구테크노파크 벤처공장 2호관 8층 (21633)인천광역시 남동구 남동대로215번길 30 인천종합비즈니스센터 3층 강의장 (27323) 충청북도 충주시 동량면 화암양목길 12 충주 IBK 연수원 (48060) 부산광역시 해운대구 APEC로 55 BEXCO 강의장 | S70: 02-2082-2960
A71: KBC한국비지니스컨설팅㈜ | B71: 64 | C71: 경영ㆍ회계ㆍ사무 | D71: 02 | E71: 04 | F71: 02 | G71: 일반형 | H71: AI와 미니탭을 활용한 통계적 데이터 분석 실무 | I71: O | J71: 14 | K71: 2 | L71: 1~12월 | M71: 100 | N71: 550000 | O71: =M71*N71 -> 55000000 | P71: O | Q71: 서울, 용인,시흥,안산,대전,대구,인천,충주,부산 | R71: (08507)서울시 금천구 가산디지털 1로 168 우림라이온스밸리 A동 318호 KBC제조기술핵심역량강화센터 (17806)경기 용인시 기흥구 기흥단지로 46 HL인재개발원 (15073)경기도 시흥시 산기대학로 237 시흥비즈니스센터 2층 (15432)경기도 안산시 단원구 연수원로 87 (원곡동) 중소벤처기업연수원 (35287)대전광역시 서구 갈마로 160(괴정동) KT인재개발원 (42713)대구 달서구 성서공단로11길 62(호산동) 대구테크노파크 벤처공장 2호관 8층 (21633)인천광역시 남동구 남동대로215번길 30 인천종합비즈니스센터 3층 강의장 (27323) 충청북도 충주시 동량면 화암양목길 12 충주 IBK 연수원 (48060) 부산광역시 해운대구 APEC로 55 BEXCO 강의장 | S71: 02-2082-2960
A72: KBC한국비지니스컨설팅㈜ | B72: 65 | C72: 경영ㆍ회계ㆍ사무 | D72: 02 | E72: 04 | F72: 02 | G72: 일반형 | H72: AI를 활용한 FMEA | I72: O | J72: 14 | K72: 2 | L72: 1~12월 | M72: 100 | N72: 550000 | O72: =M72*N72 -> 55000000 | P72: O | Q72: 서울, 용인,시흥,안산,대전,대구,인천,충주,부산 | R72: (08507)서울시 금천구 가산디지털 1로 168 우림라이온스밸리 A동 318호 KBC제조기술핵심역량강화센터 (17806)경기 용인시 기흥구 기흥단지로 46 HL인재개발원 (15073)경기도 시흥시 산기대학로 237 시흥비즈니스센터 2층 (15432)경기도 안산시 단원구 연수원로 87 (원곡동) 중소벤처기업연수원 (35287)대전광역시 서구 갈마로 160(괴정동) KT인재개발원 (42713)대구 달서구 성서공단로11길 62(호산동) 대구테크노파크 벤처공장 2호관 8층 (21633)인천광역시 남동구 남동대로215번길 30 인천종합비즈니스센터 3층 강의장 (27323) 충청북도 충주시 동량면 화암양목길 12 충주 IBK 연수원 (48060) 부산광역시 해운대구 APEC로 55 BEXCO 강의장 | S72: 02-2082-2960
A73: KBC한국비지니스컨설팅㈜ | B73: 66 | C73: 경영ㆍ회계ㆍ사무 | D73: 02 | E73: 04 | F73: 02 | G73: 일반형 | H73: AI를 황용한 신뢰성 분석 | I73: O | J73: 14 | K73: 2 | L73: 1~12월 | M73: 100 | N73: 550000 | O73: =M73*N73 -> 55000000 | P73: O | Q73: 서울, 용인,시흥,안산,대전,대구,인천,충주,부산 | R73: (08507)서울시 금천구 가산디지털 1로 168 우림라이온스밸리 A동 318호 KBC제조기술핵심역량강화센터 (17806)경기 용인시 기흥구 기흥단지로 46 HL인재개발원 (15073)경기도 시흥시 산기대학로 237 시흥비즈니스센터 2층 (15432)경기도 안산시 단원구 연수원로 87 (원곡동) 중소벤처기업연수원 (35287)대전광역시 서구 갈마로 160(괴정동) KT인재개발원 (42713)대구 달서구 성서공단로11길 62(호산동) 대구테크노파크 벤처공장 2호관 8층 (21633)인천광역시 남동구 남동대로215번길 30 인천종합비즈니스센터 3층 강의장 (27323) 충청북도 충주시 동량면 화암양목길 12 충주 IBK 연수원 (48060) 부산광역시 해운대구 APEC로 55 BEXCO 강의장 | S73: 02-2082-2960

Sheet 17. 대한상의
A1: [작성방법(필독!)] 0. 모든 항목을 반드시 작성해야 하며, 미기재 항목이 있을 경우 심사대상에서 제외, 훈련기관명은 1번 시트 값이 자동입력되므로 직접입력 X 1. NCS 분류코드 : 해당 과정에 가장 주요하거나 많은 비중을 차지하는 내용을 토대로 각 분류상 가장 부합하는 코드를 작성(훈련기관 자체 판단) - NCS대분류명 기재 시 데이터박스 목록으로 설정, 대분류 숫자는 대분류명 선택시 자동입력되므로 직접입력 X 2. 비대면 실시간 운영 여부 : 집체형태 외 비대면 실시간 형태 운영 희망 시 'O' 체크(집체 형태는 기본적으로 모두 가능하며, 비대면 실시간 형태는 승인 과정에 한해 가능) 3. 훈련인원 : 기관에서 예상하는 해당 과정의 연간 훈련 실시인원 추정치 4. 훈련비 단가 : 1인, 1회 기준 훈련비용 5. 총 훈련비 : 총 훈련인원 X 훈련비 단가 6. 훈련일정 : 회차별 개설 예정 시기를 월 단위로 모두 기재('0월' 형태로 기재하거나 "연중 상시" 등 근로자 대상 충분히 안내 가능한 내용으로 작성) 7. 훈련실시장소 : 시/도 단위 및 정확한 주소를 각각 입력, 여러 장소에서 실시할 경우 셀 한개에 모두 입력(셀 구분 시 누락될 수 있음)
A6: 훈련기관명 | B6: 연번 | C6: NCS 대분류명 | D6: NCS 분류코드 | G6: 과정 유형 | H6: 훈련과정명 | I6: 비대면 실시간 운영 여부 | J6: 훈련시간 (H) | K6: 훈련기간 (일수) | L6: 훈련일정 | M6: 훈련인원(명) [예상 수요] | N6: 훈련비 단가(원) | O6: 총 훈련비(원) | P6: 최근 3년 이내('23~'25) 훈련과정 운영 이력 | Q6: 훈련 실시 장소
D7: 대 | E7: 중 | F7: 소 | Q7: 시/도 단위 | R7: 주소지 | S7: 문의처
A8: 대한상공회의소 | B8: 1 | C8: 정보통신 | D8: 20 | E8: 01 | F8: 05 | G8: AI융합형 | H8: [SK AX] AI를 활용한 제안전략 수립 및 제안서 작성 기본 | I8: X | J8: 7 | K8: 1 | L8: 상시 | M8: 500 | N8: 300000 | O8: =M8*N8 -> 150000000 | P8: O | Q8: 경기도 성남시 | R8: (13558) 경기도 성남시 분당구 성남대로343번길 9(에스케이유타워) | S8: 02-6050-7342/7343
A9: 대한상공회의소 | B9: 2 | C9: 정보통신 | D9: 20 | E9: 01 | F9: 05 | G9: AI융합형 | H9: [SK AX] AI를 활용한 제안발표 프레젠테이션 기획 및 스피치 | I9: X | J9: 7 | K9: 1 | L9: 상시 | M9: 500 | N9: 300000 | O9: =M9*N9 -> 150000000 | P9: O | Q9: 경기도 성남시 | R9: (13558) 경기도 성남시 분당구 성남대로343번길 9(에스케이유타워) | S9: 02-6050-7342/7343
A10: 대한상공회의소 | B10: 3 | C10: 정보통신 | D10: 20 | E10: 01 | F10: 02 | G10: AI융합형 | H10: [SK AX] 서비스 기획자를 위한 AI 노코드 개발 (AI Vibe Coding) | I10: O | J10: 7 | K10: 1 | L10: 상시 | M10: 500 | N10: 300000 | O10: =M10*N10 -> 150000000 | P10: X | Q10: 경기도 성남시 | R10: (13558) 경기도 성남시 분당구 성남대로343번길 9(에스케이유타워) | S10: 02-6050-7342/7343
A11: 대한상공회의소 | B11: 4 | C11: 정보통신 | D11: 20 | E11: 01 | F11: 02 | G11: AI융합형 | H11: [SK AX] 개발자를 위한 Vibe 실전 코딩 (AI Vibe Coding) | I11: O | J11: 14 | K11: 2 | L11: 상시 | M11: 500 | N11: 500000 | O11: =M11*N11 -> 250000000 | P11: O | Q11: 경기도 성남시 | R11: (13558) 경기도 성남시 분당구 성남대로343번길 9(에스케이유타워) | S11: 02-6050-7342/7343
A12: 대한상공회의소 | B12: 5 | C12: 정보통신 | D12: 20 | E12: 01 | F12: 02 | G12: AI융합형 | H12: [SK AX] 생성형 AI를 활용한 서비스기획(디자인씽킹) 워크숍 | I12: X | J12: 7 | K12: 1 | L12: 상시 | M12: 500 | N12: 250000 | O12: =M12*N12 -> 125000000 | P12: O | Q12: 경기도 성남시 | R12: (13558) 경기도 성남시 분당구 성남대로343번길 9(에스케이유타워) | S12: 02-6050-7342/7343
A13: 대한상공회의소 | B13: 6 | C13: 정보통신 | D13: 20 | E13: 01 | F13: 01 | G13: AI융합형 | H13: [SK AX] 생성형 AI를 활용한 실전 데이터분석 | I13: O | J13: 7 | K13: 1 | L13: 상시 | M13: 500 | N13: 250000 | O13: =M13*N13 -> 125000000 | P13: O | Q13: 경기도 성남시 | R13: (13558) 경기도 성남시 분당구 성남대로343번길 9(에스케이유타워) | S13: 02-6050-7342/7343
A14: 대한상공회의소 | B14: 7 | C14: 정보통신 | D14: 20 | E14: 01 | F14: 05 | G14: AI융합형 | H14: [SK AX] AI와 일하는 법 : 나의 업무에 바로쓰는 생성형 AI | I14: O | J14: 7 | K14: 1 | L14: 상시 | M14: 500 | N14: 250000 | O14: =M14*N14 -> 125000000 | P14: O | Q14: 경기도 성남시 | R14: (13558) 경기도 성남시 분당구 성남대로343번길 9(에스케이유타워) | S14: 02-6050-7342/7343
A15: 대한상공회의소 | B15: 8 | C15: 정보통신 | D15: 20 | E15: 01 | F15: 07 | G15: AI융합형 | H15: [Microsoft] 생성형 AI 실무교육(기획마케팅) | I15: O | J15: 7 | K15: 1 | L15: 상시 | M15: 0 | N15: 250000 | O15: =M15*N15 -> 0 | P15: O | Q15: 성남/서울/부산/인천/광주/파주/공주/천안/군산/화성/동탄/대전/청주/진천 | R15: (13558)경기도 성남시 분당구 성남대로343번길 9 (04513)서울시 중구 세종대로 39 (48822)부산광역시 동구 중앙대로 176 (21634)인천광역시 남동구 남동서로205번길 32 (62383)광주광역시 광산구 소촌로152번길 37 (10901)경기도 파주시 와석순환로172번길 16 (32517)충청남도 공주시 의당면 의당전의로 415 (31105)충청남도 천안시 서북구 봉정로 345 (54004)전라북도 군산시 동장산로 119 (07702)서울특별시 강서구 화곡로 179 (04147)서울 마포구 백범로31길 21 (47354)부산광역시 부산진구 황령대로 24 (21632)인천광역시 남동구 은봉로 60번길 46 (22883)인천광역시 서구 염곡로 464번길 15 (21999)인천 연수구 갯벌로 12 (22004)인천 연수구 아트센터대로 175 (34839)대전광역시 중구 중앙로 119 (34014)대전광역시 유성구 테크노 6로 40-17 (35235)대전광역시 서구 대덕대로 176번길 51 (18590)경기도 화성시 향남읍 토성로 14 (61981)광주광역시 서구 대남대로 486 (28514) 충청북도 청주시 상당구 상당로 106 (28578) 충북 청주시 흥덕구 직지대로 530 (28452) 충청북도 청주시 흥덕구 주현로41번길 18 (27840) 충청북도 진천군 진천읍 남산길 34 (28530) 충청북도 청주시 상당구 상당로 55번길 21 | S15: 02-6050-7342/7343
A16: 대한상공회의소 | B16: 9 | C16: 정보통신 | D16: 20 | E16: 01 | F16: 07 | G16: AI융합형 | H16: [Microsoft] 생성형 AI 실무교육(제조/건설) | I16: O | J16: 7 | K16: 1 | L16: 상시 | M16: 0 | N16: 250000 | O16: =M16*N16 -> 0 | P16: O | Q16: 성남/서울/부산/인천/광주/파주/공주/천안/군산/화성/동탄/대전/청주/진천 | R16: (13558)경기도 성남시 분당구 성남대로343번길 9 (04513)서울시 중구 세종대로 39 (48822)부산광역시 동구 중앙대로 176 (21634)인천광역시 남동구 남동서로205번길 32 (62383)광주광역시 광산구 소촌로152번길 37 (10901)경기도 파주시 와석순환로172번길 16 (32517)충청남도 공주시 의당면 의당전의로 415 (31105)충청남도 천안시 서북구 봉정로 345 (54004)전라북도 군산시 동장산로 119 (07702)서울특별시 강서구 화곡로 179 (04147)서울 마포구 백범로31길 21 (47354)부산광역시 부산진구 황령대로 24 (21632)인천광역시 남동구 은봉로 60번길 46 (22883)인천광역시 서구 염곡로 464번길 15 (21999)인천 연수구 갯벌로 12 (22004)인천 연수구 아트센터대로 175 (34839)대전광역시 중구 중앙로 119 (34014)대전광역시 유성구 테크노 6로 40-17 (35235)대전광역시 서구 대덕대로 176번길 51 (18590)경기도 화성시 향남읍 토성로 14 (61981)광주광역시 서구 대남대로 486 (28514) 충청북도 청주시 상당구 상당로 106 (28578) 충북 청주시 흥덕구 직지대로 530 (28452) 충청북도 청주시 흥덕구 주현로41번길 18 (27840) 충청북도 진천군 진천읍 남산길 34 (28530) 충청북도 청주시 상당구 상당로 55번길 21 | S16: 02-6050-7342/7343
A17: 대한상공회의소 | B17: 10 | C17: 정보통신 | D17: 20 | E17: 01 | F17: 07 | G17: AI융합형 | H17: [Microsoft] 생성형 AI 실무교육(유통서비스) | I17: O | J17: 7 | K17: 1 | L17: 상시 | M17: 0 | N17: 250000 | O17: =M17*N17 -> 0 | P17: O | Q17: 성남/서울/부산/인천/광주/파주/공주/천안/군산/화성/동탄/대전/청주/진천 | R17: (13558)경기도 성남시 분당구 성남대로343번길 9 (04513)서울시 중구 세종대로 39 (48822)부산광역시 동구 중앙대로 176 (21634)인천광역시 남동구 남동서로205번길 32 (62383)광주광역시 광산구 소촌로152번길 37 (10901)경기도 파주시 와석순환로172번길 16 (32517)충청남도 공주시 의당면 의당전의로 415 (31105)충청남도 천안시 서북구 봉정로 345 (54004)전라북도 군산시 동장산로 119 (07702)서울특별시 강서구 화곡로 179 (04147)서울 마포구 백범로31길 21 (47354)부산광역시 부산진구 황령대로 24 (21632)인천광역시 남동구 은봉로 60번길 46 (22883)인천광역시 서구 염곡로 464번길 15 (21999)인천 연수구 갯벌로 12 (22004)인천 연수구 아트센터대로 175 (34839)대전광역시 중구 중앙로 119 (34014)대전광역시 유성구 테크노 6로 40-17 (35235)대전광역시 서구 대덕대로 176번길 51 (18590)경기도 화성시 향남읍 토성로 14 (61981)광주광역시 서구 대남대로 486 (28514) 충청북도 청주시 상당구 상당로 106 (28578) 충북 청주시 흥덕구 직지대로 530 (28452) 충청북도 청주시 흥덕구 주현로41번길 18 (27840) 충청북도 진천군 진천읍 남산길 34 (28530) 충청북도 청주시 상당구 상당로 55번길 21 | S17: 02-6050-7342/7343
A18: 대한상공회의소 | B18: 11 | C18: 정보통신 | D18: 20 | E18: 01 | F18: 07 | G18: AI융합형 | H18: [Microsoft] 경영지원팀을 위한 AI 실전 활용 | I18: O | J18: 7 | K18: 1 | L18: 상시 | M18: 0 | N18: 250000 | O18: =M18*N18 -> 0 | P18: O | Q18: 성남/서울/부산/인천/광주/파주/공주/천안/군산/화성/동탄/대전/청주/진천 | R18: (13558)경기도 성남시 분당구 성남대로343번길 9 (04513)서울시 중구 세종대로 39 (48822)부산광역시 동구 중앙대로 176 (21634)인천광역시 남동구 남동서로205번길 32 (62383)광주광역시 광산구 소촌로152번길 37 (10901)경기도 파주시 와석순환로172번길 16 (32517)충청남도 공주시 의당면 의당전의로 415 (31105)충청남도 천안시 서북구 봉정로 345 (54004)전라북도 군산시 동장산로 119 (07702)서울특별시 강서구 화곡로 179 (04147)서울 마포구 백범로31길 21 (47354)부산광역시 부산진구 황령대로 24 (21632)인천광역시 남동구 은봉로 60번길 46 (22883)인천광역시 서구 염곡로 464번길 15 (21999)인천 연수구 갯벌로 12 (22004)인천 연수구 아트센터대로 175 (34839)대전광역시 중구 중앙로 119 (34014)대전광역시 유성구 테크노 6로 40-17 (35235)대전광역시 서구 대덕대로 176번길 51 (18590)경기도 화성시 향남읍 토성로 14 (61981)광주광역시 서구 대남대로 486 (28514) 충청북도 청주시 상당구 상당로 106 (28578) 충북 청주시 흥덕구 직지대로 530 (28452) 충청북도 청주시 흥덕구 주현로41번길 18 (27840) 충청북도 진천군 진천읍 남산길 34 (28530) 충청북도 청주시 상당구 상당로 55번길 21 | S18: 02-6050-7342/7343
A19: 대한상공회의소 | B19: 12 | C19: 정보통신 | D19: 20 | E19: 01 | F19: 07 | G19: AI융합형 | H19: [Microsoft] 사무직을 위한 AI 실무테크닉 | I19: O | J19: 7 | K19: 1 | L19: 상시 | M19: 0 | N19: 250000 | O19: =M19*N19 -> 0 | P19: O | Q19: 성남/서울/부산/인천/광주/파주/공주/천안/군산/화성/동탄/대전/청주/진천 | R19: (13558)경기도 성남시 분당구 성남대로343번길 9 (04513)서울시 중구 세종대로 39 (48822)부산광역시 동구 중앙대로 176 (21634)인천광역시 남동구 남동서로205번길 32 (62383)광주광역시 광산구 소촌로152번길 37 (10901)경기도 파주시 와석순환로172번길 16 (32517)충청남도 공주시 의당면 의당전의로 415 (31105)충청남도 천안시 서북구 봉정로 345 (54004)전라북도 군산시 동장산로 119 (07702)서울특별시 강서구 화곡로 179 (04147)서울 마포구 백범로31길 21 (47354)부산광역시 부산진구 황령대로 24 (21632)인천광역시 남동구 은봉로 60번길 46 (22883)인천광역시 서구 염곡로 464번길 15 (21999)인천 연수구 갯벌로 12 (22004)인천 연수구 아트센터대로 175 (34839)대전광역시 중구 중앙로 119 (34014)대전광역시 유성구 테크노 6로 40-17 (35235)대전광역시 서구 대덕대로 176번길 51 (18590)경기도 화성시 향남읍 토성로 14 (61981)광주광역시 서구 대남대로 486 (28514) 충청북도 청주시 상당구 상당로 106 (28578) 충북 청주시 흥덕구 직지대로 530 (28452) 충청북도 청주시 흥덕구 주현로41번길 18 (27840) 충청북도 진천군 진천읍 남산길 34 (28530) 충청북도 청주시 상당구 상당로 55번길 21 | S19: 02-6050-7342/7343
... A89: 대한상공회의소 | B89: 82 | C89: 정보통신 | D89: 20 | E89: 01 | F89: 07 | G89: AI융합형 | H89: AI 활용, 고객 데이터 수집 및 분석 | I89: O | J89: 6 | K89: 1 | L89: 상시 | M89: 500 | N89: 250000 | O89: =M89*N89 -> 125000000 | P89: X | Q89: 서울/부산/인천/광주/파주/공주/천안/군산/화성/동탄/대전/청주/진천 | R89: (04513)서울시 중구 세종대로 39 (48822)부산광역시 동구 중앙대로 176 (21634)인천광역시 남동구 남동서로205번길 32 (62383)광주광역시 광산구 소촌로152번길 37 (10901)경기도 파주시 와석순환로172번길 16 (32517)충청남도 공주시 의당면 의당전의로 415 (31105)충청남도 천안시 서북구 봉정로 345 (54004)전라북도 군산시 동장산로 119 (07702)서울특별시 강서구 화곡로 179 (04147)서울 마포구 백범로31길 21 (47354)부산광역시 부산진구 황령대로 24 (21632)인천광역시 남동구 은봉로 60번길 46 (22883)인천광역시 서구 염곡로 464번길 15 (21999)인천 연수구 갯벌로 12 (22004)인천 연수구 아트센터대로 175 (34839)대전광역시 중구 중앙로 119 (34014)대전광역시 유성구 테크노 6로 40-17 (35235)대전광역시 서구 대덕대로 176번길 51 (18590)경기도 화성시 향남읍 토성로 14 (61981)광주광역시 서구 대남대로 465 (28514) 충청북도 청주시 상당구 상당로 106 (28578) 충북 청주시 흥덕구 직지대로 530 (28452) 충청북도 청주시 흥덕구 주현로41번길 18 (27840) 충청북도 진천군 진천읍 남산길 34 (28530) 충청북도 청주시 상당구 상당로 55번길 21 | S89: 02-6050-7342/7343
A90: 대한상공회의소 | B90: 83 | C90: 문화ㆍ예술ㆍ디자인ㆍ방송 | D90: 08 | E90: 03 | F90: 02 | G90: 일반형 | H90: [Unreal Engine] 클릭 한번으로 게임맵 설계, PCG 레벨디자인 | I90: O | J90: 7 | K90: 1 | L90: 상시 | M90: 200 | N90: 250000 | O90: =M90*N90 -> 50000000 | P90: X | Q90: 서울/부산/인천/광주/파주/공주/천안/군산/화성/동탄/대전/청주/진천 | R90: (04513)서울시 중구 세종대로 39 (48822)부산광역시 동구 중앙대로 176 (21634)인천광역시 남동구 남동서로205번길 32 (62383)광주광역시 광산구 소촌로152번길 37 (10901)경기도 파주시 와석순환로172번길 16 (32517)충청남도 공주시 의당면 의당전의로 415 (31105)충청남도 천안시 서북구 봉정로 345 (54004)전라북도 군산시 동장산로 119 (07702)서울특별시 강서구 화곡로 179 (04147)서울 마포구 백범로31길 21 (47354)부산광역시 부산진구 황령대로 24 (21632)인천광역시 남동구 은봉로 60번길 46 (22883)인천광역시 서구 염곡로 464번길 15 (21999)인천 연수구 갯벌로 12 (22004)인천 연수구 아트센터대로 175 (34839)대전광역시 중구 중앙로 119 (34014)대전광역시 유성구 테크노 6로 40-17 (35235)대전광역시 서구 대덕대로 176번길 51 (18590)경기도 화성시 향남읍 토성로 14 (61981)광주광역시 서구 대남대로 465 (28514) 충청북도 청주시 상당구 상당로 106 (28578) 충북 청주시 흥덕구 직지대로 530 (28452) 충청북도 청주시 흥덕구 주현로41번길 18 (27840) 충청북도 진천군 진천읍 남산길 34 (28530) 충청북도 청주시 상당구 상당로 55번길 21 | S90: 02-6050-7342/7343
A91: 대한상공회의소 | B91: 84 | C91: 문화ㆍ예술ㆍ디자인ㆍ방송 | D91: 08 | E91: 03 | F91: 02 | G91: 일반형 | H91: [Unreal Engine] 게임컷신 7시간 완성, UE5 레벨 시퀀스 | I91: O | J91: 7 | K91: 1 | L91: 상시 | M91: 200 | N91: 250000 | O91: =M91*N91 -> 50000000 | P91: X | Q91: 서울/부산/인천/광주/파주/공주/천안/군산/화성/동탄/대전/청주/진천 | R91: (04513)서울시 중구 세종대로 39 (48822)부산광역시 동구 중앙대로 176 (21634)인천광역시 남동구 남동서로205번길 32 (62383)광주광역시 광산구 소촌로152번길 37 (10901)경기도 파주시 와석순환로172번길 16 (32517)충청남도 공주시 의당면 의당전의로 415 (31105)충청남도 천안시 서북구 봉정로 345 (54004)전라북도 군산시 동장산로 119 (07702)서울특별시 강서구 화곡로 179 (04147)서울 마포구 백범로31길 21 (47354)부산광역시 부산진구 황령대로 24 (21632)인천광역시 남동구 은봉로 60번길 46 (22883)인천광역시 서구 염곡로 464번길 15 (21999)인천 연수구 갯벌로 12 (22004)인천 연수구 아트센터대로 175 (34839)대전광역시 중구 중앙로 119 (34014)대전광역시 유성구 테크노 6로 40-17 (35235)대전광역시 서구 대덕대로 176번길 51 (18590)경기도 화성시 향남읍 토성로 14 (61981)광주광역시 서구 대남대로 465 (28514) 충청북도 청주시 상당구 상당로 106 (28578) 충북 청주시 흥덕구 직지대로 530 (28452) 충청북도 청주시 흥덕구 주현로41번길 18 (27840) 충청북도 진천군 진천읍 남산길 34 (28530) 충청북도 청주시 상당구 상당로 55번길 21 | S91: 02-6050-7342/7343
A92: 대한상공회의소 | B92: 85 | C92: 정보통신 | D92: 20 | E92: 01 | F92: 07 | G92: AI융합형 | H92: C++로 AI 챗봇 구축 | I92: O | J92: 7 | K92: 1 | L92: 상시 | M92: 200 | N92: 250000 | O92: =M92*N92 -> 50000000 | P92: X | Q92: 서울/부산/인천/광주/파주/공주/천안/군산/화성/동탄/대전/청주/진천 | R92: (04513)서울시 중구 세종대로 39 (48822)부산광역시 동구 중앙대로 176 (21634)인천광역시 남동구 남동서로205번길 32 (62383)광주광역시 광산구 소촌로152번길 37 (10901)경기도 파주시 와석순환로172번길 16 (32517)충청남도 공주시 의당면 의당전의로 415 (31105)충청남도 천안시 서북구 봉정로 345 (54004)전라북도 군산시 동장산로 119 (07702)서울특별시 강서구 화곡로 179 (04147)서울 마포구 백범로31길 21 (47354)부산광역시 부산진구 황령대로 24 (21632)인천광역시 남동구 은봉로 60번길 46 (22883)인천광역시 서구 염곡로 464번길 15 (21999)인천 연수구 갯벌로 12 (22004)인천 연수구 아트센터대로 175 (34839)대전광역시 중구 중앙로 119 (34014)대전광역시 유성구 테크노 6로 40-17 (35235)대전광역시 서구 대덕대로 176번길 51 (18590)경기도 화성시 향남읍 토성로 14 (61981)광주광역시 서구 대남대로 465 (28514) 충청북도 청주시 상당구 상당로 106 (28578) 충북 청주시 흥덕구 직지대로 530 (28452) 충청북도 청주시 흥덕구 주현로41번길 18 (27840) 충청북도 진천군 진천읍 남산길 34 (28530) 충청북도 청주시 상당구 상당로 55번길 21 | S92: 02-6050-7342/7343
A93: 대한상공회의소 | B93: 86 | C93: 정보통신 | D93: 20 | E93: 01 | F93: 07 | G93: AI융합형 | H93: 기업 맞춤형, AI 실무 | I93: X | J93: 6 | K93: 1 | L93: 상시 | M93: 1000 | N93: 250000 | O93: =M93*N93 -> 250000000 | P93: X | Q93: 서울/부산/인천/광주/파주/공주/천안/군산/화성/동탄/대전/청주/진천 | R93: (04513)서울시 중구 세종대로 39 (48822)부산광역시 동구 중앙대로 176 (21634)인천광역시 남동구 남동서로205번길 32 (62383)광주광역시 광산구 소촌로152번길 37 (10901)경기도 파주시 와석순환로172번길 16 (32517)충청남도 공주시 의당면 의당전의로 415 (31105)충청남도 천안시 서북구 봉정로 345 (54004)전라북도 군산시 동장산로 119 (07702)서울특별시 강서구 화곡로 179 (04147)서울 마포구 백범로31길 21 (47354)부산광역시 부산진구 황령대로 24 (21632)인천광역시 남동구 은봉로 60번길 46 (22883)인천광역시 서구 염곡로 464번길 15 (21999)인천 연수구 갯벌로 12 (22004)인천 연수구 아트센터대로 175 (34839)대전광역시 중구 중앙로 119 (34014)대전광역시 유성구 테크노 6로 40-17 (35235)대전광역시 서구 대덕대로 176번길 51 (18590)경기도 화성시 향남읍 토성로 14 (61981)광주광역시 서구 대남대로 465 (28514) 충청북도 청주시 상당구 상당로 106 (28578) 충북 청주시 흥덕구 직지대로 530 (28452) 충청북도 청주시 흥덕구 주현로41번길 18 (27840) 충청북도 진천군 진천읍 남산길 34 (28530) 충청북도 청주시 상당구 상당로 55번길 21 | S93: 02-6050-7342/7343
A94: 대한상공회의소 | B94: 87 | C94: 정보통신 | D94: 20 | E94: 01 | F94: 07 | G94: AI융합형 | H94: 기업 맞춤형, AI 실무 with 데이터 분석 | I94: X | J94: 6 | K94: 1 | L94: 상시 | M94: 1000 | N94: 300000 | O94: =M94*N94 -> 300000000 | P94: X | Q94: 서울/부산/인천/광주/파주/공주/천안/군산/화성/동탄/대전/청주/진천 | R94: (04513)서울시 중구 세종대로 39 (48822)부산광역시 동구 중앙대로 176 (21634)인천광역시 남동구 남동서로205번길 32 (62383)광주광역시 광산구 소촌로152번길 37 (10901)경기도 파주시 와석순환로172번길 16 (32517)충청남도 공주시 의당면 의당전의로 415 (31105)충청남도 천안시 서북구 봉정로 345 (54004)전라북도 군산시 동장산로 119 (07702)서울특별시 강서구 화곡로 179 (04147)서울 마포구 백범로31길 21 (47354)부산광역시 부산진구 황령대로 24 (21632)인천광역시 남동구 은봉로 60번길 46 (22883)인천광역시 서구 염곡로 464번길 15 (21999)인천 연수구 갯벌로 12 (22004)인천 연수구 아트센터대로 175 (34839)대전광역시 중구 중앙로 119 (34014)대전광역시 유성구 테크노 6로 40-17 (35235)대전광역시 서구 대덕대로 176번길 51 (18590)경기도 화성시 향남읍 토성로 14 (61981)광주광역시 서구 대남대로 465 (28514) 충청북도 청주시 상당구 상당로 106 (28578) 충북 청주시 흥덕구 직지대로 530 (28452) 충청북도 청주시 흥덕구 주현로41번길 18 (27840) 충청북도 진천군 진천읍 남산길 34 (28530) 충청북도 청주시 상당구 상당로 55번길 21 | S94: 02-6050-7342/7343
A95: 대한상공회의소 | B95: 88 | C95: 정보통신 | D95: 20 | E95: 01 | F95: 02 | G95: AI융합형 | H95: [SAP] UI5 어플리케이션 개발과 AI 개발 활용 | I95: X | J95: 35 | K95: 5 | L95: 상시 | M95: 100 | N95: 2500000 | O95: =M95*N95 -> 250000000 | P95: X | Q95: 서울 | R95: (04104) 서울특별시 마포구 신촌로 176 | S95: 02-6050-7342/7343
A96: 대한상공회의소 | B96: 89 | C96: 정보통신 | D96: 20 | E96: 01 | F96: 02 | G96: AI융합형 | H96: [SAP] Clean Core를 위한 ABAP RESTful Application Programming 개발 | I96: X | J96: 35 | K96: 5 | L96: 상시 | M96: 100 | N96: 2500000 | O96: =M96*N96 -> 250000000 | P96: X | Q96: 서울 | R96: (04104) 서울특별시 마포구 신촌로 176 | S96: 02-6050-7342/7343

Sheet 16. 남천안중장비학원
A1: [작성방법(필독!)] 0. 모든 항목을 반드시 작성해야 하며, 미기재 항목이 있을 경우 심사대상에서 제외, 훈련기관명은 1번 시트 값이 자동입력되므로 직접입력 X 1. NCS 분류코드 : 해당 과정에 가장 주요하거나 많은 비중을 차지하는 내용을 토대로 각 분류상 가장 부합하는 코드를 작성(훈련기관 자체 판단) - NCS대분류명 기재 시 데이터박스 목록으로 설정, 대분류 숫자는 대분류명 선택시 자동입력되므로 직접입력 X 2. 비대면 실시간 운영 여부 : 집체형태 외 비대면 실시간 형태 운영 희망 시 'O' 체크(집체 형태는 기본적으로 모두 가능하며, 비대면 실시간 형태는 승인 과정에 한해 가능) 3. 훈련인원 : 기관에서 예상하는 해당 과정의 연간 훈련 실시인원 추정치 4. 훈련비 단가 : 1인, 1회 기준 훈련비용 5. 총 훈련비 : 총 훈련인원 X 훈련비 단가 6. 훈련일정 : 회차별 개설 예정 시기를 월 단위로 모두 기재('0월' 형태로 기재하거나 "연중 상시" 등 근로자 대상 충분히 안내 가능한 내용으로 작성) 7. 훈련실시장소 : 시/도 단위 및 정확한 주소를 각각 입력, 여러 장소에서 실시할 경우 셀 한개에 모두 입력(셀 구분 시 누락될 수 있음)
A6: 훈련기관명 | B6: 연번 | C6: NCS 대분류명 | D6: NCS 분류코드 | G6: 과정 유형 | H6: 훈련과정명 | I6: 비대면 실시간 운영 여부 | J6: 훈련시간 (H) | K6: 훈련기간 (일수) | L6: 훈련일정 | M6: 훈련인원(명) [예상 수요] | N6: 훈련비 단가(원) | O6: 총 훈련비(원) | P6: 최근 3년 이내('23~'25) 훈련과정 운영 이력 | Q6: 훈련 실시 장소
D7: 대 | E7: 중 | F7: 소 | Q7: 시/도 단위 | R7: 주소지 | S7: 문의처
A8: 남천안중장비학원 | B8: 1 | C8: 건설 | D8: =_xlfn.IFS(C8="사업관리","01",C8="경영ㆍ회계ㆍ사무","02",C8="금융ㆍ보험","03",C8="교육ㆍ자연ㆍ사회과학","04",C8="법률ㆍ경찰ㆍ소방ㆍ교도ㆍ국방","05",C8="보건ㆍ의료","06",C8="사회복지ㆍ종교","07",C8="문화ㆍ예술ㆍ디자인ㆍ방송","08",C8="운전ㆍ운송","09",C8="영업판매","10",C8="경비ㆍ청소","11",C8="이용ㆍ숙박ㆍ여행ㆍ오락ㆍ스포츠","12", C8="음식서비스","13", C8="건설","14", C8="기계","15",C8="재료","16",C8="화학ㆍ바이오","17",C8="섬유ㆍ의복","18",C8="전기ㆍ전자","19",C8="정보통신","20",C8="식품가공","21",C8="인쇄ㆍ목재ㆍ가구ㆍ공예","22",C8="환경ㆍ에너지ㆍ안전","23",C8="농림어업","24") -> 14 | E8: 07 | F8: 04 | G8: 일반형 | H8: 좌식·입식 지게차 교차 운용 및 정밀 조종 실무 | I8: X | J8: 16 | K8: 2 | L8: 연중 상시 | M8: 200 | N8: 350000 | O8: =M8*N8 -> 70000000 | P8: O | Q8: 충남 천안시 | R8: 충남 천안시 동남구 풍세면 가송로 130-33, 남천안중장비학원 | S8: 041-555-9829

Sheet 20. 멀캠
A1: [작성방법(필독!)] 0. 모든 항목을 반드시 작성해야 하며, 미기재 항목이 있을 경우 심사대상에서 제외, 훈련기관명은 1번 시트 값이 자동입력되므로 직접입력 X 1. NCS 분류코드 : 해당 과정에 가장 주요하거나 많은 비중을 차지하는 내용을 토대로 각 분류상 가장 부합하는 코드를 작성(훈련기관 자체 판단) - NCS대분류명 기재 시 데이터박스 목록으로 설정, 대분류 숫자는 대분류명 선택시 자동입력되므로 직접입력 X 2. 비대면 실시간 운영 여부 : 집체형태 외 비대면 실시간 형태 운영 희망 시 'O' 체크(집체 형태는 기본적으로 모두 가능하며, 비대면 실시간 형태는 승인 과정에 한해 가능) 3. 훈련인원 : 기관에서 예상하는 해당 과정의 연간 훈련 실시인원 추정치 4. 훈련비 단가 : 1인, 1회 기준 훈련비용 5. 총 훈련비 : 총 훈련인원 X 훈련비 단가 6. 훈련일정 : 회차별 개설 예정 시기를 월 단위로 모두 기재('0월' 형태로 기재하거나 "연중 상시" 등 근로자 대상 충분히 안내 가능한 내용으로 작성) 7. 훈련실시장소 : 시/도 단위 및 정확한 주소를 각각 입력, 여러 장소에서 실시할 경우 셀 한개에 모두 입력(셀 구분 시 누락될 수 있음)
A6: 훈련기관명 | B6: 연번 | C6: NCS 대분류명 | D6: NCS 분류코드 | G6: 과정 유형 | H6: 훈련과정명 | I6: 비대면 실시간 운영 여부 | J6: 훈련시간 (H) | K6: 훈련기간 (일수) | L6: 훈련일정 | M6: 훈련인원(명) [예상 수요] | N6: 훈련비 단가(원) | O6: 총 훈련비(원) | P6: 최근 3년 이내('23~'25) 훈련과정 운영 이력 | Q6: 훈련 실시 장소 | T6: 비고
D7: 대 | E7: 중 | F7: 소 | Q7: 시/도 단위 | R7: 주소지 | S7: 문의처
A8: 멀티캠퍼스 | B8: 1 | C8: 정보통신 | D8: 20 | E8: 01 | F8: 01 | G8: 일반형 | H8: 데이터 모델링 기본 | I8: X | J8: 28 | K8: 4 | L8: 1월, 4월, 7월, 10월, 12월 | M8: 5 | N8: 1100000 | O8: =M8*N8 -> 5500000 | P8: O | Q8: 서울특별시 | R8: (06192) 서울특별시 강남구 선릉로 428 | S8: 1544-9001 | T8: 기존
A9: 멀티캠퍼스 | B9: 2 | C9: 정보통신 | D9: 20 | E9: 01 | F9: 01 | G9: 일반형 | H9: 실전! 데이터 아키텍처 전문가 되기 | I9: X | J9: 28 | K9: 4 | L9: 3월, 6월, 8월, 11월 | M9: 5 | N9: 1200000 | O9: =M9*N9 -> 6000000 | P9: O | Q9: 서울특별시 | R9: (06192) 서울특별시 강남구 선릉로 428 | S9: 1544-9001 | T9: 기존
A10: 멀티캠퍼스 | B10: 3 | C10: 정보통신 | D10: 20 | E10: 01 | F10: 02 | G10: 일반형 | H10: JPA 프로그래밍 with 스프링부트 | I10: X | J10: 21 | K10: 3 | L10: 3월, 4월, 6월, 8월, 10월 | M10: 5 | N10: 950000 | O10: =M10*N10 -> 4750000 | P10: O | Q10: 서울특별시 | R10: (06192) 서울특별시 강남구 선릉로 428 | S10: 1544-9001 | T10: 기존
A11: 멀티캠퍼스 | B11: 4 | C11: 정보통신 | D11: 20 | E11: 01 | F11: 02 | G11: 일반형 | H11: Java Framework - Spring, iBatis, MyBatis 연동 | I11: X | J11: 34 | K11: 5 | L11: 1월, 2월, 3월, 4월, 6월, 7월, 8월, 9월, 10월, 11월, 12월 | M11: 5 | N11: 1200000 | O11: =M11*N11 -> 6000000 | P11: O | Q11: 서울특별시 | R11: (06192) 서울특별시 강남구 선릉로 428 | S11: 1544-9001 | T11: 기존
A12: 멀티캠퍼스 | B12: 5 | C12: 정보통신 | D12: 20 | E12: 01 | F12: 07 | G12: AI융합형 | H12: 알고리즘으로 풀어보는 신경망, 딥러닝 첫걸음 with 파이썬 | I12: X | J12: 28 | K12: 4 | L12: 1월, 2월, 3월, 4월, 5월, 6월, 7월, 8월, 9월, 11월 | M12: 5 | N12: 1200000 | O12: =M12*N12 -> 6000000 | P12: O | Q12: 서울특별시 | R12: (06192) 서울특별시 강남구 선릉로 428 | S12: 1544-9001 | T12: 기존
A13: 멀티캠퍼스 | B13: 6 | C13: 정보통신 | D13: 20 | E13: 01 | F13: 07 | G13: AI융합형 | H13: 파이썬과 오픈소스를 활용한 딥러닝 | I13: X | J13: 34 | K13: 5 | L13: 1월, 2월, 3월, 7월, 8월, 9월, 11월, 12월 | M13: 5 | N13: 1400000 | O13: =M13*N13 -> 7000000 | P13: O | Q13: 서울특별시 | R13: (06192) 서울특별시 강남구 선릉로 428 | S13: 1544-9001 | T13: 기존
A14: 멀티캠퍼스 | B14: 7 | C14: 정보통신 | D14: 20 | E14: 01 | F14: 02 | G14: 일반형 | H14: DBMS 이론과 실무 활용 | I14: X | J14: 34 | K14: 5 | L14: 3월, 5월, 9월, 10월, 11월 | M14: 5 | N14: 1100000 | O14: =M14*N14 -> 5500000 | P14: O | Q14: 서울특별시 | R14: (06192) 서울특별시 강남구 선릉로 428 | S14: 1544-9001 | T14: 기존
A15: 멀티캠퍼스 | B15: 8 | C15: 정보통신 | D15: 20 | E15: 01 | F15: 02 | G15: 일반형 | H15: 업무에 바로 쓰는 SQL 활용실습 | I15: X | J15: 35 | K15: 5 | L15: 1월, 2월, 3월, 4월, 5월, 6월, 7월, 8월, 9월, 10월, 11월, 12월 | M15: 5 | N15: 1100000 | O15: =M15*N15 -> 5500000 | P15: O | Q15: 서울특별시 | R15: (06192) 서울특별시 강남구 선릉로 428 | S15: 1544-9001 | T15: 기존
A16: 멀티캠퍼스 | B16: 9 | C16: 정보통신 | D16: 20 | E16: 01 | F16: 02 | G16: 일반형 | H16: 업무에 바로 쓰는 SQL 튜닝 | I16: O | J16: 34 | K16: 5 | L16: 1월, 2월, 3월, 4월, 5월, 6월, 7월, 8월, 9월, 11월 | M16: 5 | N16: 1300000 | O16: =M16*N16 -> 6500000 | P16: O | Q16: 서울특별시 | R16: (06192) 서울특별시 강남구 선릉로 428 | S16: 1544-9001 | T16: 기존
A17: 멀티캠퍼스 | B17: 10 | C17: 정보통신 | D17: 20 | E17: 01 | F17: 02 | G17: 일반형 | H17: Visual C++/OOP | I17: X | J17: 35 | K17: 5 | L17: 1월, 3월, 4월, 6월, 7월, 8월, 10월, 12월 | M17: 5 | N17: 1100000 | O17: =M17*N17 -> 5500000 | P17: O | Q17: 서울특별시 | R17: (06192) 서울특별시 강남구 선릉로 428 | S17: 1544-9001 | T17: 기존
A18: 멀티캠퍼스 | B18: 11 | C18: 정보통신 | D18: 20 | E18: 01 | F18: 07 | G18: AI융합형 | H18: LLM 파인튜닝 마스터, sLLM 기반의 어플리케이션 만들기 | I18: X | J18: 40 | K18: 5 | L18: 1월, 2월, 3월, 4월, 5월, 6월, 7월, 8월, 9월, 10월, 11월, 12월 | M18: 5 | N18: 1550000 | O18: =M18*N18 -> 7750000 | P18: O | Q18: 서울특별시 | R18: (06192) 서울특별시 강남구 선릉로 428 | S18: 1544-9001 | T18: 기존
A19: 멀티캠퍼스 | B19: 12 | C19: 정보통신 | D19: 20 | E19: 01 | F19: 07 | G19: AI융합형 | H19: LLM 파인튜닝 마스터, 생성형 AI 기초부터 SFT, PEFT까지 | I19: X | J19: 24 | K19: 3 | L19: 1월, 2월, 3월, 4월, 5월, 6월, 7월, 8월, 9월, 10월, 11월, 12월 | M19: 5 | N19: 1100000 | O19: =M19*N19 -> 5500000 | P19: O | Q19: 서울특별시 | R19: (06192) 서울특별시 강남구 선릉로 428 | S19: 1544-9001 | T19: 기존
A20: 멀티캠퍼스 | B20: 13 | C20: 정보통신 | D20: 20 | E20: 01 | F20: 07 | G20: AI융합형 | H20: 실전! AI 추천 시스템 알고리즘 이해 및 구현 | I20: X | J20: 24 | K20: 3 | L20: 3월, 6월, 8월, 11월 | M20: 5 | N20: 1050000 | O20: =M20*N20 -> 5250000 | P20: O | Q20: 서울특별시 | R20: (06192) 서울특별시 강남구 선릉로 428 | S20: 1544-9001 | T20: 기존
A21: 멀티캠퍼스 | B21: 14 | C21: 정보통신 | D21: 20 | E21: 01 | F21: 07 | G21: AI융합형 | H21: 강화학습, 기본개념에서 자율주행 레이싱까지 | I21: X | J21: 21 | K21: 3 | L21: 3월, 11월 | M21: 5 | N21: 1000000 | O21: =M21*N21 -> 5000000 | P21: O | Q21: 서울특별시 | R21: (06192) 서울특별시 강남구 선릉로 428 | S21: 1544-9001 | T21: 기존
A22: 멀티캠퍼스 | B22: 15 | C22: 정보통신 | D22: 20 | E22: 01 | F22: 01 | G22: 일반형 | H22: 어떤 데이터도 자유롭게 with 파이썬 | I22: X | J22: 23 | K22: 3 | L22: 1월, 3월, 4월, 7월, 8월, 9월, 11월, 12월 | M22: 5 | N22: 1000000 | O22: =M22*N22 -> 5000000 | P22: O | Q22: 서울특별시 | R22: (06192) 서울특별시 강남구 선릉로 428 | S22: 1544-9001 | T22: 기존
A23: 멀티캠퍼스 | B23: 16 | C23: 정보통신 | D23: 20 | E23: 01 | F23: 07 | G23: AI융합형 | H23: LLM 마스터, LangGraph와 MCP로 AI Agent 개발하기 | I23: X | J23: 24 | K23: 3 | L23: 3월, 4월, 5월, 6월, 7월, 8월, 9월, 10월, 11월, 12월 | M23: 5 | N23: 1100000 | O23: =M23*N23 -> 5500000 | P23: O | Q23: 서울특별시 | R23: (06192) 서울특별시 강남구 선릉로 428 | S23: 1544-9001 | T23: 기존
A24: 멀티캠퍼스 | B24: 17 | C24: 정보통신 | D24: 20 | E24: 01 | F24: 07 | G24: AI융합형 | H24: LLM 파인튜닝 마스터, 주요 예제로 배우는 LLM 응용 기술 | I24: X | J24: 14 | K24: 2 | L24: 1월, 4월, 6월, 7월, 8월, 10월, 11월, 12월 | M24: 5 | N24: 850000 | O24: =M24*N24 -> 4250000 | P24: O | Q24: 서울특별시 | R24: (06192) 서울특별시 강남구 선릉로 428 | S24: 1544-9001 | T24: 기존
A25: 멀티캠퍼스 | B25: 18 | C25: 정보통신 | D25: 20 | E25: 01 | F25: 07 | G25: AI융합형 | H25: 딥러닝 컴퓨터 비전 - OpenCV 부터 최신 기술까지 | I25: X | J25: 21 | K25: 3 | L25: 3월, 5월, 7월, 11월, 12월 | M25: 5 | N25: 1100000 | O25: =M25*N25 -> 5500000 | P25: O | Q25: 서울특별시 | R25: (06192) 서울특별시 강남구 선릉로 428 | S25: 1544-9001 | T25: 기존
A26: 멀티캠퍼스 | B26: 19 | C26: 정보통신 | D26: 20 | E26: 02 | F26: 01 | G26: 일반형 | H26: Linux System Administration | I26: X | J26: 34 | K26: 5 | L26: 1월, 3월, 8월, 10월, 12월 | M26: 5 | N26: 1200000 | O26: =M26*N26 -> 6000000 | P26: O | Q26: 서울특별시 | R26: (06192) 서울특별시 강남구 선릉로 428 | S26: 1544-9001 | T26: 기존
A27: 멀티캠퍼스 | B27: 20 | C27: 정보통신 | D27: 20 | E27: 02 | F27: 01 | G27: 일반형 | H27: 실전! 초보자를 위한 Linux | I27: X | J27: 34 | K27: 5 | L27: 1월, 4월, 5월, 6월, 7월, 8월, 10월, 11월, 12월 | M27: 5 | N27: 1100000 | O27: =M27*N27 -> 5500000 | P27: O | Q27: 서울특별시 | R27: (06192) 서울특별시 강남구 선릉로 428 | S27: 1544-9001 | T27: 기존
A28: 멀티캠퍼스 | B28: 21 | C28: 정보통신 | D28: 20 | E28: 01 | F28: 02 | G28: 일반형 | H28: 실습으로 배우는 핵심 네트워크 기술 | I28: X | J28: 34 | K28: 5 | L28: 2월, 3월, 4월, 5월, 6월, 8월, 9월, 10월 | M28: 5 | N28: 1300000 | O28: =M28*N28 -> 6500000 | P28: O | Q28: 서울특별시 | R28: (06192) 서울특별시 강남구 선릉로 428 | S28: 1544-9001 | T28: 기존
A29: 멀티캠퍼스 | B29: 22 | C29: 정보통신 | D29: 20 | E29: 01 | F29: 02 | G29: 일반형 | H29: 프로젝트로 완성하는 쌩기초 네트워크 | I29: O | J29: 34 | K29: 5 | L29: 2월, 3월, 6월, 8월, 10월, 12월 | M29: 5 | N29: 1200000 | O29: =M29*N29 -> 6000000 | P29: O | Q29: 서울특별시 | R29: (06192) 서울특별시 강남구 선릉로 428 | S29: 1544-9001 | T29: 기존
A30: 멀티캠퍼스 | B30: 23 | C30: 경영·회계·사무 | D30: 02 | E30: 01 | F30: 01 | G30: 일반형 | H30: 프로젝트 리더십 : 스몰-팀부터 빅-프로젝트까지 | I30: O | J30: 14 | K30: 2 | L30: 4월, 8월, 10월, 12월 | M30: 5 | N30: 650000 | O30: =M30*N30 -> 3250000 | P30: O | Q30: 서울특별시 | R30: (06192) 서울특별시 강남구 선릉로 428 | S30: 1544-9001 | T30: 기존
A31: 멀티캠퍼스 | B31: 24 | C31: 경영·회계·사무 | D31: 02 | E31: 01 | F31: 01 | G31: 일반형 | H31: [3일 통합] 데이터 분석을 위한 통계와 전처리 with 파워 쿼리 | I31: X | J31: 24 | K31: 3 | L31: 3월, 5월, 7월, 9월, 12월 | M31: 5 | N31: 950000 | O31: =M31*N31 -> 4750000 | P31: O | Q31: 서울특별시 | R31: (06192) 서울특별시 강남구 선릉로 428 | S31: 1544-9001 | T31: 기존
A32: 멀티캠퍼스 | B32: 25 | C32: 경영·회계·사무 | D32: 02 | E32: 01 | F32: 01 | G32: 일반형 | H32: 데이터 분석을 위한 전처리 with 파워 쿼리 | I32: X | J32: 8 | K32: 1 | L32: 3월, 5월, 7월, 9월, 12월 | M32: 5 | N32: 350000 | O32: =M32*N32 -> 1750000 | P32: O | Q32: 서울특별시 | R32: (06192) 서울특별시 강남구 선릉로 428 | S32: 1544-9001 | T32: 기존
A33: 멀티캠퍼스 | B33: 26 | C33: 경영·회계·사무 | D33: 02 | E33: 01 | F33: 01 | G33: 일반형 | H33: 데이터 분석을 위한 기초 통계 | I33: X | J33: 16 | K33: 2 | L33: 3월, 5월, 7월, 9월, 12월 | M33: 5 | N33: 650000 | O33: =M33*N33 -> 3250000 | P33: O | Q33: 서울특별시 | R33: (06192) 서울특별시 강남구 선릉로 428 | S33: 1544-9001 | T33: 기존
A34: 멀티캠퍼스 | B34: 27 | C34: 경영·회계·사무 | D34: 02 | E34: 01 | F34: 01 | G34: 일반형 | H34: IT 비전공자를 위한 데이터 시각화 with Power BI | I34: X | J34: 16 | K34: 2 | L34: 2월, 6월, 10월, 12월 | M34: 5 | N34: 700000 | O34: =M34*N34 -> 3500000 | P34: O | Q34: 서울특별시 | R34: (06192) 서울특별시 강남구 선릉로 428 | S34: 1544-9001 | T34: 기존
A35: 멀티캠퍼스 | B35: 28 | C35: 경영·회계·사무 | D35: 02 | E35: 01 | F35: 01 | G35: AI융합형 | H35: ChatGPT로 업무생산성 높이기 with 엑셀 VBA | I35: X | J35: 15 | K35: 2 | L35: 1월, 3월, 4월, 7월, 8월, 10월, 12월 | M35: 5 | N35: 600000 | O35: =M35*N35 -> 3000000 | P35: O | Q35: 서울특별시 | R35: (06192) 서울특별시 강남구 선릉로 428 | S35: 1544-9001 | T35: 기존
... A59: 멀티캠퍼스 | B59: 52 | C59: 정보통신 | D59: 20 | E59: 01 | F59: 02 | G59: 일반형 | H59: 성능을 고려한 SQL 작성비법 | I59: X | J59: 14 | K59: 2 | L59: 1월, 3월, 4월, 5월, 7월, 8월, 9월, 10월, 11월 | M59: 5 | N59: 750000 | O59: =M59*N59 -> 3750000 | P59: O | Q59: 서울특별시 | R59: (06192) 서울특별시 강남구 선릉로 428 | S59: 1544-9001 | T59: 기존
A60: 멀티캠퍼스 | B60: 53 | C60: 정보통신 | D60: 20 | E60: 01 | F60: 07 | G60: AI융합형 | H60: 1Day AI 완전정복 | I60: O | J60: 8 | K60: 1 | L60: 1월, 2월, 4월, 5월, 6월, 7월, 8월, 9월, 10월, 12월 | M60: 5 | N60: 450000 | O60: =M60*N60 -> 2250000 | P60: O | Q60: 서울특별시 | R60: (06192) 서울특별시 강남구 선릉로 428 | S60: 1544-9001 | T60: 기존
A61: 멀티캠퍼스 | B61: 54 | C61: 정보통신 | D61: 20 | E61: 01 | F61: 07 | G61: AI융합형 | H61: 업무에 바로 활용하는 프롬프트 엔지니어링 with 파이썬 | I61: X | J61: 7 | K61: 1 | L61: 2월, 4월, 6월 | M61: 5 | N61: 400000 | O61: =M61*N61 -> 2000000 | P61: O | Q61: 서울특별시 | R61: (06192) 서울특별시 강남구 선릉로 428 | S61: 1544-9001 | T61: 기존
A62: 멀티캠퍼스 | B62: 55 | C62: 정보통신 | D62: 20 | E62: 01 | F62: 02 | G62: 일반형 | H62: Vue.js Quick Start | I62: X | J62: 34 | K62: 5 | L62: 1월, 2월, 3월, 4월, 5월, 6월, 8월, 9월, 10월, 12월 | M62: 5 | N62: 1200000 | O62: =M62*N62 -> 6000000 | P62: O | Q62: 서울특별시 | R62: (06192) 서울특별시 강남구 선릉로 428 | S62: 1544-9001 | T62: 기존
A63: 멀티캠퍼스 | B63: 56 | C63: 정보통신 | D63: 20 | E63: 02 | F63: 01 | G63: 일반형 | H63: 실전! 시스템 관리자를 위한 Shell Programming | I63: X | J63: 28 | K63: 4 | L63: 일정 편성중 | M63: 5 | N63: 1100000 | O63: =M63*N63 -> 5500000 | P63: O | Q63: 서울특별시 | R63: (06192) 서울특별시 강남구 선릉로 428 | S63: 1544-9001 | T63: 기존
A64: 멀티캠퍼스 | B64: 57 | C64: 정보통신 | D64: 20 | E64: 01 | F64: 02 | G64: 일반형 | H64: 업무에 바로쓰는 네트워크 기술 | I64: X | J64: 21 | K64: 3 | L64: 3월, 5월, 7월, 8월, 9월, 11월, 12월 | M64: 5 | N64: 900000 | O64: =M64*N64 -> 4500000 | P64: O | Q64: 서울특별시 | R64: (06192) 서울특별시 강남구 선릉로 428 | S64: 1544-9001 | T64: 기존
A65: 멀티캠퍼스 | B65: 58 | C65: 정보통신 | D65: 20 | E65: 01 | F65: 02 | G65: 일반형 | H65: 네트워크 TCP/IP 핵심 기술 이해 | I65: X | J65: 24 | K65: 3 | L65: 2월, 6월, 10월, 12월 | M65: 5 | N65: 900000 | O65: =M65*N65 -> 4500000 | P65: O | Q65: 서울특별시 | R65: (06192) 서울특별시 강남구 선릉로 428 | S65: 1544-9001 | T65: 기존
A66: 멀티캠퍼스 | B66: 59 | C66: 정보통신 | D66: 20 | E66: 01 | F66: 02 | G66: 일반형 | H66: 인프라엔지니어를 위한 온프레미스 쿠버네티스 구축 입문 | I66: X | J66: 28 | K66: 4 | L66: 4월, 7월, 10월, 12월 | M66: 5 | N66: 1100000 | O66: =M66*N66 -> 5500000 | P66: O | Q66: 서울특별시 | R66: (06192) 서울특별시 강남구 선릉로 428 | S66: 1544-9001 | T66: 기존
A67: 멀티캠퍼스 | B67: 60 | C67: 정보통신 | D67: 20 | E67: 01 | F67: 02 | G67: 일반형 | H67: 1Day 클라우드 네이티브 이해 | I67: X | J67: 7 | K67: 1 | L67: 4월, 7월, 10월 | M67: 5 | N67: 400000 | O67: =M67*N67 -> 2000000 | P67: O | Q67: 서울특별시 | R67: (06192) 서울특별시 강남구 선릉로 428 | S67: 1544-9001 | T67: 기존
A68: 멀티캠퍼스 | B68: 61 | C68: 정보통신 | D68: 20 | E68: 01 | F68: 02 | G68: 일반형 | H68: 클라우드 컴퓨팅 이해와 분석 | I68: X | J68: 21 | K68: 3 | L68: 2월, 3월, 4월, 5월, 6월, 8월, 10월, 11월, 12월 | M68: 5 | N68: 950000 | O68: =M68*N68 -> 4750000 | P68: O | Q68: 서울특별시 | R68: (06192) 서울특별시 강남구 선릉로 428 | S68: 1544-9001 | T68: 기존
A69: 멀티캠퍼스 | B69: 62 | C69: 정보통신 | D69: 20 | E69: 01 | F69: 06 | G69: 일반형 | H69: 정보보호 기본 - Information Security Essentials | I69: O | J69: 34 | K69: 5 | L69: 1월, 2월, 3월, 4월, 6월, 8월, 9월, 10월, 11월, 12월 | M69: 5 | N69: 1300000 | O69: =M69*N69 -> 6500000 | P69: O | Q69: 서울특별시 | R69: (06192) 서울특별시 강남구 선릉로 428 | S69: 1544-9001 | T69: 기존
A70: 멀티캠퍼스 | B70: 63 | C70: 정보통신 | D70: 20 | E70: 01 | F70: 06 | G70: 일반형 | H70: 시스템 보안 구조 및 해킹 원리 실습 | I70: X | J70: 28 | K70: 4 | L70: 3월, 5월, 8월, 9월, 10월 | M70: 5 | N70: 1200000 | O70: =M70*N70 -> 6000000 | P70: O | Q70: 서울특별시 | R70: (06192) 서울특별시 강남구 선릉로 428 | S70: 1544-9001 | T70: 기존
A71: 멀티캠퍼스 | B71: 64 | C71: 정보통신 | D71: 20 | E71: 01 | F71: 06 | G71: 일반형 | H71: 개발자를 위한 웹 해킹 보안 및 취약점 분석 | I71: X | J71: 34 | K71: 5 | L71: 2월, 4월, 6월, 8월, 9월, 12월 | M71: 5 | N71: 1600000 | O71: =M71*N71 -> 8000000 | P71: O | Q71: 서울특별시 | R71: (06192) 서울특별시 강남구 선릉로 428 | S71: 1544-9001 | T71: 기존
A72: 멀티캠퍼스 | B72: 65 | C72: 경영·회계·사무 | D72: 02 | E72: 01 | F72: 01 | G72: 일반형 | H72: 업무에 바로 쓰는 엑셀 기본 | I72: X | J72: 16 | K72: 2 | L72: 1월, 6월, 9월, 12월 | M72: 5 | N72: 550000 | O72: =M72*N72 -> 2750000 | P72: O | Q72: 서울특별시 | R72: (06192) 서울특별시 강남구 선릉로 428 | S72: 1544-9001 | T72: 기존
... A124: 멀티캠퍼스 | B124: 117 | C124: 경영·회계·사무 | D124: 02 | E124: 01 | F124: 01 | G124: AI융합형 | H124: 포텐셜 플러스 | I124: X | J124: 35 | K124: 5 | L124: 3월, 5월, 10월 | M124: 10 | N124: 3500000 | O124: =M124*N124 -> 35000000 | P124: X | Q124: 서울특별시 | R124: (06192) 서울특별시 강남구 선릉로 428 | S124: 1544-9001 | T124: 신규
A125: 멀티캠퍼스 | B125: 118 | C125: 정보통신 | D125: 20 | E125: 01 | F125: 03 | G125: 일반형 | H125: S/4HANA 핵심 실무 | I125: X | J125: 35 | K125: 5 | L125: 6월, 7월, 8월, 10월, 11월 | M125: 5 | N125: 2950000 | O125: =M125*N125 -> 14750000 | P125: X | Q125: 서울특별시 | R125: (06192) 서울특별시 강남구 선릉로 428 | S125: 1544-9001 | T125: 신규
A126: 멀티캠퍼스 | B126: 119 | C126: 정보통신 | D126: 20 | E126: 01 | F126: 02 | G126: 일반형 | H126: ABAP 프로그래밍 실무 | I126: X | J126: 35 | K126: 5 | L126: 3월, 4월, 5월, 10월, 11월 | M126: 5 | N126: 2950000 | O126: =M126*N126 -> 14750000 | P126: X | Q126: 서울특별시 | R126: (06192) 서울특별시 강남구 선릉로 428 | S126: 1544-9001 | T126: 신규

Sheet 21. 솔데스크강남
A1: [작성방법(필독!)] 0. 모든 항목을 반드시 작성해야 하며, 미기재 항목이 있을 경우 심사대상에서 제외, 훈련기관명은 1번 시트 값이 자동입력되므로 직접입력 X 1. NCS 분류코드 : 해당 과정에 가장 주요하거나 많은 비중을 차지하는 내용을 토대로 각 분류상 가장 부합하는 코드를 작성(훈련기관 자체 판단) - NCS대분류명 기재 시 데이터박스 목록으로 설정, 대분류 숫자는 대분류명 선택시 자동입력되므로 직접입력 X 2. 비대면 실시간 운영 여부 : 집체형태 외 비대면 실시간 형태 운영 희망 시 'O' 체크(집체 형태는 기본적으로 모두 가능하며, 비대면 실시간 형태는 승인 과정에 한해 가능) 3. 훈련인원 : 기관에서 예상하는 해당 과정의 연간 훈련 실시인원 추정치 4. 훈련비 단가 : 1인, 1회 기준 훈련비용 5. 총 훈련비 : 총 훈련인원 X 훈련비 단가 6. 훈련일정 : 회차별 개설 예정 시기를 월 단위로 모두 기재('0월' 형태로 기재하거나 "연중 상시" 등 근로자 대상 충분히 안내 가능한 내용으로 작성) 7. 훈련실시장소 : 시/도 단위 및 정확한 주소를 각각 입력, 여러 장소에서 실시할 경우 셀 한개에 모두 입력(셀 구분 시 누락될 수 있음)
A6: 훈련기관명 | B6: 연번 | C6: NCS 대분류명 | D6: NCS 분류코드 | G6: 과정 유형 | H6: 훈련과정명 | I6: 비대면 실시간 운영 여부 | J6: 훈련시간 (H) | K6: 훈련기간 (일수) | L6: 훈련일정 | M6: 훈련인원(명) [예상 수요] | N6: 훈련비 단가(원) | O6: 총 훈련비(원) | P6: 최근 3년 이내('23~'25) 훈련과정 운영 이력 | Q6: 훈련 실시 장소
D7: 대 | E7: 중 | F7: 소 | Q7: 시/도 단위 | R7: 주소지 | S7: 문의처
A8: 솔데스크강남학원 | B8: 1 | C8: 정보통신 | D8: =_xlfn.IFS(C8="사업관리","01",C8="경영ㆍ회계ㆍ사무","02",C8="금융ㆍ보험","03",C8="교육ㆍ자연ㆍ사회과학","04",C8="법률ㆍ경찰ㆍ소방ㆍ교도ㆍ국방","05",C8="보건ㆍ의료","06",C8="사회복지ㆍ종교","07",C8="문화ㆍ예술ㆍ디자인ㆍ방송","08",C8="운전ㆍ운송","09",C8="영업판매","10",C8="경비ㆍ청소","11",C8="이용ㆍ숙박ㆍ여행ㆍ오락ㆍ스포츠","12", C8="음식서비스","13", C8="건설","14", C8="기계","15",C8="재료","16",C8="화학ㆍ바이오","17",C8="섬유ㆍ의복","18",C8="전기ㆍ전자","19",C8="정보통신","20",C8="식품가공","21",C8="인쇄ㆍ목재ㆍ가구ㆍ공예","22",C8="환경ㆍ에너지ㆍ안전","23",C8="농림어업","24") -> 20 | E8: 01 | F8: 03 | G8: AI융합형 | H8: 클라우드·컨테이너 기반 인프라 운영 실무 입문 과정 운영 입문 | I8: O | J8: 28 | K8: 4 | L8: 1월, 3~6월, 10~12월 | M8: 30 | N8: 400000 | O8: =M8*N8 -> 12000000 | P8: O | Q8: 서울 | R8: (06120) 서울시 강남구 봉은사로 119, 5층, 6층, 7층 | S8: 02-2138-3275
A9: 솔데스크강남학원 | B9: 2 | C9: 정보통신 | D9: =_xlfn.IFS(C9="사업관리","01",C9="경영ㆍ회계ㆍ사무","02",C9="금융ㆍ보험","03",C9="교육ㆍ자연ㆍ사회과학","04",C9="법률ㆍ경찰ㆍ소방ㆍ교도ㆍ국방","05",C9="보건ㆍ의료","06",C9="사회복지ㆍ종교","07",C9="문화ㆍ예술ㆍ디자인ㆍ방송","08",C9="운전ㆍ운송","09",C9="영업판매","10",C9="경비ㆍ청소","11",C9="이용ㆍ숙박ㆍ여행ㆍ오락ㆍ스포츠","12", C9="음식서비스","13", C9="건설","14", C9="기계","15",C9="재료","16",C9="화학ㆍ바이오","17",C9="섬유ㆍ의복","18",C9="전기ㆍ전자","19",C9="정보통신","20",C9="식품가공","21",C9="인쇄ㆍ목재ㆍ가구ㆍ공예","22",C9="환경ㆍ에너지ㆍ안전","23",C9="농림어업","24") -> 20 | E9: 01 | F9: 03 | G9: AI융합형 | H9: 지능형 리눅스 시스템 운영·장애·성능 분석 과정 | I9: O | J9: 14 | K9: 2 | L9: 1월, 3~6월, 10~12월 | M9: 30 | N9: 200000 | O9: =M9*N9 -> 6000000 | P9: O | Q9: 서울 | R9: (06120) 서울시 강남구 봉은사로 119, 5층, 6층, 7층 | S9: 02-2138-3275
A10: 솔데스크강남학원 | B10: 3 | C10: 정보통신 | D10: =_xlfn.IFS(C10="사업관리","01",C10="경영ㆍ회계ㆍ사무","02",C10="금융ㆍ보험","03",C10="교육ㆍ자연ㆍ사회과학","04",C10="법률ㆍ경찰ㆍ소방ㆍ교도ㆍ국방","05",C10="보건ㆍ의료","06",C10="사회복지ㆍ종교","07",C10="문화ㆍ예술ㆍ디자인ㆍ방송","08",C10="운전ㆍ운송","09",C10="영업판매","10",C10="경비ㆍ청소","11",C10="이용ㆍ숙박ㆍ여행ㆍ오락ㆍ스포츠","12", C10="음식서비스","13", C10="건설","14", C10="기계","15",C10="재료","16",C10="화학ㆍ바이오","17",C10="섬유ㆍ의복","18",C10="전기ㆍ전자","19",C10="정보통신","20",C10="식품가공","21",C10="인쇄ㆍ목재ㆍ가구ㆍ공예","22",C10="환경ㆍ에너지ㆍ안전","23",C10="농림어업","24") -> 20 | E10: 01 | F10: 03 | G10: AI융합형 | H10: AI 기반 클라우드 네이티브 Kubernetes 클러스터 운영 심화 | I10: O | J10: 14 | K10: 2 | L10: 1월, 3~6월, 10~12월 | M10: 30 | N10: 300000 | O10: =M10*N10 -> 9000000 | P10: O | Q10: 서울 | R10: (06120) 서울시 강남구 봉은사로 119, 5층, 6층, 7층 | S10: 02-2138-3275
A11: 솔데스크강남학원 | B11: 4 | C11: 정보통신 | D11: =_xlfn.IFS(C11="사업관리","01",C11="경영ㆍ회계ㆍ사무","02",C11="금융ㆍ보험","03",C11="교육ㆍ자연ㆍ사회과학","04",C11="법률ㆍ경찰ㆍ소방ㆍ교도ㆍ국방","05",C11="보건ㆍ의료","06",C11="사회복지ㆍ종교","07",C11="문화ㆍ예술ㆍ디자인ㆍ방송","08",C11="운전ㆍ운송","09",C11="영업판매","10",C11="경비ㆍ청소","11",C11="이용ㆍ숙박ㆍ여행ㆍ오락ㆍ스포츠","12", C11="음식서비스","13", C11="건설","14", C11="기계","15",C11="재료","16",C11="화학ㆍ바이오","17",C11="섬유ㆍ의복","18",C11="전기ㆍ전자","19",C11="정보통신","20",C11="식품가공","21",C11="인쇄ㆍ목재ㆍ가구ㆍ공예","22",C11="환경ㆍ에너지ㆍ안전","23",C11="농림어업","24") -> 20 | E11: 01 | F11: 03 | G11: AI융합형 | H11: LLM 기반 지능형 인프라 자동화 부트캠프 (Podman·Local LLM 기반) | I11: O | J11: 14 | K11: 2 | L11: 1월, 3~6월, 10~12월 | M11: 30 | N11: 200000 | O11: =M11*N11 -> 6000000 | P11: O | Q11: 서울 | R11: (06120) 서울시 강남구 봉은사로 119, 5층, 6층, 7층 | S11: 02-2138-3275
A12: 솔데스크강남학원 | B12: 5 | C12: 정보통신 | D12: =_xlfn.IFS(C12="사업관리","01",C12="경영ㆍ회계ㆍ사무","02",C12="금융ㆍ보험","03",C12="교육ㆍ자연ㆍ사회과학","04",C12="법률ㆍ경찰ㆍ소방ㆍ교도ㆍ국방","05",C12="보건ㆍ의료","06",C12="사회복지ㆍ종교","07",C12="문화ㆍ예술ㆍ디자인ㆍ방송","08",C12="운전ㆍ운송","09",C12="영업판매","10",C12="경비ㆍ청소","11",C12="이용ㆍ숙박ㆍ여행ㆍ오락ㆍ스포츠","12", C12="음식서비스","13", C12="건설","14", C12="기계","15",C12="재료","16",C12="화학ㆍ바이오","17",C12="섬유ㆍ의복","18",C12="전기ㆍ전자","19",C12="정보통신","20",C12="식품가공","21",C12="인쇄ㆍ목재ㆍ가구ㆍ공예","22",C12="환경ㆍ에너지ㆍ안전","23",C12="농림어업","24") -> 20 | E12: 01 | F12: \ | G12: AI융합형 | H12: 컨테이너 기반 LLM 서비스 플랫폼 구축 과정 | I12: O | J12: 14 | K12: 2 | L12: 1월, 3~6월, 10~12월 | M12: 30 | N12: 300000 | O12: =M12*N12 -> 9000000 | P12: O | Q12: 서울 | R12: (06120) 서울시 강남구 봉은사로 119, 5층, 6층, 7층 | S12: 02-2138-3275
A13: 솔데스크강남학원 | B13: 6 | D13: =_xlfn.IFS(C13="사업관리","01",C13="경영ㆍ회계ㆍ사무","02",C13="금융ㆍ보험","03",C13="교육ㆍ자연ㆍ사회과학","04",C13="법률ㆍ경찰ㆍ소방ㆍ교도ㆍ국방","05",C13="보건ㆍ의료","06",C13="사회복지ㆍ종교","07",C13="문화ㆍ예술ㆍ디자인ㆍ방송","08",C13="운전ㆍ운송","09",C13="영업판매","10",C13="경비ㆍ청소","11",C13="이용ㆍ숙박ㆍ여행ㆍ오락ㆍ스포츠","12", C13="음식서비스","13", C13="건설","14", C13="기계","15",C13="재료","16",C13="화학ㆍ바이오","17",C13="섬유ㆍ의복","18",C13="전기ㆍ전자","19",C13="정보통신","20",C13="식품가공","21",C13="인쇄ㆍ목재ㆍ가구ㆍ공예","22",C13="환경ㆍ에너지ㆍ안전","23",C13="농림어업","24") -> #N/A
A14: 솔데스크강남학원 | B14: 7 | D14: =_xlfn.IFS(C14="사업관리","01",C14="경영ㆍ회계ㆍ사무","02",C14="금융ㆍ보험","03",C14="교육ㆍ자연ㆍ사회과학","04",C14="법률ㆍ경찰ㆍ소방ㆍ교도ㆍ국방","05",C14="보건ㆍ의료","06",C14="사회복지ㆍ종교","07",C14="문화ㆍ예술ㆍ디자인ㆍ방송","08",C14="운전ㆍ운송","09",C14="영업판매","10",C14="경비ㆍ청소","11",C14="이용ㆍ숙박ㆍ여행ㆍ오락ㆍ스포츠","12", C14="음식서비스","13", C14="건설","14", C14="기계","15",C14="재료","16",C14="화학ㆍ바이오","17",C14="섬유ㆍ의복","18",C14="전기ㆍ전자","19",C14="정보통신","20",C14="식품가공","21",C14="인쇄ㆍ목재ㆍ가구ㆍ공예","22",C14="환경ㆍ에너지ㆍ안전","23",C14="농림어업","24") -> #N/A
A15: 솔데스크강남학원 | B15: 8 | D15: =_xlfn.IFS(C15="사업관리","01",C15="경영ㆍ회계ㆍ사무","02",C15="금융ㆍ보험","03",C15="교육ㆍ자연ㆍ사회과학","04",C15="법률ㆍ경찰ㆍ소방ㆍ교도ㆍ국방","05",C15="보건ㆍ의료","06",C15="사회복지ㆍ종교","07",C15="문화ㆍ예술ㆍ디자인ㆍ방송","08",C15="운전ㆍ운송","09",C15="영업판매","10",C15="경비ㆍ청소","11",C15="이용ㆍ숙박ㆍ여행ㆍ오락ㆍ스포츠","12", C15="음식서비스","13", C15="건설","14", C15="기계","15",C15="재료","16",C15="화학ㆍ바이오","17",C15="섬유ㆍ의복","18",C15="전기ㆍ전자","19",C15="정보통신","20",C15="식품가공","21",C15="인쇄ㆍ목재ㆍ가구ㆍ공예","22",C15="환경ㆍ에너지ㆍ안전","23",C15="농림어업","24") -> #N/A
A16: 솔데스크강남학원 | B16: 9 | D16: =_xlfn.IFS(C16="사업관리","01",C16="경영ㆍ회계ㆍ사무","02",C16="금융ㆍ보험","03",C16="교육ㆍ자연ㆍ사회과학","04",C16="법률ㆍ경찰ㆍ소방ㆍ교도ㆍ국방","05",C16="보건ㆍ의료","06",C16="사회복지ㆍ종교","07",C16="문화ㆍ예술ㆍ디자인ㆍ방송","08",C16="운전ㆍ운송","09",C16="영업판매","10",C16="경비ㆍ청소","11",C16="이용ㆍ숙박ㆍ여행ㆍ오락ㆍ스포츠","12", C16="음식서비스","13", C16="건설","14", C16="기계","15",C16="재료","16",C16="화학ㆍ바이오","17",C16="섬유ㆍ의복","18",C16="전기ㆍ전자","19",C16="정보통신","20",C16="식품가공","21",C16="인쇄ㆍ목재ㆍ가구ㆍ공예","22",C16="환경ㆍ에너지ㆍ안전","23",C16="농림어업","24") -> #N/A
A17: 솔데스크강남학원 | B17: 10 | D17: =_xlfn.IFS(C17="사업관리","01",C17="경영ㆍ회계ㆍ사무","02",C17="금융ㆍ보험","03",C17="교육ㆍ자연ㆍ사회과학","04",C17="법률ㆍ경찰ㆍ소방ㆍ교도ㆍ국방","05",C17="보건ㆍ의료","06",C17="사회복지ㆍ종교","07",C17="문화ㆍ예술ㆍ디자인ㆍ방송","08",C17="운전ㆍ운송","09",C17="영업판매","10",C17="경비ㆍ청소","11",C17="이용ㆍ숙박ㆍ여행ㆍ오락ㆍ스포츠","12", C17="음식서비스","13", C17="건설","14", C17="기계","15",C17="재료","16",C17="화학ㆍ바이오","17",C17="섬유ㆍ의복","18",C17="전기ㆍ전자","19",C17="정보통신","20",C17="식품가공","21",C17="인쇄ㆍ목재ㆍ가구ㆍ공예","22",C17="환경ㆍ에너지ㆍ안전","23",C17="농림어업","24") -> #N/A
A18: 솔데스크강남학원 | B18: 11 | D18: =_xlfn.IFS(C18="사업관리","01",C18="경영ㆍ회계ㆍ사무","02",C18="금융ㆍ보험","03",C18="교육ㆍ자연ㆍ사회과학","04",C18="법률ㆍ경찰ㆍ소방ㆍ교도ㆍ국방","05",C18="보건ㆍ의료","06",C18="사회복지ㆍ종교","07",C18="문화ㆍ예술ㆍ디자인ㆍ방송","08",C18="운전ㆍ운송","09",C18="영업판매","10",C18="경비ㆍ청소","11",C18="이용ㆍ숙박ㆍ여행ㆍ오락ㆍ스포츠","12", C18="음식서비스","13", C18="건설","14", C18="기계","15",C18="재료","16",C18="화학ㆍ바이오","17",C18="섬유ㆍ의복","18",C18="전기ㆍ전자","19",C18="정보통신","20",C18="식품가공","21",C18="인쇄ㆍ목재ㆍ가구ㆍ공예","22",C18="환경ㆍ에너지ㆍ안전","23",C18="농림어업","24") -> #N/A
A19: 솔데스크강남학원 | B19: 12 | D19: =_xlfn.IFS(C19="사업관리","01",C19="경영ㆍ회계ㆍ사무","02",C19="금융ㆍ보험","03",C19="교육ㆍ자연ㆍ사회과학","04",C19="법률ㆍ경찰ㆍ소방ㆍ교도ㆍ국방","05",C19="보건ㆍ의료","06",C19="사회복지ㆍ종교","07",C19="문화ㆍ예술ㆍ디자인ㆍ방송","08",C19="운전ㆍ운송","09",C19="영업판매","10",C19="경비ㆍ청소","11",C19="이용ㆍ숙박ㆍ여행ㆍ오락ㆍ스포츠","12", C19="음식서비스","13", C19="건설","14", C19="기계","15",C19="재료","16",C19="화학ㆍ바이오","17",C19="섬유ㆍ의복","18",C19="전기ㆍ전자","19",C19="정보통신","20",C19="식품가공","21",C19="인쇄ㆍ목재ㆍ가구ㆍ공예","22",C19="환경ㆍ에너지ㆍ안전","23",C19="농림어업","24") -> #N/A
A20: 솔데스크강남학원 | B20: 13 | D20: =_xlfn.IFS(C20="사업관리","01",C20="경영ㆍ회계ㆍ사무","02",C20="금융ㆍ보험","03",C20="교육ㆍ자연ㆍ사회과학","04",C20="법률ㆍ경찰ㆍ소방ㆍ교도ㆍ국방","05",C20="보건ㆍ의료","06",C20="사회복지ㆍ종교","07",C20="문화ㆍ예술ㆍ디자인ㆍ방송","08",C20="운전ㆍ운송","09",C20="영업판매","10",C20="경비ㆍ청소","11",C20="이용ㆍ숙박ㆍ여행ㆍ오락ㆍ스포츠","12", C20="음식서비스","13", C20="건설","14", C20="기계","15",C20="재료","16",C20="화학ㆍ바이오","17",C20="섬유ㆍ의복","18",C20="전기ㆍ전자","19",C20="정보통신","20",C20="식품가공","21",C20="인쇄ㆍ목재ㆍ가구ㆍ공예","22",C20="환경ㆍ에너지ㆍ안전","23",C20="농림어업","24") -> #N/A
A21: 솔데스크강남학원 | B21: 14 | D21: =_xlfn.IFS(C21="사업관리","01",C21="경영ㆍ회계ㆍ사무","02",C21="금융ㆍ보험","03",C21="교육ㆍ자연ㆍ사회과학","04",C21="법률ㆍ경찰ㆍ소방ㆍ교도ㆍ국방","05",C21="보건ㆍ의료","06",C21="사회복지ㆍ종교","07",C21="문화ㆍ예술ㆍ디자인ㆍ방송","08",C21="운전ㆍ운송","09",C21="영업판매","10",C21="경비ㆍ청소","11",C21="이용ㆍ숙박ㆍ여행ㆍ오락ㆍ스포츠","12", C21="음식서비스","13", C21="건설","14", C21="기계","15",C21="재료","16",C21="화학ㆍ바이오","17",C21="섬유ㆍ의복","18",C21="전기ㆍ전자","19",C21="정보통신","20",C21="식품가공","21",C21="인쇄ㆍ목재ㆍ가구ㆍ공예","22",C21="환경ㆍ에너지ㆍ안전","23",C21="농림어업","24") -> #N/A
A22: 솔데스크강남학원 | B22: 15 | D22: =_xlfn.IFS(C22="사업관리","01",C22="경영ㆍ회계ㆍ사무","02",C22="금융ㆍ보험","03",C22="교육ㆍ자연ㆍ사회과학","04",C22="법률ㆍ경찰ㆍ소방ㆍ교도ㆍ국방","05",C22="보건ㆍ의료","06",C22="사회복지ㆍ종교","07",C22="문화ㆍ예술ㆍ디자인ㆍ방송","08",C22="운전ㆍ운송","09",C22="영업판매","10",C22="경비ㆍ청소","11",C22="이용ㆍ숙박ㆍ여행ㆍ오락ㆍ스포츠","12", C22="음식서비스","13", C22="건설","14", C22="기계","15",C22="재료","16",C22="화학ㆍ바이오","17",C22="섬유ㆍ의복","18",C22="전기ㆍ전자","19",C22="정보통신","20",C22="식품가공","21",C22="인쇄ㆍ목재ㆍ가구ㆍ공예","22",C22="환경ㆍ에너지ㆍ안전","23",C22="농림어업","24") -> #N/A
A23: 솔데스크강남학원 | B23: 16 | D23: =_xlfn.IFS(C23="사업관리","01",C23="경영ㆍ회계ㆍ사무","02",C23="금융ㆍ보험","03",C23="교육ㆍ자연ㆍ사회과학","04",C23="법률ㆍ경찰ㆍ소방ㆍ교도ㆍ국방","05",C23="보건ㆍ의료","06",C23="사회복지ㆍ종교","07",C23="문화ㆍ예술ㆍ디자인ㆍ방송","08",C23="운전ㆍ운송","09",C23="영업판매","10",C23="경비ㆍ청소","11",C23="이용ㆍ숙박ㆍ여행ㆍ오락ㆍ스포츠","12", C23="음식서비스","13", C23="건설","14", C23="기계","15",C23="재료","16",C23="화학ㆍ바이오","17",C23="섬유ㆍ의복","18",C23="전기ㆍ전자","19",C23="정보통신","20",C23="식품가공","21",C23="인쇄ㆍ목재ㆍ가구ㆍ공예","22",C23="환경ㆍ에너지ㆍ안전","23",C23="농림어업","24") -> #N/A
A24: 솔데스크강남학원 | B24: 17 | D24: =_xlfn.IFS(C24="사업관리","01",C24="경영ㆍ회계ㆍ사무","02",C24="금융ㆍ보험","03",C24="교육ㆍ자연ㆍ사회과학","04",C24="법률ㆍ경찰ㆍ소방ㆍ교도ㆍ국방","05",C24="보건ㆍ의료","06",C24="사회복지ㆍ종교","07",C24="문화ㆍ예술ㆍ디자인ㆍ방송","08",C24="운전ㆍ운송","09",C24="영업판매","10",C24="경비ㆍ청소","11",C24="이용ㆍ숙박ㆍ여행ㆍ오락ㆍ스포츠","12", C24="음식서비스","13", C24="건설","14", C24="기계","15",C24="재료","16",C24="화학ㆍ바이오","17",C24="섬유ㆍ의복","18",C24="전기ㆍ전자","19",C24="정보통신","20",C24="식품가공","21",C24="인쇄ㆍ목재ㆍ가구ㆍ공예","22",C24="환경ㆍ에너지ㆍ안전","23",C24="농림어업","24") -> #N/A
... A32: 솔데스크강남학원 | B32: 25 | D32: =_xlfn.IFS(C32="사업관리","01",C32="경영ㆍ회계ㆍ사무","02",C32="금융ㆍ보험","03",C32="교육ㆍ자연ㆍ사회과학","04",C32="법률ㆍ경찰ㆍ소방ㆍ교도ㆍ국방","05",C32="보건ㆍ의료","06",C32="사회복지ㆍ종교","07",C32="문화ㆍ예술ㆍ디자인ㆍ방송","08",C32="운전ㆍ운송","09",C32="영업판매","10",C32="경비ㆍ청소","11",C32="이용ㆍ숙박ㆍ여행ㆍ오락ㆍ스포츠","12", C32="음식서비스","13", C32="건설","14", C32="기계","15",C32="재료","16",C32="화학ㆍ바이오","17",C32="섬유ㆍ의복","18",C32="전기ㆍ전자","19",C32="정보통신","20",C32="식품가공","21",C32="인쇄ㆍ목재ㆍ가구ㆍ공예","22",C32="환경ㆍ에너지ㆍ안전","23",C32="농림어업","24") -> #N/A

Sheet 22. 신한글로벌
A1: [작성방법(필독!)] 0. 모든 항목을 반드시 작성해야 하며, 미기재 항목이 있을 경우 심사대상에서 제외, 훈련기관명은 1번 시트 값이 자동입력되므로 직접입력 X 1. NCS 분류코드 : 해당 과정에 가장 주요하거나 많은 비중을 차지하는 내용을 토대로 각 분류상 가장 부합하는 코드를 작성(훈련기관 자체 판단) - NCS대분류명 기재 시 데이터박스 목록으로 설정, 대분류 숫자는 대분류명 선택시 자동입력되므로 직접입력 X 2. 비대면 실시간 운영 여부 : 집체형태 외 비대면 실시간 형태 운영 희망 시 'O' 체크(집체 형태는 기본적으로 모두 가능하며, 비대면 실시간 형태는 승인 과정에 한해 가능) 3. 훈련인원 : 기관에서 예상하는 해당 과정의 연간 훈련 실시인원 추정치 4. 훈련비 단가 : 1인, 1회 기준 훈련비용 5. 총 훈련비 : 총 훈련인원 X 훈련비 단가 6. 훈련일정 : 회차별 개설 예정 시기를 월 단위로 모두 기재('0월' 형태로 기재하거나 "연중 상시" 등 근로자 대상 충분히 안내 가능한 내용으로 작성) 7. 훈련실시장소 : 시/도 단위 및 정확한 주소를 각각 입력, 여러 장소에서 실시할 경우 셀 한개에 모두 입력(셀 구분 시 누락될 수 있음)
A6: 훈련기관명 | B6: 연번 | C6: NCS 대분류명 | D6: NCS 분류코드 | G6: 과정 유형 | H6: 훈련과정명 | I6: 비대면 실시간 운영 여부 | J6: 훈련시간 (H) | K6: 훈련기간 (일수) | L6: 훈련일정 | M6: 훈련인원(명) [예상 수요] | N6: 훈련비 단가(원) | O6: 총 훈련비(원) | P6: 최근 3년 이내('23~'25) 훈련과정 운영 이력 | Q6: 훈련 실시 장소
D7: 대 | E7: 중 | F7: 소 | Q7: 시/도 단위 | R7: 주소지 | S7: 문의처
A8: 신한글로벌인재교육원 | B8: 1 | C8: 전기ㆍ전자 | D8: =_xlfn.IFS(C8="사업관리","01",C8="경영ㆍ회계ㆍ사무","02",C8="금융ㆍ보험","03",C8="교육ㆍ자연ㆍ사회과학","04",C8="법률ㆍ경찰ㆍ소방ㆍ교도ㆍ국방","05",C8="보건ㆍ의료","06",C8="사회복지ㆍ종교","07",C8="문화ㆍ예술ㆍ디자인ㆍ방송","08",C8="운전ㆍ운송","09",C8="영업판매","10",C8="경비ㆍ청소","11",C8="이용ㆍ숙박ㆍ여행ㆍ오락ㆍ스포츠","12", C8="음식서비스","13", C8="건설","14", C8="기계","15",C8="재료","16",C8="화학ㆍ바이오","17",C8="섬유ㆍ의복","18",C8="전기ㆍ전자","19",C8="정보통신","20",C8="식품가공","21",C8="인쇄ㆍ목재ㆍ가구ㆍ공예","22",C8="환경ㆍ에너지ㆍ안전","23",C8="농림어업","24") -> 19 | E8: 01 | F8: 01 | G8: 일반형 | H8: PLC .센서 ,HMI, INVERTER(융합형)제어 기술 과정 | I8: X | J8: 14 | K8: 2 | L8: 연중 상시 | M8: 160 | N8: 360000 | O8: =M8*N8 -> 57600000 | P8: O | Q8: 경기도 의정부시 | R8: (11643) 경기도 의정부시 망월사로 10, 신일스카이빌4층 | S8: 031-878-2253
A9: 신한글로벌인재교육원 | B9: 2 | C9: 전기ㆍ전자 | D9: =_xlfn.IFS(C9="사업관리","01",C9="경영ㆍ회계ㆍ사무","02",C9="금융ㆍ보험","03",C9="교육ㆍ자연ㆍ사회과학","04",C9="법률ㆍ경찰ㆍ소방ㆍ교도ㆍ국방","05",C9="보건ㆍ의료","06",C9="사회복지ㆍ종교","07",C9="문화ㆍ예술ㆍ디자인ㆍ방송","08",C9="운전ㆍ운송","09",C9="영업판매","10",C9="경비ㆍ청소","11",C9="이용ㆍ숙박ㆍ여행ㆍ오락ㆍ스포츠","12", C9="음식서비스","13", C9="건설","14", C9="기계","15",C9="재료","16",C9="화학ㆍ바이오","17",C9="섬유ㆍ의복","18",C9="전기ㆍ전자","19",C9="정보통신","20",C9="식품가공","21",C9="인쇄ㆍ목재ㆍ가구ㆍ공예","22",C9="환경ㆍ에너지ㆍ안전","23",C9="농림어업","24") -> 19 | E9: 01 | F9: 07 | G9: 일반형 | H9: 수배전 및 비상전원 설비 운용 실무 | I9: X | J9: 14 | K9: 2 | L9: 연중 상시 | M9: 160 | N9: 390000 | O9: =M9*N9 -> 62400000 | P9: O | Q9: 경기도 의정부시 | R9: (11643) 경기도 의정부시 망월사로 10, 신일스카이빌4층 | S9: 031-878-2253
A10: 신한글로벌인재교육원 | B10: 3 | C10: 건설 | D10: =_xlfn.IFS(C10="사업관리","01",C10="경영ㆍ회계ㆍ사무","02",C10="금융ㆍ보험","03",C10="교육ㆍ자연ㆍ사회과학","04",C10="법률ㆍ경찰ㆍ소방ㆍ교도ㆍ국방","05",C10="보건ㆍ의료","06",C10="사회복지ㆍ종교","07",C10="문화ㆍ예술ㆍ디자인ㆍ방송","08",C10="운전ㆍ운송","09",C10="영업판매","10",C10="경비ㆍ청소","11",C10="이용ㆍ숙박ㆍ여행ㆍ오락ㆍ스포츠","12", C10="음식서비스","13", C10="건설","14", C10="기계","15",C10="재료","16",C10="화학ㆍ바이오","17",C10="섬유ㆍ의복","18",C10="전기ㆍ전자","19",C10="정보통신","20",C10="식품가공","21",C10="인쇄ㆍ목재ㆍ가구ㆍ공예","22",C10="환경ㆍ에너지ㆍ안전","23",C10="농림어업","24") -> 14 | E10: 07 | F10: 04 | G10: 일반형 | H10: 입식·좌식지게차 운전 실무 및 안전관리 교육 | I10: X | J10: 16 | K10: 2 | L10: 연중 상시 | M10: 100 | N10: 290000 | O10: =M10*N10 -> 29000000 | P10: O | Q10: 경기도 동두천시 | R10: (11340) 경기도 동두천시 삼육사로 774 | S10: 031-878-2253
A11: 신한글로벌인재교육원 | B11: 4 | C11: 건설 | D11: =_xlfn.IFS(C11="사업관리","01",C11="경영ㆍ회계ㆍ사무","02",C11="금융ㆍ보험","03",C11="교육ㆍ자연ㆍ사회과학","04",C11="법률ㆍ경찰ㆍ소방ㆍ교도ㆍ국방","05",C11="보건ㆍ의료","06",C11="사회복지ㆍ종교","07",C11="문화ㆍ예술ㆍ디자인ㆍ방송","08",C11="운전ㆍ운송","09",C11="영업판매","10",C11="경비ㆍ청소","11",C11="이용ㆍ숙박ㆍ여행ㆍ오락ㆍ스포츠","12", C11="음식서비스","13", C11="건설","14", C11="기계","15",C11="재료","16",C11="화학ㆍ바이오","17",C11="섬유ㆍ의복","18",C11="전기ㆍ전자","19",C11="정보통신","20",C11="식품가공","21",C11="인쇄ㆍ목재ㆍ가구ㆍ공예","22",C11="환경ㆍ에너지ㆍ안전","23",C11="농림어업","24") -> 14 | E11: 07 | F11: 04 | G11: 일반형 | H11: 스마트 물류운반설비 운용 및 안전관리 실무과정 | I11: X | J11: 14 | K11: 2 | L11: 연중 상시 | M11: 100 | N11: 300000 | O11: =M11*N11 -> 30000000 | P11: O | Q11: 경기도 동두천시 | R11: (11340) 경기도 동두천시 삼육사로 774 | S11: 031-878-2253
A12: 신한글로벌인재교육원 | B12: 5 | C12: 운전ㆍ운송 | D12: =_xlfn.IFS(C12="사업관리","01",C12="경영ㆍ회계ㆍ사무","02",C12="금융ㆍ보험","03",C12="교육ㆍ자연ㆍ사회과학","04",C12="법률ㆍ경찰ㆍ소방ㆍ교도ㆍ국방","05",C12="보건ㆍ의료","06",C12="사회복지ㆍ종교","07",C12="문화ㆍ예술ㆍ디자인ㆍ방송","08",C12="운전ㆍ운송","09",C12="영업판매","10",C12="경비ㆍ청소","11",C12="이용ㆍ숙박ㆍ여행ㆍ오락ㆍ스포츠","12", C12="음식서비스","13", C12="건설","14", C12="기계","15",C12="재료","16",C12="화학ㆍ바이오","17",C12="섬유ㆍ의복","18",C12="전기ㆍ전자","19",C12="정보통신","20",C12="식품가공","21",C12="인쇄ㆍ목재ㆍ가구ㆍ공예","22",C12="환경ㆍ에너지ㆍ안전","23",C12="농림어업","24") -> 09 | E12: 04 | F12: 01 | G12: 일반형 | H12: 드론을 활용한 지적정보 데이터 구축 | I12: X | J12: 16 | K12: 2 | L12: 연중 상시 | M12: 100 | N12: 380000 | O12: =M12*N12 -> 38000000 | P12: O | Q12: 경기도 의정부시 | R12: (11643) 경기도 의정부시 호암로 143-1 | S12: 031-878-2253
A13: 신한글로벌인재교육원 | B13: 6 | C13: 운전ㆍ운송 | D13: =_xlfn.IFS(C13="사업관리","01",C13="경영ㆍ회계ㆍ사무","02",C13="금융ㆍ보험","03",C13="교육ㆍ자연ㆍ사회과학","04",C13="법률ㆍ경찰ㆍ소방ㆍ교도ㆍ국방","05",C13="보건ㆍ의료","06",C13="사회복지ㆍ종교","07",C13="문화ㆍ예술ㆍ디자인ㆍ방송","08",C13="운전ㆍ운송","09",C13="영업판매","10",C13="경비ㆍ청소","11",C13="이용ㆍ숙박ㆍ여행ㆍ오락ㆍ스포츠","12", C13="음식서비스","13", C13="건설","14", C13="기계","15",C13="재료","16",C13="화학ㆍ바이오","17",C13="섬유ㆍ의복","18",C13="전기ㆍ전자","19",C13="정보통신","20",C13="식품가공","21",C13="인쇄ㆍ목재ㆍ가구ㆍ공예","22",C13="환경ㆍ에너지ㆍ안전","23",C13="농림어업","24") -> 09 | E13: 04 | F13: 01 | G13: 일반형 | H13: 드론을 활용한 건축 구조물 외관점검 | I13: X | J13: 16 | K13: 2 | L13: 연중 상시 | M13: 100 | N13: 380000 | O13: =M13*N13 -> 38000000 | P13: O | Q13: 경기도 의정부시 | R13: (11643) 경기도 의정부시 호암로 143-1 | S13: 031-878-2253
A14: 신한글로벌인재교육원 | B14: 7 | C14: 정보통신 | D14: =_xlfn.IFS(C14="사업관리","01",C14="경영ㆍ회계ㆍ사무","02",C14="금융ㆍ보험","03",C14="교육ㆍ자연ㆍ사회과학","04",C14="법률ㆍ경찰ㆍ소방ㆍ교도ㆍ국방","05",C14="보건ㆍ의료","06",C14="사회복지ㆍ종교","07",C14="문화ㆍ예술ㆍ디자인ㆍ방송","08",C14="운전ㆍ운송","09",C14="영업판매","10",C14="경비ㆍ청소","11",C14="이용ㆍ숙박ㆍ여행ㆍ오락ㆍ스포츠","12", C14="음식서비스","13", C14="건설","14", C14="기계","15",C14="재료","16",C14="화학ㆍ바이오","17",C14="섬유ㆍ의복","18",C14="전기ㆍ전자","19",C14="정보통신","20",C14="식품가공","21",C14="인쇄ㆍ목재ㆍ가구ㆍ공예","22",C14="환경ㆍ에너지ㆍ안전","23",C14="농림어업","24") -> 20 | E14: 01 | F14: 07 | G14: AI융합형 | H14: GEO·SEO 기반 AI 콘텐츠 혁신 과정 | I14: O | J14: 16 | K14: 2 | L14: 연중 상시 | M14: 150 | N14: 300000 | O14: =M14*N14 -> 45000000 | P14: O | Q14: 경기도 의정부시 서울시 종로구 | R14: (11643) 경기도 의정부시 호암로 143-1 (03088) 서울시 종로구 동숭동 199-16 | S14: 031-878-2253 02-742-2253
A15: 신한글로벌인재교육원 | B15: 8 | C15: 환경ㆍ에너지ㆍ안전 | D15: =_xlfn.IFS(C15="사업관리","01",C15="경영ㆍ회계ㆍ사무","02",C15="금융ㆍ보험","03",C15="교육ㆍ자연ㆍ사회과학","04",C15="법률ㆍ경찰ㆍ소방ㆍ교도ㆍ국방","05",C15="보건ㆍ의료","06",C15="사회복지ㆍ종교","07",C15="문화ㆍ예술ㆍ디자인ㆍ방송","08",C15="운전ㆍ운송","09",C15="영업판매","10",C15="경비ㆍ청소","11",C15="이용ㆍ숙박ㆍ여행ㆍ오락ㆍ스포츠","12", C15="음식서비스","13", C15="건설","14", C15="기계","15",C15="재료","16",C15="화학ㆍ바이오","17",C15="섬유ㆍ의복","18",C15="전기ㆍ전자","19",C15="정보통신","20",C15="식품가공","21",C15="인쇄ㆍ목재ㆍ가구ㆍ공예","22",C15="환경ㆍ에너지ㆍ안전","23",C15="농림어업","24") -> 23 | E15: 04 | F15: 01 | G15: 일반형 | H15: ESG 공시 및 규제 대응 실무집중 과정 | I15: O | J15: 16 | K15: 2 | L15: 연중 상시 | M15: 150 | N15: 450000 | O15: =M15*N15 -> 67500000 | P15: O | Q15: 경기도 의정부시 서울시 종로구 | R15: (11643) 경기도 의정부시 호암로 143-1 (03088) 서울시 종로구 동숭동 199-16 | S15: 031-878-2253 02-742-2253
A16: 신한글로벌인재교육원 | B16: 9 | C16: 정보통신 | D16: =_xlfn.IFS(C16="사업관리","01",C16="경영ㆍ회계ㆍ사무","02",C16="금융ㆍ보험","03",C16="교육ㆍ자연ㆍ사회과학","04",C16="법률ㆍ경찰ㆍ소방ㆍ교도ㆍ국방","05",C16="보건ㆍ의료","06",C16="사회복지ㆍ종교","07",C16="문화ㆍ예술ㆍ디자인ㆍ방송","08",C16="운전ㆍ운송","09",C16="영업판매","10",C16="경비ㆍ청소","11",C16="이용ㆍ숙박ㆍ여행ㆍ오락ㆍ스포츠","12", C16="음식서비스","13", C16="건설","14", C16="기계","15",C16="재료","16",C16="화학ㆍ바이오","17",C16="섬유ㆍ의복","18",C16="전기ㆍ전자","19",C16="정보통신","20",C16="식품가공","21",C16="인쇄ㆍ목재ㆍ가구ㆍ공예","22",C16="환경ㆍ에너지ㆍ안전","23",C16="농림어업","24") -> 20 | E16: 01 | F16: 07 | G16: AI융합형 | H16: AI 실무 적용: 재직자 역량 강화 과정 | I16: O | J16: 14 | K16: 2 | L16: 연중 상시 | M16: 150 | N16: 500000 | O16: =M16*N16 -> 75000000 | P16: X | Q16: 경기도 의정부시 서울시 종로구 | R16: (11643) 경기도 의정부시 호암로 143-1 (03088) 서울시 종로구 동숭동 199-16 | S16: 031-878-2253 02-742-2253
A17: 신한글로벌인재교육원 | B17: 10 | C17: 사회복지ㆍ종교 | D17: =_xlfn.IFS(C17="사업관리","01",C17="경영ㆍ회계ㆍ사무","02",C17="금융ㆍ보험","03",C17="교육ㆍ자연ㆍ사회과학","04",C17="법률ㆍ경찰ㆍ소방ㆍ교도ㆍ국방","05",C17="보건ㆍ의료","06",C17="사회복지ㆍ종교","07",C17="문화ㆍ예술ㆍ디자인ㆍ방송","08",C17="운전ㆍ운송","09",C17="영업판매","10",C17="경비ㆍ청소","11",C17="이용ㆍ숙박ㆍ여행ㆍ오락ㆍ스포츠","12", C17="음식서비스","13", C17="건설","14", C17="기계","15",C17="재료","16",C17="화학ㆍ바이오","17",C17="섬유ㆍ의복","18",C17="전기ㆍ전자","19",C17="정보통신","20",C17="식품가공","21",C17="인쇄ㆍ목재ㆍ가구ㆍ공예","22",C17="환경ㆍ에너지ㆍ안전","23",C17="농림어업","24") -> 07 | E17: 02 | F17: 01 | G17: 일반형 | H17: 진로이론과 사례개념화 | I17: O | J17: 14 | K17: 2 | L17: 연중 상시 | M17: 60 | N17: 350000 | O17: =M17*N17 -> 21000000 | P17: X | Q17: 경기도 의정부시 서울시 종로구 | R17: (11643) 경기도 의정부시 호암로 143-1 (03088) 서울시 종로구 동숭동 199-16 | S17: 031-878-2253 02-742-2253
A18: 신한글로벌인재교육원 | B18: 11 | C18: 운전ㆍ운송 | D18: =_xlfn.IFS(C18="사업관리","01",C18="경영ㆍ회계ㆍ사무","02",C18="금융ㆍ보험","03",C18="교육ㆍ자연ㆍ사회과학","04",C18="법률ㆍ경찰ㆍ소방ㆍ교도ㆍ국방","05",C18="보건ㆍ의료","06",C18="사회복지ㆍ종교","07",C18="문화ㆍ예술ㆍ디자인ㆍ방송","08",C18="운전ㆍ운송","09",C18="영업판매","10",C18="경비ㆍ청소","11",C18="이용ㆍ숙박ㆍ여행ㆍ오락ㆍ스포츠","12", C18="음식서비스","13", C18="건설","14", C18="기계","15",C18="재료","16",C18="화학ㆍ바이오","17",C18="섬유ㆍ의복","18",C18="전기ㆍ전자","19",C18="정보통신","20",C18="식품가공","21",C18="인쇄ㆍ목재ㆍ가구ㆍ공예","22",C18="환경ㆍ에너지ㆍ안전","23",C18="농림어업","24") -> 09 | E18: 04 | F18: 01 | G18: 일반형 | H18: 드론 Pix4Dmapper 3차원 지형정보 획득 및 분석(baic) | I18: O | J18: 14 | K18: 2 | L18: 연중 상시 | M18: 100 | N18: 300000 | O18: =M18*N18 -> 30000000 | P18: X | Q18: 경기도 의정부시 | R18: (11643) 경기도 의정부시 호암로 143-1 | S18: 031-878-2253
A19: 신한글로벌인재교육원 | B19: 12 | C19: 운전ㆍ운송 | D19: =_xlfn.IFS(C19="사업관리","01",C19="경영ㆍ회계ㆍ사무","02",C19="금융ㆍ보험","03",C19="교육ㆍ자연ㆍ사회과학","04",C19="법률ㆍ경찰ㆍ소방ㆍ교도ㆍ국방","05",C19="보건ㆍ의료","06",C19="사회복지ㆍ종교","07",C19="문화ㆍ예술ㆍ디자인ㆍ방송","08",C19="운전ㆍ운송","09",C19="영업판매","10",C19="경비ㆍ청소","11",C19="이용ㆍ숙박ㆍ여행ㆍ오락ㆍ스포츠","12", C19="음식서비스","13", C19="건설","14", C19="기계","15",C19="재료","16",C19="화학ㆍ바이오","17",C19="섬유ㆍ의복","18",C19="전기ㆍ전자","19",C19="정보통신","20",C19="식품가공","21",C19="인쇄ㆍ목재ㆍ가구ㆍ공예","22",C19="환경ㆍ에너지ㆍ안전","23",C19="농림어업","24") -> 09 | E19: 04 | F19: 01 | G19: 일반형 | H19: 드론 Pix4Dmapper 3차원 지형정보 획득 및 분석(응용) | I19: O | J19: 7 | K19: 2 | L19: 연중 상시 | M19: 100 | N19: 200000 | O19: =M19*N19 -> 20000000 | P19: X | Q19: 경기도 의정부시 | R19: (11643) 경기도 의정부시 호암로 143-1 | S19: 031-878-2253
... A23: 신한글로벌인재교육원 | B23: 16 | C23: 법률ㆍ경찰ㆍ소방ㆍ교도ㆍ국방 | D23: =_xlfn.IFS(C23="사업관리","01",C23="경영ㆍ회계ㆍ사무","02",C23="금융ㆍ보험","03",C23="교육ㆍ자연ㆍ사회과학","04",C23="법률ㆍ경찰ㆍ소방ㆍ교도ㆍ국방","05",C23="보건ㆍ의료","06",C23="사회복지ㆍ종교","07",C23="문화ㆍ예술ㆍ디자인ㆍ방송","08",C23="운전ㆍ운송","09",C23="영업판매","10",C23="경비ㆍ청소","11",C23="이용ㆍ숙박ㆍ여행ㆍ오락ㆍ스포츠","12", C23="음식서비스","13", C23="건설","14", C23="기계","15",C23="재료","16",C23="화학ㆍ바이오","17",C23="섬유ㆍ의복","18",C23="전기ㆍ전자","19",C23="정보통신","20",C23="식품가공","21",C23="인쇄ㆍ목재ㆍ가구ㆍ공예","22",C23="환경ㆍ에너지ㆍ안전","23",C23="농림어업","24") -> 05 | E23: 02 | F23: 01 | G23: 일반형 | H23: 소방 설비 실무 (P형 수신기, 분산형 중계기와 수신기) | I23: X | J23: 12 | K23: 2 | L23: 연중 상시 | M23: 100 | N23: 350000 | O23: =M23*N23 -> 35000000 | P23: X | Q23: 경기도 의정부시 | R23: (11643) 경기도 의정부시 망월사로 10, 신일스카이빌4층 | S23: 031-878-2253
A24: 신한글로벌인재교육원 | B24: 17 | D24: =_xlfn.IFS(C24="사업관리","01",C24="경영ㆍ회계ㆍ사무","02",C24="금융ㆍ보험","03",C24="교육ㆍ자연ㆍ사회과학","04",C24="법률ㆍ경찰ㆍ소방ㆍ교도ㆍ국방","05",C24="보건ㆍ의료","06",C24="사회복지ㆍ종교","07",C24="문화ㆍ예술ㆍ디자인ㆍ방송","08",C24="운전ㆍ운송","09",C24="영업판매","10",C24="경비ㆍ청소","11",C24="이용ㆍ숙박ㆍ여행ㆍ오락ㆍ스포츠","12", C24="음식서비스","13", C24="건설","14", C24="기계","15",C24="재료","16",C24="화학ㆍ바이오","17",C24="섬유ㆍ의복","18",C24="전기ㆍ전자","19",C24="정보통신","20",C24="식품가공","21",C24="인쇄ㆍ목재ㆍ가구ㆍ공예","22",C24="환경ㆍ에너지ㆍ안전","23",C24="농림어업","24") -> #N/A
A25: 신한글로벌인재교육원 | B25: 18 | D25: =_xlfn.IFS(C25="사업관리","01",C25="경영ㆍ회계ㆍ사무","02",C25="금융ㆍ보험","03",C25="교육ㆍ자연ㆍ사회과학","04",C25="법률ㆍ경찰ㆍ소방ㆍ교도ㆍ국방","05",C25="보건ㆍ의료","06",C25="사회복지ㆍ종교","07",C25="문화ㆍ예술ㆍ디자인ㆍ방송","08",C25="운전ㆍ운송","09",C25="영업판매","10",C25="경비ㆍ청소","11",C25="이용ㆍ숙박ㆍ여행ㆍ오락ㆍ스포츠","12", C25="음식서비스","13", C25="건설","14", C25="기계","15",C25="재료","16",C25="화학ㆍ바이오","17",C25="섬유ㆍ의복","18",C25="전기ㆍ전자","19",C25="정보통신","20",C25="식품가공","21",C25="인쇄ㆍ목재ㆍ가구ㆍ공예","22",C25="환경ㆍ에너지ㆍ안전","23",C25="농림어업","24") -> #N/A
A26: 신한글로벌인재교육원 | B26: 19 | D26: =_xlfn.IFS(C26="사업관리","01",C26="경영ㆍ회계ㆍ사무","02",C26="금융ㆍ보험","03",C26="교육ㆍ자연ㆍ사회과학","04",C26="법률ㆍ경찰ㆍ소방ㆍ교도ㆍ국방","05",C26="보건ㆍ의료","06",C26="사회복지ㆍ종교","07",C26="문화ㆍ예술ㆍ디자인ㆍ방송","08",C26="운전ㆍ운송","09",C26="영업판매","10",C26="경비ㆍ청소","11",C26="이용ㆍ숙박ㆍ여행ㆍ오락ㆍ스포츠","12", C26="음식서비스","13", C26="건설","14", C26="기계","15",C26="재료","16",C26="화학ㆍ바이오","17",C26="섬유ㆍ의복","18",C26="전기ㆍ전자","19",C26="정보통신","20",C26="식품가공","21",C26="인쇄ㆍ목재ㆍ가구ㆍ공예","22",C26="환경ㆍ에너지ㆍ안전","23",C26="농림어업","24") -> #N/A
A27: 신한글로벌인재교육원 | B27: 20 | D27: =_xlfn.IFS(C27="사업관리","01",C27="경영ㆍ회계ㆍ사무","02",C27="금융ㆍ보험","03",C27="교육ㆍ자연ㆍ사회과학","04",C27="법률ㆍ경찰ㆍ소방ㆍ교도ㆍ국방","05",C27="보건ㆍ의료","06",C27="사회복지ㆍ종교","07",C27="문화ㆍ예술ㆍ디자인ㆍ방송","08",C27="운전ㆍ운송","09",C27="영업판매","10",C27="경비ㆍ청소","11",C27="이용ㆍ숙박ㆍ여행ㆍ오락ㆍ스포츠","12", C27="음식서비스","13", C27="건설","14", C27="기계","15",C27="재료","16",C27="화학ㆍ바이오","17",C27="섬유ㆍ의복","18",C27="전기ㆍ전자","19",C27="정보통신","20",C27="식품가공","21",C27="인쇄ㆍ목재ㆍ가구ㆍ공예","22",C27="환경ㆍ에너지ㆍ안전","23",C27="농림어업","24") -> #N/A
A28: 신한글로벌인재교육원 | B28: 21 | D28: =_xlfn.IFS(C28="사업관리","01",C28="경영ㆍ회계ㆍ사무","02",C28="금융ㆍ보험","03",C28="교육ㆍ자연ㆍ사회과학","04",C28="법률ㆍ경찰ㆍ소방ㆍ교도ㆍ국방","05",C28="보건ㆍ의료","06",C28="사회복지ㆍ종교","07",C28="문화ㆍ예술ㆍ디자인ㆍ방송","08",C28="운전ㆍ운송","09",C28="영업판매","10",C28="경비ㆍ청소","11",C28="이용ㆍ숙박ㆍ여행ㆍ오락ㆍ스포츠","12", C28="음식서비스","13", C28="건설","14", C28="기계","15",C28="재료","16",C28="화학ㆍ바이오","17",C28="섬유ㆍ의복","18",C28="전기ㆍ전자","19",C28="정보통신","20",C28="식품가공","21",C28="인쇄ㆍ목재ㆍ가구ㆍ공예","22",C28="환경ㆍ에너지ㆍ안전","23",C28="농림어업","24") -> #N/A
A29: 신한글로벌인재교육원 | B29: 22 | D29: =_xlfn.IFS(C29="사업관리","01",C29="경영ㆍ회계ㆍ사무","02",C29="금융ㆍ보험","03",C29="교육ㆍ자연ㆍ사회과학","04",C29="법률ㆍ경찰ㆍ소방ㆍ교도ㆍ국방","05",C29="보건ㆍ의료","06",C29="사회복지ㆍ종교","07",C29="문화ㆍ예술ㆍ디자인ㆍ방송","08",C29="운전ㆍ운송","09",C29="영업판매","10",C29="경비ㆍ청소","11",C29="이용ㆍ숙박ㆍ여행ㆍ오락ㆍ스포츠","12", C29="음식서비스","13", C29="건설","14", C29="기계","15",C29="재료","16",C29="화학ㆍ바이오","17",C29="섬유ㆍ의복","18",C29="전기ㆍ전자","19",C29="정보통신","20",C29="식품가공","21",C29="인쇄ㆍ목재ㆍ가구ㆍ공예","22",C29="환경ㆍ에너지ㆍ안전","23",C29="농림어업","24") -> #N/A
A30: 신한글로벌인재교육원 | B30: 23 | D30: =_xlfn.IFS(C30="사업관리","01",C30="경영ㆍ회계ㆍ사무","02",C30="금융ㆍ보험","03",C30="교육ㆍ자연ㆍ사회과학","04",C30="법률ㆍ경찰ㆍ소방ㆍ교도ㆍ국방","05",C30="보건ㆍ의료","06",C30="사회복지ㆍ종교","07",C30="문화ㆍ예술ㆍ디자인ㆍ방송","08",C30="운전ㆍ운송","09",C30="영업판매","10",C30="경비ㆍ청소","11",C30="이용ㆍ숙박ㆍ여행ㆍ오락ㆍ스포츠","12", C30="음식서비스","13", C30="건설","14", C30="기계","15",C30="재료","16",C30="화학ㆍ바이오","17",C30="섬유ㆍ의복","18",C30="전기ㆍ전자","19",C30="정보통신","20",C30="식품가공","21",C30="인쇄ㆍ목재ㆍ가구ㆍ공예","22",C30="환경ㆍ에너지ㆍ안전","23",C30="농림어업","24") -> #N/A
A31: 신한글로벌인재교육원 | B31: 24 | D31: =_xlfn.IFS(C31="사업관리","01",C31="경영ㆍ회계ㆍ사무","02",C31="금융ㆍ보험","03",C31="교육ㆍ자연ㆍ사회과학","04",C31="법률ㆍ경찰ㆍ소방ㆍ교도ㆍ국방","05",C31="보건ㆍ의료","06",C31="사회복지ㆍ종교","07",C31="문화ㆍ예술ㆍ디자인ㆍ방송","08",C31="운전ㆍ운송","09",C31="영업판매","10",C31="경비ㆍ청소","11",C31="이용ㆍ숙박ㆍ여행ㆍ오락ㆍ스포츠","12", C31="음식서비스","13", C31="건설","14", C31="기계","15",C31="재료","16",C31="화학ㆍ바이오","17",C31="섬유ㆍ의복","18",C31="전기ㆍ전자","19",C31="정보통신","20",C31="식품가공","21",C31="인쇄ㆍ목재ㆍ가구ㆍ공예","22",C31="환경ㆍ에너지ㆍ안전","23",C31="농림어업","24") -> #N/A
A32: 신한글로벌인재교육원 | B32: 25 | D32: =_xlfn.IFS(C32="사업관리","01",C32="경영ㆍ회계ㆍ사무","02",C32="금융ㆍ보험","03",C32="교육ㆍ자연ㆍ사회과학","04",C32="법률ㆍ경찰ㆍ소방ㆍ교도ㆍ국방","05",C32="보건ㆍ의료","06",C32="사회복지ㆍ종교","07",C32="문화ㆍ예술ㆍ디자인ㆍ방송","08",C32="운전ㆍ운송","09",C32="영업판매","10",C32="경비ㆍ청소","11",C32="이용ㆍ숙박ㆍ여행ㆍ오락ㆍ스포츠","12", C32="음식서비스","13", C32="건설","14", C32="기계","15",C32="재료","16",C32="화학ㆍ바이오","17",C32="섬유ㆍ의복","18",C32="전기ㆍ전자","19",C32="정보통신","20",C32="식품가공","21",C32="인쇄ㆍ목재ㆍ가구ㆍ공예","22",C32="환경ㆍ에너지ㆍ안전","23",C32="농림어업","24") -> #N/A

Sheet 23. 씨에프오
A1: [작성방법(필독!)] 0. 모든 항목을 반드시 작성해야 하며, 미기재 항목이 있을 경우 심사대상에서 제외, 훈련기관명은 1번 시트 값이 자동입력되므로 직접입력 X 1. NCS 분류코드 : 해당 과정에 가장 주요하거나 많은 비중을 차지하는 내용을 토대로 각 분류상 가장 부합하는 코드를 작성(훈련기관 자체 판단) - NCS대분류명 기재 시 데이터박스 목록으로 설정, 대분류 숫자는 대분류명 선택시 자동입력되므로 직접입력 X 2. 비대면 실시간 운영 여부 : 집체형태 외 비대면 실시간 형태 운영 희망 시 'O' 체크(집체 형태는 기본적으로 모두 가능하며, 비대면 실시간 형태는 승인 과정에 한해 가능) 3. 훈련인원 : 기관에서 예상하는 해당 과정의 연간 훈련 실시인원 추정치 4. 훈련비 단가 : 1인, 1회 기준 훈련비용 5. 총 훈련비 : 총 훈련인원 X 훈련비 단가 6. 훈련일정 : 회차별 개설 예정 시기를 월 단위로 모두 기재('0월' 형태로 기재하거나 "연중 상시" 등 근로자 대상 충분히 안내 가능한 내용으로 작성) 7. 훈련실시장소 : 시/도 단위 및 정확한 주소를 각각 입력, 여러 장소에서 실시할 경우 셀 한개에 모두 입력(셀 구분 시 누락될 수 있음)
A6: 훈련기관명 | B6: 연번 | C6: NCS 대분류명 | D6: NCS 분류코드 | G6: 과정 유형 | H6: 훈련과정명 | I6: 비대면 실시간 운영 여부 | J6: 훈련시간 (H) | K6: 훈련기간 (일수) | L6: 훈련일정 | M6: 훈련인원(명) [예상 수요] | N6: 훈련비 단가(원) | O6: 총 훈련비(원) | P6: 최근 3년 이내('23~'25) 훈련과정 운영 이력 | Q6: 훈련 실시 장소
D7: 대 | E7: 중 | F7: 소 | Q7: 시/도 단위 | R7: 주소지 | S7: 문의처
A8: 씨에프오아카데미평생교육원 | B8: 1 | C8: 경영ㆍ회계ㆍ사무 | D8: =_xlfn.IFS(C8="사업관리","01",C8="경영ㆍ회계ㆍ사무","02",C8="금융ㆍ보험","03",C8="교육ㆍ자연ㆍ사회과학","04",C8="법률ㆍ경찰ㆍ소방ㆍ교도ㆍ국방","05",C8="보건ㆍ의료","06",C8="사회복지ㆍ종교","07",C8="문화ㆍ예술ㆍ디자인ㆍ방송","08",C8="운전ㆍ운송","09",C8="영업판매","10",C8="경비ㆍ청소","11",C8="이용ㆍ숙박ㆍ여행ㆍ오락ㆍ스포츠","12", C8="음식서비스","13", C8="건설","14", C8="기계","15",C8="재료","16",C8="화학ㆍ바이오","17",C8="섬유ㆍ의복","18",C8="전기ㆍ전자","19",C8="정보통신","20",C8="식품가공","21",C8="인쇄ㆍ목재ㆍ가구ㆍ공예","22",C8="환경ㆍ에너지ㆍ안전","23",C8="농림어업","24") -> 02 | E8: 03 | F8: 02 | G8: 일반형 | H8: 중급회계세무실무 | I8: O | J8: 21 | K8: 3 | L8: 4~10월 | M8: 20 | N8: 560000 | O8: =M8*N8 -> 11200000 | P8: O | Q8: 서울 서울 서울 서울 | R8: (06237) 서울 강남구 논현로 79길 8 4,5층 (07320) 서울 영등포구 여의대로 24 FKI타워 (06129) 서울 강남구 테헤란로 1길 48 YBM the Biz (06180) 서울 강남구 테헤란로 518 2층 A3 Room | S8: 02-501-2322
A9: 씨에프오아카데미평생교육원 | B9: 2 | C9: 경영ㆍ회계ㆍ사무 | D9: =_xlfn.IFS(C9="사업관리","01",C9="경영ㆍ회계ㆍ사무","02",C9="금융ㆍ보험","03",C9="교육ㆍ자연ㆍ사회과학","04",C9="법률ㆍ경찰ㆍ소방ㆍ교도ㆍ국방","05",C9="보건ㆍ의료","06",C9="사회복지ㆍ종교","07",C9="문화ㆍ예술ㆍ디자인ㆍ방송","08",C9="운전ㆍ운송","09",C9="영업판매","10",C9="경비ㆍ청소","11",C9="이용ㆍ숙박ㆍ여행ㆍ오락ㆍ스포츠","12", C9="음식서비스","13", C9="건설","14", C9="기계","15",C9="재료","16",C9="화학ㆍ바이오","17",C9="섬유ㆍ의복","18",C9="전기ㆍ전자","19",C9="정보통신","20",C9="식품가공","21",C9="인쇄ㆍ목재ㆍ가구ㆍ공예","22",C9="환경ㆍ에너지ㆍ안전","23",C9="농림어업","24") -> 02 | E9: 03 | F9: 02 | G9: 일반형 | H9: 엑셀을 활용한 회계실무자의 결산 core-point 과정 | I9: O | J9: 21 | K9: 3 | L9: 4~6월, 10월~12월 | M9: 20 | N9: 560000 | O9: =M9*N9 -> 11200000 | P9: O | Q9: 서울 서울 서울 서울 | R9: (06237) 서울 강남구 논현로 79길 8 4,5층 (07320) 서울 영등포구 여의대로 24 FKI타워 (06129) 서울 강남구 테헤란로 1길 48 YBM the Biz (06180) 서울 강남구 테헤란로 518 2층 A3 Room | S9: 02-501-2322
